 Dungeon Crawl Stone Soup version 0.31-a0-149-g3fdcc5976a (webtiles) character file.

Game seed: 17048407023697372391

132264 qw the Marksminotaur (level 16, -4/18 HPs)
             Began as a Minotaur Hunter on June 7, 2023.
             Was an Initiate of Okawaru.
             Slain by a radroach (22 damage)
             ... on level 3 of the Lair of Beasts.
             The game lasted 02:25:13 (57670 turns).

qw the Marksminotaur (Minotaur Hunter)             Turns: 57670, Time: 02:25:14

Health: -4/18      AC: 16    Str: 20    XL:     16   Next: 57%
Magic:  22/22      EV: 30    Int:  6    God:    Okawaru [......]
Gold:   454        SH:  0    Dex: 23    Spells: 15/15 levels left

rFire   + . .        y - +8 longbow
rCold   + . .        (shield currently unavailable)
rNeg    . . .        k - +5 leather armour "Mitraj" {Rampage rPois Dex+3}
rPois   +            t - +0 hat "Ugenemor" {Drain Str+2 SInv}
rElec   .            B - scarf {repulsion}
rCorr   .            q - +2 pair of gloves
SInv    +            A - +3 pair of mountain boots {steadfast, rC+}
Will    +....        o - amulet of faith
Stlth   ++           a - +5 ring of evasion
HPRegen 0.23/turn    b - ring of protection from fire
MPRegen 0.18/turn

%: repel missiles, rampage, faith
@: bezotted
A: horns 2, retaliatory headbutt
a: Renounce Religion


You were on level 3 of the Lair of Beasts.
You worshipped Okawaru.
Okawaru was noncommittal.
You visited 6 branches of the dungeon, and saw 27 of its levels.
You also visited: Gauntlet.

You collected 2585 gold pieces.
You spent 2131 gold pieces at shops.


Innate Abilities, Weirdness & Mutations

You have a pair of horns on your head.
You reflexively headbutt those who attack you in melee.


   Skills:
 + Level 18.9 Fighting
 - Level 20.0 Ranged Weapons
 - Level 8.0 Armour
 - Level 16.0 Dodging
 - Level 0.7 Stealth
 - Level 10.0 Invocations


You had 15 spell levels left.
You didn't know any spells.
Your spell library was empty.

Inventory:

Hand Weapons
 y - a +8 longbow (weapon)
Armour
 d - the +2 pair of slick slippers {slick, slippery, EV+4}
   (You acquired it on level 2 of the Dungeon)

   Slick:     Its wearer cannot be constricted, engulfed, netted or webbed.
   Slippery:  Its wearer slips away from damaging melee attacks, pulling the
   attacker onward.
   EV:        It affects your evasion (+4).
 k - the +5 leather armour "Mitraj" (worn) {Rampage rPois Dex+3}
   (You found it on level 10 of the Dungeon)

   Dex:       It affects your dexterity (+3).
   rPois:     It protects you from poison.
   Rampage:   It bestows one free step when moving towards enemies.
 p - the +3 Mad Mage's Maulers {Infuse+∞ VampMP -Cast}
   (You found it in a Gauntlet)

   Infuse+∞: It empowers its wearer's blows with all of their magic.
   VampMP:    Blows struck in melee replenish the wearer's magic.
   -Cast:     It prevents spellcasting.
 q - a +2 pair of gloves (worn)
 t - the +0 hat "Ugenemor" (worn) {Drain Str+2 SInv}
   (Okawaru gifted it to you on level 3 of the Lair of Beasts)

   Str:       It affects your strength (+2).
   SInv:      It lets you see invisible.
   Drain:     It drains your maximum health when unequipped.
 v - a +0 cloak
 A - the +3 pair of mountain boots (worn) {steadfast, rC+}
   (Okawaru gifted it to you on level 1 of the Orcish Mines)

   Steadfast: It prevents involuntary movement, except for blinking,
   teleportation, or banishment.
   rC:        It protects you from cold.
 B - a scarf of repulsion (worn)
Jewellery
 a - a +5 ring of evasion (left hand)
 b - a ring of protection from fire (right hand)
 g - a +6 ring of strength
 i - a ring of poison resistance
 l - an amulet of the acrobat
 m - a ring of protection from cold
 o - an amulet of faith (around neck)
 s - a ring of see invisible
 D - a ring of willpower
 E - a ring of protection from fire
Wands
 r - a wand of digging (5)
Scrolls
 e - 12 scrolls of identify
Potions
 c - 10 potions of haste
 f - a potion of cancellation
 h - 11 potions of curing
 n - 2 potions of might
 u - 2 potions of mutation
 w - 2 potions of heal wounds
 x - 2 potions of resistance
 z - 3 potions of magic

Dungeon Overview and Level Annotations

Branches:
Dungeon (15/15)            Temple (1/1) D:5            Lair (5/5) D:9 Zot: 171
 Shoals (3/4) Lair:3       Spider (1/4) Lair:3        Slime (0/5) Lair:4
    Orc (2/2) D:10            Elf (0/3) Orc:2        Vaults (0/5) D:14
 Depths (0/4) D:15        Gauntlet (visited)

Altars:
Ashenzari
Cheibriados
Dithmenos
Elyvilon
Fedhas
Gozag
Hepliaklqana
Kikubaaqudgha
Makhleb
Nemelex Xobeh
Okawaru
Qazlal
Ru
Sif Muna
Trog
Uskayaw
Vehumet
Wu Jian
Xom
Yredelemnul
Zin
The Shining One
Jiyva

Shops:
D:4 !   D:8 (   D:9 (   D:13 !   Orc:2 (=[**   Shoals:2 (

Portals:
Trove: D:15 (give 4 potions of resistance)

Annotations:
D:7 1 runed translucent door, Crazy Yiuf
Lair:2 1 runed translucent door
Lair:3 2 transporters, qw's ghost, journeyman MiHu


Message History

57670 ||| Ran try_ancestor_identity: false
57670 ||| Ran join_beogh: false;
57670 ||| Ran shop: false
57670 ||| Ran pick_up_abyssal_rune: false
57670 ||| Ran lugonu_exit_abyss: false;
57670 ||| Ran exit_abyss: false
57670 ||| Ran stairdance_up: false
57670 ||| Ran special_purification: false
57670 ||| Ran cure_confusion: false;
57670 ||| Ran coward_step: false
57670 ||| Ran flee_step: false
57670 ||| Ran remove_terrible_jewellery: false
57670 ||| Ran teleport: false;
57670 ||| Ran cure_bad_poison: false
57670 ||| Ran cancellation: false;
57670 ||| Ran drain_life: false
57670 ||| Ran heal_wounds: false;
57670 ||| Ran tomb2_arrival: false
57670 ||| Ran tomb3_arrival: false;
57670 ||| Ran cloud_step: false
57670 ||| Ran trogs_hand: false;
57670 ||| Ran haste: false
57670 ||| Ran resistance: false;
57670 ||| Ran magic_points: false
57670 ||| Ran wait_confusion: false;
57670 ||| Ran heroism: false
57670 ||| Ran try_cleansing_flame: false
57670 ||| Ran brothers_in_arms: false;
57670 ||| Ran greater_servant: false
57670 ||| Ran divine_warrior: false;
57670 ||| Ran try_apocalypse: false
57670 ||| Ran try_slouch: false
57670 ||| Ran try_hydra_destruction: false
57670 ||| Ran grand_finale: false;
57670 ||| Ran wield_weapon: false
57670 ||| Ran swap_weapon: false;
57670 ||| Ran water_step: false
57670 ||| Ran wall_step: false;
57670 ||| Ran zig_fog: false
57670 ||| Ran finesse: false;
57670 ||| Ran fiery_armour: false
57670 ||| Ran try_dig_grate: false;
57670 ||| Ran might: false
57670 ||| Ran blinking: false;
57670 ||| Ran berserk: false
57670 ||| Ran continue_flee: false;
57670 ||| Ran other_step: false
57670 ||| Ran recall: false
57670 ||| Ran try_recall_ancestor: false
57670 ||| Ran try_recite: false;
57670 ||| Ran emergency: false
57670 ||| Ran starting_spell: false;
57670 ||| Ran poison_spit: false You shoot an arrow.
The arrow hits the radroach.
The radroach is almost dead.
57670 ||| Ran launcher: true;
57670 ||| Ran attack: nil The meliai misses you.
The meliai completely misses you.
The radroach erupts in a fountain of uncontrolled magic!
You are blasted with magical radiation!!
Ouch! That really hurt!
You die...

...##...##..................>....
...###.###.......................
..#.#####............[...........
####.###..#....###...............
##.....#..#..##...##............^
####...##.###.......#......PP....
.......##.#.#..###..#......[.....
...........#..#..y#..#.).........
...........#####@.#.##...........
####.#######..#.#B#..#...........
### #P.#..###..#...##.#.PP..
##P.#...#...#...###..##..
##....#######....#......#. #
#P.........#........##..#. #
##..................~~#... ##
#.................#~~..PP P#
#.................###..PP


You could see a radroach and a meliai.

Vanquished Creatures
  A kraken (Shoals:3)
  Ilsuiw (Shoals:3)
  An orc warlord (Orc:2)
  Louise (Shoals:3)
  A minotaur (Gauntlet)
  7 merfolk impalers
  Snorg (D:13)
  A merfolk javelineer (Shoals:3)
  Fannar (D:11)
  A fire dragon (Lair:5)
  Harold (D:9)
  11 hydras
  2 catoblepae (D:14)
  2 merfolk aquamancers (Shoals:2)
  An ogre mage (D:14)
  4 boulder beetles
  3 merfolk avatars
  2 dancing weapons (D:14)
  A satyr (Shoals:3)
  An alligator snapping turtle (Shoals:3)
  10 two-headed ogres
  6 death yaks
  4 centaur warriors
  3 orc high priests (Orc:2)
  Urug (D:12)
  A vampire mage (D:15)
  5 skysharks
  Nergalle (D:10)
  Sonja (D:13)
  2 fire crabs
  4 sea snakes
  2 skeletal warriors (D:15)
  A swamp dragon (Lair:5)
  Pikel (D:5)
  A tengu zombie (D:15)
  3 harpies (Shoals:2)
  4 orc knights
  A frost giant zombie (D:15)
  A deep elf pyromancer (D:15)
  A necromancer (D:15)
  14 ugly things
  A wolf spider (Spider:1)
  4 fauns
  A stone giant zombie (D:15)
  6 orc sorcerers (Orc:2)
  8 manticores
  6 cyclopes
  4 black mambas
  10 merfolk sirens
  A stone giant skeleton (D:15)
  6 rime drakes
  4 water nymphs
  A torpor snail (Lair:4)
  6 komodo dragons
  17 cane toads
  A yaktaur (D:13)
  4 kobold demonologists
  A yaktaur (shapeshifter) (D:13)
  2 freezing wraiths
  16 merfolk
  7 trolls
  2 guardian mummies (D:15)
  A meliai (Lair:3)
  A hornet (D:9)
  12 polar bears
  3 raiju (Lair:5)
  A blink frog (shapeshifter) (D:15)
  8 blink frogs
  3 snapping turtles (Shoals:1)
  8 dream sheep
  3 slime creatures (D:12)
  4 small abominations (Gauntlet)
  A shadow (D:12)
  3 wraiths
  A human (Lair:2)
  7 water elementals
  10 wyverns
  4 fire bats (Gauntlet)
  8 vampire mosquitoes
  42 yaks
  5 steam dragons
  8 basilisks
  2 large abominations (Gauntlet)
  8 wargs
  4 swamp worms (Lair:1)
  5 acid dragons
  18 water moccasins
  18 hell hounds
  2 swamp drakes (Lair:5)
  14 black bears
  25 orc warriors
  9 ogres
  19 wolves
  4 boggarts (D:15)
  2 lemures (D:5)
  14 centaurs
  Blork the orc (D:6)
  12 kobold brigands
  14 bullfrogs
  4 gnoll sergeants
  5 scorpions
  8 wights
  9 killer bees
  2 electric eels (Lair:3)
  6 howler monkeys
  2 vampire bats (Lair:3)
  20 orc priests
  3 hounds
  A jelly (D:6)
  2 gnoll boudas
  6 iguanas
  A sleepcap (D:6)
  8 hell rats (D:14)
  26 orc wizards
  4 adders
  26 gnolls
  2 shadow imps (D:8)
  A white imp (D:3)
  2 ufetubi (D:5)
  A worm (D:4)
  A dart slug (D:2)
  71 orcs
  5 ball pythons
  12 bats
  13 endoplasms
  3 giant cockroaches
  8 goblins
  7 hobgoblins
  10 jackals
  4 quokkas
  2 frilled lizards (D:3)
  49 kobolds
  12 kobold skeletons (D:8)
  6 kobold zombies (D:8)
  5 rats
  3 tentacles (Shoals:3)
873 creatures vanquished.

Vanquished Creatures (others)
  2 tentacles (Shoals:3)
2 creatures vanquished.

Grand Total: 875 creatures vanquished

Notes
Turn   | Place    | Note
-------+----------+-------------------------------------------
     0 | D:1      | qw the Minotaur Hunter began the quest for the Orb.
     0 | D:1      | Reached XP level 1. HP: 18/18 MP: 0/0
     0 | D:1      | 0 ||| qw: Version: 0.2-a-117-gc6b5c8b
     0 | D:1      | 0 ||| qw: Game counter: 2615
     0 | D:1      | 0 ||| qw: Always use a shield: true
     0 | D:1      | 0 ||| qw: God list: Okawaru
     0 | D:1      | 0 ||| qw: Allow faded altars: false
     0 | D:1      | 0 ||| qw: Do Orc after D:15 true
     0 | D:1      | 0 ||| qw: Do second Lair branch before Depths: true
     0 | D:1      | 0 ||| qw: Lair rune preference: random
     0 | D:1      | 0 ||| qw: Plans: Normal
     0 | D:1      | 0 ||| PLANNING D:1-11
    40 | D:1      | 40 ||| UPGRADING to ring of protection from fire.
    41 | D:1      | 41 ||| DROPPING scroll of butterflies.
    69 | D:1      | Reached XP level 2. HP: 25/25 MP: 1/1
    74 | D:1      | Reached skill level 5 in Ranged Weapons
   359 | D:1      | 359 ||| UPGRADING to +0 ring mail.
   369 | D:1      | 369 ||| DROPPING +0 leather armour.
   370 | D:1      | 370 ||| UPGRADING to +0 ring mail of fire resistance.
   380 | D:1      | 380 ||| DROPPING +0 ring mail.
   381 | D:1      | 381 ||| UPGRADING to ring of poison resistance.
   382 | D:1      | 382 ||| READING 3 scrolls labelled XENKIH TOTORUE.
   383 | D:1      | 383 ||| READING scroll labelled ADOUNN QEAKAWK.
   384 | D:1      | 384 ||| READING scroll labelled HUJ WOECHUMM.
   385 | D:1      | 385 ||| DROPPING 2 scrolls of blinking.
   417 | D:2      | Reached skill level 1 in Armour
   417 | D:2      | Reached XP level 3. HP: 29/30 MP: 2/2
   458 | D:2      | Identified the +1 spear of Apnikiekk {venom, Dex+3}
   471 | D:2      | Reached skill level 3 in Fighting
   495 | D:2      | 495 ||| FLEEEEING.
   561 | D:2      | Found a faded altar of an unknown god.
  1425 | D:2      | Reached XP level 4. HP: 38/38 MP: 3/3
  1645 | D:2      | 1645 ||| UPGRADING to +5 ring of evasion.
  1647 | D:2      | 1647 ||| READING 2 scrolls labelled COBAL KUMOSA.
  1648 | D:2      | 1648 ||| READING scroll labelled BON LINUEW WIE.
  1652 | D:2      | 1652 ||| READING scroll labelled ANOEQIRATE.
  1653 | D:2      | 1653 ||| READING scroll labelled SIMYEG DIRE.
  1654 | D:2      | 1654 ||| DROPPING scroll of noise.
  1771 | D:3      | Reached skill level 6 in Ranged Weapons
  1775 | D:3      | 1775 ||| FLEEEEING.
  1776 | D:3      | 1776 ||| FLEEEEING.
  1777 | D:3      | 1777 ||| FLEEEEING.
  1778 | D:3      | 1778 ||| FLEEEEING.
  1779 | D:3      | 1779 ||| FLEEEEING.
  1780 | D:3      | 1780 ||| FLEEEEING.
  1781 | D:3      | 1781 ||| FLEEEEING.
  1782 | D:3      | 1782 ||| FLEEEEING.
  1783 | D:3      | 1783 ||| FLEEEEING.
  1784 | D:3      | 1784 ||| FLEEEEING.
  1785 | D:3      | 1785 ||| FLEEEEING.
  1786 | D:3      | 1786 ||| FLEEEEING.
  1787 | D:3      | 1787 ||| FLEEEEING.
  1788 | D:3      | 1788 ||| FLEEEEING.
  1789 | D:3      | 1789 ||| FLEEEEING.
  1790 | D:3      | 1790 ||| FLEEEEING.
  1791 | D:3      | 1791 ||| FLEEEEING.
  1792 | D:3      | 1792 ||| STAIRDANCE
  1867 | D:2      | 1867 ||| READING scroll labelled HOZXAXZU PUCW.
  1867 | D:2      | Identified a scroll of acquirement
  1867 | D:2      | 1867 ||| ACQUIRING +2 pair of slick slippers {slick,
                  | slippery, EV+4}
  1867 | D:2      | Acquired the +2 pair of slick slippers {slick, slippery,
                  | EV+4}
  1867 | D:2      | Found the +2 pair of slick slippers {slick, slippery, EV+4}
  1869 | D:2      | 1869 ||| UPGRADING to +2 pair of slick slippers {slick,
                  | slippery, EV+4}.
  2360 | D:3      | 2360 ||| UPGRADING to amulet of guardian spirit.
  2365 | D:3      | 2365 ||| READING scroll labelled MUUFY PODOGG.
  2366 | D:3      | 2366 ||| READING 3 scrolls of identify.
  2366 | D:3      | 2366 ||| IDENTIFYING purple potion
  2367 | D:3      | 2367 ||| READING 2 scrolls of identify.
  2367 | D:3      | 2367 ||| IDENTIFYING pink potion
  2410 | D:4      | Reached XP level 5. HP: 39/47 MP: 4/4
  2492 | D:4      | 2492 ||| Stepping ~*~*~tactically~*~*~ (outnumbered).
  2496 | D:4      | 2496 ||| Stepping ~*~*~tactically~*~*~ (outnumbered).
  2510 | D:4      | Reached skill level 7 in Ranged Weapons
  2510 | D:4      | Reached XP level 6. HP: 45/53 MP: 3/5
  2603 | D:4      | Found Cexta's Distillery.
  2616 | D:4      | 2616 ||| BUYING potion of cancellation (104 gold).
  2616 | D:4      | Bought a potion of cancellation for 104 gold pieces
  2616 | D:4      | 2616 ||| BUYING potion of curing (39 gold).
  2616 | D:4      | Bought a potion of curing for 39 gold pieces
  2616 | D:4      | 2616 ||| BUYING potion of curing (39 gold).
  2616 | D:4      | Bought a potion of curing for 39 gold pieces
  2616 | D:4      | 2616 ||| SHOPLISTING potion of haste (130 gold, have 7).
  2830 | D:4      | 2830 ||| READING 3 scrolls of identify.
  2830 | D:4      | 2830 ||| IDENTIFYING green potion
  2831 | D:4      | 2831 ||| READING 2 scrolls of identify.
  2831 | D:4      | 2831 ||| IDENTIFYING fuming red potion
  2860 | D:5      | Entered Level 5 of the Dungeon
  2947 | D:5      | Noticed Pikel
  2970 | D:5      | Killed Pikel
  2971 | D:5      | Reached skill level 9 in Ranged Weapons
  2971 | D:5      | Reached XP level 7. HP: 60/60 MP: 6/6
  3012 | D:5      | Reached skill level 3 in Dodging
  3012 | D:5      | Reached XP level 8. HP: 68/68 MP: 7/7
  3030 | D:5      | Found a shadowy altar of Dithmenos.
  3249 | D:5      | Reached skill level 6 in Fighting
  3323 | D:5      | Found a staircase to the Ecumenical Temple.
  3324 | D:5      | 3324 ||| PLANNING TEMPLE
  3332 | Temple   | Entered the Ecumenical Temple
  3338 | Temple   | 3338 ||| PLANNING OKAWARU WORSHIP
  3447 | Temple   | Became a worshipper of Warmaster Okawaru
  3447 | Temple   | 3447 ||| PLANNING D:1-11
  3448 | Temple   | 3448 ||| REMOVING amulet of guardian spirit.
  3453 | Temple   | 3453 ||| DROPPING amulet of guardian spirit.
  3565 | D:5      | Reached skill level 10 in Ranged Weapons
  3792 | D:5      | 3792 ||| READING scroll labelled QAIGHA ISHYMM.
  3880 | D:6      | Found Gamubuc's Gadget Gallery.
  4354 | D:6      | Found a blossoming altar of Fedhas.
  4785 | D:6      | Noticed Blork the orc
  4798 | D:6      | Killed Blork the orc
  4873 | D:6      | 4873 ||| UPGRADING to +0 pair of gloves.
  4878 | D:6      | 4878 ||| DROPPING ring of magical power.
  4879 | D:6      | 4879 ||| READING scroll labelled LAKIUS QIMIEGA.
  4880 | D:6      | 4880 ||| READING scroll labelled HIOS JIKHEORRA.
  4981 | D:6      | 4981 ||| DRINKING 3 fuming coppery potions.
  4982 | D:6      | 4982 ||| READING 3 scrolls of identify.
  4982 | D:6      | 4982 ||| IDENTIFYING fizzy coppery potion
  4983 | D:6      | 4983 ||| DROPPING potion of lignification.
  4984 | D:6      | 4984 ||| DROPPING 2 potions of degeneration.
  5205 | D:7      | Reached skill level 11 in Ranged Weapons
  5261 | D:7      | 5261 ||| SWAPPING to +0 orcbow.
  5282 | D:7      | 5282 ||| FLEEEEING.
  5283 | D:7      | 5283 ||| FLEEEEING.
  5284 | D:7      | 5284 ||| FLEEEEING.
  5285 | D:7      | 5285 ||| FLEEEEING.
  5286 | D:7      | 5286 ||| FLEEEEING.
  5287 | D:7      | 5287 ||| FLEEEEING.
  5288 | D:7      | 5288 ||| FLEEEEING.
  5289 | D:7      | 5289 ||| FLEEEEING.
  5290 | D:7      | 5290 ||| STAIRDANCE
  5336 | D:6      | 5336 ||| DROPPING +1 shortbow.
  5337 | D:6      | 5337 ||| READING scroll labelled TUFOGE GAAXY.
  5340 | D:7      | Reached skill level 3 in Armour
  5476 | D:7      | Reached * piety under Okawaru
  5477 | D:7      | Reached XP level 9. HP: 39/79 MP: 8/8
  5477 | D:7      | 5477 ||| INVOKING Heroism.
  5491 | D:7      | 5491 ||| FLEEEEING.
  5492 | D:7      | 5492 ||| FLEEEEING.
  5493 | D:7      | 5493 ||| FLEEEEING.
  5494 | D:7      | 5494 ||| FLEEEEING.
  5495 | D:7      | 5495 ||| FLEEEEING.
  5496 | D:7      | 5496 ||| FLEEEEING.
  5497 | D:7      | 5497 ||| FLEEEEING.
  5498 | D:7      | 5498 ||| FLEEEEING.
  5499 | D:7      | 5499 ||| FLEEEEING.
  5500 | D:7      | 5500 ||| FLEEEEING.
  5501 | D:7      | 5501 ||| FLEEEEING.
  5502 | D:7      | 5502 ||| FLEEEEING.
  5503 | D:7      | 5503 ||| FLEEEEING.
  5504 | D:7      | 5504 ||| FLEEEEING.
  5505 | D:7      | 5505 ||| FLEEEEING.
  5506 | D:7      | 5506 ||| FLEEEEING.
  5507 | D:7      | 5507 ||| FLEEEEING.
  5508 | D:7      | 5508 ||| FLEEEEING.
  5509 | D:7      | 5509 ||| FLEEEEING.
  5510 | D:7      | 5510 ||| FLEEEEING.
  5511 | D:7      | 5511 ||| FLEEEEING.
  5512 | D:7      | 5512 ||| FLEEEEING.
  5513 | D:7      | 5513 ||| FLEEEEING.
  5514 | D:7      | 5514 ||| FLEEEEING.
  5515 | D:7      | 5515 ||| FLEEEEING.
  5516 | D:7      | 5516 ||| FLEEEEING.
  5517 | D:7      | 5517 ||| FLEEEEING.
  5518 | D:7      | 5518 ||| FLEEEEING.
  5519 | D:7      | 5519 ||| FLEEEEING.
  5520 | D:7      | 5520 ||| STAIRDANCE
  5648 | D:7      | Reached skill level 1 in Invocations
  5731 | D:7      | Reached skill level 12 in Ranged Weapons
  5905 | D:7      | 5905 ||| FLEEEEING.
  5906 | D:7      | 5906 ||| FLEEEEING.
  5907 | D:7      | 5907 ||| FLEEEEING.
  5913 | D:7      | 5913 ||| FLEEEEING.
  5914 | D:7      | 5914 ||| FLEEEEING.
  5915 | D:7      | 5915 ||| FLEEEEING.
  5920 | D:7      | 5920 ||| STAIRDANCE
  6078 | D:7      | 6078 ||| Stepping ~*~*~tactically~*~*~ (outnumbered).
  6097 | D:7      | Reached skill level 3 in Invocations
  6147 | D:7      | Found a runed translucent door.
  6148 | D:7      | Noticed Crazy Yiuf
  6316 | D:8      | 6316 ||| INVOKING Heroism.
  6363 | D:8      | 6363 ||| INVOKING Heroism.
  6373 | D:8      | 6373 ||| DRINKING 6 potions of curing.
  6373 | D:8      | 6373 ||| (to cure confusion)
  6395 | D:8      | 6395 ||| Stepping ~*~*~tactically~*~*~ (outnumbered).
  6442 | D:8      | 6442 ||| Stepping ~*~*~tactically~*~*~ (outnumbered).
  6443 | D:8      | 6443 ||| Stepping ~*~*~tactically~*~*~ (outnumbered).
  6444 | D:8      | 6444 ||| Stepping ~*~*~tactically~*~*~ (outnumbered).
  6445 | D:8      | 6445 ||| Stepping ~*~*~tactically~*~*~ (outnumbered).
  6446 | D:8      | 6446 ||| Stepping ~*~*~tactically~*~*~ (outnumbered).
  6447 | D:8      | 6447 ||| Stepping ~*~*~tactically~*~*~ (outnumbered).
  6478 | D:8      | 6478 ||| INVOKING Heroism.
  6580 | D:8      | Reached ** piety under Okawaru
  6628 | D:8      | Found an ancient bone altar of Kikubaaqudgha.
  6647 | D:8      | Noticed a kobold demonologist
  6657 | D:8      | Noticed a hellwing
  6661 | D:8      | Killed a kobold demonologist
  6662 | D:8      | Reached XP level 10. HP: 88/88 MP: 12/12
  6700 | D:8      | Reached skill level 13 in Ranged Weapons
  6796 | D:8      | Found Todiff's Antique Weapon Shop.
  6805 | D:8      | 6805 ||| SHOPLISTING +8 storm bow {elec, penet} (2022 gold,
                  | have 237).
  6811 | D:8      | 6811 ||| INVOKING Heroism.
  6940 | D:8      | 6940 ||| FLEEEEING.
  6941 | D:8      | 6941 ||| FLEEEEING.
  6942 | D:8      | 6942 ||| FLEEEEING.
  6943 | D:8      | 6943 ||| FLEEEEING.
  6944 | D:8      | 6944 ||| FLEEEEING.
  6945 | D:8      | 6945 ||| FLEEEEING.
  6946 | D:8      | 6946 ||| FLEEEEING.
  6947 | D:8      | 6947 ||| FLEEEEING.
  6948 | D:8      | 6948 ||| FLEEEEING.
  6949 | D:8      | 6949 ||| FLEEEEING.
  6950 | D:8      | 6950 ||| FLEEEEING.
  6951 | D:8      | 6951 ||| FLEEEEING.
  6952 | D:8      | 6952 ||| FLEEEEING.
  6953 | D:8      | 6953 ||| FLEEEEING.
  6954 | D:8      | 6954 ||| FLEEEEING.
  6955 | D:8      | 6955 ||| FLEEEEING.
  6956 | D:8      | 6956 ||| FLEEEEING.
  6957 | D:8      | 6957 ||| FLEEEEING.
  6958 | D:8      | 6958 ||| FLEEEEING.
  6959 | D:8      | 6959 ||| FLEEEEING.
  6960 | D:8      | 6960 ||| FLEEEEING.
  6961 | D:8      | 6961 ||| FLEEEEING.
  6962 | D:8      | 6962 ||| FLEEEEING.
  6963 | D:8      | 6963 ||| FLEEEEING.
  6964 | D:8      | 6964 ||| FLEEEEING.
  6965 | D:8      | 6965 ||| FLEEEEING.
  6966 | D:8      | 6966 ||| FLEEEEING.
  6967 | D:8      | 6967 ||| FLEEEEING.
  6968 | D:8      | 6968 ||| FLEEEEING.
  6969 | D:8      | 6969 ||| FLEEEEING.
  6970 | D:8      | 6970 ||| FLEEEEING.
  6971 | D:8      | 6971 ||| FLEEEEING.
  7222 | D:8      | 7222 ||| STAIRDANCE
  7297 | D:7      | 7297 ||| READING 2 scrolls labelled VOFIOSM MOLOI.
  7298 | D:7      | 7298 ||| READING scroll labelled MOUMAE ACUAMNOFF.
  7299 | D:7      | 7299 ||| DROPPING scroll of poison.
  7341 | D:8      | 7341 ||| INVOKING Heroism.
  7344 | D:8      | Reached skill level 9 in Fighting
  7676 | D:8      | 7676 ||| DROPPING +0 leather armour of cold resistance.
  7703 | D:9      | Reached skill level 6 in Dodging
  7706 | D:9      | 7706 ||| INVOKING Heroism.
  7711 | D:9      | Reached *** piety under Okawaru
  7714 | D:9      | HP: 21/91 [killer bee (3)]
  7715 | D:9      | 7715 ||| READING 2 scrolls of teleportation.
  7716 | D:9      | 7716 ||| DRINKING 5 potions of heal wounds.
  7720 | D:9      | HP: 19/91 [gnoll sergeant/+0 spear (5)]
  7721 | D:9      | 7721 ||| READING scroll of teleportation.
  7722 | D:9      | 7722 ||| DRINKING 4 potions of heal wounds.
  7724 | D:9      | 7724 ||| INVOKING Heroism.
  7795 | D:9      | 7795 ||| INVOKING Heroism.
  7924 | D:9      | Reached skill level 14 in Ranged Weapons
  7990 | D:9      | Found a staircase to the Lair.
  8267 | D:9      | Found Botyed's Weapon Shop.
  8414 | D:9      | Found a shimmering blue altar of Sif Muna.
  8414 | D:9      | Noticed Harold
  8415 | D:9      | 8415 ||| INVOKING Heroism.
  8422 | D:9      | Killed Harold
  8422 | D:9      | Reached **** piety under Okawaru
  8423 | D:9      | Reached XP level 11. HP: 78/99 MP: 11/13
  8638 | D:9      | 8638 ||| PLANNING LAIR
  8638 | D:9      | 8638 ||| UPGRADING to amulet of the acrobat.
  8643 | D:9      | 8643 ||| DRINKING 2 puce potions.
  8644 | D:9      | 8644 ||| DROPPING potion of brilliance.
  8675 | Lair:1   | Entered Level 1 of the Lair of Beasts
  8702 | Lair:1   | 8702 ||| INVOKING Heroism.
  8714 | Lair:1   | Received a gift from Okawaru
  8722 | Lair:1   | 8722 ||| INVOKING Heroism.
  8725 | Lair:1   | Reached skill level 15 in Ranged Weapons
  8924 | Lair:1   | 8924 ||| INVOKING Heroism.
  8941 | Lair:1   | 8941 ||| INVOKING Heroism.
  9159 | Lair:1   | 9159 ||| INVOKING Heroism.
  9314 | Lair:1   | 9314 ||| INVOKING Heroism.
  9439 | Lair:1   | 9439 ||| INVOKING Heroism.
  9474 | Lair:1   | 9474 ||| INVOKING Heroism.
  9479 | Lair:1   | 9479 ||| READING scroll labelled PUACIKHL HO DYE.
  9493 | Lair:1   | Reached skill level 6 in Invocations
  9606 | Lair:1   | Identified the staff of poison "Afasuf" {Drain rPois Str+6
                  | Dex+6}
  9660 | Lair:1   | 9660 ||| DRINKING potion of cancellation.
  9693 | Lair:1   | 9693 ||| INVOKING Heroism.
  9762 | Lair:1   | 9762 ||| INVOKING Heroism.
  9842 | Lair:1   | 9842 ||| INVOKING Heroism.
  9899 | Lair:2   | 9899 ||| PLANNING GAUNTLET
  9906 | Lair:2   | Reached skill level 16 in Ranged Weapons
  9992 | Lair:2   | 9992 ||| INVOKING Heroism.
 10011 | Lair:2   | Found a snail-covered altar of Cheibriados.
 10036 | Lair:2   | 10036 ||| INVOKING Heroism.
 10144 | Lair:2   | Noticed a seven-headed hydra
 10145 | Lair:2   | 10145 ||| INVOKING Heroism.
 10149 | Lair:2   | Killed a seven-headed hydra
 10150 | Lair:2   | Reached XP level 12. HP: 108/108 MP: 13/16
 10289 | Lair:2   | 10289 ||| INVOKING Heroism.
 10360 | Lair:2   | 10360 ||| INVOKING Heroism.
 10404 | Lair:2   | Found a gate leading to a gauntlet.
 10405 | Lair:2   | 10405 ||| UPGRADING to amulet of faith.
 10423 | Gauntlet | Entered a Gauntlet
 10423 | Gauntlet | Found a transporter.
 10423 | Gauntlet | Found a transporter.
 10426 | Gauntlet | Found a transporter.
 10429 | Gauntlet | Found a large runed translucent door.
 10430 | Gauntlet | Found a large runed translucent door.
 10431 | Gauntlet | Found a large runed translucent door.
 10431 | Gauntlet | Found a large runed translucent door.
 10431 | Gauntlet | Found a runed translucent door.
 10432 | Gauntlet | Found a large runed translucent door.
 10433 | Gauntlet | Found a large runed translucent door.
 10434 | Gauntlet | Found a large runed translucent door.
 10434 | Gauntlet | Found a large runed translucent door.
 10435 | Gauntlet | Found a runed translucent gate.
 10437 | Gauntlet | Found the +3 Mad Mage's Maulers {Infuse+∞ VampMP -Cast}
 10442 | Gauntlet | Found a transporter.
 10451 | Gauntlet | Found a transporter.
 10459 | Gauntlet | Found a transporter.
 10476 | Gauntlet | Found a transporter.
 10481 | Gauntlet | Found a transporter.
 10504 | Gauntlet | Found a transporter.
 10544 | Gauntlet | Found a transporter.
 10546 | Gauntlet | Found a transporter.
 10546 | Gauntlet | Found a large runed translucent door.
 10547 | Gauntlet | Found a large runed translucent door.
 10548 | Gauntlet | Found a large runed translucent door.
 10548 | Gauntlet | Found a large runed translucent door.
 10548 | Gauntlet | Found a runed translucent door.
 10549 | Gauntlet | Found a large runed translucent door.
 10550 | Gauntlet | Found a large runed translucent door.
 10551 | Gauntlet | Found a large runed translucent door.
 10551 | Gauntlet | Found a large runed translucent door.
 10552 | Gauntlet | Found a runed translucent gate.
 10552 | Gauntlet | Found a runed translucent gate.
 10554 | Gauntlet | Found a transporter.
 10643 | Gauntlet | 10643 ||| INVOKING Heroism.
 10754 | Gauntlet | Identified the +3 helmet of Incorporation {rF+ rN+ rCorr}
 10756 | Gauntlet | Identified the +9 spear "Siall" {flame, Int+4}
 10757 | Gauntlet | 10757 ||| READING scroll labelled SUXKYXZIKKO.
 10773 | Gauntlet | 10773 ||| INVOKING Heroism.
 10784 | Gauntlet | HP: 18/110 [something (13)]
 10785 | Gauntlet | 10785 ||| DRINKING 4 potions of heal wounds.
 10787 | Gauntlet | 10787 ||| Stepping ~*~*~tactically~*~*~ (cloud).
 11021 | Gauntlet | Noticed a minotaur
 11022 | Gauntlet | 11022 ||| INVOKING Heroism.
 11032 | Gauntlet | Killed a minotaur
 11044 | Gauntlet | 11044 ||| Stepping randomly (stuck).
 11215 | Gauntlet | 11215 ||| DROPPING +2 pair of boots of stealth.
 11216 | Gauntlet | 11216 ||| READING 6 scrolls of identify.
 11216 | Gauntlet | 11216 ||| IDENTIFYING fizzy emerald potion
 11222 | Lair:2   | 11222 ||| PLANNING LAIR
 11250 | Lair:2   | Noticed a boulder beetle
 11251 | Lair:2   | 11251 ||| INVOKING Heroism.
 11259 | Lair:2   | Killed a boulder beetle
 11260 | Lair:2   | Reached skill level 9 in Invocations
 11418 | Lair:2   | Found a runed translucent door.
 11772 | Lair:2   | 11772 ||| READING 5 scrolls of identify.
 11772 | Lair:2   | 11772 ||| IDENTIFYING blue potion
 11773 | Lair:2   | 11773 ||| DROPPING potion of enlightenment.
 11946 | Lair:3   | Reached ***** piety under Okawaru
 11948 | Lair:3   | 11948 ||| INVOKING Heroism.
 11961 | Lair:3   | Found a transporter.
 11964 | Lair:3   | Noticed qw's ghost (journeyman MiHu)
 11967 | Lair:3   | Noticed a death yak
 12060 | Lair:3   | Found a transporter.
 12139 | Lair:3   | Found a staircase to the Shoals.
 12213 | Lair:3   | Reached skill level 12 in Fighting
 12215 | Lair:3   | Identified the +0 hat "Ugenemor" {Drain Str+2 SInv}
                  | (Okawaru gifted it to you on level 3 of the Lair of Beasts)
 12215 | Lair:3   | Received a gift from Okawaru
 12321 | Lair:3   | 12321 ||| UPGRADING to +0 hat "Ugenemor" {Drain Str+2
                  | SInv}.
 12411 | Lair:3   | 12411 ||| INVOKING Heroism.
 12531 | Lair:3   | Noticed a death yak
 12532 | Lair:3   | 12532 ||| INVOKING Heroism.
 12533 | Lair:3   | 12533 ||| INVOKING Finesse.
 12539 | Lair:3   | Noticed a death yak
 12541 | Lair:3   | Killed a death yak
 12543 | Lair:3   | Noticed a death yak
 12547 | Lair:3   | Noticed a death yak
 12550 | Lair:3   | Killed a death yak
 12551 | Lair:3   | Reached skill level 9 in Dodging
 12555 | Lair:3   | Killed a death yak
 12562 | Lair:3   | Killed a death yak
 12637 | Lair:3   | 12637 ||| INVOKING Heroism.
 12813 | Lair:3   | Noticed an eight-headed hydra
 12814 | Lair:3   | 12814 ||| INVOKING Heroism.
 12821 | Lair:3   | HP: 26/113 [eight-headed hydra (7)]
 12822 | Lair:3   | 12822 ||| READING 2 scrolls of teleportation.
 12823 | Lair:3   | 12823 ||| DRINKING 3 potions of heal wounds.
 12824 | Lair:3   | Killed an eight-headed hydra
 12825 | Lair:3   | Reached XP level 13. HP: 37/119 MP: 19/19
 13319 | Lair:3   | Found a hole to the Spider Nest.
 13410 | Lair:4   | 13410 ||| INVOKING Heroism.
 13415 | Lair:4   | Reached skill level 6 in Armour
 13531 | Lair:4   | 13531 ||| INVOKING Heroism.
 14042 | Lair:4   | Found a viscous altar of Jiyva.
 14042 | Lair:4   | Found a staircase to the Slime Pits.
 14078 | Lair:4   | 14078 ||| INVOKING Heroism.
 14079 | Lair:4   | 14079 ||| INVOKING Finesse.
 14294 | Lair:4   | 14294 ||| INVOKING Heroism.
 14303 | Lair:4   | Received a gift from Okawaru
 14489 | Lair:4   | 14489 ||| DRINKING 2 dark potions.
 14490 | Lair:4   | 14490 ||| DRINKING 8 potions of curing.
 14490 | Lair:4   | 14490 ||| (to cure confusion)
 14491 | Lair:4   | 14491 ||| READING 6 scrolls of identify.
 14491 | Lair:4   | 14491 ||| IDENTIFYING glowing ruby potion
 14492 | Lair:4   | 14492 ||| DROPPING potion of ambrosia.
 14504 | Lair:5   | Entered Level 5 of the Lair of Beasts
 14656 | Lair:5   | Received a gift from Okawaru
 14661 | Lair:5   | 14661 ||| FLEEEEING.
 14662 | Lair:5   | 14662 ||| FLEEEEING.
 14663 | Lair:5   | 14663 ||| FLEEEEING.
 14664 | Lair:5   | 14664 ||| FLEEEEING.
 14665 | Lair:5   | 14665 ||| STAIRDANCE
 14668 | Lair:5   | 14668 ||| INVOKING Heroism.
 14679 | Lair:5   | HP: 29/125 [yak (7)]
 14680 | Lair:5   | 14680 ||| READING 2 scrolls of teleportation.
 14681 | Lair:5   | 14681 ||| DRINKING 2 potions of heal wounds.
 14690 | Lair:5   | HP: 31/125 [black bear (3)]
 14691 | Lair:5   | 14691 ||| READING scroll of teleportation.
 14692 | Lair:5   | 14692 ||| DRINKING potion of heal wounds.
 14696 | Lair:5   | 14696 ||| FLEEEEING.
 14697 | Lair:5   | 14697 ||| STAIRDANCE
 14855 | Lair:4   | 14855 ||| READING 5 scrolls of identify.
 14855 | Lair:4   | 14855 ||| IDENTIFYING inky potion
 14856 | Lair:4   | 14856 ||| DROPPING potion of berserk rage.
 14868 | Lair:5   | 14868 ||| INVOKING Heroism.
 14869 | Lair:5   | 14869 ||| INVOKING Finesse.
 14881 | Lair:5   | 14881 ||| STAIRDANCE
 14884 | Lair:4   | HP: 29/125 [eight-headed hydra (4)]
 14889 | Lair:4   | Reached skill level 15 in Fighting
 15279 | Lair:5   | 15279 ||| INVOKING Heroism.
 15485 | Lair:5   | 15485 ||| INVOKING Heroism.
 15486 | Lair:5   | 15486 ||| Stepping ~*~*~tactically~*~*~ (outnumbered).
 15522 | Lair:5   | Received a gift from Okawaru
 15523 | Lair:5   | 15523 ||| Stepping ~*~*~tactically~*~*~ (cloud).
 15637 | Lair:5   | 15637 ||| INVOKING Heroism.
 15714 | Lair:5   | 15714 ||| INVOKING Heroism.
 15736 | Lair:5   | 15736 ||| INVOKING Heroism.
 15866 | Lair:5   | 15866 ||| INVOKING Heroism.
 15886 | Lair:5   | Reached XP level 14. HP: 126/137 MP: 20/20
 16111 | Lair:5   | 16111 ||| READING scroll of enchant weapon.
 16111 | Lair:5   | 16111 ||| ENCHANTING +0 heavy orcbow.
 16166 | Lair:5   | 16166 ||| DRINKING potion of cancellation.
 16212 | Lair:5   | 16212 ||| Stepping ~*~*~tactically~*~*~ (water).
 16225 | Lair:5   | 16225 ||| Stepping ~*~*~tactically~*~*~ (water).
 16245 | Lair:5   | 16245 ||| INVOKING Heroism.
 16438 | Lair:5   | 16438 ||| PLANNING D:1-11
 16438 | Lair:5   | 16438 ||| DROPPING +0 steam dragon scales.
 16439 | Lair:5   | 16439 ||| DROPPING +0 acid dragon scales.
 16440 | Lair:5   | 16440 ||| DROPPING +1 leather armour of willpower.
 16441 | Lair:5   | 16441 ||| DROPPING +1 robe of cold resistance.
 16542 | D:10     | Entered Level 10 of the Dungeon
 16701 | D:10     | Identified the +5 leather armour "Mitraj" {Rampage rPois
                  | Dex+3}
 16720 | D:10     | Found a staircase to the Orcish Mines.
 16756 | D:10     | Noticed Nergalle
 16766 | D:10     | 16766 ||| Stepping ~*~*~tactically~*~*~ (outnumbered).
 16769 | D:10     | Killed Nergalle
 17097 | D:10     | Found a glowing silver altar of Zin.
 17196 | D:10     | 17196 ||| Stepping ~*~*~tactically~*~*~ (outnumbered).
 17198 | D:10     | 17198 ||| Stepping ~*~*~tactically~*~*~ (outnumbered).
 17200 | D:10     | 17200 ||| Stepping ~*~*~tactically~*~*~ (outnumbered).
 17356 | D:10     | 17356 ||| UPGRADING to +5 leather armour "Mitraj" {Rampage
                  | rPois Dex+3}.
 17366 | D:10     | 17366 ||| REMOVING ring of poison resistance.
 17367 | D:10     | 17367 ||| DROPPING +0 ring mail of fire resistance.
 17368 | D:10     | 17368 ||| DROPPING +0 swamp dragon scales.
 17369 | D:10     | 17369 ||| UPGRADING to ring of protection from fire.
 17582 | D:11     | 17582 ||| Stepping ~*~*~tactically~*~*~ (outnumbered).
 17727 | D:11     | Noticed Fannar
 17737 | D:11     | Killed Fannar
 17823 | D:11     | 17823 ||| Stepping ~*~*~tactically~*~*~ (outnumbered).
 17966 | D:11     | 17966 ||| Stepping ~*~*~tactically~*~*~ (outnumbered).
 17970 | D:11     | 17970 ||| Stepping ~*~*~tactically~*~*~ (outnumbered).
 18114 | D:11     | 18114 ||| PLANNING D
 18114 | D:11     | 18114 ||| DROPPING ring of positive energy.
 18349 | D:12     | Reached skill level 12 in Dodging
 18440 | D:12     | 18440 ||| Stepping ~*~*~tactically~*~*~ (outnumbered).
 18442 | D:12     | 18442 ||| Stepping ~*~*~tactically~*~*~ (outnumbered).
 18444 | D:12     | 18444 ||| Stepping ~*~*~tactically~*~*~ (outnumbered).
 18697 | D:12     | 18697 ||| INVOKING Heroism.
 18753 | D:12     | Noticed Urug
 18754 | D:12     | 18754 ||| INVOKING Heroism.
 18755 | D:12     | 18755 ||| INVOKING Finesse.
 18760 | D:12     | Killed Urug
 19023 | D:13     | 19023 ||| INVOKING Heroism.
 19069 | D:13     | 19069 ||| INVOKING Heroism.
 19070 | D:13     | 19070 ||| INVOKING Finesse.
 19076 | D:13     | Noticed Sonja
 19081 | D:13     | Killed Sonja
 19133 | D:13     | 19133 ||| INVOKING Heroism.
 19140 | D:13     | 19140 ||| INVOKING Finesse.
 19147 | D:13     | Received a gift from Okawaru
 19312 | D:13     | Found Gosh's Distillery.
 19316 | D:13     | 19316 ||| BUYING 2 potions of magic (256 gold).
 19316 | D:13     | Bought 2 potions of magic for 256 gold pieces
 19316 | D:13     | 19316 ||| BUYING potion of curing (48 gold).
 19316 | D:13     | Bought a potion of curing for 48 gold pieces
 19316 | D:13     | 19316 ||| BUYING potion of curing (48 gold).
 19316 | D:13     | Bought a potion of curing for 48 gold pieces
 19316 | D:13     | 19316 ||| BUYING potion of haste (160 gold).
 19316 | D:13     | Bought a potion of haste for 160 gold pieces
 19316 | D:13     | 19316 ||| BUYING potion of heal wounds (80 gold).
 19316 | D:13     | Bought a potion of heal wounds for 80 gold pieces
 19316 | D:13     | 19316 ||| BUYING potion of heal wounds (80 gold).
 19316 | D:13     | Bought a potion of heal wounds for 80 gold pieces
 19379 | D:13     | Noticed Snorg
 19380 | D:13     | 19380 ||| INVOKING Heroism.
 19382 | D:13     | 19382 ||| INVOKING Finesse.
 19391 | D:13     | Killed Snorg
 19563 | D:13     | Received a gift from Okawaru
 19570 | D:13     | 19570 ||| DROPPING +3 arbalest of draining.
 19855 | D:13     | 19855 ||| UPGRADING to +0 cloak.
 19887 | D:14     | 19887 ||| INVOKING Heroism.
 19888 | D:14     | 19888 ||| INVOKING Finesse.
 20008 | D:14     | 20008 ||| INVOKING Heroism.
 20123 | D:14     | 20123 ||| INVOKING Heroism.
 20124 | D:14     | 20124 ||| INVOKING Finesse.
 20125 | D:14     | 20125 ||| Stepping ~*~*~tactically~*~*~ (cloud).
 20167 | D:14     | 20167 ||| Stepping ~*~*~tactically~*~*~ (cloud).
 20198 | D:14     | Reached skill level 18 in Fighting
 20382 | D:14     | Reached XP level 15. HP: 117/149 MP: 21/21
 20410 | D:14     | 20410 ||| FLEEEEING.
 20581 | D:14     | Found a gate to the Vaults.
 20587 | D:14     | 20587 ||| INVOKING Heroism.
 20885 | D:14     | 20885 ||| INVOKING Heroism.
 20906 | D:14     | Reached skill level 15 in Dodging
 20907 | D:14     | Received a gift from Okawaru
 20968 | D:14     | 20968 ||| SWAPPING to +7 longbow.
 20969 | D:14     | 20969 ||| DROPPING +1 heavy orcbow.
 21034 | D:14     | 21034 ||| INVOKING Heroism.
 21038 | D:14     | 21038 ||| INVOKING Finesse.
 21317 | D:15     | Entered Level 15 of the Dungeon
 21317 | D:15     | Found a basalt altar of Yredelemnul.
 21372 | D:15     | 21372 ||| INVOKING Heroism.
 21373 | D:15     | 21373 ||| INVOKING Finesse.
 21515 | D:15     | 21515 ||| INVOKING Heroism.
 21575 | D:15     | 21575 ||| INVOKING Heroism.
 21578 | D:15     | 21578 ||| Stepping ~*~*~tactically~*~*~ (outnumbered).
 21580 | D:15     | 21580 ||| Stepping ~*~*~tactically~*~*~ (outnumbered).
 21587 | D:15     | Found a staircase to the Depths.
 21729 | D:15     | 21729 ||| INVOKING Heroism.
 21735 | D:15     | Reached skill level 17 in Ranged Weapons
 21876 | D:15     | 21876 ||| READING scroll of enchant armour.
 21876 | D:15     | 21876 ||| ENCHANTING +0 pair of gloves.
 22014 | D:15     | Found a portal to a secret trove of treasure.
 22091 | D:15     | 22091 ||| Stepping ~*~*~tactically~*~*~ (outnumbered).
 22385 | D:15     | 22385 ||| PLANNING ORC
 22385 | D:15     | 22385 ||| READING 14 scrolls of identify.
 22385 | D:15     | 22385 ||| IDENTIFYING lumpy cyan potion
 22386 | D:15     | 22386 ||| DROPPING potion of invisibility.
 22561 | Orc:1    | Entered Level 1 of the Orcish Mines
 22567 | Orc:1    | You fall into a shaft and drop 1 floor!
 22567 | Orc:2    | Entered Level 2 of the Orcish Mines
 22567 | Orc:2    | Found Ruuhon's General Store.
 22567 | Orc:2    | Found a staircase to the Elven Halls.
 22575 | Orc:2    | 22575 ||| BUYING scroll of enchant weapon (105 gold).
 22575 | Orc:2    | Bought a scroll of enchant weapon for 105 gold pieces
 22575 | Orc:2    | 22575 ||| BUYING scroll of teleportation (42 gold).
 22575 | Orc:2    | Bought a scroll of teleportation for 42 gold pieces
 22576 | Orc:2    | 22576 ||| READING scroll of enchant weapon.
 22576 | Orc:2    | 22576 ||| ENCHANTING +7 longbow.
 22589 | Orc:2    | 22589 ||| STAIRDANCE
 22782 | Orc:2    | 22782 ||| INVOKING Heroism.
 22798 | Orc:2    | 22798 ||| Stepping ~*~*~tactically~*~*~ (outnumbered).
 22806 | Orc:2    | 22806 ||| INVOKING Finesse.
 22808 | Orc:2    | 22808 ||| Stepping ~*~*~tactically~*~*~ (outnumbered).
 22860 | Orc:2    | Paralysed by an orc sorcerer for 2 turns
 22862 | Orc:2    | 22862 ||| Stepping ~*~*~tactically~*~*~ (outnumbered).
 22869 | Orc:2    | Reached skill level 18 in Ranged Weapons
 22881 | Orc:2    | 22881 ||| INVOKING Heroism.
 22893 | Orc:2    | 22893 ||| Stepping ~*~*~tactically~*~*~ (outnumbered).
 22922 | Orc:2    | 22922 ||| INVOKING Heroism.
 23020 | Orc:2    | 23020 ||| INVOKING Heroism.
 23047 | Orc:2    | 23047 ||| INVOKING Heroism.
 23271 | Orc:1    | 23271 ||| INVOKING Heroism.
 23317 | Orc:1    | Received a gift from Okawaru
 23317 | Orc:1    | Found the +3 pair of mountain boots {steadfast, rC+}
 23572 | Orc:1    | 23572 ||| DRINKING 12 potions of curing.
 23572 | Orc:1    | 23572 ||| (to cure confusion)
 23718 | Orc:1    | 23718 ||| UPGRADING to +3 pair of mountain boots
                  | {steadfast, rC+}.
 23977 | Orc:2    | Found Rosoulid's General Store.
 23978 | Orc:2    | Found Emupt's Jewellery Emporium.
 23980 | Orc:2    | Found Fuecriyp's Antique Armour Emporium.
 23980 | Orc:2    | Found Faeralas's Antique Weapon Shoppe.
 23984 | Orc:2    | 23984 ||| BUYING runed scarf (288 gold).
 23984 | Orc:2    | Bought a runed scarf for 288 gold pieces
 23994 | Orc:2    | 23994 ||| BUYING scroll of teleportation (42 gold).
 23994 | Orc:2    | Bought a scroll of teleportation for 42 gold pieces
 23996 | Orc:2    | 23996 ||| BUYING ring of fire (400 gold).
 23996 | Orc:2    | Bought a ring of fire for 400 gold pieces
 23996 | Orc:2    | 23996 ||| BUYING ring of willpower (400 gold).
 23996 | Orc:2    | Bought a ring of willpower for 400 gold pieces
 24041 | Orc:2    | 24041 ||| PLANNING SHOALS:1-3
 24041 | Orc:2    | 24041 ||| UPGRADING to scarf of repulsion.
 24275 | Shoals:1 | Entered Level 1 of the Shoals
 24276 | Shoals:1 | 24276 ||| INVOKING Heroism.
 24289 | Shoals:1 | 24289 ||| Stepping ~*~*~tactically~*~*~ (outnumbered).
 24290 | Shoals:1 | 24290 ||| Stepping ~*~*~tactically~*~*~ (outnumbered).
 24291 | Shoals:1 | 24291 ||| Stepping ~*~*~tactically~*~*~ (outnumbered).
 24317 | Shoals:1 | 24317 ||| Stepping ~*~*~tactically~*~*~ (water).
 24486 | Shoals:1 | Reached skill level 19 in Ranged Weapons
 24499 | Shoals:1 | 24499 ||| READING scroll of enchant armour.
 24499 | Shoals:1 | 24499 ||| ENCHANTING +1 pair of gloves.
 24569 | Shoals:1 | 24569 ||| INVOKING Heroism.
 24643 | Shoals:1 | Identified the +1 pair of boots "Afud Jor" {+Inv}
 24703 | Shoals:1 | 24703 ||| INVOKING Heroism.
 24709 | Shoals:1 | Reached XP level 16. HP: 157/157 MP: 19/22
 24852 | Shoals:1 | 24852 ||| INVOKING Heroism.
 24990 | Shoals:1 | 24990 ||| DROPPING +1 pair of boots "Afud Jor" {+Inv}.
 25028 | Shoals:2 | 25028 ||| INVOKING Heroism.
 25034 | Shoals:2 | 25034 ||| Stepping ~*~*~tactically~*~*~ (water).
 25148 | Shoals:2 | 25148 ||| INVOKING Heroism.
 25234 | Shoals:2 | Found Puiv's Antique Weapon Shoppe.
 25460 | Shoals:2 | 25460 ||| INVOKING Heroism.
 25462 | Shoals:2 | 25462 ||| Stepping ~*~*~tactically~*~*~ (water).
 25463 | Shoals:2 | Reached skill level 20 in Ranged Weapons
 25765 | Shoals:2 | 25765 ||| DROPPING ring of fire.
 25766 | Shoals:2 | 25766 ||| READING 13 scrolls of identify.
 25766 | Shoals:2 | 25766 ||| IDENTIFYING clear potion
 25767 | Shoals:2 | 25767 ||| DROPPING potion of attraction.
 25805 | Shoals:3 | 25805 ||| INVOKING Heroism.
 25826 | Shoals:3 | HP: 21/157 [alligator snapping turtle (19)]
 25827 | Shoals:3 | 25827 ||| READING 10 scrolls of teleportation.
 25828 | Shoals:3 | 25828 ||| DRINKING 5 potions of heal wounds.
 25829 | Shoals:3 | 25829 ||| DRINKING 4 potions of heal wounds.
 25928 | Shoals:3 | 25928 ||| INVOKING Heroism.
 26073 | Shoals:3 | 26073 ||| INVOKING Heroism.
 26237 | Shoals:3 | 26237 ||| INVOKING Heroism.
 26242 | Shoals:3 | 26242 ||| Stepping ~*~*~tactically~*~*~ (outnumbered).
 26313 | Shoals:3 | Noticed Ilsuiw
 26314 | Shoals:3 | 26314 ||| INVOKING Heroism.
 26327 | Shoals:3 | Killed Ilsuiw
 26389 | Shoals:3 | Noticed Louise
 26390 | Shoals:3 | 26390 ||| INVOKING Heroism.
 26399 | Shoals:3 | Killed Louise
 26443 | Shoals:3 | 26443 ||| INVOKING Heroism.
 26449 | Shoals:3 | Noticed a kraken
 26507 | Shoals:3 | 26507 ||| INVOKING Heroism.
 26513 | Shoals:3 | Killed a kraken
 26771 | Shoals:3 | 26771 ||| INVOKING Heroism.
 26807 | Shoals:3 | 26807 ||| INVOKING Heroism.
 26859 | Shoals:3 | 26859 ||| INVOKING Heroism.
 26935 | Shoals:3 | 26935 ||| PLANNING SNAKE:1-3
 26935 | Shoals:3 | 26935 ||| PLANNING LAIR
 27128 | Lair:3   | Identified the +4 ring mail of Analysis {rPois Stlth+}
 27140 | Lair:3   | 27140 ||| PLANNING SNAKE:1-3
 27140 | Lair:3   | 27140 ||| PLANNING LAIR
 27140 | Lair:3   | 27140 ||| DROPPING +4 ring mail of Analysis {rPois Stlth+}.
 27184 | Lair:2   | 27184 ||| PLANNING SNAKE:1-3
 27186 | Lair:1   | 27186 ||| PLANNING LAIR
 27186 | Lair:1   | 27186 ||| PLANNING SNAKE:1-3
 27216 | D:9      | 27216 ||| PLANNING LAIR
 27248 | Lair:2   | 27248 ||| PLANNING SNAKE:1-3
 27250 | Lair:1   | 27250 ||| PLANNING LAIR
 27250 | Lair:1   | 27250 ||| PLANNING SNAKE:1-3
 27280 | D:9      | 27280 ||| PLANNING LAIR
 27312 | Lair:2   | 27312 ||| PLANNING SNAKE:1-3
 27314 | Lair:1   | 27314 ||| PLANNING LAIR
 27314 | Lair:1   | 27314 ||| PLANNING SNAKE:1-3
 27344 | D:9      | 27344 ||| PLANNING LAIR
 27376 | Lair:2   | 27376 ||| PLANNING SNAKE:1-3
 27378 | Lair:1   | 27378 ||| PLANNING LAIR
 27378 | Lair:1   | 27378 ||| PLANNING SNAKE:1-3
 27408 | D:9      | 27408 ||| PLANNING LAIR
 27440 | Lair:2   | 27440 ||| PLANNING SNAKE:1-3
 27442 | Lair:1   | 27442 ||| PLANNING LAIR
 27442 | Lair:1   | 27442 ||| PLANNING SNAKE:1-3
 27472 | D:9      | 27472 ||| PLANNING LAIR
 27504 | Lair:2   | 27504 ||| PLANNING SNAKE:1-3
 27506 | Lair:1   | 27506 ||| PLANNING LAIR
 27506 | Lair:1   | 27506 ||| PLANNING SNAKE:1-3
 27536 | D:9      | 27536 ||| PLANNING LAIR
 27568 | Lair:2   | 27568 ||| PLANNING SNAKE:1-3
 27570 | Lair:1   | 27570 ||| PLANNING LAIR
 27570 | Lair:1   | 27570 ||| PLANNING SNAKE:1-3
 27600 | D:9      | 27600 ||| PLANNING LAIR
 27632 | Lair:2   | 27632 ||| PLANNING SNAKE:1-3
 27634 | Lair:1   | 27634 ||| PLANNING LAIR
 27634 | Lair:1   | 27634 ||| PLANNING SNAKE:1-3
 27664 | D:9      | 27664 ||| PLANNING LAIR
 27696 | Lair:2   | 27696 ||| PLANNING SNAKE:1-3
 27698 | Lair:1   | 27698 ||| PLANNING LAIR
 27698 | Lair:1   | 27698 ||| PLANNING SNAKE:1-3
 27728 | D:9      | 27728 ||| PLANNING LAIR
 27760 | Lair:2   | 27760 ||| PLANNING SNAKE:1-3
 27762 | Lair:1   | 27762 ||| PLANNING LAIR
 27762 | Lair:1   | 27762 ||| PLANNING SNAKE:1-3
 27792 | D:9      | 27792 ||| PLANNING LAIR
 27824 | Lair:2   | 27824 ||| PLANNING SNAKE:1-3
 27826 | Lair:1   | 27826 ||| PLANNING LAIR
 27826 | Lair:1   | 27826 ||| PLANNING SNAKE:1-3
 27856 | D:9      | 27856 ||| PLANNING LAIR
 27888 | Lair:2   | 27888 ||| PLANNING SNAKE:1-3
 27890 | Lair:1   | 27890 ||| PLANNING LAIR
 27890 | Lair:1   | 27890 ||| PLANNING SNAKE:1-3
 27920 | D:9      | 27920 ||| PLANNING LAIR
 27952 | Lair:2   | 27952 ||| PLANNING SNAKE:1-3
 27954 | Lair:1   | 27954 ||| PLANNING LAIR
 27954 | Lair:1   | 27954 ||| PLANNING SNAKE:1-3
 27984 | D:9      | 27984 ||| PLANNING LAIR
 28016 | Lair:2   | 28016 ||| PLANNING SNAKE:1-3
 28018 | Lair:1   | 28018 ||| PLANNING LAIR
 28018 | Lair:1   | 28018 ||| PLANNING SNAKE:1-3
 28048 | D:9      | 28048 ||| PLANNING LAIR
 28080 | Lair:2   | 28080 ||| PLANNING SNAKE:1-3
 28082 | Lair:1   | 28082 ||| PLANNING LAIR
 28082 | Lair:1   | 28082 ||| PLANNING SNAKE:1-3
 28112 | D:9      | 28112 ||| PLANNING LAIR
 28144 | Lair:2   | 28144 ||| PLANNING SNAKE:1-3
 28146 | Lair:1   | 28146 ||| PLANNING LAIR
 28146 | Lair:1   | 28146 ||| PLANNING SNAKE:1-3
 28176 | D:9      | 28176 ||| PLANNING LAIR
 28208 | Lair:2   | 28208 ||| PLANNING SNAKE:1-3
 28210 | Lair:1   | 28210 ||| PLANNING LAIR
 28210 | Lair:1   | 28210 ||| PLANNING SNAKE:1-3
 28240 | D:9      | 28240 ||| PLANNING LAIR
 28272 | Lair:2   | 28272 ||| PLANNING SNAKE:1-3
 28274 | Lair:1   | 28274 ||| PLANNING LAIR
 28274 | Lair:1   | 28274 ||| PLANNING SNAKE:1-3
 28304 | D:9      | 28304 ||| PLANNING LAIR
 28336 | Lair:2   | 28336 ||| PLANNING SNAKE:1-3
 28338 | Lair:1   | 28338 ||| PLANNING LAIR
 28338 | Lair:1   | 28338 ||| PLANNING SNAKE:1-3
 28368 | D:9      | 28368 ||| PLANNING LAIR
 28400 | Lair:2   | 28400 ||| PLANNING SNAKE:1-3
 28402 | Lair:1   | 28402 ||| PLANNING LAIR
 28402 | Lair:1   | 28402 ||| PLANNING SNAKE:1-3
 28432 | D:9      | 28432 ||| PLANNING LAIR
 28464 | Lair:2   | 28464 ||| PLANNING SNAKE:1-3
 28466 | Lair:1   | 28466 ||| PLANNING LAIR
 28466 | Lair:1   | 28466 ||| PLANNING SNAKE:1-3
 28496 | D:9      | 28496 ||| PLANNING LAIR
 28528 | Lair:2   | 28528 ||| PLANNING SNAKE:1-3
 28530 | Lair:1   | 28530 ||| PLANNING LAIR
 28530 | Lair:1   | 28530 ||| PLANNING SNAKE:1-3
 28560 | D:9      | 28560 ||| PLANNING LAIR
 28592 | Lair:2   | 28592 ||| PLANNING SNAKE:1-3
 28594 | Lair:1   | 28594 ||| PLANNING LAIR
 28594 | Lair:1   | 28594 ||| PLANNING SNAKE:1-3
 28624 | D:9      | 28624 ||| PLANNING LAIR
 28656 | Lair:2   | 28656 ||| PLANNING SNAKE:1-3
 28658 | Lair:1   | 28658 ||| PLANNING LAIR
 28658 | Lair:1   | 28658 ||| PLANNING SNAKE:1-3
 28688 | D:9      | 28688 ||| PLANNING LAIR
 28720 | Lair:2   | 28720 ||| PLANNING SNAKE:1-3
 28722 | Lair:1   | 28722 ||| PLANNING LAIR
 28722 | Lair:1   | 28722 ||| PLANNING SNAKE:1-3
 28752 | D:9      | 28752 ||| PLANNING LAIR
 28784 | Lair:2   | 28784 ||| PLANNING SNAKE:1-3
 28786 | Lair:1   | 28786 ||| PLANNING LAIR
 28786 | Lair:1   | 28786 ||| PLANNING SNAKE:1-3
 28816 | D:9      | 28816 ||| PLANNING LAIR
 28848 | Lair:2   | 28848 ||| PLANNING SNAKE:1-3
 28850 | Lair:1   | 28850 ||| PLANNING LAIR
 28850 | Lair:1   | 28850 ||| PLANNING SNAKE:1-3
 28880 | D:9      | 28880 ||| PLANNING LAIR
 28912 | Lair:2   | 28912 ||| PLANNING SNAKE:1-3
 28914 | Lair:1   | 28914 ||| PLANNING LAIR
 28914 | Lair:1   | 28914 ||| PLANNING SNAKE:1-3
 28944 | D:9      | 28944 ||| PLANNING LAIR
 28976 | Lair:2   | 28976 ||| PLANNING SNAKE:1-3
 28978 | Lair:1   | 28978 ||| PLANNING LAIR
 28978 | Lair:1   | 28978 ||| PLANNING SNAKE:1-3
 29008 | D:9      | 29008 ||| PLANNING LAIR
 29040 | Lair:2   | 29040 ||| PLANNING SNAKE:1-3
 29042 | Lair:1   | 29042 ||| PLANNING LAIR
 29042 | Lair:1   | 29042 ||| PLANNING SNAKE:1-3
 29072 | D:9      | 29072 ||| PLANNING LAIR
 29104 | Lair:2   | 29104 ||| PLANNING SNAKE:1-3
 29106 | Lair:1   | 29106 ||| PLANNING LAIR
 29106 | Lair:1   | 29106 ||| PLANNING SNAKE:1-3
 29136 | D:9      | 29136 ||| PLANNING LAIR
 29168 | Lair:2   | 29168 ||| PLANNING SNAKE:1-3
 29170 | Lair:1   | 29170 ||| PLANNING LAIR
 29170 | Lair:1   | 29170 ||| PLANNING SNAKE:1-3
 29200 | D:9      | 29200 ||| PLANNING LAIR
 29232 | Lair:2   | 29232 ||| PLANNING SNAKE:1-3
 29234 | Lair:1   | 29234 ||| PLANNING LAIR
 29234 | Lair:1   | 29234 ||| PLANNING SNAKE:1-3
 29264 | D:9      | 29264 ||| PLANNING LAIR
 29296 | Lair:2   | 29296 ||| PLANNING SNAKE:1-3
 29298 | Lair:1   | 29298 ||| PLANNING LAIR
 29298 | Lair:1   | 29298 ||| PLANNING SNAKE:1-3
 29328 | D:9      | 29328 ||| PLANNING LAIR
 29360 | Lair:2   | 29360 ||| PLANNING SNAKE:1-3
 29362 | Lair:1   | 29362 ||| PLANNING LAIR
 29362 | Lair:1   | 29362 ||| PLANNING SNAKE:1-3
 29392 | D:9      | 29392 ||| PLANNING LAIR
 29424 | Lair:2   | 29424 ||| PLANNING SNAKE:1-3
 29426 | Lair:1   | 29426 ||| PLANNING LAIR
 29426 | Lair:1   | 29426 ||| PLANNING SNAKE:1-3
 29456 | D:9      | 29456 ||| PLANNING LAIR
 29488 | Lair:2   | 29488 ||| PLANNING SNAKE:1-3
 29490 | Lair:1   | 29490 ||| PLANNING LAIR
 29490 | Lair:1   | 29490 ||| PLANNING SNAKE:1-3
 29520 | D:9      | 29520 ||| PLANNING LAIR
 29552 | Lair:2   | 29552 ||| PLANNING SNAKE:1-3
 29554 | Lair:1   | 29554 ||| PLANNING LAIR
 29554 | Lair:1   | 29554 ||| PLANNING SNAKE:1-3
 29584 | D:9      | 29584 ||| PLANNING LAIR
 29616 | Lair:2   | 29616 ||| PLANNING SNAKE:1-3
 29618 | Lair:1   | 29618 ||| PLANNING LAIR
 29618 | Lair:1   | 29618 ||| PLANNING SNAKE:1-3
 29648 | D:9      | 29648 ||| PLANNING LAIR
 29680 | Lair:2   | 29680 ||| PLANNING SNAKE:1-3
 29682 | Lair:1   | 29682 ||| PLANNING LAIR
 29682 | Lair:1   | 29682 ||| PLANNING SNAKE:1-3
 29712 | D:9      | 29712 ||| PLANNING LAIR
 29744 | Lair:2   | 29744 ||| PLANNING SNAKE:1-3
 29746 | Lair:1   | 29746 ||| PLANNING LAIR
 29746 | Lair:1   | 29746 ||| PLANNING SNAKE:1-3
 29776 | D:9      | 29776 ||| PLANNING LAIR
 29808 | Lair:2   | 29808 ||| PLANNING SNAKE:1-3
 29810 | Lair:1   | 29810 ||| PLANNING LAIR
 29810 | Lair:1   | 29810 ||| PLANNING SNAKE:1-3
 29840 | D:9      | 29840 ||| PLANNING LAIR
 29872 | Lair:2   | 29872 ||| PLANNING SNAKE:1-3
 29874 | Lair:1   | 29874 ||| PLANNING LAIR
 29874 | Lair:1   | 29874 ||| PLANNING SNAKE:1-3
 29904 | D:9      | 29904 ||| PLANNING LAIR
 29936 | Lair:2   | 29936 ||| PLANNING SNAKE:1-3
 29938 | Lair:1   | 29938 ||| PLANNING LAIR
 29938 | Lair:1   | 29938 ||| PLANNING SNAKE:1-3
 29968 | D:9      | 29968 ||| PLANNING LAIR
 30000 | Lair:2   | 30000 ||| PLANNING SNAKE:1-3
 30002 | Lair:1   | 30002 ||| PLANNING LAIR
 30002 | Lair:1   | 30002 ||| PLANNING SNAKE:1-3
 30032 | D:9      | 30032 ||| PLANNING LAIR
 30064 | Lair:2   | 30064 ||| PLANNING SNAKE:1-3
 30066 | Lair:1   | 30066 ||| PLANNING LAIR
 30066 | Lair:1   | 30066 ||| PLANNING SNAKE:1-3
 30096 | D:9      | 30096 ||| PLANNING LAIR
 30128 | Lair:2   | 30128 ||| PLANNING SNAKE:1-3
 30130 | Lair:1   | 30130 ||| PLANNING LAIR
 30130 | Lair:1   | 30130 ||| PLANNING SNAKE:1-3
 30160 | D:9      | 30160 ||| PLANNING LAIR
 30192 | Lair:2   | 30192 ||| PLANNING SNAKE:1-3
 30194 | Lair:1   | 30194 ||| PLANNING LAIR
 30194 | Lair:1   | 30194 ||| PLANNING SNAKE:1-3
 30224 | D:9      | 30224 ||| PLANNING LAIR
 30256 | Lair:2   | 30256 ||| PLANNING SNAKE:1-3
 30258 | Lair:1   | 30258 ||| PLANNING LAIR
 30258 | Lair:1   | 30258 ||| PLANNING SNAKE:1-3
 30288 | D:9      | 30288 ||| PLANNING LAIR
 30320 | Lair:2   | 30320 ||| PLANNING SNAKE:1-3
 30322 | Lair:1   | 30322 ||| PLANNING LAIR
 30322 | Lair:1   | 30322 ||| PLANNING SNAKE:1-3
 30352 | D:9      | 30352 ||| PLANNING LAIR
 30384 | Lair:2   | 30384 ||| PLANNING SNAKE:1-3
 30386 | Lair:1   | 30386 ||| PLANNING LAIR
 30386 | Lair:1   | 30386 ||| PLANNING SNAKE:1-3
 30416 | D:9      | 30416 ||| PLANNING LAIR
 30448 | Lair:2   | 30448 ||| PLANNING SNAKE:1-3
 30450 | Lair:1   | 30450 ||| PLANNING LAIR
 30450 | Lair:1   | 30450 ||| PLANNING SNAKE:1-3
 30480 | D:9      | 30480 ||| PLANNING LAIR
 30512 | Lair:2   | 30512 ||| PLANNING SNAKE:1-3
 30514 | Lair:1   | 30514 ||| PLANNING LAIR
 30514 | Lair:1   | 30514 ||| PLANNING SNAKE:1-3
 30544 | D:9      | 30544 ||| PLANNING LAIR
 30576 | Lair:2   | 30576 ||| PLANNING SNAKE:1-3
 30578 | Lair:1   | 30578 ||| PLANNING LAIR
 30578 | Lair:1   | 30578 ||| PLANNING SNAKE:1-3
 30608 | D:9      | 30608 ||| PLANNING LAIR
 30640 | Lair:2   | 30640 ||| PLANNING SNAKE:1-3
 30642 | Lair:1   | 30642 ||| PLANNING LAIR
 30642 | Lair:1   | 30642 ||| PLANNING SNAKE:1-3
 30672 | D:9      | 30672 ||| PLANNING LAIR
 30704 | Lair:2   | 30704 ||| PLANNING SNAKE:1-3
 30706 | Lair:1   | 30706 ||| PLANNING LAIR
 30706 | Lair:1   | 30706 ||| PLANNING SNAKE:1-3
 30736 | D:9      | 30736 ||| PLANNING LAIR
 30768 | Lair:2   | 30768 ||| PLANNING SNAKE:1-3
 30770 | Lair:1   | 30770 ||| PLANNING LAIR
 30770 | Lair:1   | 30770 ||| PLANNING SNAKE:1-3
 30800 | D:9      | 30800 ||| PLANNING LAIR
 30832 | Lair:2   | 30832 ||| PLANNING SNAKE:1-3
 30834 | Lair:1   | 30834 ||| PLANNING LAIR
 30834 | Lair:1   | 30834 ||| PLANNING SNAKE:1-3
 30864 | D:9      | 30864 ||| PLANNING LAIR
 30896 | Lair:2   | 30896 ||| PLANNING SNAKE:1-3
 30898 | Lair:1   | 30898 ||| PLANNING LAIR
 30898 | Lair:1   | 30898 ||| PLANNING SNAKE:1-3
 30928 | D:9      | 30928 ||| PLANNING LAIR
 30960 | Lair:2   | 30960 ||| PLANNING SNAKE:1-3
 30962 | Lair:1   | 30962 ||| PLANNING LAIR
 30962 | Lair:1   | 30962 ||| PLANNING SNAKE:1-3
 30992 | D:9      | 30992 ||| PLANNING LAIR
 31024 | Lair:2   | 31024 ||| PLANNING SNAKE:1-3
 31026 | Lair:1   | 31026 ||| PLANNING LAIR
 31026 | Lair:1   | 31026 ||| PLANNING SNAKE:1-3
 31056 | D:9      | 31056 ||| PLANNING LAIR
 31088 | Lair:2   | 31088 ||| PLANNING SNAKE:1-3
 31090 | Lair:1   | 31090 ||| PLANNING LAIR
 31090 | Lair:1   | 31090 ||| PLANNING SNAKE:1-3
 31120 | D:9      | 31120 ||| PLANNING LAIR
 31152 | Lair:2   | 31152 ||| PLANNING SNAKE:1-3
 31154 | Lair:1   | 31154 ||| PLANNING LAIR
 31154 | Lair:1   | 31154 ||| PLANNING SNAKE:1-3
 31184 | D:9      | 31184 ||| PLANNING LAIR
 31216 | Lair:2   | 31216 ||| PLANNING SNAKE:1-3
 31218 | Lair:1   | 31218 ||| PLANNING LAIR
 31218 | Lair:1   | 31218 ||| PLANNING SNAKE:1-3
 31248 | D:9      | 31248 ||| PLANNING LAIR
 31280 | Lair:2   | 31280 ||| PLANNING SNAKE:1-3
 31282 | Lair:1   | 31282 ||| PLANNING LAIR
 31282 | Lair:1   | 31282 ||| PLANNING SNAKE:1-3
 31312 | D:9      | 31312 ||| PLANNING LAIR
 31344 | Lair:2   | 31344 ||| PLANNING SNAKE:1-3
 31346 | Lair:1   | 31346 ||| PLANNING LAIR
 31346 | Lair:1   | 31346 ||| PLANNING SNAKE:1-3
 31376 | D:9      | 31376 ||| PLANNING LAIR
 31408 | Lair:2   | 31408 ||| PLANNING SNAKE:1-3
 31410 | Lair:1   | 31410 ||| PLANNING LAIR
 31410 | Lair:1   | 31410 ||| PLANNING SNAKE:1-3
 31440 | D:9      | 31440 ||| PLANNING LAIR
 31472 | Lair:2   | 31472 ||| PLANNING SNAKE:1-3
 31474 | Lair:1   | 31474 ||| PLANNING LAIR
 31474 | Lair:1   | 31474 ||| PLANNING SNAKE:1-3
 31504 | D:9      | 31504 ||| PLANNING LAIR
 31536 | Lair:2   | 31536 ||| PLANNING SNAKE:1-3
 31538 | Lair:1   | 31538 ||| PLANNING LAIR
 31538 | Lair:1   | 31538 ||| PLANNING SNAKE:1-3
 31568 | D:9      | 31568 ||| PLANNING LAIR
 31600 | Lair:2   | 31600 ||| PLANNING SNAKE:1-3
 31602 | Lair:1   | 31602 ||| PLANNING LAIR
 31602 | Lair:1   | 31602 ||| PLANNING SNAKE:1-3
 31632 | D:9      | 31632 ||| PLANNING LAIR
 31664 | Lair:2   | 31664 ||| PLANNING SNAKE:1-3
 31666 | Lair:1   | 31666 ||| PLANNING LAIR
 31666 | Lair:1   | 31666 ||| PLANNING SNAKE:1-3
 31696 | D:9      | 31696 ||| PLANNING LAIR
 31728 | Lair:2   | 31728 ||| PLANNING SNAKE:1-3
 31730 | Lair:1   | 31730 ||| PLANNING LAIR
 31730 | Lair:1   | 31730 ||| PLANNING SNAKE:1-3
 31760 | D:9      | 31760 ||| PLANNING LAIR
 31792 | Lair:2   | 31792 ||| PLANNING SNAKE:1-3
 31794 | Lair:1   | 31794 ||| PLANNING LAIR
 31794 | Lair:1   | 31794 ||| PLANNING SNAKE:1-3
 31824 | D:9      | 31824 ||| PLANNING LAIR
 31856 | Lair:2   | 31856 ||| PLANNING SNAKE:1-3
 31858 | Lair:1   | 31858 ||| PLANNING LAIR
 31858 | Lair:1   | 31858 ||| PLANNING SNAKE:1-3
 31888 | D:9      | 31888 ||| PLANNING LAIR
 31920 | Lair:2   | 31920 ||| PLANNING SNAKE:1-3
 31922 | Lair:1   | 31922 ||| PLANNING LAIR
 31922 | Lair:1   | 31922 ||| PLANNING SNAKE:1-3
 31952 | D:9      | 31952 ||| PLANNING LAIR
 31984 | Lair:2   | 31984 ||| PLANNING SNAKE:1-3
 31986 | Lair:1   | 31986 ||| PLANNING LAIR
 31986 | Lair:1   | 31986 ||| PLANNING SNAKE:1-3
 32016 | D:9      | 32016 ||| PLANNING LAIR
 32048 | Lair:2   | 32048 ||| PLANNING SNAKE:1-3
 32050 | Lair:1   | 32050 ||| PLANNING LAIR
 32050 | Lair:1   | 32050 ||| PLANNING SNAKE:1-3
 32080 | D:9      | 32080 ||| PLANNING LAIR
 32112 | Lair:2   | 32112 ||| PLANNING SNAKE:1-3
 32114 | Lair:1   | 32114 ||| PLANNING LAIR
 32114 | Lair:1   | 32114 ||| PLANNING SNAKE:1-3
 32144 | D:9      | 32144 ||| PLANNING LAIR
 32176 | Lair:2   | 32176 ||| PLANNING SNAKE:1-3
 32178 | Lair:1   | 32178 ||| PLANNING LAIR
 32178 | Lair:1   | 32178 ||| PLANNING SNAKE:1-3
 32208 | D:9      | 32208 ||| PLANNING LAIR
 32240 | Lair:2   | 32240 ||| PLANNING SNAKE:1-3
 32242 | Lair:1   | 32242 ||| PLANNING LAIR
 32242 | Lair:1   | 32242 ||| PLANNING SNAKE:1-3
 32272 | D:9      | 32272 ||| PLANNING LAIR
 32304 | Lair:2   | 32304 ||| PLANNING SNAKE:1-3
 32306 | Lair:1   | 32306 ||| PLANNING LAIR
 32306 | Lair:1   | 32306 ||| PLANNING SNAKE:1-3
 32336 | D:9      | 32336 ||| PLANNING LAIR
 32368 | Lair:2   | 32368 ||| PLANNING SNAKE:1-3
 32370 | Lair:1   | 32370 ||| PLANNING LAIR
 32370 | Lair:1   | 32370 ||| PLANNING SNAKE:1-3
 32400 | D:9      | 32400 ||| PLANNING LAIR
 32432 | Lair:2   | 32432 ||| PLANNING SNAKE:1-3
 32434 | Lair:1   | 32434 ||| PLANNING LAIR
 32434 | Lair:1   | 32434 ||| PLANNING SNAKE:1-3
 32464 | D:9      | 32464 ||| PLANNING LAIR
 32496 | Lair:2   | 32496 ||| PLANNING SNAKE:1-3
 32498 | Lair:1   | 32498 ||| PLANNING LAIR
 32498 | Lair:1   | 32498 ||| PLANNING SNAKE:1-3
 32528 | D:9      | 32528 ||| PLANNING LAIR
 32560 | Lair:2   | 32560 ||| PLANNING SNAKE:1-3
 32562 | Lair:1   | 32562 ||| PLANNING LAIR
 32562 | Lair:1   | 32562 ||| PLANNING SNAKE:1-3
 32592 | D:9      | 32592 ||| PLANNING LAIR
 32624 | Lair:2   | 32624 ||| PLANNING SNAKE:1-3
 32626 | Lair:1   | 32626 ||| PLANNING LAIR
 32626 | Lair:1   | 32626 ||| PLANNING SNAKE:1-3
 32656 | D:9      | 32656 ||| PLANNING LAIR
 32688 | Lair:2   | 32688 ||| PLANNING SNAKE:1-3
 32690 | Lair:1   | 32690 ||| PLANNING LAIR
 32690 | Lair:1   | 32690 ||| PLANNING SNAKE:1-3
 32720 | D:9      | 32720 ||| PLANNING LAIR
 32752 | Lair:2   | 32752 ||| PLANNING SNAKE:1-3
 32754 | Lair:1   | 32754 ||| PLANNING LAIR
 32754 | Lair:1   | 32754 ||| PLANNING SNAKE:1-3
 32784 | D:9      | 32784 ||| PLANNING LAIR
 32816 | Lair:2   | 32816 ||| PLANNING SNAKE:1-3
 32818 | Lair:1   | 32818 ||| PLANNING LAIR
 32818 | Lair:1   | 32818 ||| PLANNING SNAKE:1-3
 32848 | D:9      | 32848 ||| PLANNING LAIR
 32880 | Lair:2   | 32880 ||| PLANNING SNAKE:1-3
 32882 | Lair:1   | 32882 ||| PLANNING LAIR
 32882 | Lair:1   | 32882 ||| PLANNING SNAKE:1-3
 32912 | D:9      | 32912 ||| PLANNING LAIR
 32944 | Lair:2   | 32944 ||| PLANNING SNAKE:1-3
 32946 | Lair:1   | 32946 ||| PLANNING LAIR
 32946 | Lair:1   | 32946 ||| PLANNING SNAKE:1-3
 32976 | D:9      | 32976 ||| PLANNING LAIR
 33008 | Lair:2   | 33008 ||| PLANNING SNAKE:1-3
 33010 | Lair:1   | 33010 ||| PLANNING LAIR
 33010 | Lair:1   | 33010 ||| PLANNING SNAKE:1-3
 33040 | D:9      | 33040 ||| PLANNING LAIR
 33072 | Lair:2   | 33072 ||| PLANNING SNAKE:1-3
 33074 | Lair:1   | 33074 ||| PLANNING LAIR
 33074 | Lair:1   | 33074 ||| PLANNING SNAKE:1-3
 33104 | D:9      | 33104 ||| PLANNING LAIR
 33136 | Lair:2   | 33136 ||| PLANNING SNAKE:1-3
 33138 | Lair:1   | 33138 ||| PLANNING LAIR
 33138 | Lair:1   | 33138 ||| PLANNING SNAKE:1-3
 33168 | D:9      | 33168 ||| PLANNING LAIR
 33200 | Lair:2   | 33200 ||| PLANNING SNAKE:1-3
 33202 | Lair:1   | 33202 ||| PLANNING LAIR
 33202 | Lair:1   | 33202 ||| PLANNING SNAKE:1-3
 33232 | D:9      | 33232 ||| PLANNING LAIR
 33264 | Lair:2   | 33264 ||| PLANNING SNAKE:1-3
 33266 | Lair:1   | 33266 ||| PLANNING LAIR
 33266 | Lair:1   | 33266 ||| PLANNING SNAKE:1-3
 33296 | D:9      | 33296 ||| PLANNING LAIR
 33328 | Lair:2   | 33328 ||| PLANNING SNAKE:1-3
 33330 | Lair:1   | 33330 ||| PLANNING LAIR
 33330 | Lair:1   | 33330 ||| PLANNING SNAKE:1-3
 33360 | D:9      | 33360 ||| PLANNING LAIR
 33395 | Lair:2   | 33395 ||| PLANNING SNAKE:1-3
 33397 | Lair:1   | 33397 ||| PLANNING LAIR
 33397 | Lair:1   | 33397 ||| PLANNING SNAKE:1-3
 33427 | D:9      | 33427 ||| PLANNING LAIR
 33459 | Lair:2   | 33459 ||| PLANNING SNAKE:1-3
 33461 | Lair:1   | 33461 ||| PLANNING LAIR
 33461 | Lair:1   | 33461 ||| PLANNING SNAKE:1-3
 33491 | D:9      | 33491 ||| PLANNING LAIR
 33523 | Lair:2   | 33523 ||| PLANNING SNAKE:1-3
 33525 | Lair:1   | 33525 ||| PLANNING LAIR
 33525 | Lair:1   | 33525 ||| PLANNING SNAKE:1-3
 33555 | D:9      | 33555 ||| PLANNING LAIR
 33587 | Lair:2   | 33587 ||| PLANNING SNAKE:1-3
 33589 | Lair:1   | 33589 ||| PLANNING LAIR
 33589 | Lair:1   | 33589 ||| PLANNING SNAKE:1-3
 33619 | D:9      | 33619 ||| PLANNING LAIR
 33651 | Lair:2   | 33651 ||| PLANNING SNAKE:1-3
 33653 | Lair:1   | 33653 ||| PLANNING LAIR
 33653 | Lair:1   | 33653 ||| PLANNING SNAKE:1-3
 33683 | D:9      | 33683 ||| PLANNING LAIR
 33715 | Lair:2   | 33715 ||| PLANNING SNAKE:1-3
 33717 | Lair:1   | 33717 ||| PLANNING LAIR
 33717 | Lair:1   | 33717 ||| PLANNING SNAKE:1-3
 33747 | D:9      | 33747 ||| PLANNING LAIR
 33779 | Lair:2   | 33779 ||| PLANNING SNAKE:1-3
 33781 | Lair:1   | 33781 ||| PLANNING LAIR
 33781 | Lair:1   | 33781 ||| PLANNING SNAKE:1-3
 33811 | D:9      | 33811 ||| PLANNING LAIR
 33843 | Lair:2   | 33843 ||| PLANNING SNAKE:1-3
 33845 | Lair:1   | 33845 ||| PLANNING LAIR
 33845 | Lair:1   | 33845 ||| PLANNING SNAKE:1-3
 33875 | D:9      | 33875 ||| PLANNING LAIR
 33907 | Lair:2   | 33907 ||| PLANNING SNAKE:1-3
 33909 | Lair:1   | 33909 ||| PLANNING LAIR
 33909 | Lair:1   | 33909 ||| PLANNING SNAKE:1-3
 33939 | D:9      | 33939 ||| PLANNING LAIR
 33971 | Lair:2   | 33971 ||| PLANNING SNAKE:1-3
 33973 | Lair:1   | 33973 ||| PLANNING LAIR
 33973 | Lair:1   | 33973 ||| PLANNING SNAKE:1-3
 34003 | D:9      | 34003 ||| PLANNING LAIR
 34035 | Lair:2   | 34035 ||| PLANNING SNAKE:1-3
 34037 | Lair:1   | 34037 ||| PLANNING LAIR
 34037 | Lair:1   | 34037 ||| PLANNING SNAKE:1-3
 34067 | D:9      | 34067 ||| PLANNING LAIR
 34099 | Lair:2   | 34099 ||| PLANNING SNAKE:1-3
 34101 | Lair:1   | 34101 ||| PLANNING LAIR
 34101 | Lair:1   | 34101 ||| PLANNING SNAKE:1-3
 34131 | D:9      | 34131 ||| PLANNING LAIR
 34163 | Lair:2   | 34163 ||| PLANNING SNAKE:1-3
 34165 | Lair:1   | 34165 ||| PLANNING LAIR
 34165 | Lair:1   | 34165 ||| PLANNING SNAKE:1-3
 34195 | D:9      | 34195 ||| PLANNING LAIR
 34227 | Lair:2   | 34227 ||| PLANNING SNAKE:1-3
 34229 | Lair:1   | 34229 ||| PLANNING LAIR
 34229 | Lair:1   | 34229 ||| PLANNING SNAKE:1-3
 34259 | D:9      | 34259 ||| PLANNING LAIR
 34291 | Lair:2   | 34291 ||| PLANNING SNAKE:1-3
 34293 | Lair:1   | 34293 ||| PLANNING LAIR
 34293 | Lair:1   | 34293 ||| PLANNING SNAKE:1-3
 34323 | D:9      | 34323 ||| PLANNING LAIR
 34355 | Lair:2   | 34355 ||| PLANNING SNAKE:1-3
 34357 | Lair:1   | 34357 ||| PLANNING LAIR
 34357 | Lair:1   | 34357 ||| PLANNING SNAKE:1-3
 34387 | D:9      | 34387 ||| PLANNING LAIR
 34419 | Lair:2   | 34419 ||| PLANNING SNAKE:1-3
 34421 | Lair:1   | 34421 ||| PLANNING LAIR
 34421 | Lair:1   | 34421 ||| PLANNING SNAKE:1-3
 34451 | D:9      | 34451 ||| PLANNING LAIR
 34483 | Lair:2   | 34483 ||| PLANNING SNAKE:1-3
 34485 | Lair:1   | 34485 ||| PLANNING LAIR
 34485 | Lair:1   | 34485 ||| PLANNING SNAKE:1-3
 34515 | D:9      | 34515 ||| PLANNING LAIR
 34547 | Lair:2   | 34547 ||| PLANNING SNAKE:1-3
 34549 | Lair:1   | 34549 ||| PLANNING LAIR
 34549 | Lair:1   | 34549 ||| PLANNING SNAKE:1-3
 34579 | D:9      | 34579 ||| PLANNING LAIR
 34611 | Lair:2   | 34611 ||| PLANNING SNAKE:1-3
 34613 | Lair:1   | 34613 ||| PLANNING LAIR
 34613 | Lair:1   | 34613 ||| PLANNING SNAKE:1-3
 34643 | D:9      | 34643 ||| PLANNING LAIR
 34675 | Lair:2   | 34675 ||| PLANNING SNAKE:1-3
 34677 | Lair:1   | 34677 ||| PLANNING LAIR
 34677 | Lair:1   | 34677 ||| PLANNING SNAKE:1-3
 34707 | D:9      | 34707 ||| PLANNING LAIR
 34739 | Lair:2   | 34739 ||| PLANNING SNAKE:1-3
 34741 | Lair:1   | 34741 ||| PLANNING LAIR
 34741 | Lair:1   | 34741 ||| PLANNING SNAKE:1-3
 34771 | D:9      | 34771 ||| PLANNING LAIR
 34803 | Lair:2   | 34803 ||| PLANNING SNAKE:1-3
 34805 | Lair:1   | 34805 ||| PLANNING LAIR
 34805 | Lair:1   | 34805 ||| PLANNING SNAKE:1-3
 34835 | D:9      | 34835 ||| PLANNING LAIR
 34867 | Lair:2   | 34867 ||| PLANNING SNAKE:1-3
 34869 | Lair:1   | 34869 ||| PLANNING LAIR
 34869 | Lair:1   | 34869 ||| PLANNING SNAKE:1-3
 34899 | D:9      | 34899 ||| PLANNING LAIR
 34931 | Lair:2   | 34931 ||| PLANNING SNAKE:1-3
 34933 | Lair:1   | 34933 ||| PLANNING LAIR
 34933 | Lair:1   | 34933 ||| PLANNING SNAKE:1-3
 34963 | D:9      | 34963 ||| PLANNING LAIR
 34995 | Lair:2   | 34995 ||| PLANNING SNAKE:1-3
 34997 | Lair:1   | 34997 ||| PLANNING LAIR
 34997 | Lair:1   | 34997 ||| PLANNING SNAKE:1-3
 35027 | D:9      | 35027 ||| PLANNING LAIR
 35059 | Lair:2   | 35059 ||| PLANNING SNAKE:1-3
 35061 | Lair:1   | 35061 ||| PLANNING LAIR
 35061 | Lair:1   | 35061 ||| PLANNING SNAKE:1-3
 35091 | D:9      | 35091 ||| PLANNING LAIR
 35123 | Lair:2   | 35123 ||| PLANNING SNAKE:1-3
 35125 | Lair:1   | 35125 ||| PLANNING LAIR
 35125 | Lair:1   | 35125 ||| PLANNING SNAKE:1-3
 35155 | D:9      | 35155 ||| PLANNING LAIR
 35187 | Lair:2   | 35187 ||| PLANNING SNAKE:1-3
 35189 | Lair:1   | 35189 ||| PLANNING LAIR
 35189 | Lair:1   | 35189 ||| PLANNING SNAKE:1-3
 35219 | D:9      | 35219 ||| PLANNING LAIR
 35251 | Lair:2   | 35251 ||| PLANNING SNAKE:1-3
 35253 | Lair:1   | 35253 ||| PLANNING LAIR
 35253 | Lair:1   | 35253 ||| PLANNING SNAKE:1-3
 35283 | D:9      | 35283 ||| PLANNING LAIR
 35315 | Lair:2   | 35315 ||| PLANNING SNAKE:1-3
 35317 | Lair:1   | 35317 ||| PLANNING LAIR
 35317 | Lair:1   | 35317 ||| PLANNING SNAKE:1-3
 35347 | D:9      | 35347 ||| PLANNING LAIR
 35379 | Lair:2   | 35379 ||| PLANNING SNAKE:1-3
 35381 | Lair:1   | 35381 ||| PLANNING LAIR
 35381 | Lair:1   | 35381 ||| PLANNING SNAKE:1-3
 35411 | D:9      | 35411 ||| PLANNING LAIR
 35443 | Lair:2   | 35443 ||| PLANNING SNAKE:1-3
 35445 | Lair:1   | 35445 ||| PLANNING LAIR
 35445 | Lair:1   | 35445 ||| PLANNING SNAKE:1-3
 35475 | D:9      | 35475 ||| PLANNING LAIR
 35507 | Lair:2   | 35507 ||| PLANNING SNAKE:1-3
 35509 | Lair:1   | 35509 ||| PLANNING LAIR
 35509 | Lair:1   | 35509 ||| PLANNING SNAKE:1-3
 35539 | D:9      | 35539 ||| PLANNING LAIR
 35571 | Lair:2   | 35571 ||| PLANNING SNAKE:1-3
 35573 | Lair:1   | 35573 ||| PLANNING LAIR
 35573 | Lair:1   | 35573 ||| PLANNING SNAKE:1-3
 35603 | D:9      | 35603 ||| PLANNING LAIR
 35635 | Lair:2   | 35635 ||| PLANNING SNAKE:1-3
 35637 | Lair:1   | 35637 ||| PLANNING LAIR
 35637 | Lair:1   | 35637 ||| PLANNING SNAKE:1-3
 35667 | D:9      | 35667 ||| PLANNING LAIR
 35699 | Lair:2   | 35699 ||| PLANNING SNAKE:1-3
 35701 | Lair:1   | 35701 ||| PLANNING LAIR
 35701 | Lair:1   | 35701 ||| PLANNING SNAKE:1-3
 35731 | D:9      | 35731 ||| PLANNING LAIR
 35763 | Lair:2   | 35763 ||| PLANNING SNAKE:1-3
 35765 | Lair:1   | 35765 ||| PLANNING LAIR
 35765 | Lair:1   | 35765 ||| PLANNING SNAKE:1-3
 35795 | D:9      | 35795 ||| PLANNING LAIR
 35827 | Lair:2   | 35827 ||| PLANNING SNAKE:1-3
 35829 | Lair:1   | 35829 ||| PLANNING LAIR
 35829 | Lair:1   | 35829 ||| PLANNING SNAKE:1-3
 35859 | D:9      | 35859 ||| PLANNING LAIR
 35891 | Lair:2   | 35891 ||| PLANNING SNAKE:1-3
 35893 | Lair:1   | 35893 ||| PLANNING LAIR
 35893 | Lair:1   | 35893 ||| PLANNING SNAKE:1-3
 35923 | D:9      | 35923 ||| PLANNING LAIR
 35955 | Lair:2   | 35955 ||| PLANNING SNAKE:1-3
 35957 | Lair:1   | 35957 ||| PLANNING LAIR
 35957 | Lair:1   | 35957 ||| PLANNING SNAKE:1-3
 35987 | D:9      | 35987 ||| PLANNING LAIR
 36019 | Lair:2   | 36019 ||| PLANNING SNAKE:1-3
 36021 | Lair:1   | 36021 ||| PLANNING LAIR
 36021 | Lair:1   | 36021 ||| PLANNING SNAKE:1-3
 36051 | D:9      | 36051 ||| PLANNING LAIR
 36083 | Lair:2   | 36083 ||| PLANNING SNAKE:1-3
 36085 | Lair:1   | 36085 ||| PLANNING LAIR
 36085 | Lair:1   | 36085 ||| PLANNING SNAKE:1-3
 36115 | D:9      | 36115 ||| PLANNING LAIR
 36147 | Lair:2   | 36147 ||| PLANNING SNAKE:1-3
 36149 | Lair:1   | 36149 ||| PLANNING LAIR
 36149 | Lair:1   | 36149 ||| PLANNING SNAKE:1-3
 36179 | D:9      | 36179 ||| PLANNING LAIR
 36211 | Lair:2   | 36211 ||| PLANNING SNAKE:1-3
 36213 | Lair:1   | 36213 ||| PLANNING LAIR
 36213 | Lair:1   | 36213 ||| PLANNING SNAKE:1-3
 36243 | D:9      | 36243 ||| PLANNING LAIR
 36275 | Lair:2   | 36275 ||| PLANNING SNAKE:1-3
 36277 | Lair:1   | 36277 ||| PLANNING LAIR
 36277 | Lair:1   | 36277 ||| PLANNING SNAKE:1-3
 36307 | D:9      | 36307 ||| PLANNING LAIR
 36339 | Lair:2   | 36339 ||| PLANNING SNAKE:1-3
 36341 | Lair:1   | 36341 ||| PLANNING LAIR
 36341 | Lair:1   | 36341 ||| PLANNING SNAKE:1-3
 36371 | D:9      | 36371 ||| PLANNING LAIR
 36403 | Lair:2   | 36403 ||| PLANNING SNAKE:1-3
 36405 | Lair:1   | 36405 ||| PLANNING LAIR
 36405 | Lair:1   | 36405 ||| PLANNING SNAKE:1-3
 36435 | D:9      | 36435 ||| PLANNING LAIR
 36467 | Lair:2   | 36467 ||| PLANNING SNAKE:1-3
 36469 | Lair:1   | 36469 ||| PLANNING LAIR
 36469 | Lair:1   | 36469 ||| PLANNING SNAKE:1-3
 36499 | D:9      | 36499 ||| PLANNING LAIR
 36531 | Lair:2   | 36531 ||| PLANNING SNAKE:1-3
 36533 | Lair:1   | 36533 ||| PLANNING LAIR
 36533 | Lair:1   | 36533 ||| PLANNING SNAKE:1-3
 36563 | D:9      | 36563 ||| PLANNING LAIR
 36595 | Lair:2   | 36595 ||| PLANNING SNAKE:1-3
 36597 | Lair:1   | 36597 ||| PLANNING LAIR
 36597 | Lair:1   | 36597 ||| PLANNING SNAKE:1-3
 36627 | D:9      | 36627 ||| PLANNING LAIR
 36659 | Lair:2   | 36659 ||| PLANNING SNAKE:1-3
 36661 | Lair:1   | 36661 ||| PLANNING LAIR
 36661 | Lair:1   | 36661 ||| PLANNING SNAKE:1-3
 36691 | D:9      | 36691 ||| PLANNING LAIR
 36723 | Lair:2   | 36723 ||| PLANNING SNAKE:1-3
 36725 | Lair:1   | 36725 ||| PLANNING LAIR
 36725 | Lair:1   | 36725 ||| PLANNING SNAKE:1-3
 36755 | D:9      | 36755 ||| PLANNING LAIR
 36787 | Lair:2   | 36787 ||| PLANNING SNAKE:1-3
 36789 | Lair:1   | 36789 ||| PLANNING LAIR
 36789 | Lair:1   | 36789 ||| PLANNING SNAKE:1-3
 36819 | D:9      | 36819 ||| PLANNING LAIR
 36851 | Lair:2   | 36851 ||| PLANNING SNAKE:1-3
 36853 | Lair:1   | 36853 ||| PLANNING LAIR
 36853 | Lair:1   | 36853 ||| PLANNING SNAKE:1-3
 36883 | D:9      | 36883 ||| PLANNING LAIR
 36915 | Lair:2   | 36915 ||| PLANNING SNAKE:1-3
 36917 | Lair:1   | 36917 ||| PLANNING LAIR
 36917 | Lair:1   | 36917 ||| PLANNING SNAKE:1-3
 36947 | D:9      | 36947 ||| PLANNING LAIR
 36979 | Lair:2   | 36979 ||| PLANNING SNAKE:1-3
 36981 | Lair:1   | 36981 ||| PLANNING LAIR
 36981 | Lair:1   | 36981 ||| PLANNING SNAKE:1-3
 37011 | D:9      | 37011 ||| PLANNING LAIR
 37043 | Lair:2   | 37043 ||| PLANNING SNAKE:1-3
 37045 | Lair:1   | 37045 ||| PLANNING LAIR
 37045 | Lair:1   | 37045 ||| PLANNING SNAKE:1-3
 37075 | D:9      | 37075 ||| PLANNING LAIR
 37107 | Lair:2   | 37107 ||| PLANNING SNAKE:1-3
 37109 | Lair:1   | 37109 ||| PLANNING LAIR
 37109 | Lair:1   | 37109 ||| PLANNING SNAKE:1-3
 37139 | D:9      | 37139 ||| PLANNING LAIR
 37171 | Lair:2   | 37171 ||| PLANNING SNAKE:1-3
 37173 | Lair:1   | 37173 ||| PLANNING LAIR
 37173 | Lair:1   | 37173 ||| PLANNING SNAKE:1-3
 37203 | D:9      | 37203 ||| PLANNING LAIR
 37235 | Lair:2   | 37235 ||| PLANNING SNAKE:1-3
 37237 | Lair:1   | 37237 ||| PLANNING LAIR
 37237 | Lair:1   | 37237 ||| PLANNING SNAKE:1-3
 37267 | D:9      | 37267 ||| PLANNING LAIR
 37299 | Lair:2   | 37299 ||| PLANNING SNAKE:1-3
 37301 | Lair:1   | 37301 ||| PLANNING LAIR
 37301 | Lair:1   | 37301 ||| PLANNING SNAKE:1-3
 37331 | D:9      | 37331 ||| PLANNING LAIR
 37363 | Lair:2   | 37363 ||| PLANNING SNAKE:1-3
 37365 | Lair:1   | 37365 ||| PLANNING LAIR
 37365 | Lair:1   | 37365 ||| PLANNING SNAKE:1-3
 37395 | D:9      | 37395 ||| PLANNING LAIR
 37427 | Lair:2   | 37427 ||| PLANNING SNAKE:1-3
 37429 | Lair:1   | 37429 ||| PLANNING LAIR
 37429 | Lair:1   | 37429 ||| PLANNING SNAKE:1-3
 37459 | D:9      | 37459 ||| PLANNING LAIR
 37491 | Lair:2   | 37491 ||| PLANNING SNAKE:1-3
 37493 | Lair:1   | 37493 ||| PLANNING LAIR
 37493 | Lair:1   | 37493 ||| PLANNING SNAKE:1-3
 37523 | D:9      | 37523 ||| PLANNING LAIR
 37555 | Lair:2   | 37555 ||| PLANNING SNAKE:1-3
 37557 | Lair:1   | 37557 ||| PLANNING LAIR
 37557 | Lair:1   | 37557 ||| PLANNING SNAKE:1-3
 37587 | D:9      | 37587 ||| PLANNING LAIR
 37619 | Lair:2   | 37619 ||| PLANNING SNAKE:1-3
 37621 | Lair:1   | 37621 ||| PLANNING LAIR
 37621 | Lair:1   | 37621 ||| PLANNING SNAKE:1-3
 37651 | D:9      | 37651 ||| PLANNING LAIR
 37683 | Lair:2   | 37683 ||| PLANNING SNAKE:1-3
 37685 | Lair:1   | 37685 ||| PLANNING LAIR
 37685 | Lair:1   | 37685 ||| PLANNING SNAKE:1-3
 37715 | D:9      | 37715 ||| PLANNING LAIR
 37747 | Lair:2   | 37747 ||| PLANNING SNAKE:1-3
 37749 | Lair:1   | 37749 ||| PLANNING LAIR
 37749 | Lair:1   | 37749 ||| PLANNING SNAKE:1-3
 37779 | D:9      | 37779 ||| PLANNING LAIR
 37811 | Lair:2   | 37811 ||| PLANNING SNAKE:1-3
 37813 | Lair:1   | 37813 ||| PLANNING LAIR
 37813 | Lair:1   | 37813 ||| PLANNING SNAKE:1-3
 37843 | D:9      | 37843 ||| PLANNING LAIR
 37875 | Lair:2   | 37875 ||| PLANNING SNAKE:1-3
 37877 | Lair:1   | 37877 ||| PLANNING LAIR
 37877 | Lair:1   | 37877 ||| PLANNING SNAKE:1-3
 37907 | D:9      | 37907 ||| PLANNING LAIR
 37939 | Lair:2   | 37939 ||| PLANNING SNAKE:1-3
 37941 | Lair:1   | 37941 ||| PLANNING LAIR
 37941 | Lair:1   | 37941 ||| PLANNING SNAKE:1-3
 37971 | D:9      | 37971 ||| PLANNING LAIR
 38003 | Lair:2   | 38003 ||| PLANNING SNAKE:1-3
 38005 | Lair:1   | 38005 ||| PLANNING LAIR
 38005 | Lair:1   | 38005 ||| PLANNING SNAKE:1-3
 38035 | D:9      | 38035 ||| PLANNING LAIR
 38067 | Lair:2   | 38067 ||| PLANNING SNAKE:1-3
 38069 | Lair:1   | 38069 ||| PLANNING LAIR
 38069 | Lair:1   | 38069 ||| PLANNING SNAKE:1-3
 38099 | D:9      | 38099 ||| PLANNING LAIR
 38131 | Lair:2   | 38131 ||| PLANNING SNAKE:1-3
 38133 | Lair:1   | 38133 ||| PLANNING LAIR
 38133 | Lair:1   | 38133 ||| PLANNING SNAKE:1-3
 38163 | D:9      | 38163 ||| PLANNING LAIR
 38195 | Lair:2   | 38195 ||| PLANNING SNAKE:1-3
 38197 | Lair:1   | 38197 ||| PLANNING LAIR
 38197 | Lair:1   | 38197 ||| PLANNING SNAKE:1-3
 38227 | D:9      | 38227 ||| PLANNING LAIR
 38259 | Lair:2   | 38259 ||| PLANNING SNAKE:1-3
 38261 | Lair:1   | 38261 ||| PLANNING LAIR
 38261 | Lair:1   | 38261 ||| PLANNING SNAKE:1-3
 38291 | D:9      | 38291 ||| PLANNING LAIR
 38323 | Lair:2   | 38323 ||| PLANNING SNAKE:1-3
 38325 | Lair:1   | 38325 ||| PLANNING LAIR
 38325 | Lair:1   | 38325 ||| PLANNING SNAKE:1-3
 38355 | D:9      | 38355 ||| PLANNING LAIR
 38387 | Lair:2   | 38387 ||| PLANNING SNAKE:1-3
 38389 | Lair:1   | 38389 ||| PLANNING LAIR
 38389 | Lair:1   | 38389 ||| PLANNING SNAKE:1-3
 38419 | D:9      | 38419 ||| PLANNING LAIR
 38451 | Lair:2   | 38451 ||| PLANNING SNAKE:1-3
 38453 | Lair:1   | 38453 ||| PLANNING LAIR
 38453 | Lair:1   | 38453 ||| PLANNING SNAKE:1-3
 38483 | D:9      | 38483 ||| PLANNING LAIR
 38515 | Lair:2   | 38515 ||| PLANNING SNAKE:1-3
 38517 | Lair:1   | 38517 ||| PLANNING LAIR
 38517 | Lair:1   | 38517 ||| PLANNING SNAKE:1-3
 38547 | D:9      | 38547 ||| PLANNING LAIR
 38579 | Lair:2   | 38579 ||| PLANNING SNAKE:1-3
 38581 | Lair:1   | 38581 ||| PLANNING LAIR
 38581 | Lair:1   | 38581 ||| PLANNING SNAKE:1-3
 38611 | D:9      | 38611 ||| PLANNING LAIR
 38643 | Lair:2   | 38643 ||| PLANNING SNAKE:1-3
 38645 | Lair:1   | 38645 ||| PLANNING LAIR
 38645 | Lair:1   | 38645 ||| PLANNING SNAKE:1-3
 38675 | D:9      | 38675 ||| PLANNING LAIR
 38707 | Lair:2   | 38707 ||| PLANNING SNAKE:1-3
 38709 | Lair:1   | 38709 ||| PLANNING LAIR
 38709 | Lair:1   | 38709 ||| PLANNING SNAKE:1-3
 38739 | D:9      | 38739 ||| PLANNING LAIR
 38771 | Lair:2   | 38771 ||| PLANNING SNAKE:1-3
 38773 | Lair:1   | 38773 ||| PLANNING LAIR
 38773 | Lair:1   | 38773 ||| PLANNING SNAKE:1-3
 38803 | D:9      | 38803 ||| PLANNING LAIR
 38835 | Lair:2   | 38835 ||| PLANNING SNAKE:1-3
 38837 | Lair:1   | 38837 ||| PLANNING LAIR
 38837 | Lair:1   | 38837 ||| PLANNING SNAKE:1-3
 38867 | D:9      | 38867 ||| PLANNING LAIR
 38899 | Lair:2   | 38899 ||| PLANNING SNAKE:1-3
 38901 | Lair:1   | 38901 ||| PLANNING LAIR
 38901 | Lair:1   | 38901 ||| PLANNING SNAKE:1-3
 38931 | D:9      | 38931 ||| PLANNING LAIR
 38963 | Lair:2   | 38963 ||| PLANNING SNAKE:1-3
 38965 | Lair:1   | 38965 ||| PLANNING LAIR
 38965 | Lair:1   | 38965 ||| PLANNING SNAKE:1-3
 38995 | D:9      | 38995 ||| PLANNING LAIR
 39027 | Lair:2   | 39027 ||| PLANNING SNAKE:1-3
 39029 | Lair:1   | 39029 ||| PLANNING LAIR
 39029 | Lair:1   | 39029 ||| PLANNING SNAKE:1-3
 39059 | D:9      | 39059 ||| PLANNING LAIR
 39091 | Lair:2   | 39091 ||| PLANNING SNAKE:1-3
 39093 | Lair:1   | 39093 ||| PLANNING LAIR
 39093 | Lair:1   | 39093 ||| PLANNING SNAKE:1-3
 39123 | D:9      | 39123 ||| PLANNING LAIR
 39155 | Lair:2   | 39155 ||| PLANNING SNAKE:1-3
 39157 | Lair:1   | 39157 ||| PLANNING LAIR
 39157 | Lair:1   | 39157 ||| PLANNING SNAKE:1-3
 39187 | D:9      | 39187 ||| PLANNING LAIR
 39219 | Lair:2   | 39219 ||| PLANNING SNAKE:1-3
 39221 | Lair:1   | 39221 ||| PLANNING LAIR
 39221 | Lair:1   | 39221 ||| PLANNING SNAKE:1-3
 39251 | D:9      | 39251 ||| PLANNING LAIR
 39283 | Lair:2   | 39283 ||| PLANNING SNAKE:1-3
 39285 | Lair:1   | 39285 ||| PLANNING LAIR
 39285 | Lair:1   | 39285 ||| PLANNING SNAKE:1-3
 39315 | D:9      | 39315 ||| PLANNING LAIR
 39347 | Lair:2   | 39347 ||| PLANNING SNAKE:1-3
 39349 | Lair:1   | 39349 ||| PLANNING LAIR
 39349 | Lair:1   | 39349 ||| PLANNING SNAKE:1-3
 39379 | D:9      | 39379 ||| PLANNING LAIR
 39411 | Lair:2   | 39411 ||| PLANNING SNAKE:1-3
 39413 | Lair:1   | 39413 ||| PLANNING LAIR
 39413 | Lair:1   | 39413 ||| PLANNING SNAKE:1-3
 39443 | D:9      | 39443 ||| PLANNING LAIR
 39475 | Lair:2   | 39475 ||| PLANNING SNAKE:1-3
 39477 | Lair:1   | 39477 ||| PLANNING LAIR
 39477 | Lair:1   | 39477 ||| PLANNING SNAKE:1-3
 39507 | D:9      | 39507 ||| PLANNING LAIR
 39539 | Lair:2   | 39539 ||| PLANNING SNAKE:1-3
 39541 | Lair:1   | 39541 ||| PLANNING LAIR
 39541 | Lair:1   | 39541 ||| PLANNING SNAKE:1-3
 39571 | D:9      | 39571 ||| PLANNING LAIR
 39603 | Lair:2   | 39603 ||| PLANNING SNAKE:1-3
 39605 | Lair:1   | 39605 ||| PLANNING LAIR
 39605 | Lair:1   | 39605 ||| PLANNING SNAKE:1-3
 39635 | D:9      | 39635 ||| PLANNING LAIR
 39667 | Lair:2   | 39667 ||| PLANNING SNAKE:1-3
 39669 | Lair:1   | 39669 ||| PLANNING LAIR
 39669 | Lair:1   | 39669 ||| PLANNING SNAKE:1-3
 39699 | D:9      | 39699 ||| PLANNING LAIR
 39731 | Lair:2   | 39731 ||| PLANNING SNAKE:1-3
 39733 | Lair:1   | 39733 ||| PLANNING LAIR
 39733 | Lair:1   | 39733 ||| PLANNING SNAKE:1-3
 39763 | D:9      | 39763 ||| PLANNING LAIR
 39795 | Lair:2   | 39795 ||| PLANNING SNAKE:1-3
 39797 | Lair:1   | 39797 ||| PLANNING LAIR
 39797 | Lair:1   | 39797 ||| PLANNING SNAKE:1-3
 39827 | D:9      | 39827 ||| PLANNING LAIR
 39859 | Lair:2   | 39859 ||| PLANNING SNAKE:1-3
 39861 | Lair:1   | 39861 ||| PLANNING LAIR
 39861 | Lair:1   | 39861 ||| PLANNING SNAKE:1-3
 39891 | D:9      | 39891 ||| PLANNING LAIR
 39923 | Lair:2   | 39923 ||| PLANNING SNAKE:1-3
 39925 | Lair:1   | 39925 ||| PLANNING LAIR
 39925 | Lair:1   | 39925 ||| PLANNING SNAKE:1-3
 39955 | D:9      | 39955 ||| PLANNING LAIR
 39987 | Lair:2   | 39987 ||| PLANNING SNAKE:1-3
 39989 | Lair:1   | 39989 ||| PLANNING LAIR
 39989 | Lair:1   | 39989 ||| PLANNING SNAKE:1-3
 40019 | D:9      | 40019 ||| PLANNING LAIR
 40051 | Lair:2   | 40051 ||| PLANNING SNAKE:1-3
 40053 | Lair:1   | 40053 ||| PLANNING LAIR
 40053 | Lair:1   | 40053 ||| PLANNING SNAKE:1-3
 40083 | D:9      | 40083 ||| PLANNING LAIR
 40115 | Lair:2   | 40115 ||| PLANNING SNAKE:1-3
 40117 | Lair:1   | 40117 ||| PLANNING LAIR
 40117 | Lair:1   | 40117 ||| PLANNING SNAKE:1-3
 40147 | D:9      | 40147 ||| PLANNING LAIR
 40179 | Lair:2   | 40179 ||| PLANNING SNAKE:1-3
 40181 | Lair:1   | 40181 ||| PLANNING LAIR
 40181 | Lair:1   | 40181 ||| PLANNING SNAKE:1-3
 40211 | D:9      | 40211 ||| PLANNING LAIR
 40243 | Lair:2   | 40243 ||| PLANNING SNAKE:1-3
 40245 | Lair:1   | 40245 ||| PLANNING LAIR
 40245 | Lair:1   | 40245 ||| PLANNING SNAKE:1-3
 40275 | D:9      | 40275 ||| PLANNING LAIR
 40307 | Lair:2   | 40307 ||| PLANNING SNAKE:1-3
 40309 | Lair:1   | 40309 ||| PLANNING LAIR
 40309 | Lair:1   | 40309 ||| PLANNING SNAKE:1-3
 40339 | D:9      | 40339 ||| PLANNING LAIR
 40371 | Lair:2   | 40371 ||| PLANNING SNAKE:1-3
 40373 | Lair:1   | 40373 ||| PLANNING LAIR
 40373 | Lair:1   | 40373 ||| PLANNING SNAKE:1-3
 40403 | D:9      | 40403 ||| PLANNING LAIR
 40435 | Lair:2   | 40435 ||| PLANNING SNAKE:1-3
 40437 | Lair:1   | 40437 ||| PLANNING LAIR
 40437 | Lair:1   | 40437 ||| PLANNING SNAKE:1-3
 40467 | D:9      | 40467 ||| PLANNING LAIR
 40499 | Lair:2   | 40499 ||| PLANNING SNAKE:1-3
 40501 | Lair:1   | 40501 ||| PLANNING LAIR
 40501 | Lair:1   | 40501 ||| PLANNING SNAKE:1-3
 40531 | D:9      | 40531 ||| PLANNING LAIR
 40563 | Lair:2   | 40563 ||| PLANNING SNAKE:1-3
 40565 | Lair:1   | 40565 ||| PLANNING LAIR
 40565 | Lair:1   | 40565 ||| PLANNING SNAKE:1-3
 40595 | D:9      | 40595 ||| PLANNING LAIR
 40627 | Lair:2   | 40627 ||| PLANNING SNAKE:1-3
 40629 | Lair:1   | 40629 ||| PLANNING LAIR
 40629 | Lair:1   | 40629 ||| PLANNING SNAKE:1-3
 40659 | D:9      | 40659 ||| PLANNING LAIR
 40691 | Lair:2   | 40691 ||| PLANNING SNAKE:1-3
 40693 | Lair:1   | 40693 ||| PLANNING LAIR
 40693 | Lair:1   | 40693 ||| PLANNING SNAKE:1-3
 40723 | D:9      | 40723 ||| PLANNING LAIR
 40755 | Lair:2   | 40755 ||| PLANNING SNAKE:1-3
 40757 | Lair:1   | 40757 ||| PLANNING LAIR
 40757 | Lair:1   | 40757 ||| PLANNING SNAKE:1-3
 40787 | D:9      | 40787 ||| PLANNING LAIR
 40819 | Lair:2   | 40819 ||| PLANNING SNAKE:1-3
 40821 | Lair:1   | 40821 ||| PLANNING LAIR
 40821 | Lair:1   | 40821 ||| PLANNING SNAKE:1-3
 40851 | D:9      | 40851 ||| PLANNING LAIR
 40883 | Lair:2   | 40883 ||| PLANNING SNAKE:1-3
 40885 | Lair:1   | 40885 ||| PLANNING LAIR
 40885 | Lair:1   | 40885 ||| PLANNING SNAKE:1-3
 40915 | D:9      | 40915 ||| PLANNING LAIR
 40947 | Lair:2   | 40947 ||| PLANNING SNAKE:1-3
 40949 | Lair:1   | 40949 ||| PLANNING LAIR
 40949 | Lair:1   | 40949 ||| PLANNING SNAKE:1-3
 40979 | D:9      | 40979 ||| PLANNING LAIR
 41011 | Lair:2   | 41011 ||| PLANNING SNAKE:1-3
 41013 | Lair:1   | 41013 ||| PLANNING LAIR
 41013 | Lair:1   | 41013 ||| PLANNING SNAKE:1-3
 41043 | D:9      | 41043 ||| PLANNING LAIR
 41075 | Lair:2   | 41075 ||| PLANNING SNAKE:1-3
 41077 | Lair:1   | 41077 ||| PLANNING LAIR
 41077 | Lair:1   | 41077 ||| PLANNING SNAKE:1-3
 41107 | D:9      | 41107 ||| PLANNING LAIR
 41139 | Lair:2   | 41139 ||| PLANNING SNAKE:1-3
 41141 | Lair:1   | 41141 ||| PLANNING LAIR
 41141 | Lair:1   | 41141 ||| PLANNING SNAKE:1-3
 41171 | D:9      | 41171 ||| PLANNING LAIR
 41203 | Lair:2   | 41203 ||| PLANNING SNAKE:1-3
 41205 | Lair:1   | 41205 ||| PLANNING LAIR
 41205 | Lair:1   | 41205 ||| PLANNING SNAKE:1-3
 41235 | D:9      | 41235 ||| PLANNING LAIR
 41267 | Lair:2   | 41267 ||| PLANNING SNAKE:1-3
 41269 | Lair:1   | 41269 ||| PLANNING LAIR
 41269 | Lair:1   | 41269 ||| PLANNING SNAKE:1-3
 41299 | D:9      | 41299 ||| PLANNING LAIR
 41331 | Lair:2   | 41331 ||| PLANNING SNAKE:1-3
 41333 | Lair:1   | 41333 ||| PLANNING LAIR
 41333 | Lair:1   | 41333 ||| PLANNING SNAKE:1-3
 41363 | D:9      | 41363 ||| PLANNING LAIR
 41395 | Lair:2   | 41395 ||| PLANNING SNAKE:1-3
 41397 | Lair:1   | 41397 ||| PLANNING LAIR
 41397 | Lair:1   | 41397 ||| PLANNING SNAKE:1-3
 41427 | D:9      | 41427 ||| PLANNING LAIR
 41459 | Lair:2   | 41459 ||| PLANNING SNAKE:1-3
 41461 | Lair:1   | 41461 ||| PLANNING LAIR
 41461 | Lair:1   | 41461 ||| PLANNING SNAKE:1-3
 41491 | D:9      | 41491 ||| PLANNING LAIR
 41523 | Lair:2   | 41523 ||| PLANNING SNAKE:1-3
 41525 | Lair:1   | 41525 ||| PLANNING LAIR
 41525 | Lair:1   | 41525 ||| PLANNING SNAKE:1-3
 41555 | D:9      | 41555 ||| PLANNING LAIR
 41587 | Lair:2   | 41587 ||| PLANNING SNAKE:1-3
 41589 | Lair:1   | 41589 ||| PLANNING LAIR
 41589 | Lair:1   | 41589 ||| PLANNING SNAKE:1-3
 41619 | D:9      | 41619 ||| PLANNING LAIR
 41651 | Lair:2   | 41651 ||| PLANNING SNAKE:1-3
 41653 | Lair:1   | 41653 ||| PLANNING LAIR
 41653 | Lair:1   | 41653 ||| PLANNING SNAKE:1-3
 41683 | D:9      | 41683 ||| PLANNING LAIR
 41715 | Lair:2   | 41715 ||| PLANNING SNAKE:1-3
 41717 | Lair:1   | 41717 ||| PLANNING LAIR
 41717 | Lair:1   | 41717 ||| PLANNING SNAKE:1-3
 41747 | D:9      | 41747 ||| PLANNING LAIR
 41779 | Lair:2   | 41779 ||| PLANNING SNAKE:1-3
 41781 | Lair:1   | 41781 ||| PLANNING LAIR
 41781 | Lair:1   | 41781 ||| PLANNING SNAKE:1-3
 41811 | D:9      | 41811 ||| PLANNING LAIR
 41843 | Lair:2   | 41843 ||| PLANNING SNAKE:1-3
 41845 | Lair:1   | 41845 ||| PLANNING LAIR
 41845 | Lair:1   | 41845 ||| PLANNING SNAKE:1-3
 41875 | D:9      | 41875 ||| PLANNING LAIR
 41907 | Lair:2   | 41907 ||| PLANNING SNAKE:1-3
 41909 | Lair:1   | 41909 ||| PLANNING LAIR
 41909 | Lair:1   | 41909 ||| PLANNING SNAKE:1-3
 41939 | D:9      | 41939 ||| PLANNING LAIR
 41971 | Lair:2   | 41971 ||| PLANNING SNAKE:1-3
 41973 | Lair:1   | 41973 ||| PLANNING LAIR
 41973 | Lair:1   | 41973 ||| PLANNING SNAKE:1-3
 42003 | D:9      | 42003 ||| PLANNING LAIR
 42035 | Lair:2   | 42035 ||| PLANNING SNAKE:1-3
 42037 | Lair:1   | 42037 ||| PLANNING LAIR
 42037 | Lair:1   | 42037 ||| PLANNING SNAKE:1-3
 42067 | D:9      | 42067 ||| PLANNING LAIR
 42099 | Lair:2   | 42099 ||| PLANNING SNAKE:1-3
 42101 | Lair:1   | 42101 ||| PLANNING LAIR
 42101 | Lair:1   | 42101 ||| PLANNING SNAKE:1-3
 42131 | D:9      | 42131 ||| PLANNING LAIR
 42163 | Lair:2   | 42163 ||| PLANNING SNAKE:1-3
 42165 | Lair:1   | 42165 ||| PLANNING LAIR
 42165 | Lair:1   | 42165 ||| PLANNING SNAKE:1-3
 42195 | D:9      | 42195 ||| PLANNING LAIR
 42227 | Lair:2   | 42227 ||| PLANNING SNAKE:1-3
 42229 | Lair:1   | 42229 ||| PLANNING LAIR
 42229 | Lair:1   | 42229 ||| PLANNING SNAKE:1-3
 42259 | D:9      | 42259 ||| PLANNING LAIR
 42291 | Lair:2   | 42291 ||| PLANNING SNAKE:1-3
 42293 | Lair:1   | 42293 ||| PLANNING LAIR
 42293 | Lair:1   | 42293 ||| PLANNING SNAKE:1-3
 42323 | D:9      | 42323 ||| PLANNING LAIR
 42355 | Lair:2   | 42355 ||| PLANNING SNAKE:1-3
 42357 | Lair:1   | 42357 ||| PLANNING LAIR
 42357 | Lair:1   | 42357 ||| PLANNING SNAKE:1-3
 42387 | D:9      | 42387 ||| PLANNING LAIR
 42419 | Lair:2   | 42419 ||| PLANNING SNAKE:1-3
 42421 | Lair:1   | 42421 ||| PLANNING LAIR
 42421 | Lair:1   | 42421 ||| PLANNING SNAKE:1-3
 42451 | D:9      | 42451 ||| PLANNING LAIR
 42483 | Lair:2   | 42483 ||| PLANNING SNAKE:1-3
 42485 | Lair:1   | 42485 ||| PLANNING LAIR
 42485 | Lair:1   | 42485 ||| PLANNING SNAKE:1-3
 42515 | D:9      | 42515 ||| PLANNING LAIR
 42547 | Lair:2   | 42547 ||| PLANNING SNAKE:1-3
 42549 | Lair:1   | 42549 ||| PLANNING LAIR
 42549 | Lair:1   | 42549 ||| PLANNING SNAKE:1-3
 42579 | D:9      | 42579 ||| PLANNING LAIR
 42611 | Lair:2   | 42611 ||| PLANNING SNAKE:1-3
 42613 | Lair:1   | 42613 ||| PLANNING LAIR
 42613 | Lair:1   | 42613 ||| PLANNING SNAKE:1-3
 42643 | D:9      | 42643 ||| PLANNING LAIR
 42675 | Lair:2   | 42675 ||| PLANNING SNAKE:1-3
 42677 | Lair:1   | 42677 ||| PLANNING LAIR
 42677 | Lair:1   | 42677 ||| PLANNING SNAKE:1-3
 42707 | D:9      | 42707 ||| PLANNING LAIR
 42739 | Lair:2   | 42739 ||| PLANNING SNAKE:1-3
 42741 | Lair:1   | 42741 ||| PLANNING LAIR
 42741 | Lair:1   | 42741 ||| PLANNING SNAKE:1-3
 42771 | D:9      | 42771 ||| PLANNING LAIR
 42803 | Lair:2   | 42803 ||| PLANNING SNAKE:1-3
 42805 | Lair:1   | 42805 ||| PLANNING LAIR
 42805 | Lair:1   | 42805 ||| PLANNING SNAKE:1-3
 42835 | D:9      | 42835 ||| PLANNING LAIR
 42867 | Lair:2   | 42867 ||| PLANNING SNAKE:1-3
 42869 | Lair:1   | 42869 ||| PLANNING LAIR
 42869 | Lair:1   | 42869 ||| PLANNING SNAKE:1-3
 42899 | D:9      | 42899 ||| PLANNING LAIR
 42931 | Lair:2   | 42931 ||| PLANNING SNAKE:1-3
 42933 | Lair:1   | 42933 ||| PLANNING LAIR
 42933 | Lair:1   | 42933 ||| PLANNING SNAKE:1-3
 42963 | D:9      | 42963 ||| PLANNING LAIR
 42995 | Lair:2   | 42995 ||| PLANNING SNAKE:1-3
 42997 | Lair:1   | 42997 ||| PLANNING LAIR
 42997 | Lair:1   | 42997 ||| PLANNING SNAKE:1-3
 43027 | D:9      | 43027 ||| PLANNING LAIR
 43059 | Lair:2   | 43059 ||| PLANNING SNAKE:1-3
 43061 | Lair:1   | 43061 ||| PLANNING LAIR
 43061 | Lair:1   | 43061 ||| PLANNING SNAKE:1-3
 43091 | D:9      | 43091 ||| PLANNING LAIR
 43123 | Lair:2   | 43123 ||| PLANNING SNAKE:1-3
 43125 | Lair:1   | 43125 ||| PLANNING LAIR
 43125 | Lair:1   | 43125 ||| PLANNING SNAKE:1-3
 43155 | D:9      | 43155 ||| PLANNING LAIR
 43187 | Lair:2   | 43187 ||| PLANNING SNAKE:1-3
 43189 | Lair:1   | 43189 ||| PLANNING LAIR
 43189 | Lair:1   | 43189 ||| PLANNING SNAKE:1-3
 43219 | D:9      | 43219 ||| PLANNING LAIR
 43251 | Lair:2   | 43251 ||| PLANNING SNAKE:1-3
 43253 | Lair:1   | 43253 ||| PLANNING LAIR
 43253 | Lair:1   | 43253 ||| PLANNING SNAKE:1-3
 43283 | D:9      | 43283 ||| PLANNING LAIR
 43315 | Lair:2   | 43315 ||| PLANNING SNAKE:1-3
 43317 | Lair:1   | 43317 ||| PLANNING LAIR
 43317 | Lair:1   | 43317 ||| PLANNING SNAKE:1-3
 43347 | D:9      | 43347 ||| PLANNING LAIR
 43379 | Lair:2   | 43379 ||| PLANNING SNAKE:1-3
 43381 | Lair:1   | 43381 ||| PLANNING LAIR
 43381 | Lair:1   | 43381 ||| PLANNING SNAKE:1-3
 43411 | D:9      | 43411 ||| PLANNING LAIR
 43443 | Lair:2   | 43443 ||| PLANNING SNAKE:1-3
 43445 | Lair:1   | 43445 ||| PLANNING LAIR
 43445 | Lair:1   | 43445 ||| PLANNING SNAKE:1-3
 43475 | D:9      | 43475 ||| PLANNING LAIR
 43507 | Lair:2   | 43507 ||| PLANNING SNAKE:1-3
 43509 | Lair:1   | 43509 ||| PLANNING LAIR
 43509 | Lair:1   | 43509 ||| PLANNING SNAKE:1-3
 43539 | D:9      | 43539 ||| PLANNING LAIR
 43571 | Lair:2   | 43571 ||| PLANNING SNAKE:1-3
 43573 | Lair:1   | 43573 ||| PLANNING LAIR
 43573 | Lair:1   | 43573 ||| PLANNING SNAKE:1-3
 43603 | D:9      | 43603 ||| PLANNING LAIR
 43635 | Lair:2   | 43635 ||| PLANNING SNAKE:1-3
 43637 | Lair:1   | 43637 ||| PLANNING LAIR
 43637 | Lair:1   | 43637 ||| PLANNING SNAKE:1-3
 43667 | D:9      | 43667 ||| PLANNING LAIR
 43699 | Lair:2   | 43699 ||| PLANNING SNAKE:1-3
 43701 | Lair:1   | 43701 ||| PLANNING LAIR
 43701 | Lair:1   | 43701 ||| PLANNING SNAKE:1-3
 43731 | D:9      | 43731 ||| PLANNING LAIR
 43763 | Lair:2   | 43763 ||| PLANNING SNAKE:1-3
 43765 | Lair:1   | 43765 ||| PLANNING LAIR
 43765 | Lair:1   | 43765 ||| PLANNING SNAKE:1-3
 43795 | D:9      | 43795 ||| PLANNING LAIR
 43827 | Lair:2   | 43827 ||| PLANNING SNAKE:1-3
 43829 | Lair:1   | 43829 ||| PLANNING LAIR
 43829 | Lair:1   | 43829 ||| PLANNING SNAKE:1-3
 43859 | D:9      | 43859 ||| PLANNING LAIR
 43891 | Lair:2   | 43891 ||| PLANNING SNAKE:1-3
 43893 | Lair:1   | 43893 ||| PLANNING LAIR
 43893 | Lair:1   | 43893 ||| PLANNING SNAKE:1-3
 43923 | D:9      | 43923 ||| PLANNING LAIR
 43955 | Lair:2   | 43955 ||| PLANNING SNAKE:1-3
 43957 | Lair:1   | 43957 ||| PLANNING LAIR
 43957 | Lair:1   | 43957 ||| PLANNING SNAKE:1-3
 43987 | D:9      | 43987 ||| PLANNING LAIR
 44019 | Lair:2   | 44019 ||| PLANNING SNAKE:1-3
 44021 | Lair:1   | 44021 ||| PLANNING LAIR
 44021 | Lair:1   | 44021 ||| PLANNING SNAKE:1-3
 44051 | D:9      | 44051 ||| PLANNING LAIR
 44083 | Lair:2   | 44083 ||| PLANNING SNAKE:1-3
 44085 | Lair:1   | 44085 ||| PLANNING LAIR
 44085 | Lair:1   | 44085 ||| PLANNING SNAKE:1-3
 44115 | D:9      | 44115 ||| PLANNING LAIR
 44147 | Lair:2   | 44147 ||| PLANNING SNAKE:1-3
 44149 | Lair:1   | 44149 ||| PLANNING LAIR
 44149 | Lair:1   | 44149 ||| PLANNING SNAKE:1-3
 44179 | D:9      | 44179 ||| PLANNING LAIR
 44211 | Lair:2   | 44211 ||| PLANNING SNAKE:1-3
 44213 | Lair:1   | 44213 ||| PLANNING LAIR
 44213 | Lair:1   | 44213 ||| PLANNING SNAKE:1-3
 44243 | D:9      | 44243 ||| PLANNING LAIR
 44275 | Lair:2   | 44275 ||| PLANNING SNAKE:1-3
 44277 | Lair:1   | 44277 ||| PLANNING LAIR
 44277 | Lair:1   | 44277 ||| PLANNING SNAKE:1-3
 44307 | D:9      | 44307 ||| PLANNING LAIR
 44339 | Lair:2   | 44339 ||| PLANNING SNAKE:1-3
 44341 | Lair:1   | 44341 ||| PLANNING LAIR
 44341 | Lair:1   | 44341 ||| PLANNING SNAKE:1-3
 44371 | D:9      | 44371 ||| PLANNING LAIR
 44403 | Lair:2   | 44403 ||| PLANNING SNAKE:1-3
 44405 | Lair:1   | 44405 ||| PLANNING LAIR
 44405 | Lair:1   | 44405 ||| PLANNING SNAKE:1-3
 44435 | D:9      | 44435 ||| PLANNING LAIR
 44467 | Lair:2   | 44467 ||| PLANNING SNAKE:1-3
 44469 | Lair:1   | 44469 ||| PLANNING LAIR
 44469 | Lair:1   | 44469 ||| PLANNING SNAKE:1-3
 44499 | D:9      | 44499 ||| PLANNING LAIR
 44531 | Lair:2   | 44531 ||| PLANNING SNAKE:1-3
 44533 | Lair:1   | 44533 ||| PLANNING LAIR
 44533 | Lair:1   | 44533 ||| PLANNING SNAKE:1-3
 44563 | D:9      | 44563 ||| PLANNING LAIR
 44595 | Lair:2   | 44595 ||| PLANNING SNAKE:1-3
 44597 | Lair:1   | 44597 ||| PLANNING LAIR
 44597 | Lair:1   | 44597 ||| PLANNING SNAKE:1-3
 44627 | D:9      | 44627 ||| PLANNING LAIR
 44659 | Lair:2   | 44659 ||| PLANNING SNAKE:1-3
 44661 | Lair:1   | 44661 ||| PLANNING LAIR
 44661 | Lair:1   | 44661 ||| PLANNING SNAKE:1-3
 44691 | D:9      | 44691 ||| PLANNING LAIR
 44723 | Lair:2   | 44723 ||| PLANNING SNAKE:1-3
 44725 | Lair:1   | 44725 ||| PLANNING LAIR
 44725 | Lair:1   | 44725 ||| PLANNING SNAKE:1-3
 44755 | D:9      | 44755 ||| PLANNING LAIR
 44787 | Lair:2   | 44787 ||| PLANNING SNAKE:1-3
 44789 | Lair:1   | 44789 ||| PLANNING LAIR
 44789 | Lair:1   | 44789 ||| PLANNING SNAKE:1-3
 44819 | D:9      | 44819 ||| PLANNING LAIR
 44851 | Lair:2   | 44851 ||| PLANNING SNAKE:1-3
 44853 | Lair:1   | 44853 ||| PLANNING LAIR
 44853 | Lair:1   | 44853 ||| PLANNING SNAKE:1-3
 44883 | D:9      | 44883 ||| PLANNING LAIR
 44915 | Lair:2   | 44915 ||| PLANNING SNAKE:1-3
 44917 | Lair:1   | 44917 ||| PLANNING LAIR
 44917 | Lair:1   | 44917 ||| PLANNING SNAKE:1-3
 44947 | D:9      | 44947 ||| PLANNING LAIR
 44979 | Lair:2   | 44979 ||| PLANNING SNAKE:1-3
 44981 | Lair:1   | 44981 ||| PLANNING LAIR
 44981 | Lair:1   | 44981 ||| PLANNING SNAKE:1-3
 45011 | D:9      | 45011 ||| PLANNING LAIR
 45043 | Lair:2   | 45043 ||| PLANNING SNAKE:1-3
 45045 | Lair:1   | 45045 ||| PLANNING LAIR
 45045 | Lair:1   | 45045 ||| PLANNING SNAKE:1-3
 45075 | D:9      | 45075 ||| PLANNING LAIR
 45107 | Lair:2   | 45107 ||| PLANNING SNAKE:1-3
 45109 | Lair:1   | 45109 ||| PLANNING LAIR
 45109 | Lair:1   | 45109 ||| PLANNING SNAKE:1-3
 45139 | D:9      | 45139 ||| PLANNING LAIR
 45171 | Lair:2   | 45171 ||| PLANNING SNAKE:1-3
 45173 | Lair:1   | 45173 ||| PLANNING LAIR
 45173 | Lair:1   | 45173 ||| PLANNING SNAKE:1-3
 45203 | D:9      | 45203 ||| PLANNING LAIR
 45235 | Lair:2   | 45235 ||| PLANNING SNAKE:1-3
 45237 | Lair:1   | 45237 ||| PLANNING LAIR
 45237 | Lair:1   | 45237 ||| PLANNING SNAKE:1-3
 45267 | D:9      | 45267 ||| PLANNING LAIR
 45299 | Lair:2   | 45299 ||| PLANNING SNAKE:1-3
 45301 | Lair:1   | 45301 ||| PLANNING LAIR
 45301 | Lair:1   | 45301 ||| PLANNING SNAKE:1-3
 45331 | D:9      | 45331 ||| PLANNING LAIR
 45363 | Lair:2   | 45363 ||| PLANNING SNAKE:1-3
 45365 | Lair:1   | 45365 ||| PLANNING LAIR
 45365 | Lair:1   | 45365 ||| PLANNING SNAKE:1-3
 45395 | D:9      | 45395 ||| PLANNING LAIR
 45427 | Lair:2   | 45427 ||| PLANNING SNAKE:1-3
 45429 | Lair:1   | 45429 ||| PLANNING LAIR
 45429 | Lair:1   | 45429 ||| PLANNING SNAKE:1-3
 45459 | D:9      | 45459 ||| PLANNING LAIR
 45491 | Lair:2   | 45491 ||| PLANNING SNAKE:1-3
 45493 | Lair:1   | 45493 ||| PLANNING LAIR
 45493 | Lair:1   | 45493 ||| PLANNING SNAKE:1-3
 45523 | D:9      | 45523 ||| PLANNING LAIR
 45555 | Lair:2   | 45555 ||| PLANNING SNAKE:1-3
 45557 | Lair:1   | 45557 ||| PLANNING LAIR
 45557 | Lair:1   | 45557 ||| PLANNING SNAKE:1-3
 45587 | D:9      | 45587 ||| PLANNING LAIR
 45619 | Lair:2   | 45619 ||| PLANNING SNAKE:1-3
 45621 | Lair:1   | 45621 ||| PLANNING LAIR
 45621 | Lair:1   | 45621 ||| PLANNING SNAKE:1-3
 45651 | D:9      | 45651 ||| PLANNING LAIR
 45683 | Lair:2   | 45683 ||| PLANNING SNAKE:1-3
 45685 | Lair:1   | 45685 ||| PLANNING LAIR
 45685 | Lair:1   | 45685 ||| PLANNING SNAKE:1-3
 45715 | D:9      | 45715 ||| PLANNING LAIR
 45747 | Lair:2   | 45747 ||| PLANNING SNAKE:1-3
 45749 | Lair:1   | 45749 ||| PLANNING LAIR
 45749 | Lair:1   | 45749 ||| PLANNING SNAKE:1-3
 45779 | D:9      | 45779 ||| PLANNING LAIR
 45811 | Lair:2   | 45811 ||| PLANNING SNAKE:1-3
 45813 | Lair:1   | 45813 ||| PLANNING LAIR
 45813 | Lair:1   | 45813 ||| PLANNING SNAKE:1-3
 45843 | D:9      | 45843 ||| PLANNING LAIR
 45875 | Lair:2   | 45875 ||| PLANNING SNAKE:1-3
 45877 | Lair:1   | 45877 ||| PLANNING LAIR
 45877 | Lair:1   | 45877 ||| PLANNING SNAKE:1-3
 45907 | D:9      | 45907 ||| PLANNING LAIR
 45939 | Lair:2   | 45939 ||| PLANNING SNAKE:1-3
 45941 | Lair:1   | 45941 ||| PLANNING LAIR
 45941 | Lair:1   | 45941 ||| PLANNING SNAKE:1-3
 45971 | D:9      | 45971 ||| PLANNING LAIR
 46003 | Lair:2   | 46003 ||| PLANNING SNAKE:1-3
 46005 | Lair:1   | 46005 ||| PLANNING LAIR
 46005 | Lair:1   | 46005 ||| PLANNING SNAKE:1-3
 46035 | D:9      | 46035 ||| PLANNING LAIR
 46067 | Lair:2   | 46067 ||| PLANNING SNAKE:1-3
 46069 | Lair:1   | 46069 ||| PLANNING LAIR
 46069 | Lair:1   | 46069 ||| PLANNING SNAKE:1-3
 46099 | D:9      | 46099 ||| PLANNING LAIR
 46131 | Lair:2   | 46131 ||| PLANNING SNAKE:1-3
 46133 | Lair:1   | 46133 ||| PLANNING LAIR
 46133 | Lair:1   | 46133 ||| PLANNING SNAKE:1-3
 46163 | D:9      | 46163 ||| PLANNING LAIR
 46195 | Lair:2   | 46195 ||| PLANNING SNAKE:1-3
 46197 | Lair:1   | 46197 ||| PLANNING LAIR
 46197 | Lair:1   | 46197 ||| PLANNING SNAKE:1-3
 46227 | D:9      | 46227 ||| PLANNING LAIR
 46259 | Lair:2   | 46259 ||| PLANNING SNAKE:1-3
 46261 | Lair:1   | 46261 ||| PLANNING LAIR
 46261 | Lair:1   | 46261 ||| PLANNING SNAKE:1-3
 46291 | D:9      | 46291 ||| PLANNING LAIR
 46323 | Lair:2   | 46323 ||| PLANNING SNAKE:1-3
 46325 | Lair:1   | 46325 ||| PLANNING LAIR
 46325 | Lair:1   | 46325 ||| PLANNING SNAKE:1-3
 46355 | D:9      | 46355 ||| PLANNING LAIR
 46387 | Lair:2   | 46387 ||| PLANNING SNAKE:1-3
 46389 | Lair:1   | 46389 ||| PLANNING LAIR
 46389 | Lair:1   | 46389 ||| PLANNING SNAKE:1-3
 46419 | D:9      | 46419 ||| PLANNING LAIR
 46451 | Lair:2   | 46451 ||| PLANNING SNAKE:1-3
 46453 | Lair:1   | 46453 ||| PLANNING LAIR
 46453 | Lair:1   | 46453 ||| PLANNING SNAKE:1-3
 46483 | D:9      | 46483 ||| PLANNING LAIR
 46515 | Lair:2   | 46515 ||| PLANNING SNAKE:1-3
 46517 | Lair:1   | 46517 ||| PLANNING LAIR
 46517 | Lair:1   | 46517 ||| PLANNING SNAKE:1-3
 46547 | D:9      | 46547 ||| PLANNING LAIR
 46579 | Lair:2   | 46579 ||| PLANNING SNAKE:1-3
 46581 | Lair:1   | 46581 ||| PLANNING LAIR
 46581 | Lair:1   | 46581 ||| PLANNING SNAKE:1-3
 46611 | D:9      | 46611 ||| PLANNING LAIR
 46643 | Lair:2   | 46643 ||| PLANNING SNAKE:1-3
 46645 | Lair:1   | 46645 ||| PLANNING LAIR
 46645 | Lair:1   | 46645 ||| PLANNING SNAKE:1-3
 46675 | D:9      | 46675 ||| PLANNING LAIR
 46707 | Lair:2   | 46707 ||| PLANNING SNAKE:1-3
 46709 | Lair:1   | 46709 ||| PLANNING LAIR
 46709 | Lair:1   | 46709 ||| PLANNING SNAKE:1-3
 46739 | D:9      | 46739 ||| PLANNING LAIR
 46771 | Lair:2   | 46771 ||| PLANNING SNAKE:1-3
 46773 | Lair:1   | 46773 ||| PLANNING LAIR
 46773 | Lair:1   | 46773 ||| PLANNING SNAKE:1-3
 46803 | D:9      | 46803 ||| PLANNING LAIR
 46835 | Lair:2   | 46835 ||| PLANNING SNAKE:1-3
 46837 | Lair:1   | 46837 ||| PLANNING LAIR
 46837 | Lair:1   | 46837 ||| PLANNING SNAKE:1-3
 46867 | D:9      | 46867 ||| PLANNING LAIR
 46899 | Lair:2   | 46899 ||| PLANNING SNAKE:1-3
 46901 | Lair:1   | 46901 ||| PLANNING LAIR
 46901 | Lair:1   | 46901 ||| PLANNING SNAKE:1-3
 46931 | D:9      | 46931 ||| PLANNING LAIR
 46963 | Lair:2   | 46963 ||| PLANNING SNAKE:1-3
 46965 | Lair:1   | 46965 ||| PLANNING LAIR
 46965 | Lair:1   | 46965 ||| PLANNING SNAKE:1-3
 46995 | D:9      | 46995 ||| PLANNING LAIR
 47027 | Lair:2   | 47027 ||| PLANNING SNAKE:1-3
 47029 | Lair:1   | 47029 ||| PLANNING LAIR
 47029 | Lair:1   | 47029 ||| PLANNING SNAKE:1-3
 47059 | D:9      | 47059 ||| PLANNING LAIR
 47091 | Lair:2   | 47091 ||| PLANNING SNAKE:1-3
 47093 | Lair:1   | 47093 ||| PLANNING LAIR
 47093 | Lair:1   | 47093 ||| PLANNING SNAKE:1-3
 47123 | D:9      | 47123 ||| PLANNING LAIR
 47155 | Lair:2   | 47155 ||| PLANNING SNAKE:1-3
 47157 | Lair:1   | 47157 ||| PLANNING LAIR
 47157 | Lair:1   | 47157 ||| PLANNING SNAKE:1-3
 47187 | D:9      | 47187 ||| PLANNING LAIR
 47219 | Lair:2   | 47219 ||| PLANNING SNAKE:1-3
 47221 | Lair:1   | 47221 ||| PLANNING LAIR
 47221 | Lair:1   | 47221 ||| PLANNING SNAKE:1-3
 47251 | D:9      | 47251 ||| PLANNING LAIR
 47283 | Lair:2   | 47283 ||| PLANNING SNAKE:1-3
 47285 | Lair:1   | 47285 ||| PLANNING LAIR
 47285 | Lair:1   | 47285 ||| PLANNING SNAKE:1-3
 47315 | D:9      | 47315 ||| PLANNING LAIR
 47347 | Lair:2   | 47347 ||| PLANNING SNAKE:1-3
 47349 | Lair:1   | 47349 ||| PLANNING LAIR
 47349 | Lair:1   | 47349 ||| PLANNING SNAKE:1-3
 47379 | D:9      | 47379 ||| PLANNING LAIR
 47411 | Lair:2   | 47411 ||| PLANNING SNAKE:1-3
 47413 | Lair:1   | 47413 ||| PLANNING LAIR
 47413 | Lair:1   | 47413 ||| PLANNING SNAKE:1-3
 47443 | D:9      | 47443 ||| PLANNING LAIR
 47475 | Lair:2   | 47475 ||| PLANNING SNAKE:1-3
 47477 | Lair:1   | 47477 ||| PLANNING LAIR
 47477 | Lair:1   | 47477 ||| PLANNING SNAKE:1-3
 47507 | D:9      | 47507 ||| PLANNING LAIR
 47539 | Lair:2   | 47539 ||| PLANNING SNAKE:1-3
 47541 | Lair:1   | 47541 ||| PLANNING LAIR
 47541 | Lair:1   | 47541 ||| PLANNING SNAKE:1-3
 47571 | D:9      | 47571 ||| PLANNING LAIR
 47603 | Lair:2   | 47603 ||| PLANNING SNAKE:1-3
 47605 | Lair:1   | 47605 ||| PLANNING LAIR
 47605 | Lair:1   | 47605 ||| PLANNING SNAKE:1-3
 47635 | D:9      | 47635 ||| PLANNING LAIR
 47667 | Lair:2   | 47667 ||| PLANNING SNAKE:1-3
 47669 | Lair:1   | 47669 ||| PLANNING LAIR
 47669 | Lair:1   | 47669 ||| PLANNING SNAKE:1-3
 47699 | D:9      | 47699 ||| PLANNING LAIR
 47731 | Lair:2   | 47731 ||| PLANNING SNAKE:1-3
 47733 | Lair:1   | 47733 ||| PLANNING LAIR
 47733 | Lair:1   | 47733 ||| PLANNING SNAKE:1-3
 47763 | D:9      | 47763 ||| PLANNING LAIR
 47795 | Lair:2   | 47795 ||| PLANNING SNAKE:1-3
 47797 | Lair:1   | 47797 ||| PLANNING LAIR
 47797 | Lair:1   | 47797 ||| PLANNING SNAKE:1-3
 47827 | D:9      | 47827 ||| PLANNING LAIR
 47859 | Lair:2   | 47859 ||| PLANNING SNAKE:1-3
 47861 | Lair:1   | 47861 ||| PLANNING LAIR
 47861 | Lair:1   | 47861 ||| PLANNING SNAKE:1-3
 47891 | D:9      | 47891 ||| PLANNING LAIR
 47923 | Lair:2   | 47923 ||| PLANNING SNAKE:1-3
 47925 | Lair:1   | 47925 ||| PLANNING LAIR
 47925 | Lair:1   | 47925 ||| PLANNING SNAKE:1-3
 47955 | D:9      | 47955 ||| PLANNING LAIR
 47987 | Lair:2   | 47987 ||| PLANNING SNAKE:1-3
 47989 | Lair:1   | 47989 ||| PLANNING LAIR
 47989 | Lair:1   | 47989 ||| PLANNING SNAKE:1-3
 48019 | D:9      | 48019 ||| PLANNING LAIR
 48051 | Lair:2   | 48051 ||| PLANNING SNAKE:1-3
 48053 | Lair:1   | 48053 ||| PLANNING LAIR
 48053 | Lair:1   | 48053 ||| PLANNING SNAKE:1-3
 48083 | D:9      | 48083 ||| PLANNING LAIR
 48115 | Lair:2   | 48115 ||| PLANNING SNAKE:1-3
 48117 | Lair:1   | 48117 ||| PLANNING LAIR
 48117 | Lair:1   | 48117 ||| PLANNING SNAKE:1-3
 48147 | D:9      | 48147 ||| PLANNING LAIR
 48179 | Lair:2   | 48179 ||| PLANNING SNAKE:1-3
 48181 | Lair:1   | 48181 ||| PLANNING LAIR
 48181 | Lair:1   | 48181 ||| PLANNING SNAKE:1-3
 48211 | D:9      | 48211 ||| PLANNING LAIR
 48243 | Lair:2   | 48243 ||| PLANNING SNAKE:1-3
 48245 | Lair:1   | 48245 ||| PLANNING LAIR
 48245 | Lair:1   | 48245 ||| PLANNING SNAKE:1-3
 48275 | D:9      | 48275 ||| PLANNING LAIR
 48307 | Lair:2   | 48307 ||| PLANNING SNAKE:1-3
 48309 | Lair:1   | 48309 ||| PLANNING LAIR
 48309 | Lair:1   | 48309 ||| PLANNING SNAKE:1-3
 48339 | D:9      | 48339 ||| PLANNING LAIR
 48371 | Lair:2   | 48371 ||| PLANNING SNAKE:1-3
 48373 | Lair:1   | 48373 ||| PLANNING LAIR
 48373 | Lair:1   | 48373 ||| PLANNING SNAKE:1-3
 48403 | D:9      | 48403 ||| PLANNING LAIR
 48435 | Lair:2   | 48435 ||| PLANNING SNAKE:1-3
 48437 | Lair:1   | 48437 ||| PLANNING LAIR
 48437 | Lair:1   | 48437 ||| PLANNING SNAKE:1-3
 48467 | D:9      | 48467 ||| PLANNING LAIR
 48499 | Lair:2   | 48499 ||| PLANNING SNAKE:1-3
 48501 | Lair:1   | 48501 ||| PLANNING LAIR
 48501 | Lair:1   | 48501 ||| PLANNING SNAKE:1-3
 48531 | D:9      | 48531 ||| PLANNING LAIR
 48563 | Lair:2   | 48563 ||| PLANNING SNAKE:1-3
 48565 | Lair:1   | 48565 ||| PLANNING LAIR
 48565 | Lair:1   | 48565 ||| PLANNING SNAKE:1-3
 48595 | D:9      | 48595 ||| PLANNING LAIR
 48627 | Lair:2   | 48627 ||| PLANNING SNAKE:1-3
 48629 | Lair:1   | 48629 ||| PLANNING LAIR
 48629 | Lair:1   | 48629 ||| PLANNING SNAKE:1-3
 48659 | D:9      | 48659 ||| PLANNING LAIR
 48691 | Lair:2   | 48691 ||| PLANNING SNAKE:1-3
 48693 | Lair:1   | 48693 ||| PLANNING LAIR
 48693 | Lair:1   | 48693 ||| PLANNING SNAKE:1-3
 48723 | D:9      | 48723 ||| PLANNING LAIR
 48755 | Lair:2   | 48755 ||| PLANNING SNAKE:1-3
 48757 | Lair:1   | 48757 ||| PLANNING LAIR
 48757 | Lair:1   | 48757 ||| PLANNING SNAKE:1-3
 48787 | D:9      | 48787 ||| PLANNING LAIR
 48819 | Lair:2   | 48819 ||| PLANNING SNAKE:1-3
 48821 | Lair:1   | 48821 ||| PLANNING LAIR
 48821 | Lair:1   | 48821 ||| PLANNING SNAKE:1-3
 48851 | D:9      | 48851 ||| PLANNING LAIR
 48883 | Lair:2   | 48883 ||| PLANNING SNAKE:1-3
 48885 | Lair:1   | 48885 ||| PLANNING LAIR
 48885 | Lair:1   | 48885 ||| PLANNING SNAKE:1-3
 48890 | Lair:1   | Glimpsed the power of Zot.
 48915 | D:9      | 48915 ||| PLANNING LAIR
 48947 | Lair:2   | 48947 ||| Stepping randomly (stuck).
 48948 | Lair:2   | 48948 ||| Stepping randomly (stuck).
 48949 | Lair:2   | 48949 ||| Stepping randomly (stuck).
 48950 | Lair:2   | 48950 ||| Stepping randomly (stuck).
 48951 | Lair:2   | 48951 ||| Stepping randomly (stuck).
 48952 | Lair:2   | 48952 ||| Stepping randomly (stuck).
 48953 | Lair:2   | 48953 ||| Stepping randomly (stuck).
 48954 | Lair:2   | 48954 ||| Stepping randomly (stuck).
 48955 | Lair:2   | 48955 ||| Stepping randomly (stuck).
 48956 | Lair:2   | 48956 ||| Stepping randomly (stuck).
 48957 | Lair:2   | 48957 ||| Stepping randomly (stuck).
 48958 | Lair:2   | 48958 ||| Stepping randomly (stuck).
 48959 | Lair:2   | 48959 ||| Stepping randomly (stuck).
 48960 | Lair:2   | 48960 ||| Stepping randomly (stuck).
 48961 | Lair:2   | 48961 ||| Stepping randomly (stuck).
 48962 | Lair:2   | 48962 ||| Stepping randomly (stuck).
 48963 | Lair:2   | 48963 ||| Stepping randomly (stuck).
 48964 | Lair:2   | 48964 ||| Stepping randomly (stuck).
 48965 | Lair:2   | 48965 ||| Stepping randomly (stuck).
 48966 | Lair:2   | 48966 ||| Stepping randomly (stuck).
 48967 | Lair:2   | 48967 ||| Stepping randomly (stuck).
 48968 | Lair:2   | 48968 ||| Stepping randomly (stuck).
 48969 | Lair:2   | 48969 ||| Stepping randomly (stuck).
 48970 | Lair:2   | 48970 ||| Stepping randomly (stuck).
 48971 | Lair:2   | 48971 ||| Stepping randomly (stuck).
 48972 | Lair:2   | 48972 ||| Stepping randomly (stuck).
 48973 | Lair:2   | 48973 ||| Stepping randomly (stuck).
 48974 | Lair:2   | 48974 ||| Stepping randomly (stuck).
 48975 | Lair:2   | 48975 ||| Stepping randomly (stuck).
 48976 | Lair:2   | 48976 ||| Stepping randomly (stuck).
 48977 | Lair:2   | 48977 ||| Stepping randomly (stuck).
 48978 | Lair:2   | 48978 ||| Stepping randomly (stuck).
 48979 | Lair:2   | 48979 ||| Stepping randomly (stuck).
 48980 | Lair:2   | 48980 ||| Stepping randomly (stuck).
 48981 | Lair:2   | 48981 ||| Stepping randomly (stuck).
 48982 | Lair:2   | 48982 ||| Stepping randomly (stuck).
 48983 | Lair:2   | 48983 ||| Stepping randomly (stuck).
 48984 | Lair:2   | 48984 ||| Stepping randomly (stuck).
 48985 | Lair:2   | 48985 ||| Stepping randomly (stuck).
 48986 | Lair:2   | 48986 ||| Stepping randomly (stuck).
 48987 | Lair:2   | 48987 ||| Stepping randomly (stuck).
 48988 | Lair:2   | 48988 ||| Stepping randomly (stuck).
 48989 | Lair:2   | 48989 ||| Stepping randomly (stuck).
 48990 | Lair:2   | 48990 ||| Stepping randomly (stuck).
 48991 | Lair:2   | 48991 ||| Stepping randomly (stuck).
 48992 | Lair:2   | 48992 ||| Stepping randomly (stuck).
 48993 | Lair:2   | 48993 ||| Stepping randomly (stuck).
 48994 | Lair:2   | 48994 ||| Stepping randomly (stuck).
 48995 | Lair:2   | 48995 ||| Stepping randomly (stuck).
 48996 | Lair:2   | 48996 ||| Stepping randomly (stuck).
 48997 | Lair:2   | 48997 ||| Stepping randomly (stuck).
 48998 | Lair:2   | 48998 ||| READING 9 scrolls of teleportation.
 49003 | Lair:2   | 49003 ||| READING 8 scrolls of teleportation.
 49008 | Lair:2   | 49008 ||| READING 7 scrolls of teleportation.
 49013 | Lair:2   | 49013 ||| READING 6 scrolls of teleportation.
 49017 | Lair:2   | 49017 ||| READING 5 scrolls of teleportation.
 49021 | Lair:2   | 49021 ||| READING 4 scrolls of teleportation.
 49024 | Lair:2   | 49024 ||| READING 3 scrolls of teleportation.
 49029 | Lair:2   | 49029 ||| READING 2 scrolls of teleportation.
 49034 | Lair:2   | 49034 ||| READING scroll of teleportation.
 49037 | Lair:2   | 49037 ||| Stepping randomly (stuck).
 49038 | Lair:2   | 49038 ||| Stepping randomly (stuck).
 49039 | Lair:2   | 49039 ||| Stepping randomly (stuck).
 49040 | Lair:2   | 49040 ||| Stepping randomly (stuck).
 49041 | Lair:2   | 49041 ||| Stepping randomly (stuck).
 49042 | Lair:2   | 49042 ||| Stepping randomly (stuck).
 49043 | Lair:2   | 49043 ||| Stepping randomly (stuck).
 49044 | Lair:2   | 49044 ||| Stepping randomly (stuck).
 49045 | Lair:2   | 49045 ||| Stepping randomly (stuck).
 49046 | Lair:2   | 49046 ||| Stepping randomly (stuck).
 49047 | Lair:2   | 49047 ||| Stepping randomly (stuck).
 49048 | Lair:2   | 49048 ||| Stepping randomly (stuck).
 49049 | Lair:2   | 49049 ||| Stepping randomly (stuck).
 49050 | Lair:2   | 49050 ||| Stepping randomly (stuck).
 49051 | Lair:2   | 49051 ||| Stepping randomly (stuck).
 49052 | Lair:2   | 49052 ||| Stepping randomly (stuck).
 49053 | Lair:2   | 49053 ||| Stepping randomly (stuck).
 49054 | Lair:2   | 49054 ||| Stepping randomly (stuck).
 49055 | Lair:2   | 49055 ||| Stepping randomly (stuck).
 49056 | Lair:2   | 49056 ||| Stepping randomly (stuck).
 49057 | Lair:2   | 49057 ||| Stepping randomly (stuck).
 49058 | Lair:2   | 49058 ||| Stepping randomly (stuck).
 49059 | Lair:2   | 49059 ||| Stepping randomly (stuck).
 49060 | Lair:2   | 49060 ||| Stepping randomly (stuck).
 49061 | Lair:2   | 49061 ||| Stepping randomly (stuck).
 49062 | Lair:2   | 49062 ||| Stepping randomly (stuck).
 49063 | Lair:2   | 49063 ||| Stepping randomly (stuck).
 49064 | Lair:2   | 49064 ||| Stepping randomly (stuck).
 49065 | Lair:2   | 49065 ||| Stepping randomly (stuck).
 49066 | Lair:2   | 49066 ||| Stepping randomly (stuck).
 49067 | Lair:2   | 49067 ||| Stepping randomly (stuck).
 49068 | Lair:2   | 49068 ||| Stepping randomly (stuck).
 49069 | Lair:2   | 49069 ||| Stepping randomly (stuck).
 49070 | Lair:2   | 49070 ||| Stepping randomly (stuck).
 49071 | Lair:2   | 49071 ||| Stepping randomly (stuck).
 49072 | Lair:2   | 49072 ||| Stepping randomly (stuck).
 49073 | Lair:2   | 49073 ||| Stepping randomly (stuck).
 49074 | Lair:2   | 49074 ||| Stepping randomly (stuck).
 49075 | Lair:2   | 49075 ||| Stepping randomly (stuck).
 49076 | Lair:2   | 49076 ||| Stepping randomly (stuck).
 49077 | Lair:2   | 49077 ||| Stepping randomly (stuck).
 49078 | Lair:2   | 49078 ||| Stepping randomly (stuck).
 49079 | Lair:2   | 49079 ||| Stepping randomly (stuck).
 49080 | Lair:2   | 49080 ||| Stepping randomly (stuck).
 49081 | Lair:2   | 49081 ||| Stepping randomly (stuck).
 49082 | Lair:2   | 49082 ||| Stepping randomly (stuck).
 49083 | Lair:2   | 49083 ||| Stepping randomly (stuck).
 49084 | Lair:2   | 49084 ||| Stepping randomly (stuck).
 49085 | Lair:2   | 49085 ||| Stepping randomly (stuck).
 49086 | Lair:2   | 49086 ||| Stepping randomly (stuck).
 49087 | Lair:2   | 49087 ||| Stepping randomly (stuck).
 49088 | Lair:2   | 49088 ||| Stepping randomly (stuck).
 49089 | Lair:2   | 49089 ||| Stepping randomly (stuck).
 49090 | Lair:2   | 49090 ||| Stepping randomly (stuck).
 49091 | Lair:2   | 49091 ||| Stepping randomly (stuck).
 49092 | Lair:2   | 49092 ||| Stepping randomly (stuck).
 49093 | Lair:2   | 49093 ||| Stepping randomly (stuck).
 49094 | Lair:2   | 49094 ||| Stepping randomly (stuck).
 49095 | Lair:2   | 49095 ||| Stepping randomly (stuck).
 49096 | Lair:2   | 49096 ||| Stepping randomly (stuck).
 49097 | Lair:2   | 49097 ||| Stepping randomly (stuck).
 49098 | Lair:2   | 49098 ||| Stepping randomly (stuck).
 49099 | Lair:2   | 49099 ||| Stepping randomly (stuck).
 49100 | Lair:2   | 49100 ||| Stepping randomly (stuck).
 49101 | Lair:2   | 49101 ||| Stepping randomly (stuck).
 49102 | Lair:2   | 49102 ||| Stepping randomly (stuck).
 49103 | Lair:2   | 49103 ||| Stepping randomly (stuck).
 49104 | Lair:2   | 49104 ||| Stepping randomly (stuck).
 49105 | Lair:2   | 49105 ||| Stepping randomly (stuck).
 49106 | Lair:2   | 49106 ||| Stepping randomly (stuck).
 49107 | Lair:2   | 49107 ||| Stepping randomly (stuck).
 49108 | Lair:2   | 49108 ||| Stepping randomly (stuck).
 49109 | Lair:2   | 49109 ||| Stepping randomly (stuck).
 49110 | Lair:2   | 49110 ||| Stepping randomly (stuck).
 49111 | Lair:2   | 49111 ||| Stepping randomly (stuck).
 49112 | Lair:2   | 49112 ||| Stepping randomly (stuck).
 49113 | Lair:2   | 49113 ||| Stepping randomly (stuck).
 49114 | Lair:2   | 49114 ||| Stepping randomly (stuck).
 49115 | Lair:2   | 49115 ||| Stepping randomly (stuck).
 49116 | Lair:2   | 49116 ||| Stepping randomly (stuck).
 49117 | Lair:2   | 49117 ||| Stepping randomly (stuck).
 49118 | Lair:2   | 49118 ||| Stepping randomly (stuck).
 49119 | Lair:2   | 49119 ||| Stepping randomly (stuck).
 49120 | Lair:2   | 49120 ||| Stepping randomly (stuck).
 49121 | Lair:2   | 49121 ||| Stepping randomly (stuck).
 49122 | Lair:2   | 49122 ||| Stepping randomly (stuck).
 49123 | Lair:2   | 49123 ||| Stepping randomly (stuck).
 49124 | Lair:2   | 49124 ||| Stepping randomly (stuck).
 49125 | Lair:2   | 49125 ||| Stepping randomly (stuck).
 49126 | Lair:2   | 49126 ||| Stepping randomly (stuck).
 49127 | Lair:2   | 49127 ||| Stepping randomly (stuck).
 49128 | Lair:2   | 49128 ||| Stepping randomly (stuck).
 49129 | Lair:2   | 49129 ||| Stepping randomly (stuck).
 49130 | Lair:2   | 49130 ||| Stepping randomly (stuck).
 49131 | Lair:2   | 49131 ||| Stepping randomly (stuck).
 49132 | Lair:2   | 49132 ||| Stepping randomly (stuck).
 49133 | Lair:2   | 49133 ||| Stepping randomly (stuck).
 49134 | Lair:2   | 49134 ||| Stepping randomly (stuck).
 49135 | Lair:2   | 49135 ||| Stepping randomly (stuck).
 49136 | Lair:2   | 49136 ||| Stepping randomly (stuck).
 49137 | Lair:2   | 49137 ||| Stepping randomly (stuck).
 49138 | Lair:2   | 49138 ||| Stepping randomly (stuck).
 49139 | Lair:2   | 49139 ||| Stepping randomly (stuck).
 49140 | Lair:2   | 49140 ||| Stepping randomly (stuck).
 49141 | Lair:2   | 49141 ||| Stepping randomly (stuck).
 49142 | Lair:2   | 49142 ||| Stepping randomly (stuck).
 49143 | Lair:2   | 49143 ||| Stepping randomly (stuck).
 49144 | Lair:2   | 49144 ||| Stepping randomly (stuck).
 49145 | Lair:2   | 49145 ||| Stepping randomly (stuck).
 49146 | Lair:2   | 49146 ||| Stepping randomly (stuck).
 49147 | Lair:2   | 49147 ||| Stepping randomly (stuck).
 49148 | Lair:2   | 49148 ||| Stepping randomly (stuck).
 49149 | Lair:2   | 49149 ||| Stepping randomly (stuck).
 49150 | Lair:2   | 49150 ||| Stepping randomly (stuck).
 49151 | Lair:2   | 49151 ||| Stepping randomly (stuck).
 49152 | Lair:2   | 49152 ||| Stepping randomly (stuck).
 49153 | Lair:2   | 49153 ||| Stepping randomly (stuck).
 49154 | Lair:2   | 49154 ||| Stepping randomly (stuck).
 49155 | Lair:2   | 49155 ||| Stepping randomly (stuck).
 49156 | Lair:2   | 49156 ||| Stepping randomly (stuck).
 49157 | Lair:2   | 49157 ||| Stepping randomly (stuck).
 49158 | Lair:2   | 49158 ||| Stepping randomly (stuck).
 49159 | Lair:2   | 49159 ||| Stepping randomly (stuck).
 49160 | Lair:2   | 49160 ||| Stepping randomly (stuck).
 49161 | Lair:2   | 49161 ||| Stepping randomly (stuck).
 49162 | Lair:2   | 49162 ||| Stepping randomly (stuck).
 49163 | Lair:2   | 49163 ||| Stepping randomly (stuck).
 49164 | Lair:2   | 49164 ||| Stepping randomly (stuck).
 49165 | Lair:2   | 49165 ||| Stepping randomly (stuck).
 49166 | Lair:2   | 49166 ||| Stepping randomly (stuck).
 49167 | Lair:2   | 49167 ||| Stepping randomly (stuck).
 49168 | Lair:2   | 49168 ||| Stepping randomly (stuck).
 49169 | Lair:2   | 49169 ||| Stepping randomly (stuck).
 49170 | Lair:2   | 49170 ||| Stepping randomly (stuck).
 49171 | Lair:2   | 49171 ||| Stepping randomly (stuck).
 49172 | Lair:2   | 49172 ||| Stepping randomly (stuck).
 49173 | Lair:2   | 49173 ||| Stepping randomly (stuck).
 49174 | Lair:2   | 49174 ||| Stepping randomly (stuck).
 49175 | Lair:2   | 49175 ||| Stepping randomly (stuck).
 49176 | Lair:2   | 49176 ||| Stepping randomly (stuck).
 49177 | Lair:2   | 49177 ||| Stepping randomly (stuck).
 49178 | Lair:2   | 49178 ||| Stepping randomly (stuck).
 49179 | Lair:2   | 49179 ||| Stepping randomly (stuck).
 49180 | Lair:2   | 49180 ||| Stepping randomly (stuck).
 49181 | Lair:2   | 49181 ||| Stepping randomly (stuck).
 49182 | Lair:2   | 49182 ||| Stepping randomly (stuck).
 49183 | Lair:2   | 49183 ||| Stepping randomly (stuck).
 49184 | Lair:2   | 49184 ||| Stepping randomly (stuck).
 49185 | Lair:2   | 49185 ||| Stepping randomly (stuck).
 49186 | Lair:2   | 49186 ||| Stepping randomly (stuck).
 49187 | Lair:2   | 49187 ||| Stepping randomly (stuck).
 49188 | Lair:2   | 49188 ||| Stepping randomly (stuck).
 49189 | Lair:2   | 49189 ||| Stepping randomly (stuck).
 49190 | Lair:2   | 49190 ||| Stepping randomly (stuck).
 49191 | Lair:2   | 49191 ||| Stepping randomly (stuck).
 49192 | Lair:2   | 49192 ||| Stepping randomly (stuck).
 49193 | Lair:2   | 49193 ||| Stepping randomly (stuck).
 49194 | Lair:2   | 49194 ||| Stepping randomly (stuck).
 49195 | Lair:2   | 49195 ||| Stepping randomly (stuck).
 49196 | Lair:2   | 49196 ||| Stepping randomly (stuck).
 49197 | Lair:2   | 49197 ||| Stepping randomly (stuck).
 49198 | Lair:2   | 49198 ||| Stepping randomly (stuck).
 49199 | Lair:2   | 49199 ||| Stepping randomly (stuck).
 49200 | Lair:2   | 49200 ||| Stepping randomly (stuck).
 49201 | Lair:2   | 49201 ||| Stepping randomly (stuck).
 49202 | Lair:2   | 49202 ||| Stepping randomly (stuck).
 49203 | Lair:2   | 49203 ||| Stepping randomly (stuck).
 49204 | Lair:2   | 49204 ||| Stepping randomly (stuck).
 49205 | Lair:2   | 49205 ||| Stepping randomly (stuck).
 49206 | Lair:2   | 49206 ||| Stepping randomly (stuck).
 49207 | Lair:2   | 49207 ||| Stepping randomly (stuck).
 49208 | Lair:2   | 49208 ||| Stepping randomly (stuck).
 49209 | Lair:2   | 49209 ||| Stepping randomly (stuck).
 49210 | Lair:2   | 49210 ||| Stepping randomly (stuck).
 49211 | Lair:2   | 49211 ||| Stepping randomly (stuck).
 49212 | Lair:2   | 49212 ||| Stepping randomly (stuck).
 49213 | Lair:2   | 49213 ||| Stepping randomly (stuck).
 49214 | Lair:2   | 49214 ||| Stepping randomly (stuck).
 49215 | Lair:2   | 49215 ||| Stepping randomly (stuck).
 49216 | Lair:2   | 49216 ||| Stepping randomly (stuck).
 49217 | Lair:2   | 49217 ||| Stepping randomly (stuck).
 49218 | Lair:2   | 49218 ||| Stepping randomly (stuck).
 49219 | Lair:2   | 49219 ||| Stepping randomly (stuck).
 49220 | Lair:2   | 49220 ||| Stepping randomly (stuck).
 49221 | Lair:2   | 49221 ||| Stepping randomly (stuck).
 49222 | Lair:2   | 49222 ||| Stepping randomly (stuck).
 49223 | Lair:2   | 49223 ||| Stepping randomly (stuck).
 49224 | Lair:2   | 49224 ||| Stepping randomly (stuck).
 49225 | Lair:2   | 49225 ||| Stepping randomly (stuck).
 49226 | Lair:2   | 49226 ||| Stepping randomly (stuck).
 49227 | Lair:2   | 49227 ||| Stepping randomly (stuck).
 49228 | Lair:2   | 49228 ||| Stepping randomly (stuck).
 49229 | Lair:2   | 49229 ||| Stepping randomly (stuck).
 49230 | Lair:2   | 49230 ||| Stepping randomly (stuck).
 49231 | Lair:2   | 49231 ||| Stepping randomly (stuck).
 49232 | Lair:2   | 49232 ||| Stepping randomly (stuck).
 49233 | Lair:2   | 49233 ||| Stepping randomly (stuck).
 49234 | Lair:2   | 49234 ||| Stepping randomly (stuck).
 49235 | Lair:2   | 49235 ||| Stepping randomly (stuck).
 49236 | Lair:2   | 49236 ||| Stepping randomly (stuck).
 49237 | Lair:2   | 49237 ||| Stepping randomly (stuck).
 49238 | Lair:2   | 49238 ||| Stepping randomly (stuck).
 49239 | Lair:2   | 49239 ||| Stepping randomly (stuck).
 49240 | Lair:2   | 49240 ||| Stepping randomly (stuck).
 49241 | Lair:2   | 49241 ||| Stepping randomly (stuck).
 49242 | Lair:2   | 49242 ||| Stepping randomly (stuck).
 49243 | Lair:2   | 49243 ||| Stepping randomly (stuck).
 49244 | Lair:2   | 49244 ||| Stepping randomly (stuck).
 49245 | Lair:2   | 49245 ||| Stepping randomly (stuck).
 49246 | Lair:2   | 49246 ||| Stepping randomly (stuck).
 49247 | Lair:2   | 49247 ||| Stepping randomly (stuck).
 49248 | Lair:2   | 49248 ||| Stepping randomly (stuck).
 49249 | Lair:2   | 49249 ||| Stepping randomly (stuck).
 49250 | Lair:2   | 49250 ||| Stepping randomly (stuck).
 49251 | Lair:2   | 49251 ||| Stepping randomly (stuck).
 49252 | Lair:2   | 49252 ||| Stepping randomly (stuck).
 49253 | Lair:2   | 49253 ||| Stepping randomly (stuck).
 49254 | Lair:2   | 49254 ||| Stepping randomly (stuck).
 49255 | Lair:2   | 49255 ||| Stepping randomly (stuck).
 49256 | Lair:2   | 49256 ||| Stepping randomly (stuck).
 49257 | Lair:2   | 49257 ||| Stepping randomly (stuck).
 49258 | Lair:2   | 49258 ||| Stepping randomly (stuck).
 49259 | Lair:2   | 49259 ||| Stepping randomly (stuck).
 49260 | Lair:2   | 49260 ||| Stepping randomly (stuck).
 49261 | Lair:2   | 49261 ||| Stepping randomly (stuck).
 49262 | Lair:2   | 49262 ||| Stepping randomly (stuck).
 49263 | Lair:2   | 49263 ||| Stepping randomly (stuck).
 49264 | Lair:2   | 49264 ||| Stepping randomly (stuck).
 49265 | Lair:2   | 49265 ||| Stepping randomly (stuck).
 49266 | Lair:2   | 49266 ||| Stepping randomly (stuck).
 49267 | Lair:2   | 49267 ||| Stepping randomly (stuck).
 49268 | Lair:2   | 49268 ||| Stepping randomly (stuck).
 49269 | Lair:2   | 49269 ||| Stepping randomly (stuck).
 49270 | Lair:2   | 49270 ||| Stepping randomly (stuck).
 49271 | Lair:2   | 49271 ||| Stepping randomly (stuck).
 49272 | Lair:2   | 49272 ||| Stepping randomly (stuck).
 49273 | Lair:2   | 49273 ||| Stepping randomly (stuck).
 49274 | Lair:2   | 49274 ||| Stepping randomly (stuck).
 49275 | Lair:2   | 49275 ||| Stepping randomly (stuck).
 49276 | Lair:2   | 49276 ||| Stepping randomly (stuck).
 49277 | Lair:2   | 49277 ||| Stepping randomly (stuck).
 49278 | Lair:2   | 49278 ||| Stepping randomly (stuck).
 49279 | Lair:2   | 49279 ||| Stepping randomly (stuck).
 49280 | Lair:2   | 49280 ||| Stepping randomly (stuck).
 49281 | Lair:2   | 49281 ||| Stepping randomly (stuck).
 49282 | Lair:2   | 49282 ||| Stepping randomly (stuck).
 49283 | Lair:2   | 49283 ||| Stepping randomly (stuck).
 49284 | Lair:2   | 49284 ||| Stepping randomly (stuck).
 49285 | Lair:2   | 49285 ||| Stepping randomly (stuck).
 49286 | Lair:2   | 49286 ||| Stepping randomly (stuck).
 49287 | Lair:2   | 49287 ||| Stepping randomly (stuck).
 49288 | Lair:2   | 49288 ||| Stepping randomly (stuck).
 49289 | Lair:2   | 49289 ||| Stepping randomly (stuck).
 49290 | Lair:2   | 49290 ||| Stepping randomly (stuck).
 49291 | Lair:2   | 49291 ||| Stepping randomly (stuck).
 49292 | Lair:2   | 49292 ||| Stepping randomly (stuck).
 49293 | Lair:2   | 49293 ||| Stepping randomly (stuck).
 49294 | Lair:2   | 49294 ||| Stepping randomly (stuck).
 49295 | Lair:2   | 49295 ||| Stepping randomly (stuck).
 49296 | Lair:2   | 49296 ||| Stepping randomly (stuck).
 49297 | Lair:2   | 49297 ||| Stepping randomly (stuck).
 49298 | Lair:2   | 49298 ||| Stepping randomly (stuck).
 49299 | Lair:2   | 49299 ||| Stepping randomly (stuck).
 49300 | Lair:2   | 49300 ||| Stepping randomly (stuck).
 49301 | Lair:2   | 49301 ||| Stepping randomly (stuck).
 49302 | Lair:2   | 49302 ||| Stepping randomly (stuck).
 49303 | Lair:2   | 49303 ||| Stepping randomly (stuck).
 49304 | Lair:2   | 49304 ||| Stepping randomly (stuck).
 49305 | Lair:2   | 49305 ||| Stepping randomly (stuck).
 49306 | Lair:2   | 49306 ||| Stepping randomly (stuck).
 49307 | Lair:2   | 49307 ||| Stepping randomly (stuck).
 49308 | Lair:2   | 49308 ||| Stepping randomly (stuck).
 49309 | Lair:2   | 49309 ||| Stepping randomly (stuck).
 49310 | Lair:2   | 49310 ||| Stepping randomly (stuck).
 49311 | Lair:2   | 49311 ||| Stepping randomly (stuck).
 49312 | Lair:2   | 49312 ||| Stepping randomly (stuck).
 49313 | Lair:2   | 49313 ||| Stepping randomly (stuck).
 49314 | Lair:2   | 49314 ||| Stepping randomly (stuck).
 49315 | Lair:2   | 49315 ||| Stepping randomly (stuck).
 49316 | Lair:2   | 49316 ||| Stepping randomly (stuck).
 49317 | Lair:2   | 49317 ||| Stepping randomly (stuck).
 49318 | Lair:2   | 49318 ||| Stepping randomly (stuck).
 49319 | Lair:2   | 49319 ||| Stepping randomly (stuck).
 49320 | Lair:2   | 49320 ||| Stepping randomly (stuck).
 49321 | Lair:2   | 49321 ||| Stepping randomly (stuck).
 49322 | Lair:2   | 49322 ||| Stepping randomly (stuck).
 49323 | Lair:2   | 49323 ||| Stepping randomly (stuck).
 49324 | Lair:2   | 49324 ||| Stepping randomly (stuck).
 49325 | Lair:2   | 49325 ||| Stepping randomly (stuck).
 49326 | Lair:2   | 49326 ||| Stepping randomly (stuck).
 49327 | Lair:2   | 49327 ||| Stepping randomly (stuck).
 49328 | Lair:2   | 49328 ||| Stepping randomly (stuck).
 49329 | Lair:2   | 49329 ||| Stepping randomly (stuck).
 49330 | Lair:2   | 49330 ||| Stepping randomly (stuck).
 49331 | Lair:2   | 49331 ||| Stepping randomly (stuck).
 49332 | Lair:2   | 49332 ||| Stepping randomly (stuck).
 49333 | Lair:2   | 49333 ||| Stepping randomly (stuck).
 49334 | Lair:2   | 49334 ||| Stepping randomly (stuck).
 49335 | Lair:2   | 49335 ||| Stepping randomly (stuck).
 49336 | Lair:2   | 49336 ||| Stepping randomly (stuck).
 49337 | Lair:2   | 49337 ||| Stepping randomly (stuck).
 49338 | Lair:2   | 49338 ||| Stepping randomly (stuck).
 49339 | Lair:2   | 49339 ||| Stepping randomly (stuck).
 49340 | Lair:2   | 49340 ||| Stepping randomly (stuck).
 49341 | Lair:2   | 49341 ||| Stepping randomly (stuck).
 49342 | Lair:2   | 49342 ||| Stepping randomly (stuck).
 49343 | Lair:2   | 49343 ||| Stepping randomly (stuck).
 49344 | Lair:2   | 49344 ||| Stepping randomly (stuck).
 49345 | Lair:2   | 49345 ||| Stepping randomly (stuck).
 49346 | Lair:2   | 49346 ||| Stepping randomly (stuck).
 49347 | Lair:2   | 49347 ||| Stepping randomly (stuck).
 49348 | Lair:2   | 49348 ||| Stepping randomly (stuck).
 49349 | Lair:2   | 49349 ||| Stepping randomly (stuck).
 49350 | Lair:2   | 49350 ||| Stepping randomly (stuck).
 49351 | Lair:2   | 49351 ||| Stepping randomly (stuck).
 49352 | Lair:2   | 49352 ||| Stepping randomly (stuck).
 49353 | Lair:2   | 49353 ||| Stepping randomly (stuck).
 49354 | Lair:2   | 49354 ||| Stepping randomly (stuck).
 49355 | Lair:2   | 49355 ||| Stepping randomly (stuck).
 49356 | Lair:2   | 49356 ||| Stepping randomly (stuck).
 49357 | Lair:2   | 49357 ||| Stepping randomly (stuck).
 49358 | Lair:2   | 49358 ||| Stepping randomly (stuck).
 49359 | Lair:2   | 49359 ||| Stepping randomly (stuck).
 49360 | Lair:2   | 49360 ||| Stepping randomly (stuck).
 49361 | Lair:2   | 49361 ||| Stepping randomly (stuck).
 49362 | Lair:2   | 49362 ||| Stepping randomly (stuck).
 49363 | Lair:2   | 49363 ||| Stepping randomly (stuck).
 49364 | Lair:2   | 49364 ||| Stepping randomly (stuck).
 49365 | Lair:2   | 49365 ||| Stepping randomly (stuck).
 49366 | Lair:2   | 49366 ||| Stepping randomly (stuck).
 49367 | Lair:2   | 49367 ||| Stepping randomly (stuck).
 49368 | Lair:2   | 49368 ||| Stepping randomly (stuck).
 49369 | Lair:2   | 49369 ||| Stepping randomly (stuck).
 49370 | Lair:2   | 49370 ||| Stepping randomly (stuck).
 49371 | Lair:2   | 49371 ||| Stepping randomly (stuck).
 49372 | Lair:2   | 49372 ||| Stepping randomly (stuck).
 49373 | Lair:2   | 49373 ||| Stepping randomly (stuck).
 49374 | Lair:2   | 49374 ||| Stepping randomly (stuck).
 49375 | Lair:2   | 49375 ||| Stepping randomly (stuck).
 49376 | Lair:2   | 49376 ||| Stepping randomly (stuck).
 49377 | Lair:2   | 49377 ||| Stepping randomly (stuck).
 49378 | Lair:2   | 49378 ||| Stepping randomly (stuck).
 49379 | Lair:2   | 49379 ||| Stepping randomly (stuck).
 49380 | Lair:2   | 49380 ||| Stepping randomly (stuck).
 49381 | Lair:2   | 49381 ||| Stepping randomly (stuck).
 49382 | Lair:2   | 49382 ||| Stepping randomly (stuck).
 49383 | Lair:2   | 49383 ||| Stepping randomly (stuck).
 49384 | Lair:2   | 49384 ||| Stepping randomly (stuck).
 49385 | Lair:2   | 49385 ||| Stepping randomly (stuck).
 49386 | Lair:2   | 49386 ||| Stepping randomly (stuck).
 49387 | Lair:2   | 49387 ||| Stepping randomly (stuck).
 49388 | Lair:2   | 49388 ||| Stepping randomly (stuck).
 49389 | Lair:2   | 49389 ||| Stepping randomly (stuck).
 49390 | Lair:2   | 49390 ||| Stepping randomly (stuck).
 49391 | Lair:2   | 49391 ||| Stepping randomly (stuck).
 49391 | Lair:2   | Glimpsed the power of Zot.
 49392 | Lair:2   | 49392 ||| Stepping randomly (stuck).
 49393 | Lair:2   | 49393 ||| Stepping randomly (stuck).
 49394 | Lair:2   | 49394 ||| Stepping randomly (stuck).
 49395 | Lair:2   | 49395 ||| Stepping randomly (stuck).
 49396 | Lair:2   | 49396 ||| Stepping randomly (stuck).
 49397 | Lair:2   | 49397 ||| Stepping randomly (stuck).
 49398 | Lair:2   | 49398 ||| Stepping randomly (stuck).
 49399 | Lair:2   | 49399 ||| Stepping randomly (stuck).
 49400 | Lair:2   | 49400 ||| Stepping randomly (stuck).
 49401 | Lair:2   | 49401 ||| Stepping randomly (stuck).
 49402 | Lair:2   | 49402 ||| Stepping randomly (stuck).
 49403 | Lair:2   | 49403 ||| Stepping randomly (stuck).
 49404 | Lair:2   | 49404 ||| Stepping randomly (stuck).
 49405 | Lair:2   | 49405 ||| Stepping randomly (stuck).
 49406 | Lair:2   | 49406 ||| Stepping randomly (stuck).
 49407 | Lair:2   | 49407 ||| Stepping randomly (stuck).
 49408 | Lair:2   | 49408 ||| Stepping randomly (stuck).
 49409 | Lair:2   | 49409 ||| Stepping randomly (stuck).
 49410 | Lair:2   | 49410 ||| Stepping randomly (stuck).
 49411 | Lair:2   | 49411 ||| Stepping randomly (stuck).
 49412 | Lair:2   | 49412 ||| Stepping randomly (stuck).
 49413 | Lair:2   | 49413 ||| Stepping randomly (stuck).
 49414 | Lair:2   | 49414 ||| Stepping randomly (stuck).
 49415 | Lair:2   | 49415 ||| Stepping randomly (stuck).
 49416 | Lair:2   | 49416 ||| Stepping randomly (stuck).
 49417 | Lair:2   | 49417 ||| Stepping randomly (stuck).
 49418 | Lair:2   | 49418 ||| Stepping randomly (stuck).
 49419 | Lair:2   | 49419 ||| Stepping randomly (stuck).
 49420 | Lair:2   | 49420 ||| Stepping randomly (stuck).
 49421 | Lair:2   | 49421 ||| Stepping randomly (stuck).
 49422 | Lair:2   | 49422 ||| Stepping randomly (stuck).
 49423 | Lair:2   | 49423 ||| Stepping randomly (stuck).
 49424 | Lair:2   | 49424 ||| Stepping randomly (stuck).
 49425 | Lair:2   | 49425 ||| Stepping randomly (stuck).
 49426 | Lair:2   | 49426 ||| Stepping randomly (stuck).
 49427 | Lair:2   | 49427 ||| Stepping randomly (stuck).
 49428 | Lair:2   | 49428 ||| Stepping randomly (stuck).
 49429 | Lair:2   | 49429 ||| Stepping randomly (stuck).
 49430 | Lair:2   | 49430 ||| Stepping randomly (stuck).
 49431 | Lair:2   | 49431 ||| Stepping randomly (stuck).
 49432 | Lair:2   | 49432 ||| Stepping randomly (stuck).
 49433 | Lair:2   | 49433 ||| Stepping randomly (stuck).
 49434 | Lair:2   | 49434 ||| Stepping randomly (stuck).
 49435 | Lair:2   | 49435 ||| Stepping randomly (stuck).
 49436 | Lair:2   | 49436 ||| Stepping randomly (stuck).
 49437 | Lair:2   | 49437 ||| Stepping randomly (stuck).
 49438 | Lair:2   | 49438 ||| Stepping randomly (stuck).
 49439 | Lair:2   | 49439 ||| Stepping randomly (stuck).
 49440 | Lair:2   | 49440 ||| Stepping randomly (stuck).
 49441 | Lair:2   | 49441 ||| Stepping randomly (stuck).
 49442 | Lair:2   | 49442 ||| Stepping randomly (stuck).
 49443 | Lair:2   | 49443 ||| Stepping randomly (stuck).
 49444 | Lair:2   | 49444 ||| Stepping randomly (stuck).
 49445 | Lair:2   | 49445 ||| Stepping randomly (stuck).
 49446 | Lair:2   | 49446 ||| Stepping randomly (stuck).
 49447 | Lair:2   | 49447 ||| Stepping randomly (stuck).
 49448 | Lair:2   | 49448 ||| Stepping randomly (stuck).
 49449 | Lair:2   | 49449 ||| Stepping randomly (stuck).
 49450 | Lair:2   | 49450 ||| Stepping randomly (stuck).
 49451 | Lair:2   | 49451 ||| Stepping randomly (stuck).
 49452 | Lair:2   | 49452 ||| Stepping randomly (stuck).
 49453 | Lair:2   | 49453 ||| Stepping randomly (stuck).
 49454 | Lair:2   | 49454 ||| Stepping randomly (stuck).
 49455 | Lair:2   | 49455 ||| Stepping randomly (stuck).
 49456 | Lair:2   | 49456 ||| Stepping randomly (stuck).
 49457 | Lair:2   | 49457 ||| Stepping randomly (stuck).
 49458 | Lair:2   | 49458 ||| Stepping randomly (stuck).
 49459 | Lair:2   | 49459 ||| Stepping randomly (stuck).
 49460 | Lair:2   | 49460 ||| Stepping randomly (stuck).
 49461 | Lair:2   | 49461 ||| Stepping randomly (stuck).
 49462 | Lair:2   | 49462 ||| Stepping randomly (stuck).
 49463 | Lair:2   | 49463 ||| Stepping randomly (stuck).
 49464 | Lair:2   | 49464 ||| Stepping randomly (stuck).
 49465 | Lair:2   | 49465 ||| Stepping randomly (stuck).
 49466 | Lair:2   | 49466 ||| Stepping randomly (stuck).
 49467 | Lair:2   | 49467 ||| Stepping randomly (stuck).
 49468 | Lair:2   | 49468 ||| Stepping randomly (stuck).
 49469 | Lair:2   | 49469 ||| Stepping randomly (stuck).
 49470 | Lair:2   | 49470 ||| Stepping randomly (stuck).
 49471 | Lair:2   | 49471 ||| Stepping randomly (stuck).
 49472 | Lair:2   | 49472 ||| Stepping randomly (stuck).
 49473 | Lair:2   | 49473 ||| Stepping randomly (stuck).
 49474 | Lair:2   | 49474 ||| Stepping randomly (stuck).
 49475 | Lair:2   | 49475 ||| Stepping randomly (stuck).
 49476 | Lair:2   | 49476 ||| Stepping randomly (stuck).
 49477 | Lair:2   | 49477 ||| Stepping randomly (stuck).
 49478 | Lair:2   | 49478 ||| Stepping randomly (stuck).
 49479 | Lair:2   | 49479 ||| Stepping randomly (stuck).
 49480 | Lair:2   | 49480 ||| Stepping randomly (stuck).
 49481 | Lair:2   | 49481 ||| Stepping randomly (stuck).
 49482 | Lair:2   | 49482 ||| Stepping randomly (stuck).
 49483 | Lair:2   | 49483 ||| Stepping randomly (stuck).
 49484 | Lair:2   | 49484 ||| Stepping randomly (stuck).
 49485 | Lair:2   | 49485 ||| Stepping randomly (stuck).
 49486 | Lair:2   | 49486 ||| Stepping randomly (stuck).
 49487 | Lair:2   | 49487 ||| Stepping randomly (stuck).
 49488 | Lair:2   | 49488 ||| Stepping randomly (stuck).
 49489 | Lair:2   | 49489 ||| Stepping randomly (stuck).
 49490 | Lair:2   | 49490 ||| Stepping randomly (stuck).
 49491 | Lair:2   | 49491 ||| Stepping randomly (stuck).
 49492 | Lair:2   | 49492 ||| Stepping randomly (stuck).
 49493 | Lair:2   | 49493 ||| Stepping randomly (stuck).
 49494 | Lair:2   | 49494 ||| Stepping randomly (stuck).
 49495 | Lair:2   | 49495 ||| Stepping randomly (stuck).
 49496 | Lair:2   | 49496 ||| Stepping randomly (stuck).
 49497 | Lair:2   | 49497 ||| Stepping randomly (stuck).
 49498 | Lair:2   | 49498 ||| Stepping randomly (stuck).
 49499 | Lair:2   | 49499 ||| Stepping randomly (stuck).
 49500 | Lair:2   | 49500 ||| Stepping randomly (stuck).
 49501 | Lair:2   | 49501 ||| Stepping randomly (stuck).
 49502 | Lair:2   | 49502 ||| Stepping randomly (stuck).
 49503 | Lair:2   | 49503 ||| Stepping randomly (stuck).
 49504 | Lair:2   | 49504 ||| Stepping randomly (stuck).
 49505 | Lair:2   | 49505 ||| Stepping randomly (stuck).
 49506 | Lair:2   | 49506 ||| Stepping randomly (stuck).
 49507 | Lair:2   | 49507 ||| Stepping randomly (stuck).
 49508 | Lair:2   | 49508 ||| Stepping randomly (stuck).
 49509 | Lair:2   | 49509 ||| Stepping randomly (stuck).
 49510 | Lair:2   | 49510 ||| Stepping randomly (stuck).
 49511 | Lair:2   | 49511 ||| Stepping randomly (stuck).
 49512 | Lair:2   | 49512 ||| Stepping randomly (stuck).
 49513 | Lair:2   | 49513 ||| Stepping randomly (stuck).
 49514 | Lair:2   | 49514 ||| Stepping randomly (stuck).
 49515 | Lair:2   | 49515 ||| Stepping randomly (stuck).
 49516 | Lair:2   | 49516 ||| Stepping randomly (stuck).
 49517 | Lair:2   | 49517 ||| Stepping randomly (stuck).
 49518 | Lair:2   | 49518 ||| Stepping randomly (stuck).
 49519 | Lair:2   | 49519 ||| Stepping randomly (stuck).
 49520 | Lair:2   | 49520 ||| Stepping randomly (stuck).
 49521 | Lair:2   | 49521 ||| Stepping randomly (stuck).
 49522 | Lair:2   | 49522 ||| Stepping randomly (stuck).
 49523 | Lair:2   | 49523 ||| Stepping randomly (stuck).
 49524 | Lair:2   | 49524 ||| Stepping randomly (stuck).
 49525 | Lair:2   | 49525 ||| Stepping randomly (stuck).
 49526 | Lair:2   | 49526 ||| Stepping randomly (stuck).
 49527 | Lair:2   | 49527 ||| Stepping randomly (stuck).
 49528 | Lair:2   | 49528 ||| Stepping randomly (stuck).
 49529 | Lair:2   | 49529 ||| Stepping randomly (stuck).
 49530 | Lair:2   | 49530 ||| Stepping randomly (stuck).
 49531 | Lair:2   | 49531 ||| Stepping randomly (stuck).
 49532 | Lair:2   | 49532 ||| Stepping randomly (stuck).
 49533 | Lair:2   | 49533 ||| Stepping randomly (stuck).
 49534 | Lair:2   | 49534 ||| Stepping randomly (stuck).
 49535 | Lair:2   | 49535 ||| Stepping randomly (stuck).
 49536 | Lair:2   | 49536 ||| Stepping randomly (stuck).
 49537 | Lair:2   | 49537 ||| Stepping randomly (stuck).
 49538 | Lair:2   | 49538 ||| Stepping randomly (stuck).
 49539 | Lair:2   | 49539 ||| Stepping randomly (stuck).
 49540 | Lair:2   | 49540 ||| Stepping randomly (stuck).
 49541 | Lair:2   | 49541 ||| Stepping randomly (stuck).
 49542 | Lair:2   | 49542 ||| Stepping randomly (stuck).
 49543 | Lair:2   | 49543 ||| Stepping randomly (stuck).
 49544 | Lair:2   | 49544 ||| Stepping randomly (stuck).
 49545 | Lair:2   | 49545 ||| Stepping randomly (stuck).
 49546 | Lair:2   | 49546 ||| Stepping randomly (stuck).
 49547 | Lair:2   | 49547 ||| Stepping randomly (stuck).
 49548 | Lair:2   | 49548 ||| Stepping randomly (stuck).
 49549 | Lair:2   | 49549 ||| Stepping randomly (stuck).
 49550 | Lair:2   | 49550 ||| Stepping randomly (stuck).
 49551 | Lair:2   | 49551 ||| Stepping randomly (stuck).
 49552 | Lair:2   | 49552 ||| Stepping randomly (stuck).
 49553 | Lair:2   | 49553 ||| Stepping randomly (stuck).
 49554 | Lair:2   | 49554 ||| Stepping randomly (stuck).
 49555 | Lair:2   | 49555 ||| Stepping randomly (stuck).
 49556 | Lair:2   | 49556 ||| Stepping randomly (stuck).
 49557 | Lair:2   | 49557 ||| Stepping randomly (stuck).
 49558 | Lair:2   | 49558 ||| Stepping randomly (stuck).
 49559 | Lair:2   | 49559 ||| Stepping randomly (stuck).
 49560 | Lair:2   | 49560 ||| Stepping randomly (stuck).
 49561 | Lair:2   | 49561 ||| Stepping randomly (stuck).
 49562 | Lair:2   | 49562 ||| Stepping randomly (stuck).
 49563 | Lair:2   | 49563 ||| Stepping randomly (stuck).
 49564 | Lair:2   | 49564 ||| Stepping randomly (stuck).
 49565 | Lair:2   | 49565 ||| Stepping randomly (stuck).
 49566 | Lair:2   | 49566 ||| Stepping randomly (stuck).
 49567 | Lair:2   | 49567 ||| Stepping randomly (stuck).
 49568 | Lair:2   | 49568 ||| Stepping randomly (stuck).
 49569 | Lair:2   | 49569 ||| Stepping randomly (stuck).
 49570 | Lair:2   | 49570 ||| Stepping randomly (stuck).
 49571 | Lair:2   | 49571 ||| Stepping randomly (stuck).
 49572 | Lair:2   | 49572 ||| Stepping randomly (stuck).
 49573 | Lair:2   | 49573 ||| Stepping randomly (stuck).
 49574 | Lair:2   | 49574 ||| Stepping randomly (stuck).
 49575 | Lair:2   | 49575 ||| Stepping randomly (stuck).
 49576 | Lair:2   | 49576 ||| Stepping randomly (stuck).
 49577 | Lair:2   | 49577 ||| Stepping randomly (stuck).
 49578 | Lair:2   | 49578 ||| Stepping randomly (stuck).
 49579 | Lair:2   | 49579 ||| Stepping randomly (stuck).
 49580 | Lair:2   | 49580 ||| Stepping randomly (stuck).
 49581 | Lair:2   | 49581 ||| Stepping randomly (stuck).
 49582 | Lair:2   | 49582 ||| Stepping randomly (stuck).
 49583 | Lair:2   | 49583 ||| Stepping randomly (stuck).
 49584 | Lair:2   | 49584 ||| Stepping randomly (stuck).
 49585 | Lair:2   | 49585 ||| Stepping randomly (stuck).
 49586 | Lair:2   | 49586 ||| Stepping randomly (stuck).
 49587 | Lair:2   | 49587 ||| Stepping randomly (stuck).
 49588 | Lair:2   | 49588 ||| Stepping randomly (stuck).
 49589 | Lair:2   | 49589 ||| Stepping randomly (stuck).
 49590 | Lair:2   | 49590 ||| Stepping randomly (stuck).
 49591 | Lair:2   | 49591 ||| Stepping randomly (stuck).
 49592 | Lair:2   | 49592 ||| Stepping randomly (stuck).
 49593 | Lair:2   | 49593 ||| Stepping randomly (stuck).
 49594 | Lair:2   | 49594 ||| Stepping randomly (stuck).
 49595 | Lair:2   | 49595 ||| Stepping randomly (stuck).
 49596 | Lair:2   | 49596 ||| Stepping randomly (stuck).
 49597 | Lair:2   | 49597 ||| Stepping randomly (stuck).
 49598 | Lair:2   | 49598 ||| Stepping randomly (stuck).
 49599 | Lair:2   | 49599 ||| Stepping randomly (stuck).
 49600 | Lair:2   | 49600 ||| Stepping randomly (stuck).
 49601 | Lair:2   | 49601 ||| Stepping randomly (stuck).
 49602 | Lair:2   | 49602 ||| Stepping randomly (stuck).
 49603 | Lair:2   | 49603 ||| Stepping randomly (stuck).
 49604 | Lair:2   | 49604 ||| Stepping randomly (stuck).
 49605 | Lair:2   | 49605 ||| Stepping randomly (stuck).
 49606 | Lair:2   | 49606 ||| Stepping randomly (stuck).
 49607 | Lair:2   | 49607 ||| Stepping randomly (stuck).
 49608 | Lair:2   | 49608 ||| Stepping randomly (stuck).
 49609 | Lair:2   | 49609 ||| Stepping randomly (stuck).
 49610 | Lair:2   | 49610 ||| Stepping randomly (stuck).
 49611 | Lair:2   | 49611 ||| Stepping randomly (stuck).
 49612 | Lair:2   | 49612 ||| Stepping randomly (stuck).
 49613 | Lair:2   | 49613 ||| Stepping randomly (stuck).
 49614 | Lair:2   | 49614 ||| Stepping randomly (stuck).
 49615 | Lair:2   | 49615 ||| Stepping randomly (stuck).
 49616 | Lair:2   | 49616 ||| Stepping randomly (stuck).
 49617 | Lair:2   | 49617 ||| Stepping randomly (stuck).
 49618 | Lair:2   | 49618 ||| Stepping randomly (stuck).
 49619 | Lair:2   | 49619 ||| Stepping randomly (stuck).
 49620 | Lair:2   | 49620 ||| Stepping randomly (stuck).
 49621 | Lair:2   | 49621 ||| Stepping randomly (stuck).
 49622 | Lair:2   | 49622 ||| Stepping randomly (stuck).
 49623 | Lair:2   | 49623 ||| Stepping randomly (stuck).
 49624 | Lair:2   | 49624 ||| Stepping randomly (stuck).
 49625 | Lair:2   | 49625 ||| Stepping randomly (stuck).
 49626 | Lair:2   | 49626 ||| Stepping randomly (stuck).
 49627 | Lair:2   | 49627 ||| Stepping randomly (stuck).
 49628 | Lair:2   | 49628 ||| Stepping randomly (stuck).
 49629 | Lair:2   | 49629 ||| Stepping randomly (stuck).
 49630 | Lair:2   | 49630 ||| Stepping randomly (stuck).
 49631 | Lair:2   | 49631 ||| Stepping randomly (stuck).
 49632 | Lair:2   | 49632 ||| Stepping randomly (stuck).
 49633 | Lair:2   | 49633 ||| Stepping randomly (stuck).
 49634 | Lair:2   | 49634 ||| Stepping randomly (stuck).
 49635 | Lair:2   | 49635 ||| Stepping randomly (stuck).
 49636 | Lair:2   | 49636 ||| Stepping randomly (stuck).
 49637 | Lair:2   | 49637 ||| Stepping randomly (stuck).
 49638 | Lair:2   | 49638 ||| Stepping randomly (stuck).
 49639 | Lair:2   | 49639 ||| Stepping randomly (stuck).
 49640 | Lair:2   | 49640 ||| Stepping randomly (stuck).
 49641 | Lair:2   | 49641 ||| Stepping randomly (stuck).
 49642 | Lair:2   | 49642 ||| Stepping randomly (stuck).
 49643 | Lair:2   | 49643 ||| Stepping randomly (stuck).
 49644 | Lair:2   | 49644 ||| Stepping randomly (stuck).
 49645 | Lair:2   | 49645 ||| Stepping randomly (stuck).
 49646 | Lair:2   | 49646 ||| Stepping randomly (stuck).
 49647 | Lair:2   | 49647 ||| Stepping randomly (stuck).
 49648 | Lair:2   | 49648 ||| Stepping randomly (stuck).
 49649 | Lair:2   | 49649 ||| Stepping randomly (stuck).
 49650 | Lair:2   | 49650 ||| Stepping randomly (stuck).
 49651 | Lair:2   | 49651 ||| Stepping randomly (stuck).
 49652 | Lair:2   | 49652 ||| Stepping randomly (stuck).
 49653 | Lair:2   | 49653 ||| Stepping randomly (stuck).
 49654 | Lair:2   | 49654 ||| Stepping randomly (stuck).
 49655 | Lair:2   | 49655 ||| Stepping randomly (stuck).
 49656 | Lair:2   | 49656 ||| Stepping randomly (stuck).
 49657 | Lair:2   | 49657 ||| Stepping randomly (stuck).
 49658 | Lair:2   | 49658 ||| Stepping randomly (stuck).
 49659 | Lair:2   | 49659 ||| Stepping randomly (stuck).
 49660 | Lair:2   | 49660 ||| Stepping randomly (stuck).
 49661 | Lair:2   | 49661 ||| Stepping randomly (stuck).
 49662 | Lair:2   | 49662 ||| Stepping randomly (stuck).
 49663 | Lair:2   | 49663 ||| Stepping randomly (stuck).
 49664 | Lair:2   | 49664 ||| Stepping randomly (stuck).
 49665 | Lair:2   | 49665 ||| Stepping randomly (stuck).
 49666 | Lair:2   | 49666 ||| Stepping randomly (stuck).
 49667 | Lair:2   | 49667 ||| Stepping randomly (stuck).
 49668 | Lair:2   | 49668 ||| Stepping randomly (stuck).
 49669 | Lair:2   | 49669 ||| Stepping randomly (stuck).
 49670 | Lair:2   | 49670 ||| Stepping randomly (stuck).
 49671 | Lair:2   | 49671 ||| Stepping randomly (stuck).
 49672 | Lair:2   | 49672 ||| Stepping randomly (stuck).
 49673 | Lair:2   | 49673 ||| Stepping randomly (stuck).
 49674 | Lair:2   | 49674 ||| Stepping randomly (stuck).
 49675 | Lair:2   | 49675 ||| Stepping randomly (stuck).
 49676 | Lair:2   | 49676 ||| Stepping randomly (stuck).
 49677 | Lair:2   | 49677 ||| Stepping randomly (stuck).
 49678 | Lair:2   | 49678 ||| Stepping randomly (stuck).
 49679 | Lair:2   | 49679 ||| Stepping randomly (stuck).
 49680 | Lair:2   | 49680 ||| Stepping randomly (stuck).
 49681 | Lair:2   | 49681 ||| Stepping randomly (stuck).
 49682 | Lair:2   | 49682 ||| Stepping randomly (stuck).
 49683 | Lair:2   | 49683 ||| Stepping randomly (stuck).
 49684 | Lair:2   | 49684 ||| Stepping randomly (stuck).
 49685 | Lair:2   | 49685 ||| Stepping randomly (stuck).
 49686 | Lair:2   | 49686 ||| Stepping randomly (stuck).
 49687 | Lair:2   | 49687 ||| Stepping randomly (stuck).
 49688 | Lair:2   | 49688 ||| Stepping randomly (stuck).
 49689 | Lair:2   | 49689 ||| Stepping randomly (stuck).
 49690 | Lair:2   | 49690 ||| Stepping randomly (stuck).
 49691 | Lair:2   | 49691 ||| Stepping randomly (stuck).
 49692 | Lair:2   | 49692 ||| Stepping randomly (stuck).
 49693 | Lair:2   | 49693 ||| Stepping randomly (stuck).
 49694 | Lair:2   | 49694 ||| Stepping randomly (stuck).
 49695 | Lair:2   | 49695 ||| Stepping randomly (stuck).
 49696 | Lair:2   | 49696 ||| Stepping randomly (stuck).
 49697 | Lair:2   | 49697 ||| Stepping randomly (stuck).
 49698 | Lair:2   | 49698 ||| Stepping randomly (stuck).
 49699 | Lair:2   | 49699 ||| Stepping randomly (stuck).
 49700 | Lair:2   | 49700 ||| Stepping randomly (stuck).
 49701 | Lair:2   | 49701 ||| Stepping randomly (stuck).
 49702 | Lair:2   | 49702 ||| Stepping randomly (stuck).
 49703 | Lair:2   | 49703 ||| Stepping randomly (stuck).
 49704 | Lair:2   | 49704 ||| Stepping randomly (stuck).
 49705 | Lair:2   | 49705 ||| Stepping randomly (stuck).
 49706 | Lair:2   | 49706 ||| Stepping randomly (stuck).
 49707 | Lair:2   | 49707 ||| Stepping randomly (stuck).
 49708 | Lair:2   | 49708 ||| Stepping randomly (stuck).
 49709 | Lair:2   | 49709 ||| Stepping randomly (stuck).
 49710 | Lair:2   | 49710 ||| Stepping randomly (stuck).
 49711 | Lair:2   | 49711 ||| Stepping randomly (stuck).
 49712 | Lair:2   | 49712 ||| Stepping randomly (stuck).
 49713 | Lair:2   | 49713 ||| Stepping randomly (stuck).
 49714 | Lair:2   | 49714 ||| Stepping randomly (stuck).
 49715 | Lair:2   | 49715 ||| Stepping randomly (stuck).
 49716 | Lair:2   | 49716 ||| Stepping randomly (stuck).
 49717 | Lair:2   | 49717 ||| Stepping randomly (stuck).
 49718 | Lair:2   | 49718 ||| Stepping randomly (stuck).
 49719 | Lair:2   | 49719 ||| Stepping randomly (stuck).
 49720 | Lair:2   | 49720 ||| Stepping randomly (stuck).
 49721 | Lair:2   | 49721 ||| Stepping randomly (stuck).
 49722 | Lair:2   | 49722 ||| Stepping randomly (stuck).
 49723 | Lair:2   | 49723 ||| Stepping randomly (stuck).
 49724 | Lair:2   | 49724 ||| Stepping randomly (stuck).
 49725 | Lair:2   | 49725 ||| Stepping randomly (stuck).
 49726 | Lair:2   | 49726 ||| Stepping randomly (stuck).
 49727 | Lair:2   | 49727 ||| Stepping randomly (stuck).
 49728 | Lair:2   | 49728 ||| Stepping randomly (stuck).
 49729 | Lair:2   | 49729 ||| Stepping randomly (stuck).
 49730 | Lair:2   | 49730 ||| Stepping randomly (stuck).
 49731 | Lair:2   | 49731 ||| Stepping randomly (stuck).
 49732 | Lair:2   | 49732 ||| Stepping randomly (stuck).
 49733 | Lair:2   | 49733 ||| Stepping randomly (stuck).
 49734 | Lair:2   | 49734 ||| Stepping randomly (stuck).
 49735 | Lair:2   | 49735 ||| Stepping randomly (stuck).
 49736 | Lair:2   | 49736 ||| Stepping randomly (stuck).
 49737 | Lair:2   | 49737 ||| Stepping randomly (stuck).
 49738 | Lair:2   | 49738 ||| Stepping randomly (stuck).
 49739 | Lair:2   | 49739 ||| Stepping randomly (stuck).
 49740 | Lair:2   | 49740 ||| Stepping randomly (stuck).
 49741 | Lair:2   | 49741 ||| Stepping randomly (stuck).
 49742 | Lair:2   | 49742 ||| Stepping randomly (stuck).
 49743 | Lair:2   | 49743 ||| Stepping randomly (stuck).
 49744 | Lair:2   | 49744 ||| Stepping randomly (stuck).
 49745 | Lair:2   | 49745 ||| Stepping randomly (stuck).
 49746 | Lair:2   | 49746 ||| Stepping randomly (stuck).
 49747 | Lair:2   | 49747 ||| Stepping randomly (stuck).
 49748 | Lair:2   | 49748 ||| Stepping randomly (stuck).
 49749 | Lair:2   | 49749 ||| Stepping randomly (stuck).
 49750 | Lair:2   | 49750 ||| Stepping randomly (stuck).
 49751 | Lair:2   | 49751 ||| Stepping randomly (stuck).
 49752 | Lair:2   | 49752 ||| Stepping randomly (stuck).
 49753 | Lair:2   | 49753 ||| Stepping randomly (stuck).
 49754 | Lair:2   | 49754 ||| Stepping randomly (stuck).
 49755 | Lair:2   | 49755 ||| Stepping randomly (stuck).
 49756 | Lair:2   | 49756 ||| Stepping randomly (stuck).
 49757 | Lair:2   | 49757 ||| Stepping randomly (stuck).
 49758 | Lair:2   | 49758 ||| Stepping randomly (stuck).
 49759 | Lair:2   | 49759 ||| Stepping randomly (stuck).
 49760 | Lair:2   | 49760 ||| Stepping randomly (stuck).
 49761 | Lair:2   | 49761 ||| Stepping randomly (stuck).
 49762 | Lair:2   | 49762 ||| Stepping randomly (stuck).
 49763 | Lair:2   | 49763 ||| Stepping randomly (stuck).
 49764 | Lair:2   | 49764 ||| Stepping randomly (stuck).
 49765 | Lair:2   | 49765 ||| Stepping randomly (stuck).
 49766 | Lair:2   | 49766 ||| Stepping randomly (stuck).
 49767 | Lair:2   | 49767 ||| Stepping randomly (stuck).
 49768 | Lair:2   | 49768 ||| Stepping randomly (stuck).
 49769 | Lair:2   | 49769 ||| Stepping randomly (stuck).
 49770 | Lair:2   | 49770 ||| Stepping randomly (stuck).
 49771 | Lair:2   | 49771 ||| Stepping randomly (stuck).
 49772 | Lair:2   | 49772 ||| Stepping randomly (stuck).
 49773 | Lair:2   | 49773 ||| Stepping randomly (stuck).
 49774 | Lair:2   | 49774 ||| Stepping randomly (stuck).
 49775 | Lair:2   | 49775 ||| Stepping randomly (stuck).
 49776 | Lair:2   | 49776 ||| Stepping randomly (stuck).
 49777 | Lair:2   | 49777 ||| Stepping randomly (stuck).
 49778 | Lair:2   | 49778 ||| Stepping randomly (stuck).
 49779 | Lair:2   | 49779 ||| Stepping randomly (stuck).
 49780 | Lair:2   | 49780 ||| Stepping randomly (stuck).
 49781 | Lair:2   | 49781 ||| Stepping randomly (stuck).
 49782 | Lair:2   | 49782 ||| Stepping randomly (stuck).
 49783 | Lair:2   | 49783 ||| Stepping randomly (stuck).
 49784 | Lair:2   | 49784 ||| Stepping randomly (stuck).
 49785 | Lair:2   | 49785 ||| Stepping randomly (stuck).
 49786 | Lair:2   | 49786 ||| Stepping randomly (stuck).
 49787 | Lair:2   | 49787 ||| Stepping randomly (stuck).
 49788 | Lair:2   | 49788 ||| Stepping randomly (stuck).
 49789 | Lair:2   | 49789 ||| Stepping randomly (stuck).
 49790 | Lair:2   | 49790 ||| Stepping randomly (stuck).
 49791 | Lair:2   | 49791 ||| Stepping randomly (stuck).
 49791 | Lair:2   | Glimpsed the power of Zot.
 49792 | Lair:2   | 49792 ||| Stepping randomly (stuck).
 49793 | Lair:2   | 49793 ||| Stepping randomly (stuck).
 49794 | Lair:2   | 49794 ||| Stepping randomly (stuck).
 49795 | Lair:2   | 49795 ||| Stepping randomly (stuck).
 49796 | Lair:2   | 49796 ||| Stepping randomly (stuck).
 49797 | Lair:2   | 49797 ||| Stepping randomly (stuck).
 49798 | Lair:2   | 49798 ||| Stepping randomly (stuck).
 49799 | Lair:2   | 49799 ||| Stepping randomly (stuck).
 49800 | Lair:2   | 49800 ||| Stepping randomly (stuck).
 49801 | Lair:2   | 49801 ||| Stepping randomly (stuck).
 49802 | Lair:2   | 49802 ||| Stepping randomly (stuck).
 49803 | Lair:2   | 49803 ||| Stepping randomly (stuck).
 49804 | Lair:2   | 49804 ||| Stepping randomly (stuck).
 49805 | Lair:2   | 49805 ||| Stepping randomly (stuck).
 49806 | Lair:2   | 49806 ||| Stepping randomly (stuck).
 49807 | Lair:2   | 49807 ||| Stepping randomly (stuck).
 49808 | Lair:2   | 49808 ||| Stepping randomly (stuck).
 49809 | Lair:2   | 49809 ||| Stepping randomly (stuck).
 49810 | Lair:2   | 49810 ||| Stepping randomly (stuck).
 49811 | Lair:2   | 49811 ||| Stepping randomly (stuck).
 49812 | Lair:2   | 49812 ||| Stepping randomly (stuck).
 49813 | Lair:2   | 49813 ||| Stepping randomly (stuck).
 49814 | Lair:2   | 49814 ||| Stepping randomly (stuck).
 49815 | Lair:2   | 49815 ||| Stepping randomly (stuck).
 49816 | Lair:2   | 49816 ||| Stepping randomly (stuck).
 49817 | Lair:2   | 49817 ||| Stepping randomly (stuck).
 49818 | Lair:2   | 49818 ||| Stepping randomly (stuck).
 49819 | Lair:2   | 49819 ||| Stepping randomly (stuck).
 49820 | Lair:2   | 49820 ||| Stepping randomly (stuck).
 49821 | Lair:2   | 49821 ||| Stepping randomly (stuck).
 49822 | Lair:2   | 49822 ||| Stepping randomly (stuck).
 49823 | Lair:2   | 49823 ||| Stepping randomly (stuck).
 49824 | Lair:2   | 49824 ||| Stepping randomly (stuck).
 49825 | Lair:2   | 49825 ||| Stepping randomly (stuck).
 49826 | Lair:2   | 49826 ||| Stepping randomly (stuck).
 49827 | Lair:2   | 49827 ||| Stepping randomly (stuck).
 49828 | Lair:2   | 49828 ||| Stepping randomly (stuck).
 49829 | Lair:2   | 49829 ||| Stepping randomly (stuck).
 49830 | Lair:2   | 49830 ||| Stepping randomly (stuck).
 49831 | Lair:2   | 49831 ||| Stepping randomly (stuck).
 49832 | Lair:2   | 49832 ||| Stepping randomly (stuck).
 49833 | Lair:2   | 49833 ||| Stepping randomly (stuck).
 49834 | Lair:2   | 49834 ||| Stepping randomly (stuck).
 49835 | Lair:2   | 49835 ||| Stepping randomly (stuck).
 49836 | Lair:2   | 49836 ||| Stepping randomly (stuck).
 49837 | Lair:2   | 49837 ||| Stepping randomly (stuck).
 49838 | Lair:2   | 49838 ||| Stepping randomly (stuck).
 49839 | Lair:2   | 49839 ||| Stepping randomly (stuck).
 49840 | Lair:2   | 49840 ||| Stepping randomly (stuck).
 49841 | Lair:2   | 49841 ||| Stepping randomly (stuck).
 49842 | Lair:2   | 49842 ||| Stepping randomly (stuck).
 49843 | Lair:2   | 49843 ||| Stepping randomly (stuck).
 49844 | Lair:2   | 49844 ||| Stepping randomly (stuck).
 49845 | Lair:2   | 49845 ||| Stepping randomly (stuck).
 49846 | Lair:2   | 49846 ||| Stepping randomly (stuck).
 49847 | Lair:2   | 49847 ||| Stepping randomly (stuck).
 49848 | Lair:2   | 49848 ||| Stepping randomly (stuck).
 49849 | Lair:2   | 49849 ||| Stepping randomly (stuck).
 49850 | Lair:2   | 49850 ||| Stepping randomly (stuck).
 49851 | Lair:2   | 49851 ||| Stepping randomly (stuck).
 49852 | Lair:2   | 49852 ||| Stepping randomly (stuck).
 49853 | Lair:2   | 49853 ||| Stepping randomly (stuck).
 49854 | Lair:2   | 49854 ||| Stepping randomly (stuck).
 49855 | Lair:2   | 49855 ||| Stepping randomly (stuck).
 49856 | Lair:2   | 49856 ||| Stepping randomly (stuck).
 49857 | Lair:2   | 49857 ||| Stepping randomly (stuck).
 49858 | Lair:2   | 49858 ||| Stepping randomly (stuck).
 49859 | Lair:2   | 49859 ||| Stepping randomly (stuck).
 49860 | Lair:2   | 49860 ||| Stepping randomly (stuck).
 49861 | Lair:2   | 49861 ||| Stepping randomly (stuck).
 49862 | Lair:2   | 49862 ||| Stepping randomly (stuck).
 49863 | Lair:2   | 49863 ||| Stepping randomly (stuck).
 49864 | Lair:2   | 49864 ||| Stepping randomly (stuck).
 49865 | Lair:2   | 49865 ||| Stepping randomly (stuck).
 49866 | Lair:2   | 49866 ||| Stepping randomly (stuck).
 49867 | Lair:2   | 49867 ||| Stepping randomly (stuck).
 49868 | Lair:2   | 49868 ||| Stepping randomly (stuck).
 49869 | Lair:2   | 49869 ||| Stepping randomly (stuck).
 49870 | Lair:2   | 49870 ||| Stepping randomly (stuck).
 49871 | Lair:2   | 49871 ||| Stepping randomly (stuck).
 49872 | Lair:2   | 49872 ||| Stepping randomly (stuck).
 49873 | Lair:2   | 49873 ||| Stepping randomly (stuck).
 49874 | Lair:2   | 49874 ||| Stepping randomly (stuck).
 49875 | Lair:2   | 49875 ||| Stepping randomly (stuck).
 49876 | Lair:2   | 49876 ||| Stepping randomly (stuck).
 49877 | Lair:2   | 49877 ||| Stepping randomly (stuck).
 49878 | Lair:2   | 49878 ||| Stepping randomly (stuck).
 49879 | Lair:2   | 49879 ||| Stepping randomly (stuck).
 49880 | Lair:2   | 49880 ||| Stepping randomly (stuck).
 49881 | Lair:2   | 49881 ||| Stepping randomly (stuck).
 49882 | Lair:2   | 49882 ||| Stepping randomly (stuck).
 49883 | Lair:2   | 49883 ||| Stepping randomly (stuck).
 49884 | Lair:2   | 49884 ||| Stepping randomly (stuck).
 49885 | Lair:2   | 49885 ||| Stepping randomly (stuck).
 49886 | Lair:2   | 49886 ||| Stepping randomly (stuck).
 49887 | Lair:2   | 49887 ||| Stepping randomly (stuck).
 49888 | Lair:2   | 49888 ||| Stepping randomly (stuck).
 49889 | Lair:2   | 49889 ||| Stepping randomly (stuck).
 49890 | Lair:2   | 49890 ||| Stepping randomly (stuck).
 49890 | Lair:2   | Touched by the power of Zot (MHP 159 -> 130)
 49891 | Lair:2   | 49891 ||| PLANNING SNAKE:1-3
 49891 | Lair:2   | Glimpsed the power of Zot.
 49903 | Lair:1   | 49903 ||| PLANNING LAIR
 49942 | Lair:1   | 49942 ||| Stepping randomly (stuck).
 49943 | Lair:1   | 49943 ||| Stepping randomly (stuck).
 49944 | Lair:1   | 49944 ||| Stepping randomly (stuck).
 49945 | Lair:1   | 49945 ||| Stepping randomly (stuck).
 49946 | Lair:1   | 49946 ||| Stepping randomly (stuck).
 49947 | Lair:1   | 49947 ||| Stepping randomly (stuck).
 49948 | Lair:1   | 49948 ||| Stepping randomly (stuck).
 49949 | Lair:1   | 49949 ||| Stepping randomly (stuck).
 49950 | Lair:1   | 49950 ||| Stepping randomly (stuck).
 49951 | Lair:1   | 49951 ||| Stepping randomly (stuck).
 49952 | Lair:1   | 49952 ||| Stepping randomly (stuck).
 49953 | Lair:1   | 49953 ||| Stepping randomly (stuck).
 49954 | Lair:1   | 49954 ||| Stepping randomly (stuck).
 49955 | Lair:1   | 49955 ||| Stepping randomly (stuck).
 49956 | Lair:1   | 49956 ||| Stepping randomly (stuck).
 49957 | Lair:1   | 49957 ||| Stepping randomly (stuck).
 49958 | Lair:1   | 49958 ||| Stepping randomly (stuck).
 49959 | Lair:1   | 49959 ||| Stepping randomly (stuck).
 49960 | Lair:1   | 49960 ||| Stepping randomly (stuck).
 49961 | Lair:1   | 49961 ||| Stepping randomly (stuck).
 49962 | Lair:1   | 49962 ||| Stepping randomly (stuck).
 49963 | Lair:1   | 49963 ||| Stepping randomly (stuck).
 49964 | Lair:1   | 49964 ||| Stepping randomly (stuck).
 49965 | Lair:1   | 49965 ||| Stepping randomly (stuck).
 49966 | Lair:1   | 49966 ||| Stepping randomly (stuck).
 49967 | Lair:1   | 49967 ||| Stepping randomly (stuck).
 49968 | Lair:1   | 49968 ||| Stepping randomly (stuck).
 49969 | Lair:1   | 49969 ||| Stepping randomly (stuck).
 49970 | Lair:1   | 49970 ||| Stepping randomly (stuck).
 49971 | Lair:1   | 49971 ||| Stepping randomly (stuck).
 49972 | Lair:1   | 49972 ||| Stepping randomly (stuck).
 49973 | Lair:1   | 49973 ||| Stepping randomly (stuck).
 49974 | Lair:1   | 49974 ||| Stepping randomly (stuck).
 49975 | Lair:1   | 49975 ||| Stepping randomly (stuck).
 49976 | Lair:1   | 49976 ||| Stepping randomly (stuck).
 49977 | Lair:1   | 49977 ||| Stepping randomly (stuck).
 49978 | Lair:1   | 49978 ||| Stepping randomly (stuck).
 49979 | Lair:1   | 49979 ||| Stepping randomly (stuck).
 49980 | Lair:1   | 49980 ||| Stepping randomly (stuck).
 49981 | Lair:1   | 49981 ||| Stepping randomly (stuck).
 49982 | Lair:1   | 49982 ||| Stepping randomly (stuck).
 49983 | Lair:1   | 49983 ||| Stepping randomly (stuck).
 49984 | Lair:1   | 49984 ||| Stepping randomly (stuck).
 49985 | Lair:1   | 49985 ||| Stepping randomly (stuck).
 49986 | Lair:1   | 49986 ||| Stepping randomly (stuck).
 49987 | Lair:1   | 49987 ||| Stepping randomly (stuck).
 49988 | Lair:1   | 49988 ||| Stepping randomly (stuck).
 49989 | Lair:1   | 49989 ||| Stepping randomly (stuck).
 49990 | Lair:1   | 49990 ||| Stepping randomly (stuck).
 49991 | Lair:1   | 49991 ||| Stepping randomly (stuck).
 49992 | Lair:1   | 49992 ||| Stepping randomly (stuck).
 49993 | Lair:1   | 49993 ||| Stepping randomly (stuck).
 49994 | Lair:1   | 49994 ||| Stepping randomly (stuck).
 49995 | Lair:1   | 49995 ||| Stepping randomly (stuck).
 49996 | Lair:1   | 49996 ||| Stepping randomly (stuck).
 49997 | Lair:1   | 49997 ||| Stepping randomly (stuck).
 49998 | Lair:1   | 49998 ||| Stepping randomly (stuck).
 49999 | Lair:1   | 49999 ||| Stepping randomly (stuck).
 50000 | Lair:1   | 50000 ||| Stepping randomly (stuck).
 50001 | Lair:1   | 50001 ||| Stepping randomly (stuck).
 50002 | Lair:1   | 50002 ||| Stepping randomly (stuck).
 50003 | Lair:1   | 50003 ||| Stepping randomly (stuck).
 50004 | Lair:1   | 50004 ||| Stepping randomly (stuck).
 50005 | Lair:1   | 50005 ||| Stepping randomly (stuck).
 50006 | Lair:1   | 50006 ||| Stepping randomly (stuck).
 50007 | Lair:1   | 50007 ||| Stepping randomly (stuck).
 50008 | Lair:1   | 50008 ||| Stepping randomly (stuck).
 50009 | Lair:1   | 50009 ||| Stepping randomly (stuck).
 50010 | Lair:1   | 50010 ||| Stepping randomly (stuck).
 50011 | Lair:1   | 50011 ||| Stepping randomly (stuck).
 50012 | Lair:1   | 50012 ||| Stepping randomly (stuck).
 50013 | Lair:1   | 50013 ||| Stepping randomly (stuck).
 50014 | Lair:1   | 50014 ||| Stepping randomly (stuck).
 50015 | Lair:1   | 50015 ||| Stepping randomly (stuck).
 50016 | Lair:1   | 50016 ||| Stepping randomly (stuck).
 50017 | Lair:1   | 50017 ||| Stepping randomly (stuck).
 50018 | Lair:1   | 50018 ||| Stepping randomly (stuck).
 50019 | Lair:1   | 50019 ||| Stepping randomly (stuck).
 50020 | Lair:1   | 50020 ||| Stepping randomly (stuck).
 50021 | Lair:1   | 50021 ||| Stepping randomly (stuck).
 50022 | Lair:1   | 50022 ||| Stepping randomly (stuck).
 50023 | Lair:1   | 50023 ||| Stepping randomly (stuck).
 50024 | Lair:1   | 50024 ||| Stepping randomly (stuck).
 50025 | Lair:1   | 50025 ||| Stepping randomly (stuck).
 50026 | Lair:1   | 50026 ||| Stepping randomly (stuck).
 50027 | Lair:1   | 50027 ||| Stepping randomly (stuck).
 50028 | Lair:1   | 50028 ||| Stepping randomly (stuck).
 50029 | Lair:1   | 50029 ||| Stepping randomly (stuck).
 50030 | Lair:1   | 50030 ||| Stepping randomly (stuck).
 50031 | Lair:1   | 50031 ||| Stepping randomly (stuck).
 50032 | Lair:1   | 50032 ||| Stepping randomly (stuck).
 50033 | Lair:1   | 50033 ||| Stepping randomly (stuck).
 50034 | Lair:1   | 50034 ||| Stepping randomly (stuck).
 50035 | Lair:1   | 50035 ||| Stepping randomly (stuck).
 50036 | Lair:1   | 50036 ||| Stepping randomly (stuck).
 50037 | Lair:1   | 50037 ||| Stepping randomly (stuck).
 50038 | Lair:1   | 50038 ||| Stepping randomly (stuck).
 50039 | Lair:1   | 50039 ||| Stepping randomly (stuck).
 50040 | Lair:1   | 50040 ||| Stepping randomly (stuck).
 50041 | Lair:1   | 50041 ||| Stepping randomly (stuck).
 50042 | Lair:1   | 50042 ||| Stepping randomly (stuck).
 50043 | Lair:1   | 50043 ||| Stepping randomly (stuck).
 50044 | Lair:1   | 50044 ||| Stepping randomly (stuck).
 50045 | Lair:1   | 50045 ||| Stepping randomly (stuck).
 50046 | Lair:1   | 50046 ||| Stepping randomly (stuck).
 50047 | Lair:1   | 50047 ||| Stepping randomly (stuck).
 50048 | Lair:1   | 50048 ||| Stepping randomly (stuck).
 50049 | Lair:1   | 50049 ||| Stepping randomly (stuck).
 50050 | Lair:1   | 50050 ||| Stepping randomly (stuck).
 50051 | Lair:1   | 50051 ||| Stepping randomly (stuck).
 50052 | Lair:1   | 50052 ||| Stepping randomly (stuck).
 50053 | Lair:1   | 50053 ||| Stepping randomly (stuck).
 50054 | Lair:1   | 50054 ||| Stepping randomly (stuck).
 50055 | Lair:1   | 50055 ||| Stepping randomly (stuck).
 50056 | Lair:1   | 50056 ||| Stepping randomly (stuck).
 50057 | Lair:1   | 50057 ||| Stepping randomly (stuck).
 50058 | Lair:1   | 50058 ||| Stepping randomly (stuck).
 50059 | Lair:1   | 50059 ||| Stepping randomly (stuck).
 50060 | Lair:1   | 50060 ||| Stepping randomly (stuck).
 50061 | Lair:1   | 50061 ||| Stepping randomly (stuck).
 50062 | Lair:1   | 50062 ||| Stepping randomly (stuck).
 50063 | Lair:1   | 50063 ||| Stepping randomly (stuck).
 50064 | Lair:1   | 50064 ||| Stepping randomly (stuck).
 50065 | Lair:1   | 50065 ||| Stepping randomly (stuck).
 50066 | Lair:1   | 50066 ||| Stepping randomly (stuck).
 50067 | Lair:1   | 50067 ||| Stepping randomly (stuck).
 50068 | Lair:1   | 50068 ||| Stepping randomly (stuck).
 50069 | Lair:1   | 50069 ||| Stepping randomly (stuck).
 50070 | Lair:1   | 50070 ||| Stepping randomly (stuck).
 50071 | Lair:1   | 50071 ||| Stepping randomly (stuck).
 50072 | Lair:1   | 50072 ||| Stepping randomly (stuck).
 50073 | Lair:1   | 50073 ||| Stepping randomly (stuck).
 50074 | Lair:1   | 50074 ||| Stepping randomly (stuck).
 50075 | Lair:1   | 50075 ||| Stepping randomly (stuck).
 50076 | Lair:1   | 50076 ||| Stepping randomly (stuck).
 50077 | Lair:1   | 50077 ||| Stepping randomly (stuck).
 50078 | Lair:1   | 50078 ||| Stepping randomly (stuck).
 50079 | Lair:1   | 50079 ||| Stepping randomly (stuck).
 50080 | Lair:1   | 50080 ||| Stepping randomly (stuck).
 50081 | Lair:1   | 50081 ||| Stepping randomly (stuck).
 50082 | Lair:1   | 50082 ||| Stepping randomly (stuck).
 50083 | Lair:1   | 50083 ||| Stepping randomly (stuck).
 50084 | Lair:1   | 50084 ||| Stepping randomly (stuck).
 50085 | Lair:1   | 50085 ||| Stepping randomly (stuck).
 50086 | Lair:1   | 50086 ||| Stepping randomly (stuck).
 50087 | Lair:1   | 50087 ||| Stepping randomly (stuck).
 50088 | Lair:1   | 50088 ||| Stepping randomly (stuck).
 50089 | Lair:1   | 50089 ||| Stepping randomly (stuck).
 50090 | Lair:1   | 50090 ||| Stepping randomly (stuck).
 50091 | Lair:1   | 50091 ||| Stepping randomly (stuck).
 50092 | Lair:1   | 50092 ||| Stepping randomly (stuck).
 50093 | Lair:1   | 50093 ||| Stepping randomly (stuck).
 50094 | Lair:1   | 50094 ||| Stepping randomly (stuck).
 50095 | Lair:1   | 50095 ||| Stepping randomly (stuck).
 50096 | Lair:1   | 50096 ||| Stepping randomly (stuck).
 50097 | Lair:1   | 50097 ||| Stepping randomly (stuck).
 50098 | Lair:1   | 50098 ||| Stepping randomly (stuck).
 50099 | Lair:1   | 50099 ||| Stepping randomly (stuck).
 50100 | Lair:1   | 50100 ||| Stepping randomly (stuck).
 50101 | Lair:1   | 50101 ||| Stepping randomly (stuck).
 50102 | Lair:1   | 50102 ||| Stepping randomly (stuck).
 50103 | Lair:1   | 50103 ||| Stepping randomly (stuck).
 50104 | Lair:1   | 50104 ||| Stepping randomly (stuck).
 50105 | Lair:1   | 50105 ||| Stepping randomly (stuck).
 50106 | Lair:1   | 50106 ||| Stepping randomly (stuck).
 50107 | Lair:1   | 50107 ||| Stepping randomly (stuck).
 50108 | Lair:1   | 50108 ||| Stepping randomly (stuck).
 50109 | Lair:1   | 50109 ||| Stepping randomly (stuck).
 50110 | Lair:1   | 50110 ||| Stepping randomly (stuck).
 50111 | Lair:1   | 50111 ||| Stepping randomly (stuck).
 50112 | Lair:1   | 50112 ||| Stepping randomly (stuck).
 50113 | Lair:1   | 50113 ||| Stepping randomly (stuck).
 50114 | Lair:1   | 50114 ||| Stepping randomly (stuck).
 50115 | Lair:1   | 50115 ||| Stepping randomly (stuck).
 50116 | Lair:1   | 50116 ||| Stepping randomly (stuck).
 50117 | Lair:1   | 50117 ||| Stepping randomly (stuck).
 50118 | Lair:1   | 50118 ||| Stepping randomly (stuck).
 50119 | Lair:1   | 50119 ||| Stepping randomly (stuck).
 50120 | Lair:1   | 50120 ||| Stepping randomly (stuck).
 50121 | Lair:1   | 50121 ||| Stepping randomly (stuck).
 50122 | Lair:1   | 50122 ||| Stepping randomly (stuck).
 50123 | Lair:1   | 50123 ||| Stepping randomly (stuck).
 50124 | Lair:1   | 50124 ||| Stepping randomly (stuck).
 50125 | Lair:1   | 50125 ||| Stepping randomly (stuck).
 50126 | Lair:1   | 50126 ||| Stepping randomly (stuck).
 50127 | Lair:1   | 50127 ||| Stepping randomly (stuck).
 50128 | Lair:1   | 50128 ||| Stepping randomly (stuck).
 50129 | Lair:1   | 50129 ||| Stepping randomly (stuck).
 50130 | Lair:1   | 50130 ||| Stepping randomly (stuck).
 50131 | Lair:1   | 50131 ||| Stepping randomly (stuck).
 50132 | Lair:1   | 50132 ||| Stepping randomly (stuck).
 50133 | Lair:1   | 50133 ||| Stepping randomly (stuck).
 50134 | Lair:1   | 50134 ||| Stepping randomly (stuck).
 50135 | Lair:1   | 50135 ||| Stepping randomly (stuck).
 50136 | Lair:1   | 50136 ||| Stepping randomly (stuck).
 50137 | Lair:1   | 50137 ||| Stepping randomly (stuck).
 50138 | Lair:1   | 50138 ||| Stepping randomly (stuck).
 50139 | Lair:1   | 50139 ||| Stepping randomly (stuck).
 50140 | Lair:1   | 50140 ||| Stepping randomly (stuck).
 50141 | Lair:1   | 50141 ||| Stepping randomly (stuck).
 50142 | Lair:1   | 50142 ||| Stepping randomly (stuck).
 50143 | Lair:1   | 50143 ||| Stepping randomly (stuck).
 50144 | Lair:1   | 50144 ||| Stepping randomly (stuck).
 50145 | Lair:1   | 50145 ||| Stepping randomly (stuck).
 50146 | Lair:1   | 50146 ||| Stepping randomly (stuck).
 50147 | Lair:1   | 50147 ||| Stepping randomly (stuck).
 50148 | Lair:1   | 50148 ||| Stepping randomly (stuck).
 50149 | Lair:1   | 50149 ||| Stepping randomly (stuck).
 50150 | Lair:1   | 50150 ||| Stepping randomly (stuck).
 50151 | Lair:1   | 50151 ||| Stepping randomly (stuck).
 50152 | Lair:1   | 50152 ||| Stepping randomly (stuck).
 50153 | Lair:1   | 50153 ||| Stepping randomly (stuck).
 50154 | Lair:1   | 50154 ||| Stepping randomly (stuck).
 50155 | Lair:1   | 50155 ||| Stepping randomly (stuck).
 50156 | Lair:1   | 50156 ||| Stepping randomly (stuck).
 50157 | Lair:1   | 50157 ||| Stepping randomly (stuck).
 50158 | Lair:1   | 50158 ||| Stepping randomly (stuck).
 50159 | Lair:1   | 50159 ||| Stepping randomly (stuck).
 50160 | Lair:1   | 50160 ||| Stepping randomly (stuck).
 50161 | Lair:1   | 50161 ||| Stepping randomly (stuck).
 50162 | Lair:1   | 50162 ||| Stepping randomly (stuck).
 50163 | Lair:1   | 50163 ||| Stepping randomly (stuck).
 50164 | Lair:1   | 50164 ||| Stepping randomly (stuck).
 50165 | Lair:1   | 50165 ||| Stepping randomly (stuck).
 50166 | Lair:1   | 50166 ||| Stepping randomly (stuck).
 50167 | Lair:1   | 50167 ||| Stepping randomly (stuck).
 50168 | Lair:1   | 50168 ||| Stepping randomly (stuck).
 50169 | Lair:1   | 50169 ||| Stepping randomly (stuck).
 50170 | Lair:1   | 50170 ||| Stepping randomly (stuck).
 50171 | Lair:1   | 50171 ||| Stepping randomly (stuck).
 50172 | Lair:1   | 50172 ||| Stepping randomly (stuck).
 50173 | Lair:1   | 50173 ||| Stepping randomly (stuck).
 50174 | Lair:1   | 50174 ||| Stepping randomly (stuck).
 50175 | Lair:1   | 50175 ||| Stepping randomly (stuck).
 50176 | Lair:1   | 50176 ||| Stepping randomly (stuck).
 50177 | Lair:1   | 50177 ||| Stepping randomly (stuck).
 50178 | Lair:1   | 50178 ||| Stepping randomly (stuck).
 50179 | Lair:1   | 50179 ||| Stepping randomly (stuck).
 50180 | Lair:1   | 50180 ||| Stepping randomly (stuck).
 50181 | Lair:1   | 50181 ||| Stepping randomly (stuck).
 50182 | Lair:1   | 50182 ||| Stepping randomly (stuck).
 50183 | Lair:1   | 50183 ||| Stepping randomly (stuck).
 50184 | Lair:1   | 50184 ||| Stepping randomly (stuck).
 50185 | Lair:1   | 50185 ||| Stepping randomly (stuck).
 50186 | Lair:1   | 50186 ||| Stepping randomly (stuck).
 50187 | Lair:1   | 50187 ||| Stepping randomly (stuck).
 50188 | Lair:1   | 50188 ||| Stepping randomly (stuck).
 50189 | Lair:1   | 50189 ||| Stepping randomly (stuck).
 50190 | Lair:1   | 50190 ||| Stepping randomly (stuck).
 50191 | Lair:1   | 50191 ||| Stepping randomly (stuck).
 50192 | Lair:1   | 50192 ||| Stepping randomly (stuck).
 50193 | Lair:1   | 50193 ||| Stepping randomly (stuck).
 50194 | Lair:1   | 50194 ||| Stepping randomly (stuck).
 50195 | Lair:1   | 50195 ||| Stepping randomly (stuck).
 50196 | Lair:1   | 50196 ||| Stepping randomly (stuck).
 50197 | Lair:1   | 50197 ||| Stepping randomly (stuck).
 50198 | Lair:1   | 50198 ||| Stepping randomly (stuck).
 50199 | Lair:1   | 50199 ||| Stepping randomly (stuck).
 50200 | Lair:1   | 50200 ||| Stepping randomly (stuck).
 50201 | Lair:1   | 50201 ||| Stepping randomly (stuck).
 50202 | Lair:1   | 50202 ||| Stepping randomly (stuck).
 50203 | Lair:1   | 50203 ||| Stepping randomly (stuck).
 50204 | Lair:1   | 50204 ||| Stepping randomly (stuck).
 50205 | Lair:1   | 50205 ||| Stepping randomly (stuck).
 50206 | Lair:1   | 50206 ||| Stepping randomly (stuck).
 50207 | Lair:1   | 50207 ||| Stepping randomly (stuck).
 50208 | Lair:1   | 50208 ||| Stepping randomly (stuck).
 50209 | Lair:1   | 50209 ||| Stepping randomly (stuck).
 50210 | Lair:1   | 50210 ||| Stepping randomly (stuck).
 50211 | Lair:1   | 50211 ||| Stepping randomly (stuck).
 50212 | Lair:1   | 50212 ||| Stepping randomly (stuck).
 50213 | Lair:1   | 50213 ||| Stepping randomly (stuck).
 50214 | Lair:1   | 50214 ||| Stepping randomly (stuck).
 50215 | Lair:1   | 50215 ||| Stepping randomly (stuck).
 50216 | Lair:1   | 50216 ||| Stepping randomly (stuck).
 50217 | Lair:1   | 50217 ||| Stepping randomly (stuck).
 50218 | Lair:1   | 50218 ||| Stepping randomly (stuck).
 50219 | Lair:1   | 50219 ||| Stepping randomly (stuck).
 50220 | Lair:1   | 50220 ||| Stepping randomly (stuck).
 50221 | Lair:1   | 50221 ||| Stepping randomly (stuck).
 50222 | Lair:1   | 50222 ||| Stepping randomly (stuck).
 50223 | Lair:1   | 50223 ||| Stepping randomly (stuck).
 50224 | Lair:1   | 50224 ||| Stepping randomly (stuck).
 50225 | Lair:1   | 50225 ||| Stepping randomly (stuck).
 50226 | Lair:1   | 50226 ||| Stepping randomly (stuck).
 50227 | Lair:1   | 50227 ||| Stepping randomly (stuck).
 50228 | Lair:1   | 50228 ||| Stepping randomly (stuck).
 50229 | Lair:1   | 50229 ||| Stepping randomly (stuck).
 50230 | Lair:1   | 50230 ||| Stepping randomly (stuck).
 50231 | Lair:1   | 50231 ||| Stepping randomly (stuck).
 50232 | Lair:1   | 50232 ||| Stepping randomly (stuck).
 50233 | Lair:1   | 50233 ||| Stepping randomly (stuck).
 50234 | Lair:1   | 50234 ||| Stepping randomly (stuck).
 50235 | Lair:1   | 50235 ||| Stepping randomly (stuck).
 50236 | Lair:1   | 50236 ||| Stepping randomly (stuck).
 50237 | Lair:1   | 50237 ||| Stepping randomly (stuck).
 50238 | Lair:1   | 50238 ||| Stepping randomly (stuck).
 50239 | Lair:1   | 50239 ||| Stepping randomly (stuck).
 50240 | Lair:1   | 50240 ||| Stepping randomly (stuck).
 50241 | Lair:1   | 50241 ||| Stepping randomly (stuck).
 50242 | Lair:1   | 50242 ||| Stepping randomly (stuck).
 50243 | Lair:1   | 50243 ||| Stepping randomly (stuck).
 50244 | Lair:1   | 50244 ||| Stepping randomly (stuck).
 50245 | Lair:1   | 50245 ||| Stepping randomly (stuck).
 50246 | Lair:1   | 50246 ||| Stepping randomly (stuck).
 50247 | Lair:1   | 50247 ||| Stepping randomly (stuck).
 50248 | Lair:1   | 50248 ||| Stepping randomly (stuck).
 50249 | Lair:1   | 50249 ||| Stepping randomly (stuck).
 50250 | Lair:1   | 50250 ||| Stepping randomly (stuck).
 50251 | Lair:1   | 50251 ||| Stepping randomly (stuck).
 50252 | Lair:1   | 50252 ||| Stepping randomly (stuck).
 50253 | Lair:1   | 50253 ||| Stepping randomly (stuck).
 50254 | Lair:1   | 50254 ||| Stepping randomly (stuck).
 50255 | Lair:1   | 50255 ||| Stepping randomly (stuck).
 50256 | Lair:1   | 50256 ||| Stepping randomly (stuck).
 50257 | Lair:1   | 50257 ||| Stepping randomly (stuck).
 50258 | Lair:1   | 50258 ||| Stepping randomly (stuck).
 50259 | Lair:1   | 50259 ||| Stepping randomly (stuck).
 50260 | Lair:1   | 50260 ||| Stepping randomly (stuck).
 50261 | Lair:1   | 50261 ||| Stepping randomly (stuck).
 50262 | Lair:1   | 50262 ||| Stepping randomly (stuck).
 50263 | Lair:1   | 50263 ||| Stepping randomly (stuck).
 50264 | Lair:1   | 50264 ||| Stepping randomly (stuck).
 50265 | Lair:1   | 50265 ||| Stepping randomly (stuck).
 50266 | Lair:1   | 50266 ||| Stepping randomly (stuck).
 50267 | Lair:1   | 50267 ||| Stepping randomly (stuck).
 50268 | Lair:1   | 50268 ||| Stepping randomly (stuck).
 50269 | Lair:1   | 50269 ||| Stepping randomly (stuck).
 50270 | Lair:1   | 50270 ||| Stepping randomly (stuck).
 50271 | Lair:1   | 50271 ||| Stepping randomly (stuck).
 50272 | Lair:1   | 50272 ||| Stepping randomly (stuck).
 50273 | Lair:1   | 50273 ||| Stepping randomly (stuck).
 50274 | Lair:1   | 50274 ||| Stepping randomly (stuck).
 50275 | Lair:1   | 50275 ||| Stepping randomly (stuck).
 50276 | Lair:1   | 50276 ||| Stepping randomly (stuck).
 50277 | Lair:1   | 50277 ||| Stepping randomly (stuck).
 50278 | Lair:1   | 50278 ||| Stepping randomly (stuck).
 50279 | Lair:1   | 50279 ||| Stepping randomly (stuck).
 50280 | Lair:1   | 50280 ||| Stepping randomly (stuck).
 50281 | Lair:1   | 50281 ||| Stepping randomly (stuck).
 50282 | Lair:1   | 50282 ||| Stepping randomly (stuck).
 50283 | Lair:1   | 50283 ||| Stepping randomly (stuck).
 50284 | Lair:1   | 50284 ||| Stepping randomly (stuck).
 50285 | Lair:1   | 50285 ||| Stepping randomly (stuck).
 50286 | Lair:1   | 50286 ||| Stepping randomly (stuck).
 50287 | Lair:1   | 50287 ||| Stepping randomly (stuck).
 50288 | Lair:1   | 50288 ||| Stepping randomly (stuck).
 50289 | Lair:1   | 50289 ||| Stepping randomly (stuck).
 50290 | Lair:1   | 50290 ||| Stepping randomly (stuck).
 50291 | Lair:1   | 50291 ||| Stepping randomly (stuck).
 50292 | Lair:1   | 50292 ||| Stepping randomly (stuck).
 50293 | Lair:1   | 50293 ||| Stepping randomly (stuck).
 50294 | Lair:1   | 50294 ||| Stepping randomly (stuck).
 50295 | Lair:1   | 50295 ||| Stepping randomly (stuck).
 50296 | Lair:1   | 50296 ||| Stepping randomly (stuck).
 50297 | Lair:1   | 50297 ||| Stepping randomly (stuck).
 50298 | Lair:1   | 50298 ||| Stepping randomly (stuck).
 50299 | Lair:1   | 50299 ||| Stepping randomly (stuck).
 50300 | Lair:1   | 50300 ||| Stepping randomly (stuck).
 50301 | Lair:1   | 50301 ||| Stepping randomly (stuck).
 50302 | Lair:1   | 50302 ||| Stepping randomly (stuck).
 50303 | Lair:1   | 50303 ||| Stepping randomly (stuck).
 50304 | Lair:1   | 50304 ||| Stepping randomly (stuck).
 50305 | Lair:1   | 50305 ||| Stepping randomly (stuck).
 50306 | Lair:1   | 50306 ||| Stepping randomly (stuck).
 50307 | Lair:1   | 50307 ||| Stepping randomly (stuck).
 50308 | Lair:1   | 50308 ||| Stepping randomly (stuck).
 50309 | Lair:1   | 50309 ||| Stepping randomly (stuck).
 50310 | Lair:1   | 50310 ||| Stepping randomly (stuck).
 50311 | Lair:1   | 50311 ||| Stepping randomly (stuck).
 50312 | Lair:1   | 50312 ||| Stepping randomly (stuck).
 50313 | Lair:1   | 50313 ||| Stepping randomly (stuck).
 50314 | Lair:1   | 50314 ||| Stepping randomly (stuck).
 50315 | Lair:1   | 50315 ||| Stepping randomly (stuck).
 50316 | Lair:1   | 50316 ||| Stepping randomly (stuck).
 50317 | Lair:1   | 50317 ||| Stepping randomly (stuck).
 50318 | Lair:1   | 50318 ||| Stepping randomly (stuck).
 50319 | Lair:1   | 50319 ||| Stepping randomly (stuck).
 50320 | Lair:1   | 50320 ||| Stepping randomly (stuck).
 50321 | Lair:1   | 50321 ||| Stepping randomly (stuck).
 50322 | Lair:1   | 50322 ||| Stepping randomly (stuck).
 50323 | Lair:1   | 50323 ||| Stepping randomly (stuck).
 50324 | Lair:1   | 50324 ||| Stepping randomly (stuck).
 50325 | Lair:1   | 50325 ||| Stepping randomly (stuck).
 50326 | Lair:1   | 50326 ||| Stepping randomly (stuck).
 50327 | Lair:1   | 50327 ||| Stepping randomly (stuck).
 50328 | Lair:1   | 50328 ||| Stepping randomly (stuck).
 50329 | Lair:1   | 50329 ||| Stepping randomly (stuck).
 50330 | Lair:1   | 50330 ||| Stepping randomly (stuck).
 50331 | Lair:1   | 50331 ||| Stepping randomly (stuck).
 50332 | Lair:1   | 50332 ||| Stepping randomly (stuck).
 50333 | Lair:1   | 50333 ||| Stepping randomly (stuck).
 50334 | Lair:1   | 50334 ||| Stepping randomly (stuck).
 50335 | Lair:1   | 50335 ||| Stepping randomly (stuck).
 50336 | Lair:1   | 50336 ||| Stepping randomly (stuck).
 50337 | Lair:1   | 50337 ||| Stepping randomly (stuck).
 50338 | Lair:1   | 50338 ||| Stepping randomly (stuck).
 50339 | Lair:1   | 50339 ||| Stepping randomly (stuck).
 50340 | Lair:1   | 50340 ||| Stepping randomly (stuck).
 50341 | Lair:1   | 50341 ||| Stepping randomly (stuck).
 50342 | Lair:1   | 50342 ||| Stepping randomly (stuck).
 50343 | Lair:1   | 50343 ||| Stepping randomly (stuck).
 50344 | Lair:1   | 50344 ||| Stepping randomly (stuck).
 50345 | Lair:1   | 50345 ||| Stepping randomly (stuck).
 50346 | Lair:1   | 50346 ||| Stepping randomly (stuck).
 50347 | Lair:1   | 50347 ||| Stepping randomly (stuck).
 50348 | Lair:1   | 50348 ||| Stepping randomly (stuck).
 50349 | Lair:1   | 50349 ||| Stepping randomly (stuck).
 50350 | Lair:1   | 50350 ||| Stepping randomly (stuck).
 50351 | Lair:1   | 50351 ||| Stepping randomly (stuck).
 50352 | Lair:1   | 50352 ||| Stepping randomly (stuck).
 50353 | Lair:1   | 50353 ||| Stepping randomly (stuck).
 50354 | Lair:1   | 50354 ||| Stepping randomly (stuck).
 50355 | Lair:1   | 50355 ||| Stepping randomly (stuck).
 50356 | Lair:1   | 50356 ||| Stepping randomly (stuck).
 50357 | Lair:1   | 50357 ||| Stepping randomly (stuck).
 50358 | Lair:1   | 50358 ||| Stepping randomly (stuck).
 50359 | Lair:1   | 50359 ||| Stepping randomly (stuck).
 50360 | Lair:1   | 50360 ||| Stepping randomly (stuck).
 50361 | Lair:1   | 50361 ||| Stepping randomly (stuck).
 50362 | Lair:1   | 50362 ||| Stepping randomly (stuck).
 50363 | Lair:1   | 50363 ||| Stepping randomly (stuck).
 50364 | Lair:1   | 50364 ||| Stepping randomly (stuck).
 50365 | Lair:1   | 50365 ||| Stepping randomly (stuck).
 50366 | Lair:1   | 50366 ||| Stepping randomly (stuck).
 50367 | Lair:1   | 50367 ||| Stepping randomly (stuck).
 50368 | Lair:1   | 50368 ||| Stepping randomly (stuck).
 50369 | Lair:1   | 50369 ||| Stepping randomly (stuck).
 50370 | Lair:1   | 50370 ||| Stepping randomly (stuck).
 50371 | Lair:1   | 50371 ||| Stepping randomly (stuck).
 50372 | Lair:1   | 50372 ||| Stepping randomly (stuck).
 50373 | Lair:1   | 50373 ||| Stepping randomly (stuck).
 50374 | Lair:1   | 50374 ||| Stepping randomly (stuck).
 50375 | Lair:1   | 50375 ||| Stepping randomly (stuck).
 50376 | Lair:1   | 50376 ||| Stepping randomly (stuck).
 50377 | Lair:1   | 50377 ||| Stepping randomly (stuck).
 50378 | Lair:1   | 50378 ||| Stepping randomly (stuck).
 50379 | Lair:1   | 50379 ||| Stepping randomly (stuck).
 50380 | Lair:1   | 50380 ||| Stepping randomly (stuck).
 50381 | Lair:1   | 50381 ||| Stepping randomly (stuck).
 50382 | Lair:1   | 50382 ||| Stepping randomly (stuck).
 50383 | Lair:1   | 50383 ||| Stepping randomly (stuck).
 50384 | Lair:1   | 50384 ||| Stepping randomly (stuck).
 50385 | Lair:1   | 50385 ||| Stepping randomly (stuck).
 50386 | Lair:1   | 50386 ||| Stepping randomly (stuck).
 50387 | Lair:1   | 50387 ||| Stepping randomly (stuck).
 50388 | Lair:1   | 50388 ||| Stepping randomly (stuck).
 50389 | Lair:1   | 50389 ||| Stepping randomly (stuck).
 50390 | Lair:1   | 50390 ||| Stepping randomly (stuck).
 50390 | Lair:1   | Glimpsed the power of Zot.
 50391 | Lair:1   | 50391 ||| Stepping randomly (stuck).
 50392 | Lair:1   | 50392 ||| Stepping randomly (stuck).
 50393 | Lair:1   | 50393 ||| Stepping randomly (stuck).
 50394 | Lair:1   | 50394 ||| Stepping randomly (stuck).
 50395 | Lair:1   | 50395 ||| Stepping randomly (stuck).
 50396 | Lair:1   | 50396 ||| Stepping randomly (stuck).
 50397 | Lair:1   | 50397 ||| Stepping randomly (stuck).
 50398 | Lair:1   | 50398 ||| Stepping randomly (stuck).
 50399 | Lair:1   | 50399 ||| Stepping randomly (stuck).
 50400 | Lair:1   | 50400 ||| Stepping randomly (stuck).
 50401 | Lair:1   | 50401 ||| Stepping randomly (stuck).
 50402 | Lair:1   | 50402 ||| Stepping randomly (stuck).
 50403 | Lair:1   | 50403 ||| Stepping randomly (stuck).
 50404 | Lair:1   | 50404 ||| Stepping randomly (stuck).
 50405 | Lair:1   | 50405 ||| Stepping randomly (stuck).
 50406 | Lair:1   | 50406 ||| Stepping randomly (stuck).
 50407 | Lair:1   | 50407 ||| Stepping randomly (stuck).
 50408 | Lair:1   | 50408 ||| Stepping randomly (stuck).
 50409 | Lair:1   | 50409 ||| Stepping randomly (stuck).
 50410 | Lair:1   | 50410 ||| Stepping randomly (stuck).
 50411 | Lair:1   | 50411 ||| Stepping randomly (stuck).
 50412 | Lair:1   | 50412 ||| Stepping randomly (stuck).
 50413 | Lair:1   | 50413 ||| Stepping randomly (stuck).
 50414 | Lair:1   | 50414 ||| Stepping randomly (stuck).
 50415 | Lair:1   | 50415 ||| Stepping randomly (stuck).
 50416 | Lair:1   | 50416 ||| Stepping randomly (stuck).
 50417 | Lair:1   | 50417 ||| Stepping randomly (stuck).
 50418 | Lair:1   | 50418 ||| Stepping randomly (stuck).
 50419 | Lair:1   | 50419 ||| Stepping randomly (stuck).
 50420 | Lair:1   | 50420 ||| Stepping randomly (stuck).
 50421 | Lair:1   | 50421 ||| Stepping randomly (stuck).
 50422 | Lair:1   | 50422 ||| Stepping randomly (stuck).
 50423 | Lair:1   | 50423 ||| Stepping randomly (stuck).
 50424 | Lair:1   | 50424 ||| Stepping randomly (stuck).
 50425 | Lair:1   | 50425 ||| Stepping randomly (stuck).
 50426 | Lair:1   | 50426 ||| Stepping randomly (stuck).
 50427 | Lair:1   | 50427 ||| Stepping randomly (stuck).
 50428 | Lair:1   | 50428 ||| Stepping randomly (stuck).
 50429 | Lair:1   | 50429 ||| Stepping randomly (stuck).
 50430 | Lair:1   | 50430 ||| Stepping randomly (stuck).
 50431 | Lair:1   | 50431 ||| Stepping randomly (stuck).
 50432 | Lair:1   | 50432 ||| Stepping randomly (stuck).
 50433 | Lair:1   | 50433 ||| Stepping randomly (stuck).
 50434 | Lair:1   | 50434 ||| Stepping randomly (stuck).
 50435 | Lair:1   | 50435 ||| Stepping randomly (stuck).
 50436 | Lair:1   | 50436 ||| Stepping randomly (stuck).
 50437 | Lair:1   | 50437 ||| Stepping randomly (stuck).
 50438 | Lair:1   | 50438 ||| Stepping randomly (stuck).
 50439 | Lair:1   | 50439 ||| Stepping randomly (stuck).
 50440 | Lair:1   | 50440 ||| Stepping randomly (stuck).
 50441 | Lair:1   | 50441 ||| Stepping randomly (stuck).
 50442 | Lair:1   | 50442 ||| Stepping randomly (stuck).
 50443 | Lair:1   | 50443 ||| Stepping randomly (stuck).
 50444 | Lair:1   | 50444 ||| Stepping randomly (stuck).
 50445 | Lair:1   | 50445 ||| Stepping randomly (stuck).
 50446 | Lair:1   | 50446 ||| Stepping randomly (stuck).
 50447 | Lair:1   | 50447 ||| Stepping randomly (stuck).
 50448 | Lair:1   | 50448 ||| Stepping randomly (stuck).
 50449 | Lair:1   | 50449 ||| Stepping randomly (stuck).
 50450 | Lair:1   | 50450 ||| Stepping randomly (stuck).
 50451 | Lair:1   | 50451 ||| Stepping randomly (stuck).
 50452 | Lair:1   | 50452 ||| Stepping randomly (stuck).
 50453 | Lair:1   | 50453 ||| Stepping randomly (stuck).
 50454 | Lair:1   | 50454 ||| Stepping randomly (stuck).
 50455 | Lair:1   | 50455 ||| Stepping randomly (stuck).
 50456 | Lair:1   | 50456 ||| Stepping randomly (stuck).
 50457 | Lair:1   | 50457 ||| Stepping randomly (stuck).
 50458 | Lair:1   | 50458 ||| Stepping randomly (stuck).
 50459 | Lair:1   | 50459 ||| Stepping randomly (stuck).
 50460 | Lair:1   | 50460 ||| Stepping randomly (stuck).
 50461 | Lair:1   | 50461 ||| Stepping randomly (stuck).
 50462 | Lair:1   | 50462 ||| Stepping randomly (stuck).
 50463 | Lair:1   | 50463 ||| Stepping randomly (stuck).
 50464 | Lair:1   | 50464 ||| Stepping randomly (stuck).
 50465 | Lair:1   | 50465 ||| Stepping randomly (stuck).
 50466 | Lair:1   | 50466 ||| Stepping randomly (stuck).
 50467 | Lair:1   | 50467 ||| Stepping randomly (stuck).
 50468 | Lair:1   | 50468 ||| Stepping randomly (stuck).
 50469 | Lair:1   | 50469 ||| Stepping randomly (stuck).
 50470 | Lair:1   | 50470 ||| Stepping randomly (stuck).
 50471 | Lair:1   | 50471 ||| Stepping randomly (stuck).
 50472 | Lair:1   | 50472 ||| Stepping randomly (stuck).
 50473 | Lair:1   | 50473 ||| Stepping randomly (stuck).
 50474 | Lair:1   | 50474 ||| Stepping randomly (stuck).
 50475 | Lair:1   | 50475 ||| Stepping randomly (stuck).
 50476 | Lair:1   | 50476 ||| Stepping randomly (stuck).
 50477 | Lair:1   | 50477 ||| Stepping randomly (stuck).
 50478 | Lair:1   | 50478 ||| Stepping randomly (stuck).
 50479 | Lair:1   | 50479 ||| Stepping randomly (stuck).
 50480 | Lair:1   | 50480 ||| Stepping randomly (stuck).
 50481 | Lair:1   | 50481 ||| Stepping randomly (stuck).
 50482 | Lair:1   | 50482 ||| Stepping randomly (stuck).
 50483 | Lair:1   | 50483 ||| Stepping randomly (stuck).
 50484 | Lair:1   | 50484 ||| Stepping randomly (stuck).
 50485 | Lair:1   | 50485 ||| Stepping randomly (stuck).
 50486 | Lair:1   | 50486 ||| Stepping randomly (stuck).
 50487 | Lair:1   | 50487 ||| Stepping randomly (stuck).
 50488 | Lair:1   | 50488 ||| Stepping randomly (stuck).
 50489 | Lair:1   | 50489 ||| Stepping randomly (stuck).
 50490 | Lair:1   | 50490 ||| Stepping randomly (stuck).
 50491 | Lair:1   | 50491 ||| Stepping randomly (stuck).
 50492 | Lair:1   | 50492 ||| Stepping randomly (stuck).
 50493 | Lair:1   | 50493 ||| Stepping randomly (stuck).
 50494 | Lair:1   | 50494 ||| Stepping randomly (stuck).
 50495 | Lair:1   | 50495 ||| Stepping randomly (stuck).
 50496 | Lair:1   | 50496 ||| Stepping randomly (stuck).
 50497 | Lair:1   | 50497 ||| Stepping randomly (stuck).
 50498 | Lair:1   | 50498 ||| Stepping randomly (stuck).
 50499 | Lair:1   | 50499 ||| Stepping randomly (stuck).
 50500 | Lair:1   | 50500 ||| Stepping randomly (stuck).
 50501 | Lair:1   | 50501 ||| Stepping randomly (stuck).
 50502 | Lair:1   | 50502 ||| Stepping randomly (stuck).
 50503 | Lair:1   | 50503 ||| Stepping randomly (stuck).
 50504 | Lair:1   | 50504 ||| Stepping randomly (stuck).
 50505 | Lair:1   | 50505 ||| Stepping randomly (stuck).
 50506 | Lair:1   | 50506 ||| Stepping randomly (stuck).
 50507 | Lair:1   | 50507 ||| Stepping randomly (stuck).
 50508 | Lair:1   | 50508 ||| Stepping randomly (stuck).
 50509 | Lair:1   | 50509 ||| Stepping randomly (stuck).
 50510 | Lair:1   | 50510 ||| Stepping randomly (stuck).
 50511 | Lair:1   | 50511 ||| Stepping randomly (stuck).
 50512 | Lair:1   | 50512 ||| Stepping randomly (stuck).
 50513 | Lair:1   | 50513 ||| Stepping randomly (stuck).
 50514 | Lair:1   | 50514 ||| Stepping randomly (stuck).
 50515 | Lair:1   | 50515 ||| Stepping randomly (stuck).
 50516 | Lair:1   | 50516 ||| Stepping randomly (stuck).
 50517 | Lair:1   | 50517 ||| Stepping randomly (stuck).
 50518 | Lair:1   | 50518 ||| Stepping randomly (stuck).
 50519 | Lair:1   | 50519 ||| Stepping randomly (stuck).
 50520 | Lair:1   | 50520 ||| Stepping randomly (stuck).
 50521 | Lair:1   | 50521 ||| Stepping randomly (stuck).
 50522 | Lair:1   | 50522 ||| Stepping randomly (stuck).
 50523 | Lair:1   | 50523 ||| Stepping randomly (stuck).
 50524 | Lair:1   | 50524 ||| Stepping randomly (stuck).
 50525 | Lair:1   | 50525 ||| Stepping randomly (stuck).
 50526 | Lair:1   | 50526 ||| Stepping randomly (stuck).
 50527 | Lair:1   | 50527 ||| Stepping randomly (stuck).
 50528 | Lair:1   | 50528 ||| Stepping randomly (stuck).
 50529 | Lair:1   | 50529 ||| Stepping randomly (stuck).
 50530 | Lair:1   | 50530 ||| Stepping randomly (stuck).
 50531 | Lair:1   | 50531 ||| Stepping randomly (stuck).
 50532 | Lair:1   | 50532 ||| Stepping randomly (stuck).
 50533 | Lair:1   | 50533 ||| Stepping randomly (stuck).
 50534 | Lair:1   | 50534 ||| Stepping randomly (stuck).
 50535 | Lair:1   | 50535 ||| Stepping randomly (stuck).
 50536 | Lair:1   | 50536 ||| Stepping randomly (stuck).
 50537 | Lair:1   | 50537 ||| Stepping randomly (stuck).
 50538 | Lair:1   | 50538 ||| Stepping randomly (stuck).
 50539 | Lair:1   | 50539 ||| Stepping randomly (stuck).
 50540 | Lair:1   | 50540 ||| Stepping randomly (stuck).
 50541 | Lair:1   | 50541 ||| Stepping randomly (stuck).
 50542 | Lair:1   | 50542 ||| Stepping randomly (stuck).
 50543 | Lair:1   | 50543 ||| Stepping randomly (stuck).
 50544 | Lair:1   | 50544 ||| Stepping randomly (stuck).
 50545 | Lair:1   | 50545 ||| Stepping randomly (stuck).
 50546 | Lair:1   | 50546 ||| Stepping randomly (stuck).
 50547 | Lair:1   | 50547 ||| Stepping randomly (stuck).
 50548 | Lair:1   | 50548 ||| Stepping randomly (stuck).
 50549 | Lair:1   | 50549 ||| Stepping randomly (stuck).
 50550 | Lair:1   | 50550 ||| Stepping randomly (stuck).
 50551 | Lair:1   | 50551 ||| Stepping randomly (stuck).
 50552 | Lair:1   | 50552 ||| Stepping randomly (stuck).
 50553 | Lair:1   | 50553 ||| Stepping randomly (stuck).
 50554 | Lair:1   | 50554 ||| Stepping randomly (stuck).
 50555 | Lair:1   | 50555 ||| Stepping randomly (stuck).
 50556 | Lair:1   | 50556 ||| Stepping randomly (stuck).
 50557 | Lair:1   | 50557 ||| Stepping randomly (stuck).
 50558 | Lair:1   | 50558 ||| Stepping randomly (stuck).
 50559 | Lair:1   | 50559 ||| Stepping randomly (stuck).
 50560 | Lair:1   | 50560 ||| Stepping randomly (stuck).
 50561 | Lair:1   | 50561 ||| Stepping randomly (stuck).
 50562 | Lair:1   | 50562 ||| Stepping randomly (stuck).
 50563 | Lair:1   | 50563 ||| Stepping randomly (stuck).
 50564 | Lair:1   | 50564 ||| Stepping randomly (stuck).
 50565 | Lair:1   | 50565 ||| Stepping randomly (stuck).
 50566 | Lair:1   | 50566 ||| Stepping randomly (stuck).
 50567 | Lair:1   | 50567 ||| Stepping randomly (stuck).
 50568 | Lair:1   | 50568 ||| Stepping randomly (stuck).
 50569 | Lair:1   | 50569 ||| Stepping randomly (stuck).
 50570 | Lair:1   | 50570 ||| Stepping randomly (stuck).
 50571 | Lair:1   | 50571 ||| Stepping randomly (stuck).
 50572 | Lair:1   | 50572 ||| Stepping randomly (stuck).
 50573 | Lair:1   | 50573 ||| Stepping randomly (stuck).
 50574 | Lair:1   | 50574 ||| Stepping randomly (stuck).
 50575 | Lair:1   | 50575 ||| Stepping randomly (stuck).
 50576 | Lair:1   | 50576 ||| Stepping randomly (stuck).
 50577 | Lair:1   | 50577 ||| Stepping randomly (stuck).
 50578 | Lair:1   | 50578 ||| Stepping randomly (stuck).
 50579 | Lair:1   | 50579 ||| Stepping randomly (stuck).
 50580 | Lair:1   | 50580 ||| Stepping randomly (stuck).
 50581 | Lair:1   | 50581 ||| Stepping randomly (stuck).
 50582 | Lair:1   | 50582 ||| Stepping randomly (stuck).
 50583 | Lair:1   | 50583 ||| Stepping randomly (stuck).
 50584 | Lair:1   | 50584 ||| Stepping randomly (stuck).
 50585 | Lair:1   | 50585 ||| Stepping randomly (stuck).
 50586 | Lair:1   | 50586 ||| Stepping randomly (stuck).
 50587 | Lair:1   | 50587 ||| Stepping randomly (stuck).
 50588 | Lair:1   | 50588 ||| Stepping randomly (stuck).
 50589 | Lair:1   | 50589 ||| Stepping randomly (stuck).
 50590 | Lair:1   | 50590 ||| Stepping randomly (stuck).
 50591 | Lair:1   | 50591 ||| Stepping randomly (stuck).
 50592 | Lair:1   | 50592 ||| Stepping randomly (stuck).
 50593 | Lair:1   | 50593 ||| Stepping randomly (stuck).
 50594 | Lair:1   | 50594 ||| Stepping randomly (stuck).
 50595 | Lair:1   | 50595 ||| Stepping randomly (stuck).
 50596 | Lair:1   | 50596 ||| Stepping randomly (stuck).
 50597 | Lair:1   | 50597 ||| Stepping randomly (stuck).
 50598 | Lair:1   | 50598 ||| Stepping randomly (stuck).
 50599 | Lair:1   | 50599 ||| Stepping randomly (stuck).
 50600 | Lair:1   | 50600 ||| Stepping randomly (stuck).
 50601 | Lair:1   | 50601 ||| Stepping randomly (stuck).
 50602 | Lair:1   | 50602 ||| Stepping randomly (stuck).
 50603 | Lair:1   | 50603 ||| Stepping randomly (stuck).
 50604 | Lair:1   | 50604 ||| Stepping randomly (stuck).
 50605 | Lair:1   | 50605 ||| Stepping randomly (stuck).
 50606 | Lair:1   | 50606 ||| Stepping randomly (stuck).
 50607 | Lair:1   | 50607 ||| Stepping randomly (stuck).
 50608 | Lair:1   | 50608 ||| Stepping randomly (stuck).
 50609 | Lair:1   | 50609 ||| Stepping randomly (stuck).
 50610 | Lair:1   | 50610 ||| Stepping randomly (stuck).
 50611 | Lair:1   | 50611 ||| Stepping randomly (stuck).
 50612 | Lair:1   | 50612 ||| Stepping randomly (stuck).
 50613 | Lair:1   | 50613 ||| Stepping randomly (stuck).
 50614 | Lair:1   | 50614 ||| Stepping randomly (stuck).
 50615 | Lair:1   | 50615 ||| Stepping randomly (stuck).
 50616 | Lair:1   | 50616 ||| Stepping randomly (stuck).
 50617 | Lair:1   | 50617 ||| Stepping randomly (stuck).
 50618 | Lair:1   | 50618 ||| Stepping randomly (stuck).
 50619 | Lair:1   | 50619 ||| Stepping randomly (stuck).
 50620 | Lair:1   | 50620 ||| Stepping randomly (stuck).
 50621 | Lair:1   | 50621 ||| Stepping randomly (stuck).
 50622 | Lair:1   | 50622 ||| Stepping randomly (stuck).
 50623 | Lair:1   | 50623 ||| Stepping randomly (stuck).
 50624 | Lair:1   | 50624 ||| Stepping randomly (stuck).
 50625 | Lair:1   | 50625 ||| Stepping randomly (stuck).
 50626 | Lair:1   | 50626 ||| Stepping randomly (stuck).
 50627 | Lair:1   | 50627 ||| Stepping randomly (stuck).
 50628 | Lair:1   | 50628 ||| Stepping randomly (stuck).
 50629 | Lair:1   | 50629 ||| Stepping randomly (stuck).
 50630 | Lair:1   | 50630 ||| Stepping randomly (stuck).
 50631 | Lair:1   | 50631 ||| Stepping randomly (stuck).
 50632 | Lair:1   | 50632 ||| Stepping randomly (stuck).
 50633 | Lair:1   | 50633 ||| Stepping randomly (stuck).
 50634 | Lair:1   | 50634 ||| Stepping randomly (stuck).
 50635 | Lair:1   | 50635 ||| Stepping randomly (stuck).
 50636 | Lair:1   | 50636 ||| Stepping randomly (stuck).
 50637 | Lair:1   | 50637 ||| Stepping randomly (stuck).
 50638 | Lair:1   | 50638 ||| Stepping randomly (stuck).
 50639 | Lair:1   | 50639 ||| Stepping randomly (stuck).
 50640 | Lair:1   | 50640 ||| Stepping randomly (stuck).
 50641 | Lair:1   | 50641 ||| Stepping randomly (stuck).
 50642 | Lair:1   | 50642 ||| Stepping randomly (stuck).
 50643 | Lair:1   | 50643 ||| Stepping randomly (stuck).
 50644 | Lair:1   | 50644 ||| Stepping randomly (stuck).
 50645 | Lair:1   | 50645 ||| Stepping randomly (stuck).
 50646 | Lair:1   | 50646 ||| Stepping randomly (stuck).
 50647 | Lair:1   | 50647 ||| Stepping randomly (stuck).
 50648 | Lair:1   | 50648 ||| Stepping randomly (stuck).
 50649 | Lair:1   | 50649 ||| Stepping randomly (stuck).
 50650 | Lair:1   | 50650 ||| Stepping randomly (stuck).
 50651 | Lair:1   | 50651 ||| Stepping randomly (stuck).
 50652 | Lair:1   | 50652 ||| Stepping randomly (stuck).
 50653 | Lair:1   | 50653 ||| Stepping randomly (stuck).
 50654 | Lair:1   | 50654 ||| Stepping randomly (stuck).
 50655 | Lair:1   | 50655 ||| Stepping randomly (stuck).
 50656 | Lair:1   | 50656 ||| Stepping randomly (stuck).
 50657 | Lair:1   | 50657 ||| Stepping randomly (stuck).
 50658 | Lair:1   | 50658 ||| Stepping randomly (stuck).
 50659 | Lair:1   | 50659 ||| Stepping randomly (stuck).
 50660 | Lair:1   | 50660 ||| Stepping randomly (stuck).
 50661 | Lair:1   | 50661 ||| Stepping randomly (stuck).
 50662 | Lair:1   | 50662 ||| Stepping randomly (stuck).
 50663 | Lair:1   | 50663 ||| Stepping randomly (stuck).
 50664 | Lair:1   | 50664 ||| Stepping randomly (stuck).
 50665 | Lair:1   | 50665 ||| Stepping randomly (stuck).
 50666 | Lair:1   | 50666 ||| Stepping randomly (stuck).
 50667 | Lair:1   | 50667 ||| Stepping randomly (stuck).
 50668 | Lair:1   | 50668 ||| Stepping randomly (stuck).
 50669 | Lair:1   | 50669 ||| Stepping randomly (stuck).
 50670 | Lair:1   | 50670 ||| Stepping randomly (stuck).
 50671 | Lair:1   | 50671 ||| Stepping randomly (stuck).
 50672 | Lair:1   | 50672 ||| Stepping randomly (stuck).
 50673 | Lair:1   | 50673 ||| Stepping randomly (stuck).
 50674 | Lair:1   | 50674 ||| Stepping randomly (stuck).
 50675 | Lair:1   | 50675 ||| Stepping randomly (stuck).
 50676 | Lair:1   | 50676 ||| Stepping randomly (stuck).
 50677 | Lair:1   | 50677 ||| Stepping randomly (stuck).
 50678 | Lair:1   | 50678 ||| Stepping randomly (stuck).
 50679 | Lair:1   | 50679 ||| Stepping randomly (stuck).
 50680 | Lair:1   | 50680 ||| Stepping randomly (stuck).
 50681 | Lair:1   | 50681 ||| Stepping randomly (stuck).
 50682 | Lair:1   | 50682 ||| Stepping randomly (stuck).
 50683 | Lair:1   | 50683 ||| Stepping randomly (stuck).
 50684 | Lair:1   | 50684 ||| Stepping randomly (stuck).
 50685 | Lair:1   | 50685 ||| Stepping randomly (stuck).
 50686 | Lair:1   | 50686 ||| Stepping randomly (stuck).
 50687 | Lair:1   | 50687 ||| Stepping randomly (stuck).
 50688 | Lair:1   | 50688 ||| Stepping randomly (stuck).
 50689 | Lair:1   | 50689 ||| Stepping randomly (stuck).
 50690 | Lair:1   | 50690 ||| Stepping randomly (stuck).
 50691 | Lair:1   | 50691 ||| Stepping randomly (stuck).
 50692 | Lair:1   | 50692 ||| Stepping randomly (stuck).
 50693 | Lair:1   | 50693 ||| Stepping randomly (stuck).
 50694 | Lair:1   | 50694 ||| Stepping randomly (stuck).
 50695 | Lair:1   | 50695 ||| Stepping randomly (stuck).
 50696 | Lair:1   | 50696 ||| Stepping randomly (stuck).
 50697 | Lair:1   | 50697 ||| Stepping randomly (stuck).
 50698 | Lair:1   | 50698 ||| Stepping randomly (stuck).
 50699 | Lair:1   | 50699 ||| Stepping randomly (stuck).
 50700 | Lair:1   | 50700 ||| Stepping randomly (stuck).
 50701 | Lair:1   | 50701 ||| Stepping randomly (stuck).
 50702 | Lair:1   | 50702 ||| Stepping randomly (stuck).
 50703 | Lair:1   | 50703 ||| Stepping randomly (stuck).
 50704 | Lair:1   | 50704 ||| Stepping randomly (stuck).
 50705 | Lair:1   | 50705 ||| Stepping randomly (stuck).
 50706 | Lair:1   | 50706 ||| Stepping randomly (stuck).
 50707 | Lair:1   | 50707 ||| Stepping randomly (stuck).
 50708 | Lair:1   | 50708 ||| Stepping randomly (stuck).
 50709 | Lair:1   | 50709 ||| Stepping randomly (stuck).
 50710 | Lair:1   | 50710 ||| Stepping randomly (stuck).
 50711 | Lair:1   | 50711 ||| Stepping randomly (stuck).
 50712 | Lair:1   | 50712 ||| Stepping randomly (stuck).
 50713 | Lair:1   | 50713 ||| Stepping randomly (stuck).
 50714 | Lair:1   | 50714 ||| Stepping randomly (stuck).
 50715 | Lair:1   | 50715 ||| Stepping randomly (stuck).
 50716 | Lair:1   | 50716 ||| Stepping randomly (stuck).
 50717 | Lair:1   | 50717 ||| Stepping randomly (stuck).
 50718 | Lair:1   | 50718 ||| Stepping randomly (stuck).
 50719 | Lair:1   | 50719 ||| Stepping randomly (stuck).
 50720 | Lair:1   | 50720 ||| Stepping randomly (stuck).
 50721 | Lair:1   | 50721 ||| Stepping randomly (stuck).
 50722 | Lair:1   | 50722 ||| Stepping randomly (stuck).
 50723 | Lair:1   | 50723 ||| Stepping randomly (stuck).
 50724 | Lair:1   | 50724 ||| Stepping randomly (stuck).
 50725 | Lair:1   | 50725 ||| Stepping randomly (stuck).
 50726 | Lair:1   | 50726 ||| Stepping randomly (stuck).
 50727 | Lair:1   | 50727 ||| Stepping randomly (stuck).
 50728 | Lair:1   | 50728 ||| Stepping randomly (stuck).
 50729 | Lair:1   | 50729 ||| Stepping randomly (stuck).
 50730 | Lair:1   | 50730 ||| Stepping randomly (stuck).
 50731 | Lair:1   | 50731 ||| Stepping randomly (stuck).
 50732 | Lair:1   | 50732 ||| Stepping randomly (stuck).
 50733 | Lair:1   | 50733 ||| Stepping randomly (stuck).
 50734 | Lair:1   | 50734 ||| Stepping randomly (stuck).
 50735 | Lair:1   | 50735 ||| Stepping randomly (stuck).
 50736 | Lair:1   | 50736 ||| Stepping randomly (stuck).
 50737 | Lair:1   | 50737 ||| Stepping randomly (stuck).
 50738 | Lair:1   | 50738 ||| Stepping randomly (stuck).
 50739 | Lair:1   | 50739 ||| Stepping randomly (stuck).
 50740 | Lair:1   | 50740 ||| Stepping randomly (stuck).
 50741 | Lair:1   | 50741 ||| Stepping randomly (stuck).
 50742 | Lair:1   | 50742 ||| Stepping randomly (stuck).
 50743 | Lair:1   | 50743 ||| Stepping randomly (stuck).
 50744 | Lair:1   | 50744 ||| Stepping randomly (stuck).
 50745 | Lair:1   | 50745 ||| Stepping randomly (stuck).
 50746 | Lair:1   | 50746 ||| Stepping randomly (stuck).
 50747 | Lair:1   | 50747 ||| Stepping randomly (stuck).
 50748 | Lair:1   | 50748 ||| Stepping randomly (stuck).
 50749 | Lair:1   | 50749 ||| Stepping randomly (stuck).
 50750 | Lair:1   | 50750 ||| Stepping randomly (stuck).
 50751 | Lair:1   | 50751 ||| Stepping randomly (stuck).
 50752 | Lair:1   | 50752 ||| Stepping randomly (stuck).
 50753 | Lair:1   | 50753 ||| Stepping randomly (stuck).
 50754 | Lair:1   | 50754 ||| Stepping randomly (stuck).
 50755 | Lair:1   | 50755 ||| Stepping randomly (stuck).
 50756 | Lair:1   | 50756 ||| Stepping randomly (stuck).
 50757 | Lair:1   | 50757 ||| Stepping randomly (stuck).
 50758 | Lair:1   | 50758 ||| Stepping randomly (stuck).
 50759 | Lair:1   | 50759 ||| Stepping randomly (stuck).
 50760 | Lair:1   | 50760 ||| Stepping randomly (stuck).
 50761 | Lair:1   | 50761 ||| Stepping randomly (stuck).
 50762 | Lair:1   | 50762 ||| Stepping randomly (stuck).
 50763 | Lair:1   | 50763 ||| Stepping randomly (stuck).
 50764 | Lair:1   | 50764 ||| Stepping randomly (stuck).
 50765 | Lair:1   | 50765 ||| Stepping randomly (stuck).
 50766 | Lair:1   | 50766 ||| Stepping randomly (stuck).
 50767 | Lair:1   | 50767 ||| Stepping randomly (stuck).
 50768 | Lair:1   | 50768 ||| Stepping randomly (stuck).
 50769 | Lair:1   | 50769 ||| Stepping randomly (stuck).
 50770 | Lair:1   | 50770 ||| Stepping randomly (stuck).
 50771 | Lair:1   | 50771 ||| Stepping randomly (stuck).
 50772 | Lair:1   | 50772 ||| Stepping randomly (stuck).
 50773 | Lair:1   | 50773 ||| Stepping randomly (stuck).
 50774 | Lair:1   | 50774 ||| Stepping randomly (stuck).
 50775 | Lair:1   | 50775 ||| Stepping randomly (stuck).
 50776 | Lair:1   | 50776 ||| Stepping randomly (stuck).
 50777 | Lair:1   | 50777 ||| Stepping randomly (stuck).
 50778 | Lair:1   | 50778 ||| Stepping randomly (stuck).
 50779 | Lair:1   | 50779 ||| Stepping randomly (stuck).
 50780 | Lair:1   | 50780 ||| Stepping randomly (stuck).
 50781 | Lair:1   | 50781 ||| Stepping randomly (stuck).
 50782 | Lair:1   | 50782 ||| Stepping randomly (stuck).
 50783 | Lair:1   | 50783 ||| Stepping randomly (stuck).
 50784 | Lair:1   | 50784 ||| Stepping randomly (stuck).
 50785 | Lair:1   | 50785 ||| Stepping randomly (stuck).
 50786 | Lair:1   | 50786 ||| Stepping randomly (stuck).
 50787 | Lair:1   | 50787 ||| Stepping randomly (stuck).
 50788 | Lair:1   | 50788 ||| Stepping randomly (stuck).
 50789 | Lair:1   | 50789 ||| Stepping randomly (stuck).
 50790 | Lair:1   | 50790 ||| Stepping randomly (stuck).
 50790 | Lair:1   | Glimpsed the power of Zot.
 50791 | Lair:1   | 50791 ||| Stepping randomly (stuck).
 50792 | Lair:1   | 50792 ||| Stepping randomly (stuck).
 50793 | Lair:1   | 50793 ||| Stepping randomly (stuck).
 50794 | Lair:1   | 50794 ||| Stepping randomly (stuck).
 50795 | Lair:1   | 50795 ||| Stepping randomly (stuck).
 50796 | Lair:1   | 50796 ||| Stepping randomly (stuck).
 50797 | Lair:1   | 50797 ||| Stepping randomly (stuck).
 50798 | Lair:1   | 50798 ||| Stepping randomly (stuck).
 50799 | Lair:1   | 50799 ||| Stepping randomly (stuck).
 50800 | Lair:1   | 50800 ||| Stepping randomly (stuck).
 50801 | Lair:1   | 50801 ||| Stepping randomly (stuck).
 50802 | Lair:1   | 50802 ||| Stepping randomly (stuck).
 50803 | Lair:1   | 50803 ||| Stepping randomly (stuck).
 50804 | Lair:1   | 50804 ||| Stepping randomly (stuck).
 50805 | Lair:1   | 50805 ||| Stepping randomly (stuck).
 50806 | Lair:1   | 50806 ||| Stepping randomly (stuck).
 50807 | Lair:1   | 50807 ||| Stepping randomly (stuck).
 50808 | Lair:1   | 50808 ||| Stepping randomly (stuck).
 50809 | Lair:1   | 50809 ||| Stepping randomly (stuck).
 50810 | Lair:1   | 50810 ||| Stepping randomly (stuck).
 50811 | Lair:1   | 50811 ||| Stepping randomly (stuck).
 50812 | Lair:1   | 50812 ||| Stepping randomly (stuck).
 50813 | Lair:1   | 50813 ||| Stepping randomly (stuck).
 50814 | Lair:1   | 50814 ||| Stepping randomly (stuck).
 50815 | Lair:1   | 50815 ||| Stepping randomly (stuck).
 50816 | Lair:1   | 50816 ||| Stepping randomly (stuck).
 50817 | Lair:1   | 50817 ||| Stepping randomly (stuck).
 50818 | Lair:1   | 50818 ||| Stepping randomly (stuck).
 50819 | Lair:1   | 50819 ||| Stepping randomly (stuck).
 50820 | Lair:1   | 50820 ||| Stepping randomly (stuck).
 50821 | Lair:1   | 50821 ||| Stepping randomly (stuck).
 50822 | Lair:1   | 50822 ||| Stepping randomly (stuck).
 50823 | Lair:1   | 50823 ||| Stepping randomly (stuck).
 50824 | Lair:1   | 50824 ||| Stepping randomly (stuck).
 50825 | Lair:1   | 50825 ||| Stepping randomly (stuck).
 50826 | Lair:1   | 50826 ||| Stepping randomly (stuck).
 50827 | Lair:1   | 50827 ||| Stepping randomly (stuck).
 50828 | Lair:1   | 50828 ||| Stepping randomly (stuck).
 50829 | Lair:1   | 50829 ||| Stepping randomly (stuck).
 50830 | Lair:1   | 50830 ||| Stepping randomly (stuck).
 50831 | Lair:1   | 50831 ||| Stepping randomly (stuck).
 50832 | Lair:1   | 50832 ||| Stepping randomly (stuck).
 50833 | Lair:1   | 50833 ||| Stepping randomly (stuck).
 50834 | Lair:1   | 50834 ||| Stepping randomly (stuck).
 50835 | Lair:1   | 50835 ||| Stepping randomly (stuck).
 50836 | Lair:1   | 50836 ||| Stepping randomly (stuck).
 50837 | Lair:1   | 50837 ||| Stepping randomly (stuck).
 50838 | Lair:1   | 50838 ||| Stepping randomly (stuck).
 50839 | Lair:1   | 50839 ||| Stepping randomly (stuck).
 50840 | Lair:1   | 50840 ||| Stepping randomly (stuck).
 50841 | Lair:1   | 50841 ||| Stepping randomly (stuck).
 50842 | Lair:1   | 50842 ||| Stepping randomly (stuck).
 50843 | Lair:1   | 50843 ||| Stepping randomly (stuck).
 50844 | Lair:1   | 50844 ||| Stepping randomly (stuck).
 50845 | Lair:1   | 50845 ||| Stepping randomly (stuck).
 50846 | Lair:1   | 50846 ||| Stepping randomly (stuck).
 50847 | Lair:1   | 50847 ||| Stepping randomly (stuck).
 50848 | Lair:1   | 50848 ||| Stepping randomly (stuck).
 50849 | Lair:1   | 50849 ||| Stepping randomly (stuck).
 50850 | Lair:1   | 50850 ||| Stepping randomly (stuck).
 50851 | Lair:1   | 50851 ||| Stepping randomly (stuck).
 50852 | Lair:1   | 50852 ||| Stepping randomly (stuck).
 50853 | Lair:1   | 50853 ||| Stepping randomly (stuck).
 50854 | Lair:1   | 50854 ||| Stepping randomly (stuck).
 50855 | Lair:1   | 50855 ||| Stepping randomly (stuck).
 50856 | Lair:1   | 50856 ||| Stepping randomly (stuck).
 50857 | Lair:1   | 50857 ||| Stepping randomly (stuck).
 50858 | Lair:1   | 50858 ||| Stepping randomly (stuck).
 50859 | Lair:1   | 50859 ||| Stepping randomly (stuck).
 50860 | Lair:1   | 50860 ||| Stepping randomly (stuck).
 50861 | Lair:1   | 50861 ||| Stepping randomly (stuck).
 50862 | Lair:1   | 50862 ||| Stepping randomly (stuck).
 50863 | Lair:1   | 50863 ||| Stepping randomly (stuck).
 50864 | Lair:1   | 50864 ||| Stepping randomly (stuck).
 50865 | Lair:1   | 50865 ||| Stepping randomly (stuck).
 50866 | Lair:1   | 50866 ||| Stepping randomly (stuck).
 50867 | Lair:1   | 50867 ||| Stepping randomly (stuck).
 50868 | Lair:1   | 50868 ||| Stepping randomly (stuck).
 50869 | Lair:1   | 50869 ||| Stepping randomly (stuck).
 50870 | Lair:1   | 50870 ||| Stepping randomly (stuck).
 50871 | Lair:1   | 50871 ||| Stepping randomly (stuck).
 50872 | Lair:1   | 50872 ||| Stepping randomly (stuck).
 50873 | Lair:1   | 50873 ||| Stepping randomly (stuck).
 50874 | Lair:1   | 50874 ||| Stepping randomly (stuck).
 50875 | Lair:1   | 50875 ||| Stepping randomly (stuck).
 50876 | Lair:1   | 50876 ||| Stepping randomly (stuck).
 50877 | Lair:1   | 50877 ||| Stepping randomly (stuck).
 50878 | Lair:1   | 50878 ||| Stepping randomly (stuck).
 50879 | Lair:1   | 50879 ||| Stepping randomly (stuck).
 50880 | Lair:1   | 50880 ||| Stepping randomly (stuck).
 50881 | Lair:1   | 50881 ||| Stepping randomly (stuck).
 50882 | Lair:1   | 50882 ||| Stepping randomly (stuck).
 50883 | Lair:1   | 50883 ||| Stepping randomly (stuck).
 50884 | Lair:1   | 50884 ||| Stepping randomly (stuck).
 50885 | Lair:1   | 50885 ||| Stepping randomly (stuck).
 50886 | Lair:1   | 50886 ||| Stepping randomly (stuck).
 50887 | Lair:1   | 50887 ||| Stepping randomly (stuck).
 50888 | Lair:1   | 50888 ||| Stepping randomly (stuck).
 50889 | Lair:1   | 50889 ||| Stepping randomly (stuck).
 50890 | Lair:1   | 50890 ||| Stepping randomly (stuck).
 50890 | Lair:1   | Touched by the power of Zot (MHP 127 -> 103)
 50891 | Lair:1   | 50891 ||| PLANNING SNAKE:1-3
 50891 | Lair:1   | Glimpsed the power of Zot.
 50912 | D:9      | 50912 ||| PLANNING LAIR
 50944 | Lair:2   | 50944 ||| Stepping randomly (stuck).
 50945 | Lair:2   | 50945 ||| Stepping randomly (stuck).
 50946 | Lair:2   | 50946 ||| Stepping randomly (stuck).
 50947 | Lair:2   | 50947 ||| Stepping randomly (stuck).
 50948 | Lair:2   | 50948 ||| Stepping randomly (stuck).
 50949 | Lair:2   | 50949 ||| Stepping randomly (stuck).
 50950 | Lair:2   | 50950 ||| Stepping randomly (stuck).
 50951 | Lair:2   | 50951 ||| Stepping randomly (stuck).
 50952 | Lair:2   | 50952 ||| Stepping randomly (stuck).
 50953 | Lair:2   | 50953 ||| Stepping randomly (stuck).
 50954 | Lair:2   | 50954 ||| Stepping randomly (stuck).
 50955 | Lair:2   | 50955 ||| Stepping randomly (stuck).
 50956 | Lair:2   | 50956 ||| Stepping randomly (stuck).
 50957 | Lair:2   | 50957 ||| Stepping randomly (stuck).
 50958 | Lair:2   | 50958 ||| Stepping randomly (stuck).
 50959 | Lair:2   | 50959 ||| Stepping randomly (stuck).
 50960 | Lair:2   | 50960 ||| Stepping randomly (stuck).
 50961 | Lair:2   | 50961 ||| Stepping randomly (stuck).
 50962 | Lair:2   | 50962 ||| Stepping randomly (stuck).
 50963 | Lair:2   | 50963 ||| Stepping randomly (stuck).
 50964 | Lair:2   | 50964 ||| Stepping randomly (stuck).
 50965 | Lair:2   | 50965 ||| Stepping randomly (stuck).
 50966 | Lair:2   | 50966 ||| Stepping randomly (stuck).
 50967 | Lair:2   | 50967 ||| Stepping randomly (stuck).
 50968 | Lair:2   | 50968 ||| Stepping randomly (stuck).
 50969 | Lair:2   | 50969 ||| Stepping randomly (stuck).
 50970 | Lair:2   | 50970 ||| Stepping randomly (stuck).
 50971 | Lair:2   | 50971 ||| Stepping randomly (stuck).
 50972 | Lair:2   | 50972 ||| Stepping randomly (stuck).
 50973 | Lair:2   | 50973 ||| Stepping randomly (stuck).
 50974 | Lair:2   | 50974 ||| Stepping randomly (stuck).
 50975 | Lair:2   | 50975 ||| Stepping randomly (stuck).
 50976 | Lair:2   | 50976 ||| Stepping randomly (stuck).
 50977 | Lair:2   | 50977 ||| Stepping randomly (stuck).
 50978 | Lair:2   | 50978 ||| Stepping randomly (stuck).
 50979 | Lair:2   | 50979 ||| Stepping randomly (stuck).
 50980 | Lair:2   | 50980 ||| Stepping randomly (stuck).
 50981 | Lair:2   | 50981 ||| Stepping randomly (stuck).
 50982 | Lair:2   | 50982 ||| Stepping randomly (stuck).
 50983 | Lair:2   | 50983 ||| Stepping randomly (stuck).
 50984 | Lair:2   | 50984 ||| Stepping randomly (stuck).
 50985 | Lair:2   | 50985 ||| Stepping randomly (stuck).
 50986 | Lair:2   | 50986 ||| Stepping randomly (stuck).
 50987 | Lair:2   | 50987 ||| Stepping randomly (stuck).
 50988 | Lair:2   | 50988 ||| Stepping randomly (stuck).
 50989 | Lair:2   | 50989 ||| Stepping randomly (stuck).
 50990 | Lair:2   | 50990 ||| Stepping randomly (stuck).
 50991 | Lair:2   | 50991 ||| Stepping randomly (stuck).
 50992 | Lair:2   | 50992 ||| Stepping randomly (stuck).
 50993 | Lair:2   | 50993 ||| Stepping randomly (stuck).
 50994 | Lair:2   | 50994 ||| Stepping randomly (stuck).
 50995 | Lair:2   | 50995 ||| Stepping randomly (stuck).
 50996 | Lair:2   | 50996 ||| Stepping randomly (stuck).
 50997 | Lair:2   | 50997 ||| Stepping randomly (stuck).
 50998 | Lair:2   | 50998 ||| Stepping randomly (stuck).
 50999 | Lair:2   | 50999 ||| Stepping randomly (stuck).
 51000 | Lair:2   | 51000 ||| Stepping randomly (stuck).
 51001 | Lair:2   | 51001 ||| Stepping randomly (stuck).
 51002 | Lair:2   | 51002 ||| Stepping randomly (stuck).
 51003 | Lair:2   | 51003 ||| Stepping randomly (stuck).
 51004 | Lair:2   | 51004 ||| Stepping randomly (stuck).
 51005 | Lair:2   | 51005 ||| Stepping randomly (stuck).
 51006 | Lair:2   | 51006 ||| Stepping randomly (stuck).
 51007 | Lair:2   | 51007 ||| Stepping randomly (stuck).
 51008 | Lair:2   | 51008 ||| Stepping randomly (stuck).
 51009 | Lair:2   | 51009 ||| Stepping randomly (stuck).
 51010 | Lair:2   | 51010 ||| Stepping randomly (stuck).
 51011 | Lair:2   | 51011 ||| Stepping randomly (stuck).
 51012 | Lair:2   | 51012 ||| Stepping randomly (stuck).
 51013 | Lair:2   | 51013 ||| Stepping randomly (stuck).
 51014 | Lair:2   | 51014 ||| Stepping randomly (stuck).
 51015 | Lair:2   | 51015 ||| Stepping randomly (stuck).
 51016 | Lair:2   | 51016 ||| Stepping randomly (stuck).
 51017 | Lair:2   | 51017 ||| Stepping randomly (stuck).
 51018 | Lair:2   | 51018 ||| Stepping randomly (stuck).
 51019 | Lair:2   | 51019 ||| Stepping randomly (stuck).
 51020 | Lair:2   | 51020 ||| Stepping randomly (stuck).
 51021 | Lair:2   | 51021 ||| Stepping randomly (stuck).
 51022 | Lair:2   | 51022 ||| Stepping randomly (stuck).
 51023 | Lair:2   | 51023 ||| Stepping randomly (stuck).
 51024 | Lair:2   | 51024 ||| Stepping randomly (stuck).
 51025 | Lair:2   | 51025 ||| Stepping randomly (stuck).
 51026 | Lair:2   | 51026 ||| Stepping randomly (stuck).
 51027 | Lair:2   | 51027 ||| Stepping randomly (stuck).
 51028 | Lair:2   | 51028 ||| Stepping randomly (stuck).
 51029 | Lair:2   | 51029 ||| Stepping randomly (stuck).
 51030 | Lair:2   | 51030 ||| Stepping randomly (stuck).
 51031 | Lair:2   | 51031 ||| Stepping randomly (stuck).
 51032 | Lair:2   | 51032 ||| Stepping randomly (stuck).
 51033 | Lair:2   | 51033 ||| Stepping randomly (stuck).
 51034 | Lair:2   | 51034 ||| Stepping randomly (stuck).
 51035 | Lair:2   | 51035 ||| Stepping randomly (stuck).
 51036 | Lair:2   | 51036 ||| Stepping randomly (stuck).
 51037 | Lair:2   | 51037 ||| Stepping randomly (stuck).
 51038 | Lair:2   | 51038 ||| Stepping randomly (stuck).
 51039 | Lair:2   | 51039 ||| Stepping randomly (stuck).
 51040 | Lair:2   | 51040 ||| Stepping randomly (stuck).
 51041 | Lair:2   | 51041 ||| Stepping randomly (stuck).
 51042 | Lair:2   | 51042 ||| Stepping randomly (stuck).
 51043 | Lair:2   | 51043 ||| Stepping randomly (stuck).
 51044 | Lair:2   | 51044 ||| Stepping randomly (stuck).
 51045 | Lair:2   | 51045 ||| Stepping randomly (stuck).
 51046 | Lair:2   | 51046 ||| Stepping randomly (stuck).
 51047 | Lair:2   | 51047 ||| Stepping randomly (stuck).
 51048 | Lair:2   | 51048 ||| Stepping randomly (stuck).
 51049 | Lair:2   | 51049 ||| Stepping randomly (stuck).
 51050 | Lair:2   | 51050 ||| Stepping randomly (stuck).
 51051 | Lair:2   | 51051 ||| Stepping randomly (stuck).
 51052 | Lair:2   | 51052 ||| Stepping randomly (stuck).
 51053 | Lair:2   | 51053 ||| Stepping randomly (stuck).
 51054 | Lair:2   | 51054 ||| Stepping randomly (stuck).
 51055 | Lair:2   | 51055 ||| Stepping randomly (stuck).
 51056 | Lair:2   | 51056 ||| Stepping randomly (stuck).
 51057 | Lair:2   | 51057 ||| Stepping randomly (stuck).
 51058 | Lair:2   | 51058 ||| Stepping randomly (stuck).
 51059 | Lair:2   | 51059 ||| Stepping randomly (stuck).
 51060 | Lair:2   | 51060 ||| Stepping randomly (stuck).
 51061 | Lair:2   | 51061 ||| Stepping randomly (stuck).
 51062 | Lair:2   | 51062 ||| Stepping randomly (stuck).
 51063 | Lair:2   | 51063 ||| Stepping randomly (stuck).
 51064 | Lair:2   | 51064 ||| Stepping randomly (stuck).
 51065 | Lair:2   | 51065 ||| Stepping randomly (stuck).
 51066 | Lair:2   | 51066 ||| Stepping randomly (stuck).
 51067 | Lair:2   | 51067 ||| Stepping randomly (stuck).
 51068 | Lair:2   | 51068 ||| Stepping randomly (stuck).
 51069 | Lair:2   | 51069 ||| Stepping randomly (stuck).
 51070 | Lair:2   | 51070 ||| Stepping randomly (stuck).
 51071 | Lair:2   | 51071 ||| Stepping randomly (stuck).
 51072 | Lair:2   | 51072 ||| Stepping randomly (stuck).
 51073 | Lair:2   | 51073 ||| Stepping randomly (stuck).
 51074 | Lair:2   | 51074 ||| Stepping randomly (stuck).
 51075 | Lair:2   | 51075 ||| Stepping randomly (stuck).
 51076 | Lair:2   | 51076 ||| Stepping randomly (stuck).
 51077 | Lair:2   | 51077 ||| Stepping randomly (stuck).
 51078 | Lair:2   | 51078 ||| Stepping randomly (stuck).
 51079 | Lair:2   | 51079 ||| Stepping randomly (stuck).
 51080 | Lair:2   | 51080 ||| Stepping randomly (stuck).
 51081 | Lair:2   | 51081 ||| Stepping randomly (stuck).
 51082 | Lair:2   | 51082 ||| Stepping randomly (stuck).
 51083 | Lair:2   | 51083 ||| Stepping randomly (stuck).
 51084 | Lair:2   | 51084 ||| Stepping randomly (stuck).
 51085 | Lair:2   | 51085 ||| Stepping randomly (stuck).
 51086 | Lair:2   | 51086 ||| Stepping randomly (stuck).
 51087 | Lair:2   | 51087 ||| Stepping randomly (stuck).
 51088 | Lair:2   | 51088 ||| Stepping randomly (stuck).
 51089 | Lair:2   | 51089 ||| Stepping randomly (stuck).
 51090 | Lair:2   | 51090 ||| Stepping randomly (stuck).
 51091 | Lair:2   | 51091 ||| Stepping randomly (stuck).
 51092 | Lair:2   | 51092 ||| Stepping randomly (stuck).
 51093 | Lair:2   | 51093 ||| Stepping randomly (stuck).
 51094 | Lair:2   | 51094 ||| Stepping randomly (stuck).
 51095 | Lair:2   | 51095 ||| Stepping randomly (stuck).
 51096 | Lair:2   | 51096 ||| Stepping randomly (stuck).
 51097 | Lair:2   | 51097 ||| Stepping randomly (stuck).
 51098 | Lair:2   | 51098 ||| Stepping randomly (stuck).
 51099 | Lair:2   | 51099 ||| Stepping randomly (stuck).
 51100 | Lair:2   | 51100 ||| Stepping randomly (stuck).
 51101 | Lair:2   | 51101 ||| Stepping randomly (stuck).
 51102 | Lair:2   | 51102 ||| Stepping randomly (stuck).
 51103 | Lair:2   | 51103 ||| Stepping randomly (stuck).
 51104 | Lair:2   | 51104 ||| Stepping randomly (stuck).
 51105 | Lair:2   | 51105 ||| Stepping randomly (stuck).
 51106 | Lair:2   | 51106 ||| Stepping randomly (stuck).
 51107 | Lair:2   | 51107 ||| Stepping randomly (stuck).
 51108 | Lair:2   | 51108 ||| Stepping randomly (stuck).
 51109 | Lair:2   | 51109 ||| Stepping randomly (stuck).
 51110 | Lair:2   | 51110 ||| Stepping randomly (stuck).
 51111 | Lair:2   | 51111 ||| Stepping randomly (stuck).
 51112 | Lair:2   | 51112 ||| Stepping randomly (stuck).
 51113 | Lair:2   | 51113 ||| Stepping randomly (stuck).
 51114 | Lair:2   | 51114 ||| Stepping randomly (stuck).
 51115 | Lair:2   | 51115 ||| Stepping randomly (stuck).
 51116 | Lair:2   | 51116 ||| Stepping randomly (stuck).
 51117 | Lair:2   | 51117 ||| Stepping randomly (stuck).
 51118 | Lair:2   | 51118 ||| Stepping randomly (stuck).
 51119 | Lair:2   | 51119 ||| Stepping randomly (stuck).
 51120 | Lair:2   | 51120 ||| Stepping randomly (stuck).
 51121 | Lair:2   | 51121 ||| Stepping randomly (stuck).
 51122 | Lair:2   | 51122 ||| Stepping randomly (stuck).
 51123 | Lair:2   | 51123 ||| Stepping randomly (stuck).
 51124 | Lair:2   | 51124 ||| Stepping randomly (stuck).
 51125 | Lair:2   | 51125 ||| Stepping randomly (stuck).
 51126 | Lair:2   | 51126 ||| Stepping randomly (stuck).
 51127 | Lair:2   | 51127 ||| Stepping randomly (stuck).
 51128 | Lair:2   | 51128 ||| Stepping randomly (stuck).
 51129 | Lair:2   | 51129 ||| Stepping randomly (stuck).
 51130 | Lair:2   | 51130 ||| Stepping randomly (stuck).
 51131 | Lair:2   | 51131 ||| Stepping randomly (stuck).
 51132 | Lair:2   | 51132 ||| Stepping randomly (stuck).
 51133 | Lair:2   | 51133 ||| Stepping randomly (stuck).
 51134 | Lair:2   | 51134 ||| Stepping randomly (stuck).
 51135 | Lair:2   | 51135 ||| Stepping randomly (stuck).
 51136 | Lair:2   | 51136 ||| Stepping randomly (stuck).
 51137 | Lair:2   | 51137 ||| Stepping randomly (stuck).
 51138 | Lair:2   | 51138 ||| Stepping randomly (stuck).
 51139 | Lair:2   | 51139 ||| Stepping randomly (stuck).
 51140 | Lair:2   | 51140 ||| Stepping randomly (stuck).
 51141 | Lair:2   | 51141 ||| Stepping randomly (stuck).
 51142 | Lair:2   | 51142 ||| Stepping randomly (stuck).
 51143 | Lair:2   | 51143 ||| Stepping randomly (stuck).
 51144 | Lair:2   | 51144 ||| Stepping randomly (stuck).
 51145 | Lair:2   | 51145 ||| Stepping randomly (stuck).
 51146 | Lair:2   | 51146 ||| Stepping randomly (stuck).
 51147 | Lair:2   | 51147 ||| Stepping randomly (stuck).
 51148 | Lair:2   | 51148 ||| Stepping randomly (stuck).
 51149 | Lair:2   | 51149 ||| Stepping randomly (stuck).
 51150 | Lair:2   | 51150 ||| Stepping randomly (stuck).
 51151 | Lair:2   | 51151 ||| Stepping randomly (stuck).
 51152 | Lair:2   | 51152 ||| Stepping randomly (stuck).
 51153 | Lair:2   | 51153 ||| Stepping randomly (stuck).
 51154 | Lair:2   | 51154 ||| Stepping randomly (stuck).
 51155 | Lair:2   | 51155 ||| Stepping randomly (stuck).
 51156 | Lair:2   | 51156 ||| Stepping randomly (stuck).
 51157 | Lair:2   | 51157 ||| Stepping randomly (stuck).
 51158 | Lair:2   | 51158 ||| Stepping randomly (stuck).
 51159 | Lair:2   | 51159 ||| Stepping randomly (stuck).
 51160 | Lair:2   | 51160 ||| Stepping randomly (stuck).
 51161 | Lair:2   | 51161 ||| Stepping randomly (stuck).
 51162 | Lair:2   | 51162 ||| Stepping randomly (stuck).
 51163 | Lair:2   | 51163 ||| Stepping randomly (stuck).
 51164 | Lair:2   | 51164 ||| Stepping randomly (stuck).
 51165 | Lair:2   | 51165 ||| Stepping randomly (stuck).
 51166 | Lair:2   | 51166 ||| Stepping randomly (stuck).
 51167 | Lair:2   | 51167 ||| Stepping randomly (stuck).
 51168 | Lair:2   | 51168 ||| Stepping randomly (stuck).
 51169 | Lair:2   | 51169 ||| Stepping randomly (stuck).
 51170 | Lair:2   | 51170 ||| Stepping randomly (stuck).
 51171 | Lair:2   | 51171 ||| Stepping randomly (stuck).
 51172 | Lair:2   | 51172 ||| Stepping randomly (stuck).
 51173 | Lair:2   | 51173 ||| Stepping randomly (stuck).
 51174 | Lair:2   | 51174 ||| Stepping randomly (stuck).
 51175 | Lair:2   | 51175 ||| Stepping randomly (stuck).
 51176 | Lair:2   | 51176 ||| Stepping randomly (stuck).
 51177 | Lair:2   | 51177 ||| Stepping randomly (stuck).
 51178 | Lair:2   | 51178 ||| Stepping randomly (stuck).
 51179 | Lair:2   | 51179 ||| Stepping randomly (stuck).
 51180 | Lair:2   | 51180 ||| Stepping randomly (stuck).
 51181 | Lair:2   | 51181 ||| Stepping randomly (stuck).
 51182 | Lair:2   | 51182 ||| Stepping randomly (stuck).
 51183 | Lair:2   | 51183 ||| Stepping randomly (stuck).
 51184 | Lair:2   | 51184 ||| Stepping randomly (stuck).
 51185 | Lair:2   | 51185 ||| Stepping randomly (stuck).
 51186 | Lair:2   | 51186 ||| Stepping randomly (stuck).
 51187 | Lair:2   | 51187 ||| Stepping randomly (stuck).
 51188 | Lair:2   | 51188 ||| Stepping randomly (stuck).
 51189 | Lair:2   | 51189 ||| Stepping randomly (stuck).
 51190 | Lair:2   | 51190 ||| Stepping randomly (stuck).
 51191 | Lair:2   | 51191 ||| Stepping randomly (stuck).
 51192 | Lair:2   | 51192 ||| Stepping randomly (stuck).
 51193 | Lair:2   | 51193 ||| Stepping randomly (stuck).
 51194 | Lair:2   | 51194 ||| Stepping randomly (stuck).
 51195 | Lair:2   | 51195 ||| Stepping randomly (stuck).
 51196 | Lair:2   | 51196 ||| Stepping randomly (stuck).
 51197 | Lair:2   | 51197 ||| Stepping randomly (stuck).
 51198 | Lair:2   | 51198 ||| Stepping randomly (stuck).
 51199 | Lair:2   | 51199 ||| Stepping randomly (stuck).
 51200 | Lair:2   | 51200 ||| Stepping randomly (stuck).
 51201 | Lair:2   | 51201 ||| Stepping randomly (stuck).
 51202 | Lair:2   | 51202 ||| Stepping randomly (stuck).
 51203 | Lair:2   | 51203 ||| Stepping randomly (stuck).
 51204 | Lair:2   | 51204 ||| Stepping randomly (stuck).
 51205 | Lair:2   | 51205 ||| Stepping randomly (stuck).
 51206 | Lair:2   | 51206 ||| Stepping randomly (stuck).
 51207 | Lair:2   | 51207 ||| Stepping randomly (stuck).
 51208 | Lair:2   | 51208 ||| Stepping randomly (stuck).
 51209 | Lair:2   | 51209 ||| Stepping randomly (stuck).
 51210 | Lair:2   | 51210 ||| Stepping randomly (stuck).
 51211 | Lair:2   | 51211 ||| Stepping randomly (stuck).
 51212 | Lair:2   | 51212 ||| Stepping randomly (stuck).
 51213 | Lair:2   | 51213 ||| Stepping randomly (stuck).
 51214 | Lair:2   | 51214 ||| Stepping randomly (stuck).
 51215 | Lair:2   | 51215 ||| Stepping randomly (stuck).
 51216 | Lair:2   | 51216 ||| Stepping randomly (stuck).
 51217 | Lair:2   | 51217 ||| Stepping randomly (stuck).
 51218 | Lair:2   | 51218 ||| Stepping randomly (stuck).
 51219 | Lair:2   | 51219 ||| Stepping randomly (stuck).
 51220 | Lair:2   | 51220 ||| Stepping randomly (stuck).
 51221 | Lair:2   | 51221 ||| Stepping randomly (stuck).
 51222 | Lair:2   | 51222 ||| Stepping randomly (stuck).
 51223 | Lair:2   | 51223 ||| Stepping randomly (stuck).
 51224 | Lair:2   | 51224 ||| Stepping randomly (stuck).
 51225 | Lair:2   | 51225 ||| Stepping randomly (stuck).
 51226 | Lair:2   | 51226 ||| Stepping randomly (stuck).
 51227 | Lair:2   | 51227 ||| Stepping randomly (stuck).
 51228 | Lair:2   | 51228 ||| Stepping randomly (stuck).
 51229 | Lair:2   | 51229 ||| Stepping randomly (stuck).
 51230 | Lair:2   | 51230 ||| Stepping randomly (stuck).
 51231 | Lair:2   | 51231 ||| Stepping randomly (stuck).
 51232 | Lair:2   | 51232 ||| Stepping randomly (stuck).
 51233 | Lair:2   | 51233 ||| Stepping randomly (stuck).
 51234 | Lair:2   | 51234 ||| Stepping randomly (stuck).
 51235 | Lair:2   | 51235 ||| Stepping randomly (stuck).
 51236 | Lair:2   | 51236 ||| Stepping randomly (stuck).
 51237 | Lair:2   | 51237 ||| Stepping randomly (stuck).
 51238 | Lair:2   | 51238 ||| Stepping randomly (stuck).
 51239 | Lair:2   | 51239 ||| Stepping randomly (stuck).
 51240 | Lair:2   | 51240 ||| Stepping randomly (stuck).
 51241 | Lair:2   | 51241 ||| Stepping randomly (stuck).
 51242 | Lair:2   | 51242 ||| Stepping randomly (stuck).
 51243 | Lair:2   | 51243 ||| Stepping randomly (stuck).
 51244 | Lair:2   | 51244 ||| Stepping randomly (stuck).
 51245 | Lair:2   | 51245 ||| Stepping randomly (stuck).
 51246 | Lair:2   | 51246 ||| Stepping randomly (stuck).
 51247 | Lair:2   | 51247 ||| Stepping randomly (stuck).
 51248 | Lair:2   | 51248 ||| Stepping randomly (stuck).
 51249 | Lair:2   | 51249 ||| Stepping randomly (stuck).
 51250 | Lair:2   | 51250 ||| Stepping randomly (stuck).
 51251 | Lair:2   | 51251 ||| Stepping randomly (stuck).
 51252 | Lair:2   | 51252 ||| Stepping randomly (stuck).
 51253 | Lair:2   | 51253 ||| Stepping randomly (stuck).
 51254 | Lair:2   | 51254 ||| Stepping randomly (stuck).
 51255 | Lair:2   | 51255 ||| Stepping randomly (stuck).
 51256 | Lair:2   | 51256 ||| Stepping randomly (stuck).
 51257 | Lair:2   | 51257 ||| Stepping randomly (stuck).
 51258 | Lair:2   | 51258 ||| Stepping randomly (stuck).
 51259 | Lair:2   | 51259 ||| Stepping randomly (stuck).
 51260 | Lair:2   | 51260 ||| Stepping randomly (stuck).
 51261 | Lair:2   | 51261 ||| Stepping randomly (stuck).
 51262 | Lair:2   | 51262 ||| Stepping randomly (stuck).
 51263 | Lair:2   | 51263 ||| Stepping randomly (stuck).
 51264 | Lair:2   | 51264 ||| Stepping randomly (stuck).
 51265 | Lair:2   | 51265 ||| Stepping randomly (stuck).
 51266 | Lair:2   | 51266 ||| Stepping randomly (stuck).
 51267 | Lair:2   | 51267 ||| Stepping randomly (stuck).
 51268 | Lair:2   | 51268 ||| Stepping randomly (stuck).
 51269 | Lair:2   | 51269 ||| Stepping randomly (stuck).
 51270 | Lair:2   | 51270 ||| Stepping randomly (stuck).
 51271 | Lair:2   | 51271 ||| Stepping randomly (stuck).
 51272 | Lair:2   | 51272 ||| Stepping randomly (stuck).
 51273 | Lair:2   | 51273 ||| Stepping randomly (stuck).
 51274 | Lair:2   | 51274 ||| Stepping randomly (stuck).
 51275 | Lair:2   | 51275 ||| Stepping randomly (stuck).
 51276 | Lair:2   | 51276 ||| Stepping randomly (stuck).
 51277 | Lair:2   | 51277 ||| Stepping randomly (stuck).
 51278 | Lair:2   | 51278 ||| Stepping randomly (stuck).
 51279 | Lair:2   | 51279 ||| Stepping randomly (stuck).
 51280 | Lair:2   | 51280 ||| Stepping randomly (stuck).
 51281 | Lair:2   | 51281 ||| Stepping randomly (stuck).
 51282 | Lair:2   | 51282 ||| Stepping randomly (stuck).
 51283 | Lair:2   | 51283 ||| Stepping randomly (stuck).
 51284 | Lair:2   | 51284 ||| Stepping randomly (stuck).
 51285 | Lair:2   | 51285 ||| Stepping randomly (stuck).
 51286 | Lair:2   | 51286 ||| Stepping randomly (stuck).
 51287 | Lair:2   | 51287 ||| Stepping randomly (stuck).
 51288 | Lair:2   | 51288 ||| Stepping randomly (stuck).
 51289 | Lair:2   | 51289 ||| Stepping randomly (stuck).
 51290 | Lair:2   | 51290 ||| Stepping randomly (stuck).
 51291 | Lair:2   | 51291 ||| Stepping randomly (stuck).
 51292 | Lair:2   | 51292 ||| Stepping randomly (stuck).
 51293 | Lair:2   | 51293 ||| Stepping randomly (stuck).
 51294 | Lair:2   | 51294 ||| Stepping randomly (stuck).
 51295 | Lair:2   | 51295 ||| Stepping randomly (stuck).
 51296 | Lair:2   | 51296 ||| Stepping randomly (stuck).
 51297 | Lair:2   | 51297 ||| Stepping randomly (stuck).
 51298 | Lair:2   | 51298 ||| Stepping randomly (stuck).
 51299 | Lair:2   | 51299 ||| Stepping randomly (stuck).
 51300 | Lair:2   | 51300 ||| Stepping randomly (stuck).
 51301 | Lair:2   | 51301 ||| Stepping randomly (stuck).
 51302 | Lair:2   | 51302 ||| Stepping randomly (stuck).
 51303 | Lair:2   | 51303 ||| Stepping randomly (stuck).
 51304 | Lair:2   | 51304 ||| Stepping randomly (stuck).
 51305 | Lair:2   | 51305 ||| Stepping randomly (stuck).
 51306 | Lair:2   | 51306 ||| Stepping randomly (stuck).
 51307 | Lair:2   | 51307 ||| Stepping randomly (stuck).
 51308 | Lair:2   | 51308 ||| Stepping randomly (stuck).
 51309 | Lair:2   | 51309 ||| Stepping randomly (stuck).
 51310 | Lair:2   | 51310 ||| Stepping randomly (stuck).
 51311 | Lair:2   | 51311 ||| Stepping randomly (stuck).
 51312 | Lair:2   | 51312 ||| Stepping randomly (stuck).
 51313 | Lair:2   | 51313 ||| Stepping randomly (stuck).
 51314 | Lair:2   | 51314 ||| Stepping randomly (stuck).
 51315 | Lair:2   | 51315 ||| Stepping randomly (stuck).
 51316 | Lair:2   | 51316 ||| Stepping randomly (stuck).
 51317 | Lair:2   | 51317 ||| Stepping randomly (stuck).
 51318 | Lair:2   | 51318 ||| Stepping randomly (stuck).
 51319 | Lair:2   | 51319 ||| Stepping randomly (stuck).
 51320 | Lair:2   | 51320 ||| Stepping randomly (stuck).
 51321 | Lair:2   | 51321 ||| Stepping randomly (stuck).
 51322 | Lair:2   | 51322 ||| Stepping randomly (stuck).
 51323 | Lair:2   | 51323 ||| Stepping randomly (stuck).
 51324 | Lair:2   | 51324 ||| Stepping randomly (stuck).
 51325 | Lair:2   | 51325 ||| Stepping randomly (stuck).
 51326 | Lair:2   | 51326 ||| Stepping randomly (stuck).
 51327 | Lair:2   | 51327 ||| Stepping randomly (stuck).
 51328 | Lair:2   | 51328 ||| Stepping randomly (stuck).
 51329 | Lair:2   | 51329 ||| Stepping randomly (stuck).
 51330 | Lair:2   | 51330 ||| Stepping randomly (stuck).
 51331 | Lair:2   | 51331 ||| Stepping randomly (stuck).
 51332 | Lair:2   | 51332 ||| Stepping randomly (stuck).
 51333 | Lair:2   | 51333 ||| Stepping randomly (stuck).
 51334 | Lair:2   | 51334 ||| Stepping randomly (stuck).
 51335 | Lair:2   | 51335 ||| Stepping randomly (stuck).
 51336 | Lair:2   | 51336 ||| Stepping randomly (stuck).
 51337 | Lair:2   | 51337 ||| Stepping randomly (stuck).
 51338 | Lair:2   | 51338 ||| Stepping randomly (stuck).
 51339 | Lair:2   | 51339 ||| Stepping randomly (stuck).
 51340 | Lair:2   | 51340 ||| Stepping randomly (stuck).
 51341 | Lair:2   | 51341 ||| Stepping randomly (stuck).
 51342 | Lair:2   | 51342 ||| Stepping randomly (stuck).
 51343 | Lair:2   | 51343 ||| Stepping randomly (stuck).
 51344 | Lair:2   | 51344 ||| Stepping randomly (stuck).
 51345 | Lair:2   | 51345 ||| Stepping randomly (stuck).
 51346 | Lair:2   | 51346 ||| Stepping randomly (stuck).
 51347 | Lair:2   | 51347 ||| Stepping randomly (stuck).
 51348 | Lair:2   | 51348 ||| Stepping randomly (stuck).
 51349 | Lair:2   | 51349 ||| Stepping randomly (stuck).
 51350 | Lair:2   | 51350 ||| Stepping randomly (stuck).
 51351 | Lair:2   | 51351 ||| Stepping randomly (stuck).
 51352 | Lair:2   | 51352 ||| Stepping randomly (stuck).
 51353 | Lair:2   | 51353 ||| Stepping randomly (stuck).
 51354 | Lair:2   | 51354 ||| Stepping randomly (stuck).
 51355 | Lair:2   | 51355 ||| Stepping randomly (stuck).
 51356 | Lair:2   | 51356 ||| Stepping randomly (stuck).
 51357 | Lair:2   | 51357 ||| Stepping randomly (stuck).
 51358 | Lair:2   | 51358 ||| Stepping randomly (stuck).
 51359 | Lair:2   | 51359 ||| Stepping randomly (stuck).
 51360 | Lair:2   | 51360 ||| Stepping randomly (stuck).
 51361 | Lair:2   | 51361 ||| Stepping randomly (stuck).
 51362 | Lair:2   | 51362 ||| Stepping randomly (stuck).
 51363 | Lair:2   | 51363 ||| Stepping randomly (stuck).
 51364 | Lair:2   | 51364 ||| Stepping randomly (stuck).
 51365 | Lair:2   | 51365 ||| Stepping randomly (stuck).
 51366 | Lair:2   | 51366 ||| Stepping randomly (stuck).
 51367 | Lair:2   | 51367 ||| Stepping randomly (stuck).
 51368 | Lair:2   | 51368 ||| Stepping randomly (stuck).
 51368 | Lair:2   | Glimpsed the power of Zot.
 51369 | Lair:2   | 51369 ||| Stepping randomly (stuck).
 51370 | Lair:2   | 51370 ||| Stepping randomly (stuck).
 51371 | Lair:2   | 51371 ||| Stepping randomly (stuck).
 51372 | Lair:2   | 51372 ||| Stepping randomly (stuck).
 51373 | Lair:2   | 51373 ||| Stepping randomly (stuck).
 51374 | Lair:2   | 51374 ||| Stepping randomly (stuck).
 51375 | Lair:2   | 51375 ||| Stepping randomly (stuck).
 51376 | Lair:2   | 51376 ||| Stepping randomly (stuck).
 51377 | Lair:2   | 51377 ||| Stepping randomly (stuck).
 51378 | Lair:2   | 51378 ||| Stepping randomly (stuck).
 51379 | Lair:2   | 51379 ||| Stepping randomly (stuck).
 51380 | Lair:2   | 51380 ||| Stepping randomly (stuck).
 51381 | Lair:2   | 51381 ||| Stepping randomly (stuck).
 51382 | Lair:2   | 51382 ||| Stepping randomly (stuck).
 51383 | Lair:2   | 51383 ||| Stepping randomly (stuck).
 51384 | Lair:2   | 51384 ||| Stepping randomly (stuck).
 51385 | Lair:2   | 51385 ||| Stepping randomly (stuck).
 51386 | Lair:2   | 51386 ||| Stepping randomly (stuck).
 51387 | Lair:2   | 51387 ||| Stepping randomly (stuck).
 51388 | Lair:2   | 51388 ||| Stepping randomly (stuck).
 51389 | Lair:2   | 51389 ||| Stepping randomly (stuck).
 51390 | Lair:2   | 51390 ||| Stepping randomly (stuck).
 51391 | Lair:2   | 51391 ||| Stepping randomly (stuck).
 51392 | Lair:2   | 51392 ||| Stepping randomly (stuck).
 51393 | Lair:2   | 51393 ||| Stepping randomly (stuck).
 51394 | Lair:2   | 51394 ||| Stepping randomly (stuck).
 51395 | Lair:2   | 51395 ||| Stepping randomly (stuck).
 51396 | Lair:2   | 51396 ||| Stepping randomly (stuck).
 51397 | Lair:2   | 51397 ||| Stepping randomly (stuck).
 51398 | Lair:2   | 51398 ||| Stepping randomly (stuck).
 51399 | Lair:2   | 51399 ||| Stepping randomly (stuck).
 51400 | Lair:2   | 51400 ||| Stepping randomly (stuck).
 51401 | Lair:2   | 51401 ||| Stepping randomly (stuck).
 51402 | Lair:2   | 51402 ||| Stepping randomly (stuck).
 51403 | Lair:2   | 51403 ||| Stepping randomly (stuck).
 51404 | Lair:2   | 51404 ||| Stepping randomly (stuck).
 51405 | Lair:2   | 51405 ||| Stepping randomly (stuck).
 51406 | Lair:2   | 51406 ||| Stepping randomly (stuck).
 51407 | Lair:2   | 51407 ||| Stepping randomly (stuck).
 51408 | Lair:2   | 51408 ||| Stepping randomly (stuck).
 51409 | Lair:2   | 51409 ||| Stepping randomly (stuck).
 51410 | Lair:2   | 51410 ||| Stepping randomly (stuck).
 51411 | Lair:2   | 51411 ||| Stepping randomly (stuck).
 51412 | Lair:2   | 51412 ||| Stepping randomly (stuck).
 51413 | Lair:2   | 51413 ||| Stepping randomly (stuck).
 51414 | Lair:2   | 51414 ||| Stepping randomly (stuck).
 51415 | Lair:2   | 51415 ||| Stepping randomly (stuck).
 51416 | Lair:2   | 51416 ||| Stepping randomly (stuck).
 51417 | Lair:2   | 51417 ||| Stepping randomly (stuck).
 51418 | Lair:2   | 51418 ||| Stepping randomly (stuck).
 51419 | Lair:2   | 51419 ||| Stepping randomly (stuck).
 51420 | Lair:2   | 51420 ||| Stepping randomly (stuck).
 51421 | Lair:2   | 51421 ||| Stepping randomly (stuck).
 51422 | Lair:2   | 51422 ||| Stepping randomly (stuck).
 51423 | Lair:2   | 51423 ||| Stepping randomly (stuck).
 51424 | Lair:2   | 51424 ||| Stepping randomly (stuck).
 51425 | Lair:2   | 51425 ||| Stepping randomly (stuck).
 51426 | Lair:2   | 51426 ||| Stepping randomly (stuck).
 51427 | Lair:2   | 51427 ||| Stepping randomly (stuck).
 51428 | Lair:2   | 51428 ||| Stepping randomly (stuck).
 51429 | Lair:2   | 51429 ||| Stepping randomly (stuck).
 51430 | Lair:2   | 51430 ||| Stepping randomly (stuck).
 51431 | Lair:2   | 51431 ||| Stepping randomly (stuck).
 51432 | Lair:2   | 51432 ||| Stepping randomly (stuck).
 51433 | Lair:2   | 51433 ||| Stepping randomly (stuck).
 51434 | Lair:2   | 51434 ||| Stepping randomly (stuck).
 51435 | Lair:2   | 51435 ||| Stepping randomly (stuck).
 51436 | Lair:2   | 51436 ||| Stepping randomly (stuck).
 51437 | Lair:2   | 51437 ||| Stepping randomly (stuck).
 51438 | Lair:2   | 51438 ||| Stepping randomly (stuck).
 51439 | Lair:2   | 51439 ||| Stepping randomly (stuck).
 51440 | Lair:2   | 51440 ||| Stepping randomly (stuck).
 51441 | Lair:2   | 51441 ||| Stepping randomly (stuck).
 51442 | Lair:2   | 51442 ||| Stepping randomly (stuck).
 51443 | Lair:2   | 51443 ||| Stepping randomly (stuck).
 51444 | Lair:2   | 51444 ||| Stepping randomly (stuck).
 51445 | Lair:2   | 51445 ||| Stepping randomly (stuck).
 51446 | Lair:2   | 51446 ||| Stepping randomly (stuck).
 51447 | Lair:2   | 51447 ||| Stepping randomly (stuck).
 51448 | Lair:2   | 51448 ||| Stepping randomly (stuck).
 51449 | Lair:2   | 51449 ||| Stepping randomly (stuck).
 51450 | Lair:2   | 51450 ||| Stepping randomly (stuck).
 51451 | Lair:2   | 51451 ||| Stepping randomly (stuck).
 51452 | Lair:2   | 51452 ||| Stepping randomly (stuck).
 51453 | Lair:2   | 51453 ||| Stepping randomly (stuck).
 51454 | Lair:2   | 51454 ||| Stepping randomly (stuck).
 51455 | Lair:2   | 51455 ||| Stepping randomly (stuck).
 51456 | Lair:2   | 51456 ||| Stepping randomly (stuck).
 51457 | Lair:2   | 51457 ||| Stepping randomly (stuck).
 51458 | Lair:2   | 51458 ||| Stepping randomly (stuck).
 51459 | Lair:2   | 51459 ||| Stepping randomly (stuck).
 51460 | Lair:2   | 51460 ||| Stepping randomly (stuck).
 51461 | Lair:2   | 51461 ||| Stepping randomly (stuck).
 51462 | Lair:2   | 51462 ||| Stepping randomly (stuck).
 51463 | Lair:2   | 51463 ||| Stepping randomly (stuck).
 51464 | Lair:2   | 51464 ||| Stepping randomly (stuck).
 51465 | Lair:2   | 51465 ||| Stepping randomly (stuck).
 51466 | Lair:2   | 51466 ||| Stepping randomly (stuck).
 51467 | Lair:2   | 51467 ||| Stepping randomly (stuck).
 51468 | Lair:2   | 51468 ||| Stepping randomly (stuck).
 51469 | Lair:2   | 51469 ||| Stepping randomly (stuck).
 51470 | Lair:2   | 51470 ||| Stepping randomly (stuck).
 51471 | Lair:2   | 51471 ||| Stepping randomly (stuck).
 51472 | Lair:2   | 51472 ||| Stepping randomly (stuck).
 51473 | Lair:2   | 51473 ||| Stepping randomly (stuck).
 51474 | Lair:2   | 51474 ||| Stepping randomly (stuck).
 51475 | Lair:2   | 51475 ||| Stepping randomly (stuck).
 51476 | Lair:2   | 51476 ||| Stepping randomly (stuck).
 51477 | Lair:2   | 51477 ||| Stepping randomly (stuck).
 51478 | Lair:2   | 51478 ||| Stepping randomly (stuck).
 51479 | Lair:2   | 51479 ||| Stepping randomly (stuck).
 51480 | Lair:2   | 51480 ||| Stepping randomly (stuck).
 51481 | Lair:2   | 51481 ||| Stepping randomly (stuck).
 51482 | Lair:2   | 51482 ||| Stepping randomly (stuck).
 51483 | Lair:2   | 51483 ||| Stepping randomly (stuck).
 51484 | Lair:2   | 51484 ||| Stepping randomly (stuck).
 51485 | Lair:2   | 51485 ||| Stepping randomly (stuck).
 51486 | Lair:2   | 51486 ||| Stepping randomly (stuck).
 51487 | Lair:2   | 51487 ||| Stepping randomly (stuck).
 51488 | Lair:2   | 51488 ||| Stepping randomly (stuck).
 51489 | Lair:2   | 51489 ||| Stepping randomly (stuck).
 51490 | Lair:2   | 51490 ||| Stepping randomly (stuck).
 51491 | Lair:2   | 51491 ||| Stepping randomly (stuck).
 51492 | Lair:2   | 51492 ||| Stepping randomly (stuck).
 51493 | Lair:2   | 51493 ||| Stepping randomly (stuck).
 51494 | Lair:2   | 51494 ||| Stepping randomly (stuck).
 51495 | Lair:2   | 51495 ||| Stepping randomly (stuck).
 51496 | Lair:2   | 51496 ||| Stepping randomly (stuck).
 51497 | Lair:2   | 51497 ||| Stepping randomly (stuck).
 51498 | Lair:2   | 51498 ||| Stepping randomly (stuck).
 51499 | Lair:2   | 51499 ||| Stepping randomly (stuck).
 51500 | Lair:2   | 51500 ||| Stepping randomly (stuck).
 51501 | Lair:2   | 51501 ||| Stepping randomly (stuck).
 51502 | Lair:2   | 51502 ||| Stepping randomly (stuck).
 51503 | Lair:2   | 51503 ||| Stepping randomly (stuck).
 51504 | Lair:2   | 51504 ||| Stepping randomly (stuck).
 51505 | Lair:2   | 51505 ||| Stepping randomly (stuck).
 51506 | Lair:2   | 51506 ||| Stepping randomly (stuck).
 51507 | Lair:2   | 51507 ||| Stepping randomly (stuck).
 51508 | Lair:2   | 51508 ||| Stepping randomly (stuck).
 51509 | Lair:2   | 51509 ||| Stepping randomly (stuck).
 51510 | Lair:2   | 51510 ||| Stepping randomly (stuck).
 51511 | Lair:2   | 51511 ||| Stepping randomly (stuck).
 51512 | Lair:2   | 51512 ||| Stepping randomly (stuck).
 51513 | Lair:2   | 51513 ||| Stepping randomly (stuck).
 51514 | Lair:2   | 51514 ||| Stepping randomly (stuck).
 51515 | Lair:2   | 51515 ||| Stepping randomly (stuck).
 51516 | Lair:2   | 51516 ||| Stepping randomly (stuck).
 51517 | Lair:2   | 51517 ||| Stepping randomly (stuck).
 51518 | Lair:2   | 51518 ||| Stepping randomly (stuck).
 51519 | Lair:2   | 51519 ||| Stepping randomly (stuck).
 51520 | Lair:2   | 51520 ||| Stepping randomly (stuck).
 51521 | Lair:2   | 51521 ||| Stepping randomly (stuck).
 51522 | Lair:2   | 51522 ||| Stepping randomly (stuck).
 51523 | Lair:2   | 51523 ||| Stepping randomly (stuck).
 51524 | Lair:2   | 51524 ||| Stepping randomly (stuck).
 51525 | Lair:2   | 51525 ||| Stepping randomly (stuck).
 51526 | Lair:2   | 51526 ||| Stepping randomly (stuck).
 51527 | Lair:2   | 51527 ||| Stepping randomly (stuck).
 51528 | Lair:2   | 51528 ||| Stepping randomly (stuck).
 51529 | Lair:2   | 51529 ||| Stepping randomly (stuck).
 51530 | Lair:2   | 51530 ||| Stepping randomly (stuck).
 51531 | Lair:2   | 51531 ||| Stepping randomly (stuck).
 51532 | Lair:2   | 51532 ||| Stepping randomly (stuck).
 51533 | Lair:2   | 51533 ||| Stepping randomly (stuck).
 51534 | Lair:2   | 51534 ||| Stepping randomly (stuck).
 51535 | Lair:2   | 51535 ||| Stepping randomly (stuck).
 51536 | Lair:2   | 51536 ||| Stepping randomly (stuck).
 51537 | Lair:2   | 51537 ||| Stepping randomly (stuck).
 51538 | Lair:2   | 51538 ||| Stepping randomly (stuck).
 51539 | Lair:2   | 51539 ||| Stepping randomly (stuck).
 51540 | Lair:2   | 51540 ||| Stepping randomly (stuck).
 51541 | Lair:2   | 51541 ||| Stepping randomly (stuck).
 51542 | Lair:2   | 51542 ||| Stepping randomly (stuck).
 51543 | Lair:2   | 51543 ||| Stepping randomly (stuck).
 51544 | Lair:2   | 51544 ||| Stepping randomly (stuck).
 51545 | Lair:2   | 51545 ||| Stepping randomly (stuck).
 51546 | Lair:2   | 51546 ||| Stepping randomly (stuck).
 51547 | Lair:2   | 51547 ||| Stepping randomly (stuck).
 51548 | Lair:2   | 51548 ||| Stepping randomly (stuck).
 51549 | Lair:2   | 51549 ||| Stepping randomly (stuck).
 51550 | Lair:2   | 51550 ||| Stepping randomly (stuck).
 51551 | Lair:2   | 51551 ||| Stepping randomly (stuck).
 51552 | Lair:2   | 51552 ||| Stepping randomly (stuck).
 51553 | Lair:2   | 51553 ||| Stepping randomly (stuck).
 51554 | Lair:2   | 51554 ||| Stepping randomly (stuck).
 51555 | Lair:2   | 51555 ||| Stepping randomly (stuck).
 51556 | Lair:2   | 51556 ||| Stepping randomly (stuck).
 51557 | Lair:2   | 51557 ||| Stepping randomly (stuck).
 51558 | Lair:2   | 51558 ||| Stepping randomly (stuck).
 51559 | Lair:2   | 51559 ||| Stepping randomly (stuck).
 51560 | Lair:2   | 51560 ||| Stepping randomly (stuck).
 51561 | Lair:2   | 51561 ||| Stepping randomly (stuck).
 51562 | Lair:2   | 51562 ||| Stepping randomly (stuck).
 51563 | Lair:2   | 51563 ||| Stepping randomly (stuck).
 51564 | Lair:2   | 51564 ||| Stepping randomly (stuck).
 51565 | Lair:2   | 51565 ||| Stepping randomly (stuck).
 51566 | Lair:2   | 51566 ||| Stepping randomly (stuck).
 51567 | Lair:2   | 51567 ||| Stepping randomly (stuck).
 51568 | Lair:2   | 51568 ||| Stepping randomly (stuck).
 51569 | Lair:2   | 51569 ||| Stepping randomly (stuck).
 51570 | Lair:2   | 51570 ||| Stepping randomly (stuck).
 51571 | Lair:2   | 51571 ||| Stepping randomly (stuck).
 51572 | Lair:2   | 51572 ||| Stepping randomly (stuck).
 51573 | Lair:2   | 51573 ||| Stepping randomly (stuck).
 51574 | Lair:2   | 51574 ||| Stepping randomly (stuck).
 51575 | Lair:2   | 51575 ||| Stepping randomly (stuck).
 51576 | Lair:2   | 51576 ||| Stepping randomly (stuck).
 51577 | Lair:2   | 51577 ||| Stepping randomly (stuck).
 51578 | Lair:2   | 51578 ||| Stepping randomly (stuck).
 51579 | Lair:2   | 51579 ||| Stepping randomly (stuck).
 51580 | Lair:2   | 51580 ||| Stepping randomly (stuck).
 51581 | Lair:2   | 51581 ||| Stepping randomly (stuck).
 51582 | Lair:2   | 51582 ||| Stepping randomly (stuck).
 51583 | Lair:2   | 51583 ||| Stepping randomly (stuck).
 51584 | Lair:2   | 51584 ||| Stepping randomly (stuck).
 51585 | Lair:2   | 51585 ||| Stepping randomly (stuck).
 51586 | Lair:2   | 51586 ||| Stepping randomly (stuck).
 51587 | Lair:2   | 51587 ||| Stepping randomly (stuck).
 51588 | Lair:2   | 51588 ||| Stepping randomly (stuck).
 51589 | Lair:2   | 51589 ||| Stepping randomly (stuck).
 51590 | Lair:2   | 51590 ||| Stepping randomly (stuck).
 51591 | Lair:2   | 51591 ||| Stepping randomly (stuck).
 51592 | Lair:2   | 51592 ||| Stepping randomly (stuck).
 51593 | Lair:2   | 51593 ||| Stepping randomly (stuck).
 51594 | Lair:2   | 51594 ||| Stepping randomly (stuck).
 51595 | Lair:2   | 51595 ||| Stepping randomly (stuck).
 51596 | Lair:2   | 51596 ||| Stepping randomly (stuck).
 51597 | Lair:2   | 51597 ||| Stepping randomly (stuck).
 51598 | Lair:2   | 51598 ||| Stepping randomly (stuck).
 51599 | Lair:2   | 51599 ||| Stepping randomly (stuck).
 51600 | Lair:2   | 51600 ||| Stepping randomly (stuck).
 51601 | Lair:2   | 51601 ||| Stepping randomly (stuck).
 51602 | Lair:2   | 51602 ||| Stepping randomly (stuck).
 51603 | Lair:2   | 51603 ||| Stepping randomly (stuck).
 51604 | Lair:2   | 51604 ||| Stepping randomly (stuck).
 51605 | Lair:2   | 51605 ||| Stepping randomly (stuck).
 51606 | Lair:2   | 51606 ||| Stepping randomly (stuck).
 51607 | Lair:2   | 51607 ||| Stepping randomly (stuck).
 51608 | Lair:2   | 51608 ||| Stepping randomly (stuck).
 51609 | Lair:2   | 51609 ||| Stepping randomly (stuck).
 51610 | Lair:2   | 51610 ||| Stepping randomly (stuck).
 51611 | Lair:2   | 51611 ||| Stepping randomly (stuck).
 51612 | Lair:2   | 51612 ||| Stepping randomly (stuck).
 51613 | Lair:2   | 51613 ||| Stepping randomly (stuck).
 51614 | Lair:2   | 51614 ||| Stepping randomly (stuck).
 51615 | Lair:2   | 51615 ||| Stepping randomly (stuck).
 51616 | Lair:2   | 51616 ||| Stepping randomly (stuck).
 51617 | Lair:2   | 51617 ||| Stepping randomly (stuck).
 51618 | Lair:2   | 51618 ||| Stepping randomly (stuck).
 51619 | Lair:2   | 51619 ||| Stepping randomly (stuck).
 51620 | Lair:2   | 51620 ||| Stepping randomly (stuck).
 51621 | Lair:2   | 51621 ||| Stepping randomly (stuck).
 51622 | Lair:2   | 51622 ||| Stepping randomly (stuck).
 51623 | Lair:2   | 51623 ||| Stepping randomly (stuck).
 51624 | Lair:2   | 51624 ||| Stepping randomly (stuck).
 51625 | Lair:2   | 51625 ||| Stepping randomly (stuck).
 51626 | Lair:2   | 51626 ||| Stepping randomly (stuck).
 51627 | Lair:2   | 51627 ||| Stepping randomly (stuck).
 51628 | Lair:2   | 51628 ||| Stepping randomly (stuck).
 51629 | Lair:2   | 51629 ||| Stepping randomly (stuck).
 51630 | Lair:2   | 51630 ||| Stepping randomly (stuck).
 51631 | Lair:2   | 51631 ||| Stepping randomly (stuck).
 51632 | Lair:2   | 51632 ||| Stepping randomly (stuck).
 51633 | Lair:2   | 51633 ||| Stepping randomly (stuck).
 51634 | Lair:2   | 51634 ||| Stepping randomly (stuck).
 51635 | Lair:2   | 51635 ||| Stepping randomly (stuck).
 51636 | Lair:2   | 51636 ||| Stepping randomly (stuck).
 51637 | Lair:2   | 51637 ||| Stepping randomly (stuck).
 51638 | Lair:2   | 51638 ||| Stepping randomly (stuck).
 51639 | Lair:2   | 51639 ||| Stepping randomly (stuck).
 51640 | Lair:2   | 51640 ||| Stepping randomly (stuck).
 51641 | Lair:2   | 51641 ||| Stepping randomly (stuck).
 51642 | Lair:2   | 51642 ||| Stepping randomly (stuck).
 51643 | Lair:2   | 51643 ||| Stepping randomly (stuck).
 51644 | Lair:2   | 51644 ||| Stepping randomly (stuck).
 51645 | Lair:2   | 51645 ||| Stepping randomly (stuck).
 51646 | Lair:2   | 51646 ||| Stepping randomly (stuck).
 51647 | Lair:2   | 51647 ||| Stepping randomly (stuck).
 51648 | Lair:2   | 51648 ||| Stepping randomly (stuck).
 51649 | Lair:2   | 51649 ||| Stepping randomly (stuck).
 51650 | Lair:2   | 51650 ||| Stepping randomly (stuck).
 51651 | Lair:2   | 51651 ||| Stepping randomly (stuck).
 51652 | Lair:2   | 51652 ||| Stepping randomly (stuck).
 51653 | Lair:2   | 51653 ||| Stepping randomly (stuck).
 51654 | Lair:2   | 51654 ||| Stepping randomly (stuck).
 51655 | Lair:2   | 51655 ||| Stepping randomly (stuck).
 51656 | Lair:2   | 51656 ||| Stepping randomly (stuck).
 51657 | Lair:2   | 51657 ||| Stepping randomly (stuck).
 51658 | Lair:2   | 51658 ||| Stepping randomly (stuck).
 51659 | Lair:2   | 51659 ||| Stepping randomly (stuck).
 51660 | Lair:2   | 51660 ||| Stepping randomly (stuck).
 51661 | Lair:2   | 51661 ||| Stepping randomly (stuck).
 51662 | Lair:2   | 51662 ||| Stepping randomly (stuck).
 51663 | Lair:2   | 51663 ||| Stepping randomly (stuck).
 51664 | Lair:2   | 51664 ||| Stepping randomly (stuck).
 51665 | Lair:2   | 51665 ||| Stepping randomly (stuck).
 51666 | Lair:2   | 51666 ||| Stepping randomly (stuck).
 51667 | Lair:2   | 51667 ||| Stepping randomly (stuck).
 51668 | Lair:2   | 51668 ||| Stepping randomly (stuck).
 51669 | Lair:2   | 51669 ||| Stepping randomly (stuck).
 51670 | Lair:2   | 51670 ||| Stepping randomly (stuck).
 51671 | Lair:2   | 51671 ||| Stepping randomly (stuck).
 51672 | Lair:2   | 51672 ||| Stepping randomly (stuck).
 51673 | Lair:2   | 51673 ||| Stepping randomly (stuck).
 51674 | Lair:2   | 51674 ||| Stepping randomly (stuck).
 51675 | Lair:2   | 51675 ||| Stepping randomly (stuck).
 51676 | Lair:2   | 51676 ||| Stepping randomly (stuck).
 51677 | Lair:2   | 51677 ||| Stepping randomly (stuck).
 51678 | Lair:2   | 51678 ||| Stepping randomly (stuck).
 51679 | Lair:2   | 51679 ||| Stepping randomly (stuck).
 51680 | Lair:2   | 51680 ||| Stepping randomly (stuck).
 51681 | Lair:2   | 51681 ||| Stepping randomly (stuck).
 51682 | Lair:2   | 51682 ||| Stepping randomly (stuck).
 51683 | Lair:2   | 51683 ||| Stepping randomly (stuck).
 51684 | Lair:2   | 51684 ||| Stepping randomly (stuck).
 51685 | Lair:2   | 51685 ||| Stepping randomly (stuck).
 51686 | Lair:2   | 51686 ||| Stepping randomly (stuck).
 51687 | Lair:2   | 51687 ||| Stepping randomly (stuck).
 51688 | Lair:2   | 51688 ||| Stepping randomly (stuck).
 51689 | Lair:2   | 51689 ||| Stepping randomly (stuck).
 51690 | Lair:2   | 51690 ||| Stepping randomly (stuck).
 51691 | Lair:2   | 51691 ||| Stepping randomly (stuck).
 51692 | Lair:2   | 51692 ||| Stepping randomly (stuck).
 51693 | Lair:2   | 51693 ||| Stepping randomly (stuck).
 51694 | Lair:2   | 51694 ||| Stepping randomly (stuck).
 51695 | Lair:2   | 51695 ||| Stepping randomly (stuck).
 51696 | Lair:2   | 51696 ||| Stepping randomly (stuck).
 51697 | Lair:2   | 51697 ||| Stepping randomly (stuck).
 51698 | Lair:2   | 51698 ||| Stepping randomly (stuck).
 51699 | Lair:2   | 51699 ||| Stepping randomly (stuck).
 51700 | Lair:2   | 51700 ||| Stepping randomly (stuck).
 51701 | Lair:2   | 51701 ||| Stepping randomly (stuck).
 51702 | Lair:2   | 51702 ||| Stepping randomly (stuck).
 51703 | Lair:2   | 51703 ||| Stepping randomly (stuck).
 51704 | Lair:2   | 51704 ||| Stepping randomly (stuck).
 51705 | Lair:2   | 51705 ||| Stepping randomly (stuck).
 51706 | Lair:2   | 51706 ||| Stepping randomly (stuck).
 51707 | Lair:2   | 51707 ||| Stepping randomly (stuck).
 51708 | Lair:2   | 51708 ||| Stepping randomly (stuck).
 51709 | Lair:2   | 51709 ||| Stepping randomly (stuck).
 51710 | Lair:2   | 51710 ||| Stepping randomly (stuck).
 51711 | Lair:2   | 51711 ||| Stepping randomly (stuck).
 51712 | Lair:2   | 51712 ||| Stepping randomly (stuck).
 51713 | Lair:2   | 51713 ||| Stepping randomly (stuck).
 51714 | Lair:2   | 51714 ||| Stepping randomly (stuck).
 51715 | Lair:2   | 51715 ||| Stepping randomly (stuck).
 51716 | Lair:2   | 51716 ||| Stepping randomly (stuck).
 51717 | Lair:2   | 51717 ||| Stepping randomly (stuck).
 51718 | Lair:2   | 51718 ||| Stepping randomly (stuck).
 51719 | Lair:2   | 51719 ||| Stepping randomly (stuck).
 51720 | Lair:2   | 51720 ||| Stepping randomly (stuck).
 51721 | Lair:2   | 51721 ||| Stepping randomly (stuck).
 51722 | Lair:2   | 51722 ||| Stepping randomly (stuck).
 51723 | Lair:2   | 51723 ||| Stepping randomly (stuck).
 51724 | Lair:2   | 51724 ||| Stepping randomly (stuck).
 51725 | Lair:2   | 51725 ||| Stepping randomly (stuck).
 51726 | Lair:2   | 51726 ||| Stepping randomly (stuck).
 51727 | Lair:2   | 51727 ||| Stepping randomly (stuck).
 51728 | Lair:2   | 51728 ||| Stepping randomly (stuck).
 51729 | Lair:2   | 51729 ||| Stepping randomly (stuck).
 51730 | Lair:2   | 51730 ||| Stepping randomly (stuck).
 51731 | Lair:2   | 51731 ||| Stepping randomly (stuck).
 51732 | Lair:2   | 51732 ||| Stepping randomly (stuck).
 51733 | Lair:2   | 51733 ||| Stepping randomly (stuck).
 51734 | Lair:2   | 51734 ||| Stepping randomly (stuck).
 51735 | Lair:2   | 51735 ||| Stepping randomly (stuck).
 51736 | Lair:2   | 51736 ||| Stepping randomly (stuck).
 51737 | Lair:2   | 51737 ||| Stepping randomly (stuck).
 51738 | Lair:2   | 51738 ||| Stepping randomly (stuck).
 51739 | Lair:2   | 51739 ||| Stepping randomly (stuck).
 51740 | Lair:2   | 51740 ||| Stepping randomly (stuck).
 51741 | Lair:2   | 51741 ||| Stepping randomly (stuck).
 51742 | Lair:2   | 51742 ||| Stepping randomly (stuck).
 51743 | Lair:2   | 51743 ||| Stepping randomly (stuck).
 51744 | Lair:2   | 51744 ||| Stepping randomly (stuck).
 51745 | Lair:2   | 51745 ||| Stepping randomly (stuck).
 51746 | Lair:2   | 51746 ||| Stepping randomly (stuck).
 51747 | Lair:2   | 51747 ||| Stepping randomly (stuck).
 51748 | Lair:2   | 51748 ||| Stepping randomly (stuck).
 51749 | Lair:2   | 51749 ||| Stepping randomly (stuck).
 51750 | Lair:2   | 51750 ||| Stepping randomly (stuck).
 51751 | Lair:2   | 51751 ||| Stepping randomly (stuck).
 51752 | Lair:2   | 51752 ||| Stepping randomly (stuck).
 51753 | Lair:2   | 51753 ||| Stepping randomly (stuck).
 51754 | Lair:2   | 51754 ||| Stepping randomly (stuck).
 51755 | Lair:2   | 51755 ||| Stepping randomly (stuck).
 51756 | Lair:2   | 51756 ||| Stepping randomly (stuck).
 51757 | Lair:2   | 51757 ||| Stepping randomly (stuck).
 51758 | Lair:2   | 51758 ||| Stepping randomly (stuck).
 51759 | Lair:2   | 51759 ||| Stepping randomly (stuck).
 51760 | Lair:2   | 51760 ||| Stepping randomly (stuck).
 51761 | Lair:2   | 51761 ||| Stepping randomly (stuck).
 51762 | Lair:2   | 51762 ||| Stepping randomly (stuck).
 51763 | Lair:2   | 51763 ||| Stepping randomly (stuck).
 51764 | Lair:2   | 51764 ||| Stepping randomly (stuck).
 51765 | Lair:2   | 51765 ||| Stepping randomly (stuck).
 51766 | Lair:2   | 51766 ||| Stepping randomly (stuck).
 51766 | Lair:2   | Glimpsed the power of Zot.
 51767 | Lair:2   | 51767 ||| Stepping randomly (stuck).
 51768 | Lair:2   | 51768 ||| Stepping randomly (stuck).
 51769 | Lair:2   | 51769 ||| Stepping randomly (stuck).
 51770 | Lair:2   | 51770 ||| Stepping randomly (stuck).
 51771 | Lair:2   | 51771 ||| Stepping randomly (stuck).
 51772 | Lair:2   | 51772 ||| Stepping randomly (stuck).
 51773 | Lair:2   | 51773 ||| Stepping randomly (stuck).
 51774 | Lair:2   | 51774 ||| Stepping randomly (stuck).
 51775 | Lair:2   | 51775 ||| Stepping randomly (stuck).
 51776 | Lair:2   | 51776 ||| Stepping randomly (stuck).
 51777 | Lair:2   | 51777 ||| Stepping randomly (stuck).
 51778 | Lair:2   | 51778 ||| Stepping randomly (stuck).
 51779 | Lair:2   | 51779 ||| Stepping randomly (stuck).
 51780 | Lair:2   | 51780 ||| Stepping randomly (stuck).
 51781 | Lair:2   | 51781 ||| Stepping randomly (stuck).
 51782 | Lair:2   | 51782 ||| Stepping randomly (stuck).
 51783 | Lair:2   | 51783 ||| Stepping randomly (stuck).
 51784 | Lair:2   | 51784 ||| Stepping randomly (stuck).
 51785 | Lair:2   | 51785 ||| Stepping randomly (stuck).
 51786 | Lair:2   | 51786 ||| Stepping randomly (stuck).
 51787 | Lair:2   | 51787 ||| Stepping randomly (stuck).
 51788 | Lair:2   | 51788 ||| Stepping randomly (stuck).
 51789 | Lair:2   | 51789 ||| Stepping randomly (stuck).
 51790 | Lair:2   | 51790 ||| Stepping randomly (stuck).
 51791 | Lair:2   | 51791 ||| Stepping randomly (stuck).
 51792 | Lair:2   | 51792 ||| Stepping randomly (stuck).
 51793 | Lair:2   | 51793 ||| Stepping randomly (stuck).
 51794 | Lair:2   | 51794 ||| Stepping randomly (stuck).
 51795 | Lair:2   | 51795 ||| Stepping randomly (stuck).
 51796 | Lair:2   | 51796 ||| Stepping randomly (stuck).
 51797 | Lair:2   | 51797 ||| Stepping randomly (stuck).
 51798 | Lair:2   | 51798 ||| Stepping randomly (stuck).
 51799 | Lair:2   | 51799 ||| Stepping randomly (stuck).
 51800 | Lair:2   | 51800 ||| Stepping randomly (stuck).
 51801 | Lair:2   | 51801 ||| Stepping randomly (stuck).
 51802 | Lair:2   | 51802 ||| Stepping randomly (stuck).
 51803 | Lair:2   | 51803 ||| Stepping randomly (stuck).
 51804 | Lair:2   | 51804 ||| Stepping randomly (stuck).
 51805 | Lair:2   | 51805 ||| Stepping randomly (stuck).
 51806 | Lair:2   | 51806 ||| Stepping randomly (stuck).
 51807 | Lair:2   | 51807 ||| Stepping randomly (stuck).
 51808 | Lair:2   | 51808 ||| Stepping randomly (stuck).
 51809 | Lair:2   | 51809 ||| Stepping randomly (stuck).
 51810 | Lair:2   | 51810 ||| Stepping randomly (stuck).
 51811 | Lair:2   | 51811 ||| Stepping randomly (stuck).
 51812 | Lair:2   | 51812 ||| Stepping randomly (stuck).
 51813 | Lair:2   | 51813 ||| Stepping randomly (stuck).
 51814 | Lair:2   | 51814 ||| Stepping randomly (stuck).
 51815 | Lair:2   | 51815 ||| Stepping randomly (stuck).
 51816 | Lair:2   | 51816 ||| Stepping randomly (stuck).
 51817 | Lair:2   | 51817 ||| Stepping randomly (stuck).
 51818 | Lair:2   | 51818 ||| Stepping randomly (stuck).
 51819 | Lair:2   | 51819 ||| Stepping randomly (stuck).
 51820 | Lair:2   | 51820 ||| Stepping randomly (stuck).
 51821 | Lair:2   | 51821 ||| Stepping randomly (stuck).
 51822 | Lair:2   | 51822 ||| Stepping randomly (stuck).
 51823 | Lair:2   | 51823 ||| Stepping randomly (stuck).
 51824 | Lair:2   | 51824 ||| Stepping randomly (stuck).
 51825 | Lair:2   | 51825 ||| Stepping randomly (stuck).
 51826 | Lair:2   | 51826 ||| Stepping randomly (stuck).
 51827 | Lair:2   | 51827 ||| Stepping randomly (stuck).
 51828 | Lair:2   | 51828 ||| Stepping randomly (stuck).
 51829 | Lair:2   | 51829 ||| Stepping randomly (stuck).
 51830 | Lair:2   | 51830 ||| Stepping randomly (stuck).
 51831 | Lair:2   | 51831 ||| Stepping randomly (stuck).
 51832 | Lair:2   | 51832 ||| Stepping randomly (stuck).
 51833 | Lair:2   | 51833 ||| Stepping randomly (stuck).
 51834 | Lair:2   | 51834 ||| Stepping randomly (stuck).
 51835 | Lair:2   | 51835 ||| Stepping randomly (stuck).
 51836 | Lair:2   | 51836 ||| Stepping randomly (stuck).
 51837 | Lair:2   | 51837 ||| Stepping randomly (stuck).
 51838 | Lair:2   | 51838 ||| Stepping randomly (stuck).
 51839 | Lair:2   | 51839 ||| Stepping randomly (stuck).
 51840 | Lair:2   | 51840 ||| Stepping randomly (stuck).
 51841 | Lair:2   | 51841 ||| Stepping randomly (stuck).
 51842 | Lair:2   | 51842 ||| Stepping randomly (stuck).
 51843 | Lair:2   | 51843 ||| Stepping randomly (stuck).
 51844 | Lair:2   | 51844 ||| Stepping randomly (stuck).
 51845 | Lair:2   | 51845 ||| Stepping randomly (stuck).
 51846 | Lair:2   | 51846 ||| Stepping randomly (stuck).
 51847 | Lair:2   | 51847 ||| Stepping randomly (stuck).
 51848 | Lair:2   | 51848 ||| Stepping randomly (stuck).
 51849 | Lair:2   | 51849 ||| Stepping randomly (stuck).
 51850 | Lair:2   | 51850 ||| Stepping randomly (stuck).
 51851 | Lair:2   | 51851 ||| Stepping randomly (stuck).
 51852 | Lair:2   | 51852 ||| Stepping randomly (stuck).
 51853 | Lair:2   | 51853 ||| Stepping randomly (stuck).
 51854 | Lair:2   | 51854 ||| Stepping randomly (stuck).
 51855 | Lair:2   | 51855 ||| Stepping randomly (stuck).
 51856 | Lair:2   | 51856 ||| Stepping randomly (stuck).
 51857 | Lair:2   | 51857 ||| Stepping randomly (stuck).
 51858 | Lair:2   | 51858 ||| Stepping randomly (stuck).
 51859 | Lair:2   | 51859 ||| Stepping randomly (stuck).
 51860 | Lair:2   | 51860 ||| Stepping randomly (stuck).
 51861 | Lair:2   | 51861 ||| Stepping randomly (stuck).
 51862 | Lair:2   | 51862 ||| Stepping randomly (stuck).
 51863 | Lair:2   | 51863 ||| Stepping randomly (stuck).
 51864 | Lair:2   | 51864 ||| Stepping randomly (stuck).
 51865 | Lair:2   | 51865 ||| Stepping randomly (stuck).
 51866 | Lair:2   | 51866 ||| Stepping randomly (stuck).
 51866 | Lair:2   | Touched by the power of Zot (MHP 101 -> 82)
 51867 | Lair:2   | 51867 ||| PLANNING SNAKE:1-3
 51867 | Lair:2   | Glimpsed the power of Zot.
 51898 | Lair:1   | 51898 ||| PLANNING LAIR
 51898 | Lair:1   | 51898 ||| Stepping randomly (stuck).
 51899 | Lair:1   | 51899 ||| Stepping randomly (stuck).
 51900 | Lair:1   | 51900 ||| Stepping randomly (stuck).
 51901 | Lair:1   | 51901 ||| Stepping randomly (stuck).
 51902 | Lair:1   | 51902 ||| Stepping randomly (stuck).
 51903 | Lair:1   | 51903 ||| Stepping randomly (stuck).
 51904 | Lair:1   | 51904 ||| Stepping randomly (stuck).
 51905 | Lair:1   | 51905 ||| Stepping randomly (stuck).
 51906 | Lair:1   | 51906 ||| Stepping randomly (stuck).
 51907 | Lair:1   | 51907 ||| Stepping randomly (stuck).
 51908 | Lair:1   | 51908 ||| Stepping randomly (stuck).
 51909 | Lair:1   | 51909 ||| Stepping randomly (stuck).
 51910 | Lair:1   | 51910 ||| Stepping randomly (stuck).
 51911 | Lair:1   | 51911 ||| Stepping randomly (stuck).
 51912 | Lair:1   | 51912 ||| Stepping randomly (stuck).
 51913 | Lair:1   | 51913 ||| Stepping randomly (stuck).
 51914 | Lair:1   | 51914 ||| Stepping randomly (stuck).
 51915 | Lair:1   | 51915 ||| Stepping randomly (stuck).
 51916 | Lair:1   | 51916 ||| Stepping randomly (stuck).
 51917 | Lair:1   | 51917 ||| Stepping randomly (stuck).
 51918 | Lair:1   | 51918 ||| Stepping randomly (stuck).
 51919 | Lair:1   | 51919 ||| Stepping randomly (stuck).
 51920 | Lair:1   | 51920 ||| Stepping randomly (stuck).
 51921 | Lair:1   | 51921 ||| Stepping randomly (stuck).
 51922 | Lair:1   | 51922 ||| Stepping randomly (stuck).
 51923 | Lair:1   | 51923 ||| Stepping randomly (stuck).
 51924 | Lair:1   | 51924 ||| Stepping randomly (stuck).
 51925 | Lair:1   | 51925 ||| Stepping randomly (stuck).
 51926 | Lair:1   | 51926 ||| Stepping randomly (stuck).
 51927 | Lair:1   | 51927 ||| Stepping randomly (stuck).
 51928 | Lair:1   | 51928 ||| Stepping randomly (stuck).
 51929 | Lair:1   | 51929 ||| Stepping randomly (stuck).
 51930 | Lair:1   | 51930 ||| Stepping randomly (stuck).
 51931 | Lair:1   | 51931 ||| Stepping randomly (stuck).
 51932 | Lair:1   | 51932 ||| Stepping randomly (stuck).
 51933 | Lair:1   | 51933 ||| Stepping randomly (stuck).
 51934 | Lair:1   | 51934 ||| Stepping randomly (stuck).
 51935 | Lair:1   | 51935 ||| Stepping randomly (stuck).
 51936 | Lair:1   | 51936 ||| Stepping randomly (stuck).
 51937 | Lair:1   | 51937 ||| Stepping randomly (stuck).
 51938 | Lair:1   | 51938 ||| Stepping randomly (stuck).
 51939 | Lair:1   | 51939 ||| Stepping randomly (stuck).
 51940 | Lair:1   | 51940 ||| Stepping randomly (stuck).
 51941 | Lair:1   | 51941 ||| Stepping randomly (stuck).
 51942 | Lair:1   | 51942 ||| Stepping randomly (stuck).
 51943 | Lair:1   | 51943 ||| Stepping randomly (stuck).
 51944 | Lair:1   | 51944 ||| Stepping randomly (stuck).
 51945 | Lair:1   | 51945 ||| Stepping randomly (stuck).
 51946 | Lair:1   | 51946 ||| Stepping randomly (stuck).
 51947 | Lair:1   | 51947 ||| Stepping randomly (stuck).
 51948 | Lair:1   | 51948 ||| Stepping randomly (stuck).
 51949 | Lair:1   | 51949 ||| Stepping randomly (stuck).
 51950 | Lair:1   | 51950 ||| Stepping randomly (stuck).
 51951 | Lair:1   | 51951 ||| Stepping randomly (stuck).
 51952 | Lair:1   | 51952 ||| Stepping randomly (stuck).
 51953 | Lair:1   | 51953 ||| Stepping randomly (stuck).
 51954 | Lair:1   | 51954 ||| Stepping randomly (stuck).
 51955 | Lair:1   | 51955 ||| Stepping randomly (stuck).
 51956 | Lair:1   | 51956 ||| Stepping randomly (stuck).
 51957 | Lair:1   | 51957 ||| Stepping randomly (stuck).
 51958 | Lair:1   | 51958 ||| Stepping randomly (stuck).
 51959 | Lair:1   | 51959 ||| Stepping randomly (stuck).
 51960 | Lair:1   | 51960 ||| Stepping randomly (stuck).
 51961 | Lair:1   | 51961 ||| Stepping randomly (stuck).
 51962 | Lair:1   | 51962 ||| Stepping randomly (stuck).
 51963 | Lair:1   | 51963 ||| Stepping randomly (stuck).
 51964 | Lair:1   | 51964 ||| Stepping randomly (stuck).
 51965 | Lair:1   | 51965 ||| Stepping randomly (stuck).
 51966 | Lair:1   | 51966 ||| Stepping randomly (stuck).
 51967 | Lair:1   | 51967 ||| Stepping randomly (stuck).
 51968 | Lair:1   | 51968 ||| Stepping randomly (stuck).
 51969 | Lair:1   | 51969 ||| Stepping randomly (stuck).
 51970 | Lair:1   | 51970 ||| Stepping randomly (stuck).
 51971 | Lair:1   | 51971 ||| Stepping randomly (stuck).
 51972 | Lair:1   | 51972 ||| Stepping randomly (stuck).
 51973 | Lair:1   | 51973 ||| Stepping randomly (stuck).
 51974 | Lair:1   | 51974 ||| Stepping randomly (stuck).
 51975 | Lair:1   | 51975 ||| Stepping randomly (stuck).
 51976 | Lair:1   | 51976 ||| Stepping randomly (stuck).
 51977 | Lair:1   | 51977 ||| Stepping randomly (stuck).
 51978 | Lair:1   | 51978 ||| Stepping randomly (stuck).
 51979 | Lair:1   | 51979 ||| Stepping randomly (stuck).
 51980 | Lair:1   | 51980 ||| Stepping randomly (stuck).
 51981 | Lair:1   | 51981 ||| Stepping randomly (stuck).
 51982 | Lair:1   | 51982 ||| Stepping randomly (stuck).
 51983 | Lair:1   | 51983 ||| Stepping randomly (stuck).
 51984 | Lair:1   | 51984 ||| Stepping randomly (stuck).
 51985 | Lair:1   | 51985 ||| Stepping randomly (stuck).
 51986 | Lair:1   | 51986 ||| Stepping randomly (stuck).
 51987 | Lair:1   | 51987 ||| Stepping randomly (stuck).
 51988 | Lair:1   | 51988 ||| Stepping randomly (stuck).
 51989 | Lair:1   | 51989 ||| Stepping randomly (stuck).
 51990 | Lair:1   | 51990 ||| Stepping randomly (stuck).
 51991 | Lair:1   | 51991 ||| Stepping randomly (stuck).
 51992 | Lair:1   | 51992 ||| Stepping randomly (stuck).
 51993 | Lair:1   | 51993 ||| Stepping randomly (stuck).
 51994 | Lair:1   | 51994 ||| Stepping randomly (stuck).
 51995 | Lair:1   | 51995 ||| Stepping randomly (stuck).
 51996 | Lair:1   | 51996 ||| Stepping randomly (stuck).
 51997 | Lair:1   | 51997 ||| Stepping randomly (stuck).
 51998 | Lair:1   | 51998 ||| Stepping randomly (stuck).
 51999 | Lair:1   | 51999 ||| Stepping randomly (stuck).
 52000 | Lair:1   | 52000 ||| Stepping randomly (stuck).
 52001 | Lair:1   | 52001 ||| Stepping randomly (stuck).
 52002 | Lair:1   | 52002 ||| Stepping randomly (stuck).
 52003 | Lair:1   | 52003 ||| Stepping randomly (stuck).
 52004 | Lair:1   | 52004 ||| Stepping randomly (stuck).
 52005 | Lair:1   | 52005 ||| Stepping randomly (stuck).
 52006 | Lair:1   | 52006 ||| Stepping randomly (stuck).
 52007 | Lair:1   | 52007 ||| Stepping randomly (stuck).
 52008 | Lair:1   | 52008 ||| Stepping randomly (stuck).
 52009 | Lair:1   | 52009 ||| Stepping randomly (stuck).
 52010 | Lair:1   | 52010 ||| Stepping randomly (stuck).
 52011 | Lair:1   | 52011 ||| Stepping randomly (stuck).
 52012 | Lair:1   | 52012 ||| Stepping randomly (stuck).
 52013 | Lair:1   | 52013 ||| Stepping randomly (stuck).
 52014 | Lair:1   | 52014 ||| Stepping randomly (stuck).
 52015 | Lair:1   | 52015 ||| Stepping randomly (stuck).
 52016 | Lair:1   | 52016 ||| Stepping randomly (stuck).
 52017 | Lair:1   | 52017 ||| Stepping randomly (stuck).
 52018 | Lair:1   | 52018 ||| Stepping randomly (stuck).
 52019 | Lair:1   | 52019 ||| Stepping randomly (stuck).
 52020 | Lair:1   | 52020 ||| Stepping randomly (stuck).
 52021 | Lair:1   | 52021 ||| Stepping randomly (stuck).
 52022 | Lair:1   | 52022 ||| Stepping randomly (stuck).
 52023 | Lair:1   | 52023 ||| Stepping randomly (stuck).
 52024 | Lair:1   | 52024 ||| Stepping randomly (stuck).
 52025 | Lair:1   | 52025 ||| Stepping randomly (stuck).
 52026 | Lair:1   | 52026 ||| Stepping randomly (stuck).
 52027 | Lair:1   | 52027 ||| Stepping randomly (stuck).
 52028 | Lair:1   | 52028 ||| Stepping randomly (stuck).
 52029 | Lair:1   | 52029 ||| Stepping randomly (stuck).
 52030 | Lair:1   | 52030 ||| Stepping randomly (stuck).
 52031 | Lair:1   | 52031 ||| Stepping randomly (stuck).
 52032 | Lair:1   | 52032 ||| Stepping randomly (stuck).
 52033 | Lair:1   | 52033 ||| Stepping randomly (stuck).
 52034 | Lair:1   | 52034 ||| Stepping randomly (stuck).
 52035 | Lair:1   | 52035 ||| Stepping randomly (stuck).
 52036 | Lair:1   | 52036 ||| Stepping randomly (stuck).
 52037 | Lair:1   | 52037 ||| Stepping randomly (stuck).
 52038 | Lair:1   | 52038 ||| Stepping randomly (stuck).
 52039 | Lair:1   | 52039 ||| Stepping randomly (stuck).
 52040 | Lair:1   | 52040 ||| Stepping randomly (stuck).
 52041 | Lair:1   | 52041 ||| Stepping randomly (stuck).
 52042 | Lair:1   | 52042 ||| Stepping randomly (stuck).
 52043 | Lair:1   | 52043 ||| Stepping randomly (stuck).
 52044 | Lair:1   | 52044 ||| Stepping randomly (stuck).
 52045 | Lair:1   | 52045 ||| Stepping randomly (stuck).
 52046 | Lair:1   | 52046 ||| Stepping randomly (stuck).
 52047 | Lair:1   | 52047 ||| Stepping randomly (stuck).
 52048 | Lair:1   | 52048 ||| Stepping randomly (stuck).
 52049 | Lair:1   | 52049 ||| Stepping randomly (stuck).
 52050 | Lair:1   | 52050 ||| Stepping randomly (stuck).
 52051 | Lair:1   | 52051 ||| Stepping randomly (stuck).
 52052 | Lair:1   | 52052 ||| Stepping randomly (stuck).
 52053 | Lair:1   | 52053 ||| Stepping randomly (stuck).
 52054 | Lair:1   | 52054 ||| Stepping randomly (stuck).
 52055 | Lair:1   | 52055 ||| Stepping randomly (stuck).
 52056 | Lair:1   | 52056 ||| Stepping randomly (stuck).
 52057 | Lair:1   | 52057 ||| Stepping randomly (stuck).
 52058 | Lair:1   | 52058 ||| Stepping randomly (stuck).
 52059 | Lair:1   | 52059 ||| Stepping randomly (stuck).
 52060 | Lair:1   | 52060 ||| Stepping randomly (stuck).
 52061 | Lair:1   | 52061 ||| Stepping randomly (stuck).
 52062 | Lair:1   | 52062 ||| Stepping randomly (stuck).
 52063 | Lair:1   | 52063 ||| Stepping randomly (stuck).
 52064 | Lair:1   | 52064 ||| Stepping randomly (stuck).
 52065 | Lair:1   | 52065 ||| Stepping randomly (stuck).
 52066 | Lair:1   | 52066 ||| Stepping randomly (stuck).
 52067 | Lair:1   | 52067 ||| Stepping randomly (stuck).
 52068 | Lair:1   | 52068 ||| Stepping randomly (stuck).
 52069 | Lair:1   | 52069 ||| Stepping randomly (stuck).
 52070 | Lair:1   | 52070 ||| Stepping randomly (stuck).
 52071 | Lair:1   | 52071 ||| Stepping randomly (stuck).
 52072 | Lair:1   | 52072 ||| Stepping randomly (stuck).
 52073 | Lair:1   | 52073 ||| Stepping randomly (stuck).
 52074 | Lair:1   | 52074 ||| Stepping randomly (stuck).
 52075 | Lair:1   | 52075 ||| Stepping randomly (stuck).
 52076 | Lair:1   | 52076 ||| Stepping randomly (stuck).
 52077 | Lair:1   | 52077 ||| Stepping randomly (stuck).
 52078 | Lair:1   | 52078 ||| Stepping randomly (stuck).
 52079 | Lair:1   | 52079 ||| Stepping randomly (stuck).
 52080 | Lair:1   | 52080 ||| Stepping randomly (stuck).
 52081 | Lair:1   | 52081 ||| Stepping randomly (stuck).
 52082 | Lair:1   | 52082 ||| Stepping randomly (stuck).
 52083 | Lair:1   | 52083 ||| Stepping randomly (stuck).
 52084 | Lair:1   | 52084 ||| Stepping randomly (stuck).
 52085 | Lair:1   | 52085 ||| Stepping randomly (stuck).
 52086 | Lair:1   | 52086 ||| Stepping randomly (stuck).
 52087 | Lair:1   | 52087 ||| Stepping randomly (stuck).
 52088 | Lair:1   | 52088 ||| Stepping randomly (stuck).
 52089 | Lair:1   | 52089 ||| Stepping randomly (stuck).
 52090 | Lair:1   | 52090 ||| Stepping randomly (stuck).
 52091 | Lair:1   | 52091 ||| Stepping randomly (stuck).
 52092 | Lair:1   | 52092 ||| Stepping randomly (stuck).
 52093 | Lair:1   | 52093 ||| Stepping randomly (stuck).
 52094 | Lair:1   | 52094 ||| Stepping randomly (stuck).
 52095 | Lair:1   | 52095 ||| Stepping randomly (stuck).
 52096 | Lair:1   | 52096 ||| Stepping randomly (stuck).
 52097 | Lair:1   | 52097 ||| Stepping randomly (stuck).
 52098 | Lair:1   | 52098 ||| Stepping randomly (stuck).
 52099 | Lair:1   | 52099 ||| Stepping randomly (stuck).
 52100 | Lair:1   | 52100 ||| Stepping randomly (stuck).
 52101 | Lair:1   | 52101 ||| Stepping randomly (stuck).
 52102 | Lair:1   | 52102 ||| Stepping randomly (stuck).
 52103 | Lair:1   | 52103 ||| Stepping randomly (stuck).
 52104 | Lair:1   | 52104 ||| Stepping randomly (stuck).
 52105 | Lair:1   | 52105 ||| Stepping randomly (stuck).
 52106 | Lair:1   | 52106 ||| Stepping randomly (stuck).
 52107 | Lair:1   | 52107 ||| Stepping randomly (stuck).
 52108 | Lair:1   | 52108 ||| Stepping randomly (stuck).
 52109 | Lair:1   | 52109 ||| Stepping randomly (stuck).
 52110 | Lair:1   | 52110 ||| Stepping randomly (stuck).
 52111 | Lair:1   | 52111 ||| Stepping randomly (stuck).
 52112 | Lair:1   | 52112 ||| Stepping randomly (stuck).
 52113 | Lair:1   | 52113 ||| Stepping randomly (stuck).
 52114 | Lair:1   | 52114 ||| Stepping randomly (stuck).
 52115 | Lair:1   | 52115 ||| Stepping randomly (stuck).
 52116 | Lair:1   | 52116 ||| Stepping randomly (stuck).
 52117 | Lair:1   | 52117 ||| Stepping randomly (stuck).
 52118 | Lair:1   | 52118 ||| Stepping randomly (stuck).
 52119 | Lair:1   | 52119 ||| Stepping randomly (stuck).
 52120 | Lair:1   | 52120 ||| Stepping randomly (stuck).
 52121 | Lair:1   | 52121 ||| Stepping randomly (stuck).
 52122 | Lair:1   | 52122 ||| Stepping randomly (stuck).
 52123 | Lair:1   | 52123 ||| Stepping randomly (stuck).
 52124 | Lair:1   | 52124 ||| Stepping randomly (stuck).
 52125 | Lair:1   | 52125 ||| Stepping randomly (stuck).
 52126 | Lair:1   | 52126 ||| Stepping randomly (stuck).
 52127 | Lair:1   | 52127 ||| Stepping randomly (stuck).
 52128 | Lair:1   | 52128 ||| Stepping randomly (stuck).
 52129 | Lair:1   | 52129 ||| Stepping randomly (stuck).
 52130 | Lair:1   | 52130 ||| Stepping randomly (stuck).
 52131 | Lair:1   | 52131 ||| Stepping randomly (stuck).
 52132 | Lair:1   | 52132 ||| Stepping randomly (stuck).
 52133 | Lair:1   | 52133 ||| Stepping randomly (stuck).
 52134 | Lair:1   | 52134 ||| Stepping randomly (stuck).
 52135 | Lair:1   | 52135 ||| Stepping randomly (stuck).
 52136 | Lair:1   | 52136 ||| Stepping randomly (stuck).
 52137 | Lair:1   | 52137 ||| Stepping randomly (stuck).
 52138 | Lair:1   | 52138 ||| Stepping randomly (stuck).
 52139 | Lair:1   | 52139 ||| Stepping randomly (stuck).
 52140 | Lair:1   | 52140 ||| Stepping randomly (stuck).
 52141 | Lair:1   | 52141 ||| Stepping randomly (stuck).
 52142 | Lair:1   | 52142 ||| Stepping randomly (stuck).
 52143 | Lair:1   | 52143 ||| Stepping randomly (stuck).
 52144 | Lair:1   | 52144 ||| Stepping randomly (stuck).
 52145 | Lair:1   | 52145 ||| Stepping randomly (stuck).
 52146 | Lair:1   | 52146 ||| Stepping randomly (stuck).
 52147 | Lair:1   | 52147 ||| Stepping randomly (stuck).
 52148 | Lair:1   | 52148 ||| Stepping randomly (stuck).
 52149 | Lair:1   | 52149 ||| Stepping randomly (stuck).
 52150 | Lair:1   | 52150 ||| Stepping randomly (stuck).
 52151 | Lair:1   | 52151 ||| Stepping randomly (stuck).
 52152 | Lair:1   | 52152 ||| Stepping randomly (stuck).
 52153 | Lair:1   | 52153 ||| Stepping randomly (stuck).
 52154 | Lair:1   | 52154 ||| Stepping randomly (stuck).
 52155 | Lair:1   | 52155 ||| Stepping randomly (stuck).
 52156 | Lair:1   | 52156 ||| Stepping randomly (stuck).
 52157 | Lair:1   | 52157 ||| Stepping randomly (stuck).
 52158 | Lair:1   | 52158 ||| Stepping randomly (stuck).
 52159 | Lair:1   | 52159 ||| Stepping randomly (stuck).
 52160 | Lair:1   | 52160 ||| Stepping randomly (stuck).
 52161 | Lair:1   | 52161 ||| Stepping randomly (stuck).
 52162 | Lair:1   | 52162 ||| Stepping randomly (stuck).
 52163 | Lair:1   | 52163 ||| Stepping randomly (stuck).
 52164 | Lair:1   | 52164 ||| Stepping randomly (stuck).
 52165 | Lair:1   | 52165 ||| Stepping randomly (stuck).
 52166 | Lair:1   | 52166 ||| Stepping randomly (stuck).
 52167 | Lair:1   | 52167 ||| Stepping randomly (stuck).
 52168 | Lair:1   | 52168 ||| Stepping randomly (stuck).
 52169 | Lair:1   | 52169 ||| Stepping randomly (stuck).
 52170 | Lair:1   | 52170 ||| Stepping randomly (stuck).
 52171 | Lair:1   | 52171 ||| Stepping randomly (stuck).
 52172 | Lair:1   | 52172 ||| Stepping randomly (stuck).
 52173 | Lair:1   | 52173 ||| Stepping randomly (stuck).
 52174 | Lair:1   | 52174 ||| Stepping randomly (stuck).
 52175 | Lair:1   | 52175 ||| Stepping randomly (stuck).
 52176 | Lair:1   | 52176 ||| Stepping randomly (stuck).
 52177 | Lair:1   | 52177 ||| Stepping randomly (stuck).
 52178 | Lair:1   | 52178 ||| Stepping randomly (stuck).
 52179 | Lair:1   | 52179 ||| Stepping randomly (stuck).
 52180 | Lair:1   | 52180 ||| Stepping randomly (stuck).
 52181 | Lair:1   | 52181 ||| Stepping randomly (stuck).
 52182 | Lair:1   | 52182 ||| Stepping randomly (stuck).
 52183 | Lair:1   | 52183 ||| Stepping randomly (stuck).
 52184 | Lair:1   | 52184 ||| Stepping randomly (stuck).
 52185 | Lair:1   | 52185 ||| Stepping randomly (stuck).
 52186 | Lair:1   | 52186 ||| Stepping randomly (stuck).
 52187 | Lair:1   | 52187 ||| Stepping randomly (stuck).
 52188 | Lair:1   | 52188 ||| Stepping randomly (stuck).
 52189 | Lair:1   | 52189 ||| Stepping randomly (stuck).
 52190 | Lair:1   | 52190 ||| Stepping randomly (stuck).
 52191 | Lair:1   | 52191 ||| Stepping randomly (stuck).
 52192 | Lair:1   | 52192 ||| Stepping randomly (stuck).
 52193 | Lair:1   | 52193 ||| Stepping randomly (stuck).
 52194 | Lair:1   | 52194 ||| Stepping randomly (stuck).
 52195 | Lair:1   | 52195 ||| Stepping randomly (stuck).
 52196 | Lair:1   | 52196 ||| Stepping randomly (stuck).
 52197 | Lair:1   | 52197 ||| Stepping randomly (stuck).
 52198 | Lair:1   | 52198 ||| Stepping randomly (stuck).
 52199 | Lair:1   | 52199 ||| Stepping randomly (stuck).
 52200 | Lair:1   | 52200 ||| Stepping randomly (stuck).
 52201 | Lair:1   | 52201 ||| Stepping randomly (stuck).
 52202 | Lair:1   | 52202 ||| Stepping randomly (stuck).
 52203 | Lair:1   | 52203 ||| Stepping randomly (stuck).
 52204 | Lair:1   | 52204 ||| Stepping randomly (stuck).
 52205 | Lair:1   | 52205 ||| Stepping randomly (stuck).
 52206 | Lair:1   | 52206 ||| Stepping randomly (stuck).
 52207 | Lair:1   | 52207 ||| Stepping randomly (stuck).
 52208 | Lair:1   | 52208 ||| Stepping randomly (stuck).
 52209 | Lair:1   | 52209 ||| Stepping randomly (stuck).
 52210 | Lair:1   | 52210 ||| Stepping randomly (stuck).
 52211 | Lair:1   | 52211 ||| Stepping randomly (stuck).
 52212 | Lair:1   | 52212 ||| Stepping randomly (stuck).
 52213 | Lair:1   | 52213 ||| Stepping randomly (stuck).
 52214 | Lair:1   | 52214 ||| Stepping randomly (stuck).
 52215 | Lair:1   | 52215 ||| Stepping randomly (stuck).
 52216 | Lair:1   | 52216 ||| Stepping randomly (stuck).
 52217 | Lair:1   | 52217 ||| Stepping randomly (stuck).
 52218 | Lair:1   | 52218 ||| Stepping randomly (stuck).
 52219 | Lair:1   | 52219 ||| Stepping randomly (stuck).
 52220 | Lair:1   | 52220 ||| Stepping randomly (stuck).
 52221 | Lair:1   | 52221 ||| Stepping randomly (stuck).
 52222 | Lair:1   | 52222 ||| Stepping randomly (stuck).
 52223 | Lair:1   | 52223 ||| Stepping randomly (stuck).
 52224 | Lair:1   | 52224 ||| Stepping randomly (stuck).
 52225 | Lair:1   | 52225 ||| Stepping randomly (stuck).
 52226 | Lair:1   | 52226 ||| Stepping randomly (stuck).
 52227 | Lair:1   | 52227 ||| Stepping randomly (stuck).
 52228 | Lair:1   | 52228 ||| Stepping randomly (stuck).
 52229 | Lair:1   | 52229 ||| Stepping randomly (stuck).
 52230 | Lair:1   | 52230 ||| Stepping randomly (stuck).
 52231 | Lair:1   | 52231 ||| Stepping randomly (stuck).
 52232 | Lair:1   | 52232 ||| Stepping randomly (stuck).
 52233 | Lair:1   | 52233 ||| Stepping randomly (stuck).
 52234 | Lair:1   | 52234 ||| Stepping randomly (stuck).
 52235 | Lair:1   | 52235 ||| Stepping randomly (stuck).
 52236 | Lair:1   | 52236 ||| Stepping randomly (stuck).
 52237 | Lair:1   | 52237 ||| Stepping randomly (stuck).
 52238 | Lair:1   | 52238 ||| Stepping randomly (stuck).
 52239 | Lair:1   | 52239 ||| Stepping randomly (stuck).
 52240 | Lair:1   | 52240 ||| Stepping randomly (stuck).
 52241 | Lair:1   | 52241 ||| Stepping randomly (stuck).
 52242 | Lair:1   | 52242 ||| Stepping randomly (stuck).
 52243 | Lair:1   | 52243 ||| Stepping randomly (stuck).
 52244 | Lair:1   | 52244 ||| Stepping randomly (stuck).
 52245 | Lair:1   | 52245 ||| Stepping randomly (stuck).
 52246 | Lair:1   | 52246 ||| Stepping randomly (stuck).
 52247 | Lair:1   | 52247 ||| Stepping randomly (stuck).
 52248 | Lair:1   | 52248 ||| Stepping randomly (stuck).
 52249 | Lair:1   | 52249 ||| Stepping randomly (stuck).
 52250 | Lair:1   | 52250 ||| Stepping randomly (stuck).
 52251 | Lair:1   | 52251 ||| Stepping randomly (stuck).
 52252 | Lair:1   | 52252 ||| Stepping randomly (stuck).
 52253 | Lair:1   | 52253 ||| Stepping randomly (stuck).
 52254 | Lair:1   | 52254 ||| Stepping randomly (stuck).
 52255 | Lair:1   | 52255 ||| Stepping randomly (stuck).
 52256 | Lair:1   | 52256 ||| Stepping randomly (stuck).
 52257 | Lair:1   | 52257 ||| Stepping randomly (stuck).
 52258 | Lair:1   | 52258 ||| Stepping randomly (stuck).
 52259 | Lair:1   | 52259 ||| Stepping randomly (stuck).
 52260 | Lair:1   | 52260 ||| Stepping randomly (stuck).
 52261 | Lair:1   | 52261 ||| Stepping randomly (stuck).
 52262 | Lair:1   | 52262 ||| Stepping randomly (stuck).
 52263 | Lair:1   | 52263 ||| Stepping randomly (stuck).
 52264 | Lair:1   | 52264 ||| Stepping randomly (stuck).
 52265 | Lair:1   | 52265 ||| Stepping randomly (stuck).
 52266 | Lair:1   | 52266 ||| Stepping randomly (stuck).
 52267 | Lair:1   | 52267 ||| Stepping randomly (stuck).
 52268 | Lair:1   | 52268 ||| Stepping randomly (stuck).
 52269 | Lair:1   | 52269 ||| Stepping randomly (stuck).
 52270 | Lair:1   | 52270 ||| Stepping randomly (stuck).
 52271 | Lair:1   | 52271 ||| Stepping randomly (stuck).
 52272 | Lair:1   | 52272 ||| Stepping randomly (stuck).
 52273 | Lair:1   | 52273 ||| Stepping randomly (stuck).
 52274 | Lair:1   | 52274 ||| Stepping randomly (stuck).
 52275 | Lair:1   | 52275 ||| Stepping randomly (stuck).
 52276 | Lair:1   | 52276 ||| Stepping randomly (stuck).
 52277 | Lair:1   | 52277 ||| Stepping randomly (stuck).
 52278 | Lair:1   | 52278 ||| Stepping randomly (stuck).
 52279 | Lair:1   | 52279 ||| Stepping randomly (stuck).
 52280 | Lair:1   | 52280 ||| Stepping randomly (stuck).
 52281 | Lair:1   | 52281 ||| Stepping randomly (stuck).
 52282 | Lair:1   | 52282 ||| Stepping randomly (stuck).
 52283 | Lair:1   | 52283 ||| Stepping randomly (stuck).
 52284 | Lair:1   | 52284 ||| Stepping randomly (stuck).
 52285 | Lair:1   | 52285 ||| Stepping randomly (stuck).
 52286 | Lair:1   | 52286 ||| Stepping randomly (stuck).
 52287 | Lair:1   | 52287 ||| Stepping randomly (stuck).
 52288 | Lair:1   | 52288 ||| Stepping randomly (stuck).
 52289 | Lair:1   | 52289 ||| Stepping randomly (stuck).
 52290 | Lair:1   | 52290 ||| Stepping randomly (stuck).
 52291 | Lair:1   | 52291 ||| Stepping randomly (stuck).
 52292 | Lair:1   | 52292 ||| Stepping randomly (stuck).
 52293 | Lair:1   | 52293 ||| Stepping randomly (stuck).
 52294 | Lair:1   | 52294 ||| Stepping randomly (stuck).
 52295 | Lair:1   | 52295 ||| Stepping randomly (stuck).
 52296 | Lair:1   | 52296 ||| Stepping randomly (stuck).
 52297 | Lair:1   | 52297 ||| Stepping randomly (stuck).
 52298 | Lair:1   | 52298 ||| Stepping randomly (stuck).
 52299 | Lair:1   | 52299 ||| Stepping randomly (stuck).
 52300 | Lair:1   | 52300 ||| Stepping randomly (stuck).
 52301 | Lair:1   | 52301 ||| Stepping randomly (stuck).
 52302 | Lair:1   | 52302 ||| Stepping randomly (stuck).
 52303 | Lair:1   | 52303 ||| Stepping randomly (stuck).
 52304 | Lair:1   | 52304 ||| Stepping randomly (stuck).
 52305 | Lair:1   | 52305 ||| Stepping randomly (stuck).
 52306 | Lair:1   | 52306 ||| Stepping randomly (stuck).
 52307 | Lair:1   | 52307 ||| Stepping randomly (stuck).
 52308 | Lair:1   | 52308 ||| Stepping randomly (stuck).
 52309 | Lair:1   | 52309 ||| Stepping randomly (stuck).
 52310 | Lair:1   | 52310 ||| Stepping randomly (stuck).
 52311 | Lair:1   | 52311 ||| Stepping randomly (stuck).
 52312 | Lair:1   | 52312 ||| Stepping randomly (stuck).
 52313 | Lair:1   | 52313 ||| Stepping randomly (stuck).
 52314 | Lair:1   | 52314 ||| Stepping randomly (stuck).
 52315 | Lair:1   | 52315 ||| Stepping randomly (stuck).
 52316 | Lair:1   | 52316 ||| Stepping randomly (stuck).
 52317 | Lair:1   | 52317 ||| Stepping randomly (stuck).
 52318 | Lair:1   | 52318 ||| Stepping randomly (stuck).
 52319 | Lair:1   | 52319 ||| Stepping randomly (stuck).
 52320 | Lair:1   | 52320 ||| Stepping randomly (stuck).
 52321 | Lair:1   | 52321 ||| Stepping randomly (stuck).
 52322 | Lair:1   | 52322 ||| Stepping randomly (stuck).
 52323 | Lair:1   | 52323 ||| Stepping randomly (stuck).
 52324 | Lair:1   | 52324 ||| Stepping randomly (stuck).
 52325 | Lair:1   | 52325 ||| Stepping randomly (stuck).
 52326 | Lair:1   | 52326 ||| Stepping randomly (stuck).
 52327 | Lair:1   | 52327 ||| Stepping randomly (stuck).
 52328 | Lair:1   | 52328 ||| Stepping randomly (stuck).
 52329 | Lair:1   | 52329 ||| Stepping randomly (stuck).
 52330 | Lair:1   | 52330 ||| Stepping randomly (stuck).
 52331 | Lair:1   | 52331 ||| Stepping randomly (stuck).
 52332 | Lair:1   | 52332 ||| Stepping randomly (stuck).
 52333 | Lair:1   | 52333 ||| Stepping randomly (stuck).
 52334 | Lair:1   | 52334 ||| Stepping randomly (stuck).
 52335 | Lair:1   | 52335 ||| Stepping randomly (stuck).
 52336 | Lair:1   | 52336 ||| Stepping randomly (stuck).
 52337 | Lair:1   | 52337 ||| Stepping randomly (stuck).
 52338 | Lair:1   | 52338 ||| Stepping randomly (stuck).
 52339 | Lair:1   | 52339 ||| Stepping randomly (stuck).
 52340 | Lair:1   | 52340 ||| Stepping randomly (stuck).
 52341 | Lair:1   | 52341 ||| Stepping randomly (stuck).
 52342 | Lair:1   | 52342 ||| Stepping randomly (stuck).
 52343 | Lair:1   | 52343 ||| Stepping randomly (stuck).
 52344 | Lair:1   | 52344 ||| Stepping randomly (stuck).
 52345 | Lair:1   | 52345 ||| Stepping randomly (stuck).
 52346 | Lair:1   | 52346 ||| Stepping randomly (stuck).
 52347 | Lair:1   | 52347 ||| Stepping randomly (stuck).
 52348 | Lair:1   | 52348 ||| Stepping randomly (stuck).
 52349 | Lair:1   | 52349 ||| Stepping randomly (stuck).
 52350 | Lair:1   | 52350 ||| Stepping randomly (stuck).
 52351 | Lair:1   | 52351 ||| Stepping randomly (stuck).
 52352 | Lair:1   | 52352 ||| Stepping randomly (stuck).
 52353 | Lair:1   | 52353 ||| Stepping randomly (stuck).
 52354 | Lair:1   | 52354 ||| Stepping randomly (stuck).
 52355 | Lair:1   | 52355 ||| Stepping randomly (stuck).
 52356 | Lair:1   | 52356 ||| Stepping randomly (stuck).
 52357 | Lair:1   | 52357 ||| Stepping randomly (stuck).
 52358 | Lair:1   | 52358 ||| Stepping randomly (stuck).
 52359 | Lair:1   | 52359 ||| Stepping randomly (stuck).
 52360 | Lair:1   | 52360 ||| Stepping randomly (stuck).
 52361 | Lair:1   | 52361 ||| Stepping randomly (stuck).
 52362 | Lair:1   | 52362 ||| Stepping randomly (stuck).
 52363 | Lair:1   | 52363 ||| Stepping randomly (stuck).
 52364 | Lair:1   | 52364 ||| Stepping randomly (stuck).
 52365 | Lair:1   | 52365 ||| Stepping randomly (stuck).
 52366 | Lair:1   | 52366 ||| Stepping randomly (stuck).
 52366 | Lair:1   | Glimpsed the power of Zot.
 52367 | Lair:1   | 52367 ||| Stepping randomly (stuck).
 52368 | Lair:1   | 52368 ||| Stepping randomly (stuck).
 52369 | Lair:1   | 52369 ||| Stepping randomly (stuck).
 52370 | Lair:1   | 52370 ||| Stepping randomly (stuck).
 52371 | Lair:1   | 52371 ||| Stepping randomly (stuck).
 52372 | Lair:1   | 52372 ||| Stepping randomly (stuck).
 52373 | Lair:1   | 52373 ||| Stepping randomly (stuck).
 52374 | Lair:1   | 52374 ||| Stepping randomly (stuck).
 52375 | Lair:1   | 52375 ||| Stepping randomly (stuck).
 52376 | Lair:1   | 52376 ||| Stepping randomly (stuck).
 52377 | Lair:1   | 52377 ||| Stepping randomly (stuck).
 52378 | Lair:1   | 52378 ||| Stepping randomly (stuck).
 52379 | Lair:1   | 52379 ||| Stepping randomly (stuck).
 52380 | Lair:1   | 52380 ||| Stepping randomly (stuck).
 52381 | Lair:1   | 52381 ||| Stepping randomly (stuck).
 52382 | Lair:1   | 52382 ||| Stepping randomly (stuck).
 52383 | Lair:1   | 52383 ||| Stepping randomly (stuck).
 52384 | Lair:1   | 52384 ||| Stepping randomly (stuck).
 52385 | Lair:1   | 52385 ||| Stepping randomly (stuck).
 52386 | Lair:1   | 52386 ||| Stepping randomly (stuck).
 52387 | Lair:1   | 52387 ||| Stepping randomly (stuck).
 52388 | Lair:1   | 52388 ||| Stepping randomly (stuck).
 52389 | Lair:1   | 52389 ||| Stepping randomly (stuck).
 52390 | Lair:1   | 52390 ||| Stepping randomly (stuck).
 52391 | Lair:1   | 52391 ||| Stepping randomly (stuck).
 52392 | Lair:1   | 52392 ||| Stepping randomly (stuck).
 52393 | Lair:1   | 52393 ||| Stepping randomly (stuck).
 52394 | Lair:1   | 52394 ||| Stepping randomly (stuck).
 52395 | Lair:1   | 52395 ||| Stepping randomly (stuck).
 52396 | Lair:1   | 52396 ||| Stepping randomly (stuck).
 52397 | Lair:1   | 52397 ||| Stepping randomly (stuck).
 52398 | Lair:1   | 52398 ||| Stepping randomly (stuck).
 52399 | Lair:1   | 52399 ||| Stepping randomly (stuck).
 52400 | Lair:1   | 52400 ||| Stepping randomly (stuck).
 52401 | Lair:1   | 52401 ||| Stepping randomly (stuck).
 52402 | Lair:1   | 52402 ||| Stepping randomly (stuck).
 52403 | Lair:1   | 52403 ||| Stepping randomly (stuck).
 52404 | Lair:1   | 52404 ||| Stepping randomly (stuck).
 52405 | Lair:1   | 52405 ||| Stepping randomly (stuck).
 52406 | Lair:1   | 52406 ||| Stepping randomly (stuck).
 52407 | Lair:1   | 52407 ||| Stepping randomly (stuck).
 52408 | Lair:1   | 52408 ||| Stepping randomly (stuck).
 52409 | Lair:1   | 52409 ||| Stepping randomly (stuck).
 52410 | Lair:1   | 52410 ||| Stepping randomly (stuck).
 52411 | Lair:1   | 52411 ||| Stepping randomly (stuck).
 52412 | Lair:1   | 52412 ||| Stepping randomly (stuck).
 52413 | Lair:1   | 52413 ||| Stepping randomly (stuck).
 52414 | Lair:1   | 52414 ||| Stepping randomly (stuck).
 52415 | Lair:1   | 52415 ||| Stepping randomly (stuck).
 52416 | Lair:1   | 52416 ||| Stepping randomly (stuck).
 52417 | Lair:1   | 52417 ||| Stepping randomly (stuck).
 52418 | Lair:1   | 52418 ||| Stepping randomly (stuck).
 52419 | Lair:1   | 52419 ||| Stepping randomly (stuck).
 52420 | Lair:1   | 52420 ||| Stepping randomly (stuck).
 52421 | Lair:1   | 52421 ||| Stepping randomly (stuck).
 52422 | Lair:1   | 52422 ||| Stepping randomly (stuck).
 52423 | Lair:1   | 52423 ||| Stepping randomly (stuck).
 52424 | Lair:1   | 52424 ||| Stepping randomly (stuck).
 52425 | Lair:1   | 52425 ||| Stepping randomly (stuck).
 52426 | Lair:1   | 52426 ||| Stepping randomly (stuck).
 52427 | Lair:1   | 52427 ||| Stepping randomly (stuck).
 52428 | Lair:1   | 52428 ||| Stepping randomly (stuck).
 52429 | Lair:1   | 52429 ||| Stepping randomly (stuck).
 52430 | Lair:1   | 52430 ||| Stepping randomly (stuck).
 52431 | Lair:1   | 52431 ||| Stepping randomly (stuck).
 52432 | Lair:1   | 52432 ||| Stepping randomly (stuck).
 52433 | Lair:1   | 52433 ||| Stepping randomly (stuck).
 52434 | Lair:1   | 52434 ||| Stepping randomly (stuck).
 52435 | Lair:1   | 52435 ||| Stepping randomly (stuck).
 52436 | Lair:1   | 52436 ||| Stepping randomly (stuck).
 52437 | Lair:1   | 52437 ||| Stepping randomly (stuck).
 52438 | Lair:1   | 52438 ||| Stepping randomly (stuck).
 52439 | Lair:1   | 52439 ||| Stepping randomly (stuck).
 52440 | Lair:1   | 52440 ||| Stepping randomly (stuck).
 52441 | Lair:1   | 52441 ||| Stepping randomly (stuck).
 52442 | Lair:1   | 52442 ||| Stepping randomly (stuck).
 52443 | Lair:1   | 52443 ||| Stepping randomly (stuck).
 52444 | Lair:1   | 52444 ||| Stepping randomly (stuck).
 52445 | Lair:1   | 52445 ||| Stepping randomly (stuck).
 52446 | Lair:1   | 52446 ||| Stepping randomly (stuck).
 52447 | Lair:1   | 52447 ||| Stepping randomly (stuck).
 52448 | Lair:1   | 52448 ||| Stepping randomly (stuck).
 52449 | Lair:1   | 52449 ||| Stepping randomly (stuck).
 52450 | Lair:1   | 52450 ||| Stepping randomly (stuck).
 52451 | Lair:1   | 52451 ||| Stepping randomly (stuck).
 52452 | Lair:1   | 52452 ||| Stepping randomly (stuck).
 52453 | Lair:1   | 52453 ||| Stepping randomly (stuck).
 52454 | Lair:1   | 52454 ||| Stepping randomly (stuck).
 52455 | Lair:1   | 52455 ||| Stepping randomly (stuck).
 52456 | Lair:1   | 52456 ||| Stepping randomly (stuck).
 52457 | Lair:1   | 52457 ||| Stepping randomly (stuck).
 52458 | Lair:1   | 52458 ||| Stepping randomly (stuck).
 52459 | Lair:1   | 52459 ||| Stepping randomly (stuck).
 52460 | Lair:1   | 52460 ||| Stepping randomly (stuck).
 52461 | Lair:1   | 52461 ||| Stepping randomly (stuck).
 52462 | Lair:1   | 52462 ||| Stepping randomly (stuck).
 52463 | Lair:1   | 52463 ||| Stepping randomly (stuck).
 52464 | Lair:1   | 52464 ||| Stepping randomly (stuck).
 52465 | Lair:1   | 52465 ||| Stepping randomly (stuck).
 52466 | Lair:1   | 52466 ||| Stepping randomly (stuck).
 52467 | Lair:1   | 52467 ||| Stepping randomly (stuck).
 52468 | Lair:1   | 52468 ||| Stepping randomly (stuck).
 52469 | Lair:1   | 52469 ||| Stepping randomly (stuck).
 52470 | Lair:1   | 52470 ||| Stepping randomly (stuck).
 52471 | Lair:1   | 52471 ||| Stepping randomly (stuck).
 52472 | Lair:1   | 52472 ||| Stepping randomly (stuck).
 52473 | Lair:1   | 52473 ||| Stepping randomly (stuck).
 52474 | Lair:1   | 52474 ||| Stepping randomly (stuck).
 52475 | Lair:1   | 52475 ||| Stepping randomly (stuck).
 52476 | Lair:1   | 52476 ||| Stepping randomly (stuck).
 52477 | Lair:1   | 52477 ||| Stepping randomly (stuck).
 52478 | Lair:1   | 52478 ||| Stepping randomly (stuck).
 52479 | Lair:1   | 52479 ||| Stepping randomly (stuck).
 52480 | Lair:1   | 52480 ||| Stepping randomly (stuck).
 52481 | Lair:1   | 52481 ||| Stepping randomly (stuck).
 52482 | Lair:1   | 52482 ||| Stepping randomly (stuck).
 52483 | Lair:1   | 52483 ||| Stepping randomly (stuck).
 52484 | Lair:1   | 52484 ||| Stepping randomly (stuck).
 52485 | Lair:1   | 52485 ||| Stepping randomly (stuck).
 52486 | Lair:1   | 52486 ||| Stepping randomly (stuck).
 52487 | Lair:1   | 52487 ||| Stepping randomly (stuck).
 52488 | Lair:1   | 52488 ||| Stepping randomly (stuck).
 52489 | Lair:1   | 52489 ||| Stepping randomly (stuck).
 52490 | Lair:1   | 52490 ||| Stepping randomly (stuck).
 52491 | Lair:1   | 52491 ||| Stepping randomly (stuck).
 52492 | Lair:1   | 52492 ||| Stepping randomly (stuck).
 52493 | Lair:1   | 52493 ||| Stepping randomly (stuck).
 52494 | Lair:1   | 52494 ||| Stepping randomly (stuck).
 52495 | Lair:1   | 52495 ||| Stepping randomly (stuck).
 52496 | Lair:1   | 52496 ||| Stepping randomly (stuck).
 52497 | Lair:1   | 52497 ||| Stepping randomly (stuck).
 52498 | Lair:1   | 52498 ||| Stepping randomly (stuck).
 52499 | Lair:1   | 52499 ||| Stepping randomly (stuck).
 52500 | Lair:1   | 52500 ||| Stepping randomly (stuck).
 52501 | Lair:1   | 52501 ||| Stepping randomly (stuck).
 52502 | Lair:1   | 52502 ||| Stepping randomly (stuck).
 52503 | Lair:1   | 52503 ||| Stepping randomly (stuck).
 52504 | Lair:1   | 52504 ||| Stepping randomly (stuck).
 52505 | Lair:1   | 52505 ||| Stepping randomly (stuck).
 52506 | Lair:1   | 52506 ||| Stepping randomly (stuck).
 52507 | Lair:1   | 52507 ||| Stepping randomly (stuck).
 52508 | Lair:1   | 52508 ||| Stepping randomly (stuck).
 52509 | Lair:1   | 52509 ||| Stepping randomly (stuck).
 52510 | Lair:1   | 52510 ||| Stepping randomly (stuck).
 52511 | Lair:1   | 52511 ||| Stepping randomly (stuck).
 52512 | Lair:1   | 52512 ||| Stepping randomly (stuck).
 52513 | Lair:1   | 52513 ||| Stepping randomly (stuck).
 52514 | Lair:1   | 52514 ||| Stepping randomly (stuck).
 52515 | Lair:1   | 52515 ||| Stepping randomly (stuck).
 52516 | Lair:1   | 52516 ||| Stepping randomly (stuck).
 52517 | Lair:1   | 52517 ||| Stepping randomly (stuck).
 52518 | Lair:1   | 52518 ||| Stepping randomly (stuck).
 52519 | Lair:1   | 52519 ||| Stepping randomly (stuck).
 52520 | Lair:1   | 52520 ||| Stepping randomly (stuck).
 52521 | Lair:1   | 52521 ||| Stepping randomly (stuck).
 52522 | Lair:1   | 52522 ||| Stepping randomly (stuck).
 52523 | Lair:1   | 52523 ||| Stepping randomly (stuck).
 52524 | Lair:1   | 52524 ||| Stepping randomly (stuck).
 52525 | Lair:1   | 52525 ||| Stepping randomly (stuck).
 52526 | Lair:1   | 52526 ||| Stepping randomly (stuck).
 52527 | Lair:1   | 52527 ||| Stepping randomly (stuck).
 52528 | Lair:1   | 52528 ||| Stepping randomly (stuck).
 52529 | Lair:1   | 52529 ||| Stepping randomly (stuck).
 52530 | Lair:1   | 52530 ||| Stepping randomly (stuck).
 52531 | Lair:1   | 52531 ||| Stepping randomly (stuck).
 52532 | Lair:1   | 52532 ||| Stepping randomly (stuck).
 52533 | Lair:1   | 52533 ||| Stepping randomly (stuck).
 52534 | Lair:1   | 52534 ||| Stepping randomly (stuck).
 52535 | Lair:1   | 52535 ||| Stepping randomly (stuck).
 52536 | Lair:1   | 52536 ||| Stepping randomly (stuck).
 52537 | Lair:1   | 52537 ||| Stepping randomly (stuck).
 52538 | Lair:1   | 52538 ||| Stepping randomly (stuck).
 52539 | Lair:1   | 52539 ||| Stepping randomly (stuck).
 52540 | Lair:1   | 52540 ||| Stepping randomly (stuck).
 52541 | Lair:1   | 52541 ||| Stepping randomly (stuck).
 52542 | Lair:1   | 52542 ||| Stepping randomly (stuck).
 52543 | Lair:1   | 52543 ||| Stepping randomly (stuck).
 52544 | Lair:1   | 52544 ||| Stepping randomly (stuck).
 52545 | Lair:1   | 52545 ||| Stepping randomly (stuck).
 52546 | Lair:1   | 52546 ||| Stepping randomly (stuck).
 52547 | Lair:1   | 52547 ||| Stepping randomly (stuck).
 52548 | Lair:1   | 52548 ||| Stepping randomly (stuck).
 52549 | Lair:1   | 52549 ||| Stepping randomly (stuck).
 52550 | Lair:1   | 52550 ||| Stepping randomly (stuck).
 52551 | Lair:1   | 52551 ||| Stepping randomly (stuck).
 52552 | Lair:1   | 52552 ||| Stepping randomly (stuck).
 52553 | Lair:1   | 52553 ||| Stepping randomly (stuck).
 52554 | Lair:1   | 52554 ||| Stepping randomly (stuck).
 52555 | Lair:1   | 52555 ||| Stepping randomly (stuck).
 52556 | Lair:1   | 52556 ||| Stepping randomly (stuck).
 52557 | Lair:1   | 52557 ||| Stepping randomly (stuck).
 52558 | Lair:1   | 52558 ||| Stepping randomly (stuck).
 52559 | Lair:1   | 52559 ||| Stepping randomly (stuck).
 52560 | Lair:1   | 52560 ||| Stepping randomly (stuck).
 52561 | Lair:1   | 52561 ||| Stepping randomly (stuck).
 52562 | Lair:1   | 52562 ||| Stepping randomly (stuck).
 52563 | Lair:1   | 52563 ||| Stepping randomly (stuck).
 52564 | Lair:1   | 52564 ||| Stepping randomly (stuck).
 52565 | Lair:1   | 52565 ||| Stepping randomly (stuck).
 52566 | Lair:1   | 52566 ||| Stepping randomly (stuck).
 52567 | Lair:1   | 52567 ||| Stepping randomly (stuck).
 52568 | Lair:1   | 52568 ||| Stepping randomly (stuck).
 52569 | Lair:1   | 52569 ||| Stepping randomly (stuck).
 52570 | Lair:1   | 52570 ||| Stepping randomly (stuck).
 52571 | Lair:1   | 52571 ||| Stepping randomly (stuck).
 52572 | Lair:1   | 52572 ||| Stepping randomly (stuck).
 52573 | Lair:1   | 52573 ||| Stepping randomly (stuck).
 52574 | Lair:1   | 52574 ||| Stepping randomly (stuck).
 52575 | Lair:1   | 52575 ||| Stepping randomly (stuck).
 52576 | Lair:1   | 52576 ||| Stepping randomly (stuck).
 52577 | Lair:1   | 52577 ||| Stepping randomly (stuck).
 52578 | Lair:1   | 52578 ||| Stepping randomly (stuck).
 52579 | Lair:1   | 52579 ||| Stepping randomly (stuck).
 52580 | Lair:1   | 52580 ||| Stepping randomly (stuck).
 52581 | Lair:1   | 52581 ||| Stepping randomly (stuck).
 52582 | Lair:1   | 52582 ||| Stepping randomly (stuck).
 52583 | Lair:1   | 52583 ||| Stepping randomly (stuck).
 52584 | Lair:1   | 52584 ||| Stepping randomly (stuck).
 52585 | Lair:1   | 52585 ||| Stepping randomly (stuck).
 52586 | Lair:1   | 52586 ||| Stepping randomly (stuck).
 52587 | Lair:1   | 52587 ||| Stepping randomly (stuck).
 52588 | Lair:1   | 52588 ||| Stepping randomly (stuck).
 52589 | Lair:1   | 52589 ||| Stepping randomly (stuck).
 52590 | Lair:1   | 52590 ||| Stepping randomly (stuck).
 52591 | Lair:1   | 52591 ||| Stepping randomly (stuck).
 52592 | Lair:1   | 52592 ||| Stepping randomly (stuck).
 52593 | Lair:1   | 52593 ||| Stepping randomly (stuck).
 52594 | Lair:1   | 52594 ||| Stepping randomly (stuck).
 52595 | Lair:1   | 52595 ||| Stepping randomly (stuck).
 52596 | Lair:1   | 52596 ||| Stepping randomly (stuck).
 52597 | Lair:1   | 52597 ||| Stepping randomly (stuck).
 52598 | Lair:1   | 52598 ||| Stepping randomly (stuck).
 52599 | Lair:1   | 52599 ||| Stepping randomly (stuck).
 52600 | Lair:1   | 52600 ||| Stepping randomly (stuck).
 52601 | Lair:1   | 52601 ||| Stepping randomly (stuck).
 52602 | Lair:1   | 52602 ||| Stepping randomly (stuck).
 52603 | Lair:1   | 52603 ||| Stepping randomly (stuck).
 52604 | Lair:1   | 52604 ||| Stepping randomly (stuck).
 52605 | Lair:1   | 52605 ||| Stepping randomly (stuck).
 52606 | Lair:1   | 52606 ||| Stepping randomly (stuck).
 52607 | Lair:1   | 52607 ||| Stepping randomly (stuck).
 52608 | Lair:1   | 52608 ||| Stepping randomly (stuck).
 52609 | Lair:1   | 52609 ||| Stepping randomly (stuck).
 52610 | Lair:1   | 52610 ||| Stepping randomly (stuck).
 52611 | Lair:1   | 52611 ||| Stepping randomly (stuck).
 52612 | Lair:1   | 52612 ||| Stepping randomly (stuck).
 52613 | Lair:1   | 52613 ||| Stepping randomly (stuck).
 52614 | Lair:1   | 52614 ||| Stepping randomly (stuck).
 52615 | Lair:1   | 52615 ||| Stepping randomly (stuck).
 52616 | Lair:1   | 52616 ||| Stepping randomly (stuck).
 52617 | Lair:1   | 52617 ||| Stepping randomly (stuck).
 52618 | Lair:1   | 52618 ||| Stepping randomly (stuck).
 52619 | Lair:1   | 52619 ||| Stepping randomly (stuck).
 52620 | Lair:1   | 52620 ||| Stepping randomly (stuck).
 52621 | Lair:1   | 52621 ||| Stepping randomly (stuck).
 52622 | Lair:1   | 52622 ||| Stepping randomly (stuck).
 52623 | Lair:1   | 52623 ||| Stepping randomly (stuck).
 52624 | Lair:1   | 52624 ||| Stepping randomly (stuck).
 52625 | Lair:1   | 52625 ||| Stepping randomly (stuck).
 52626 | Lair:1   | 52626 ||| Stepping randomly (stuck).
 52627 | Lair:1   | 52627 ||| Stepping randomly (stuck).
 52628 | Lair:1   | 52628 ||| Stepping randomly (stuck).
 52629 | Lair:1   | 52629 ||| Stepping randomly (stuck).
 52630 | Lair:1   | 52630 ||| Stepping randomly (stuck).
 52631 | Lair:1   | 52631 ||| Stepping randomly (stuck).
 52632 | Lair:1   | 52632 ||| Stepping randomly (stuck).
 52633 | Lair:1   | 52633 ||| Stepping randomly (stuck).
 52634 | Lair:1   | 52634 ||| Stepping randomly (stuck).
 52635 | Lair:1   | 52635 ||| Stepping randomly (stuck).
 52636 | Lair:1   | 52636 ||| Stepping randomly (stuck).
 52637 | Lair:1   | 52637 ||| Stepping randomly (stuck).
 52638 | Lair:1   | 52638 ||| Stepping randomly (stuck).
 52639 | Lair:1   | 52639 ||| Stepping randomly (stuck).
 52640 | Lair:1   | 52640 ||| Stepping randomly (stuck).
 52641 | Lair:1   | 52641 ||| Stepping randomly (stuck).
 52642 | Lair:1   | 52642 ||| Stepping randomly (stuck).
 52643 | Lair:1   | 52643 ||| Stepping randomly (stuck).
 52644 | Lair:1   | 52644 ||| Stepping randomly (stuck).
 52645 | Lair:1   | 52645 ||| Stepping randomly (stuck).
 52646 | Lair:1   | 52646 ||| Stepping randomly (stuck).
 52647 | Lair:1   | 52647 ||| Stepping randomly (stuck).
 52648 | Lair:1   | 52648 ||| Stepping randomly (stuck).
 52649 | Lair:1   | 52649 ||| Stepping randomly (stuck).
 52650 | Lair:1   | 52650 ||| Stepping randomly (stuck).
 52651 | Lair:1   | 52651 ||| Stepping randomly (stuck).
 52652 | Lair:1   | 52652 ||| Stepping randomly (stuck).
 52653 | Lair:1   | 52653 ||| Stepping randomly (stuck).
 52654 | Lair:1   | 52654 ||| Stepping randomly (stuck).
 52655 | Lair:1   | 52655 ||| Stepping randomly (stuck).
 52656 | Lair:1   | 52656 ||| Stepping randomly (stuck).
 52657 | Lair:1   | 52657 ||| Stepping randomly (stuck).
 52658 | Lair:1   | 52658 ||| Stepping randomly (stuck).
 52659 | Lair:1   | 52659 ||| Stepping randomly (stuck).
 52660 | Lair:1   | 52660 ||| Stepping randomly (stuck).
 52661 | Lair:1   | 52661 ||| Stepping randomly (stuck).
 52662 | Lair:1   | 52662 ||| Stepping randomly (stuck).
 52663 | Lair:1   | 52663 ||| Stepping randomly (stuck).
 52664 | Lair:1   | 52664 ||| Stepping randomly (stuck).
 52665 | Lair:1   | 52665 ||| Stepping randomly (stuck).
 52666 | Lair:1   | 52666 ||| Stepping randomly (stuck).
 52667 | Lair:1   | 52667 ||| Stepping randomly (stuck).
 52668 | Lair:1   | 52668 ||| Stepping randomly (stuck).
 52669 | Lair:1   | 52669 ||| Stepping randomly (stuck).
 52670 | Lair:1   | 52670 ||| Stepping randomly (stuck).
 52671 | Lair:1   | 52671 ||| Stepping randomly (stuck).
 52672 | Lair:1   | 52672 ||| Stepping randomly (stuck).
 52673 | Lair:1   | 52673 ||| Stepping randomly (stuck).
 52674 | Lair:1   | 52674 ||| Stepping randomly (stuck).
 52675 | Lair:1   | 52675 ||| Stepping randomly (stuck).
 52676 | Lair:1   | 52676 ||| Stepping randomly (stuck).
 52677 | Lair:1   | 52677 ||| Stepping randomly (stuck).
 52678 | Lair:1   | 52678 ||| Stepping randomly (stuck).
 52679 | Lair:1   | 52679 ||| Stepping randomly (stuck).
 52680 | Lair:1   | 52680 ||| Stepping randomly (stuck).
 52681 | Lair:1   | 52681 ||| Stepping randomly (stuck).
 52682 | Lair:1   | 52682 ||| Stepping randomly (stuck).
 52683 | Lair:1   | 52683 ||| Stepping randomly (stuck).
 52684 | Lair:1   | 52684 ||| Stepping randomly (stuck).
 52685 | Lair:1   | 52685 ||| Stepping randomly (stuck).
 52686 | Lair:1   | 52686 ||| Stepping randomly (stuck).
 52687 | Lair:1   | 52687 ||| Stepping randomly (stuck).
 52688 | Lair:1   | 52688 ||| Stepping randomly (stuck).
 52689 | Lair:1   | 52689 ||| Stepping randomly (stuck).
 52690 | Lair:1   | 52690 ||| Stepping randomly (stuck).
 52691 | Lair:1   | 52691 ||| Stepping randomly (stuck).
 52692 | Lair:1   | 52692 ||| Stepping randomly (stuck).
 52693 | Lair:1   | 52693 ||| Stepping randomly (stuck).
 52694 | Lair:1   | 52694 ||| Stepping randomly (stuck).
 52695 | Lair:1   | 52695 ||| Stepping randomly (stuck).
 52696 | Lair:1   | 52696 ||| Stepping randomly (stuck).
 52697 | Lair:1   | 52697 ||| Stepping randomly (stuck).
 52698 | Lair:1   | 52698 ||| Stepping randomly (stuck).
 52699 | Lair:1   | 52699 ||| Stepping randomly (stuck).
 52700 | Lair:1   | 52700 ||| Stepping randomly (stuck).
 52701 | Lair:1   | 52701 ||| Stepping randomly (stuck).
 52702 | Lair:1   | 52702 ||| Stepping randomly (stuck).
 52703 | Lair:1   | 52703 ||| Stepping randomly (stuck).
 52704 | Lair:1   | 52704 ||| Stepping randomly (stuck).
 52705 | Lair:1   | 52705 ||| Stepping randomly (stuck).
 52706 | Lair:1   | 52706 ||| Stepping randomly (stuck).
 52707 | Lair:1   | 52707 ||| Stepping randomly (stuck).
 52708 | Lair:1   | 52708 ||| Stepping randomly (stuck).
 52709 | Lair:1   | 52709 ||| Stepping randomly (stuck).
 52710 | Lair:1   | 52710 ||| Stepping randomly (stuck).
 52711 | Lair:1   | 52711 ||| Stepping randomly (stuck).
 52712 | Lair:1   | 52712 ||| Stepping randomly (stuck).
 52713 | Lair:1   | 52713 ||| Stepping randomly (stuck).
 52714 | Lair:1   | 52714 ||| Stepping randomly (stuck).
 52715 | Lair:1   | 52715 ||| Stepping randomly (stuck).
 52716 | Lair:1   | 52716 ||| Stepping randomly (stuck).
 52717 | Lair:1   | 52717 ||| Stepping randomly (stuck).
 52718 | Lair:1   | 52718 ||| Stepping randomly (stuck).
 52719 | Lair:1   | 52719 ||| Stepping randomly (stuck).
 52720 | Lair:1   | 52720 ||| Stepping randomly (stuck).
 52721 | Lair:1   | 52721 ||| Stepping randomly (stuck).
 52722 | Lair:1   | 52722 ||| Stepping randomly (stuck).
 52723 | Lair:1   | 52723 ||| Stepping randomly (stuck).
 52724 | Lair:1   | 52724 ||| Stepping randomly (stuck).
 52725 | Lair:1   | 52725 ||| Stepping randomly (stuck).
 52726 | Lair:1   | 52726 ||| Stepping randomly (stuck).
 52727 | Lair:1   | 52727 ||| Stepping randomly (stuck).
 52728 | Lair:1   | 52728 ||| Stepping randomly (stuck).
 52729 | Lair:1   | 52729 ||| Stepping randomly (stuck).
 52730 | Lair:1   | 52730 ||| Stepping randomly (stuck).
 52731 | Lair:1   | 52731 ||| Stepping randomly (stuck).
 52732 | Lair:1   | 52732 ||| Stepping randomly (stuck).
 52733 | Lair:1   | 52733 ||| Stepping randomly (stuck).
 52734 | Lair:1   | 52734 ||| Stepping randomly (stuck).
 52735 | Lair:1   | 52735 ||| Stepping randomly (stuck).
 52736 | Lair:1   | 52736 ||| Stepping randomly (stuck).
 52737 | Lair:1   | 52737 ||| Stepping randomly (stuck).
 52738 | Lair:1   | 52738 ||| Stepping randomly (stuck).
 52739 | Lair:1   | 52739 ||| Stepping randomly (stuck).
 52740 | Lair:1   | 52740 ||| Stepping randomly (stuck).
 52741 | Lair:1   | 52741 ||| Stepping randomly (stuck).
 52742 | Lair:1   | 52742 ||| Stepping randomly (stuck).
 52743 | Lair:1   | 52743 ||| Stepping randomly (stuck).
 52744 | Lair:1   | 52744 ||| Stepping randomly (stuck).
 52745 | Lair:1   | 52745 ||| Stepping randomly (stuck).
 52746 | Lair:1   | 52746 ||| Stepping randomly (stuck).
 52747 | Lair:1   | 52747 ||| Stepping randomly (stuck).
 52748 | Lair:1   | 52748 ||| Stepping randomly (stuck).
 52749 | Lair:1   | 52749 ||| Stepping randomly (stuck).
 52750 | Lair:1   | 52750 ||| Stepping randomly (stuck).
 52751 | Lair:1   | 52751 ||| Stepping randomly (stuck).
 52752 | Lair:1   | 52752 ||| Stepping randomly (stuck).
 52753 | Lair:1   | 52753 ||| Stepping randomly (stuck).
 52754 | Lair:1   | 52754 ||| Stepping randomly (stuck).
 52755 | Lair:1   | 52755 ||| Stepping randomly (stuck).
 52756 | Lair:1   | 52756 ||| Stepping randomly (stuck).
 52757 | Lair:1   | 52757 ||| Stepping randomly (stuck).
 52758 | Lair:1   | 52758 ||| Stepping randomly (stuck).
 52759 | Lair:1   | 52759 ||| Stepping randomly (stuck).
 52760 | Lair:1   | 52760 ||| Stepping randomly (stuck).
 52761 | Lair:1   | 52761 ||| Stepping randomly (stuck).
 52762 | Lair:1   | 52762 ||| Stepping randomly (stuck).
 52763 | Lair:1   | 52763 ||| Stepping randomly (stuck).
 52764 | Lair:1   | 52764 ||| Stepping randomly (stuck).
 52765 | Lair:1   | 52765 ||| Stepping randomly (stuck).
 52766 | Lair:1   | 52766 ||| Stepping randomly (stuck).
 52766 | Lair:1   | Glimpsed the power of Zot.
 52767 | Lair:1   | 52767 ||| Stepping randomly (stuck).
 52768 | Lair:1   | 52768 ||| Stepping randomly (stuck).
 52769 | Lair:1   | 52769 ||| Stepping randomly (stuck).
 52770 | Lair:1   | 52770 ||| Stepping randomly (stuck).
 52771 | Lair:1   | 52771 ||| Stepping randomly (stuck).
 52772 | Lair:1   | 52772 ||| Stepping randomly (stuck).
 52773 | Lair:1   | 52773 ||| Stepping randomly (stuck).
 52774 | Lair:1   | 52774 ||| Stepping randomly (stuck).
 52775 | Lair:1   | 52775 ||| Stepping randomly (stuck).
 52776 | Lair:1   | 52776 ||| Stepping randomly (stuck).
 52777 | Lair:1   | 52777 ||| Stepping randomly (stuck).
 52778 | Lair:1   | 52778 ||| Stepping randomly (stuck).
 52779 | Lair:1   | 52779 ||| Stepping randomly (stuck).
 52780 | Lair:1   | 52780 ||| Stepping randomly (stuck).
 52781 | Lair:1   | 52781 ||| Stepping randomly (stuck).
 52782 | Lair:1   | 52782 ||| Stepping randomly (stuck).
 52783 | Lair:1   | 52783 ||| Stepping randomly (stuck).
 52784 | Lair:1   | 52784 ||| Stepping randomly (stuck).
 52785 | Lair:1   | 52785 ||| Stepping randomly (stuck).
 52786 | Lair:1   | 52786 ||| Stepping randomly (stuck).
 52787 | Lair:1   | 52787 ||| Stepping randomly (stuck).
 52788 | Lair:1   | 52788 ||| Stepping randomly (stuck).
 52789 | Lair:1   | 52789 ||| Stepping randomly (stuck).
 52790 | Lair:1   | 52790 ||| Stepping randomly (stuck).
 52791 | Lair:1   | 52791 ||| Stepping randomly (stuck).
 52792 | Lair:1   | 52792 ||| Stepping randomly (stuck).
 52793 | Lair:1   | 52793 ||| Stepping randomly (stuck).
 52794 | Lair:1   | 52794 ||| Stepping randomly (stuck).
 52795 | Lair:1   | 52795 ||| Stepping randomly (stuck).
 52796 | Lair:1   | 52796 ||| Stepping randomly (stuck).
 52797 | Lair:1   | 52797 ||| Stepping randomly (stuck).
 52798 | Lair:1   | 52798 ||| Stepping randomly (stuck).
 52799 | Lair:1   | 52799 ||| Stepping randomly (stuck).
 52800 | Lair:1   | 52800 ||| Stepping randomly (stuck).
 52801 | Lair:1   | 52801 ||| Stepping randomly (stuck).
 52802 | Lair:1   | 52802 ||| Stepping randomly (stuck).
 52803 | Lair:1   | 52803 ||| Stepping randomly (stuck).
 52804 | Lair:1   | 52804 ||| Stepping randomly (stuck).
 52805 | Lair:1   | 52805 ||| Stepping randomly (stuck).
 52806 | Lair:1   | 52806 ||| Stepping randomly (stuck).
 52807 | Lair:1   | 52807 ||| Stepping randomly (stuck).
 52808 | Lair:1   | 52808 ||| Stepping randomly (stuck).
 52809 | Lair:1   | 52809 ||| Stepping randomly (stuck).
 52810 | Lair:1   | 52810 ||| Stepping randomly (stuck).
 52811 | Lair:1   | 52811 ||| Stepping randomly (stuck).
 52812 | Lair:1   | 52812 ||| Stepping randomly (stuck).
 52813 | Lair:1   | 52813 ||| Stepping randomly (stuck).
 52814 | Lair:1   | 52814 ||| Stepping randomly (stuck).
 52815 | Lair:1   | 52815 ||| Stepping randomly (stuck).
 52816 | Lair:1   | 52816 ||| Stepping randomly (stuck).
 52817 | Lair:1   | 52817 ||| Stepping randomly (stuck).
 52818 | Lair:1   | 52818 ||| Stepping randomly (stuck).
 52819 | Lair:1   | 52819 ||| Stepping randomly (stuck).
 52820 | Lair:1   | 52820 ||| Stepping randomly (stuck).
 52821 | Lair:1   | 52821 ||| Stepping randomly (stuck).
 52822 | Lair:1   | 52822 ||| Stepping randomly (stuck).
 52823 | Lair:1   | 52823 ||| Stepping randomly (stuck).
 52824 | Lair:1   | 52824 ||| Stepping randomly (stuck).
 52825 | Lair:1   | 52825 ||| Stepping randomly (stuck).
 52826 | Lair:1   | 52826 ||| Stepping randomly (stuck).
 52827 | Lair:1   | 52827 ||| Stepping randomly (stuck).
 52828 | Lair:1   | 52828 ||| Stepping randomly (stuck).
 52829 | Lair:1   | 52829 ||| Stepping randomly (stuck).
 52830 | Lair:1   | 52830 ||| Stepping randomly (stuck).
 52831 | Lair:1   | 52831 ||| Stepping randomly (stuck).
 52832 | Lair:1   | 52832 ||| Stepping randomly (stuck).
 52833 | Lair:1   | 52833 ||| Stepping randomly (stuck).
 52834 | Lair:1   | 52834 ||| Stepping randomly (stuck).
 52835 | Lair:1   | 52835 ||| Stepping randomly (stuck).
 52836 | Lair:1   | 52836 ||| Stepping randomly (stuck).
 52837 | Lair:1   | 52837 ||| Stepping randomly (stuck).
 52838 | Lair:1   | 52838 ||| Stepping randomly (stuck).
 52839 | Lair:1   | 52839 ||| Stepping randomly (stuck).
 52840 | Lair:1   | 52840 ||| Stepping randomly (stuck).
 52841 | Lair:1   | 52841 ||| Stepping randomly (stuck).
 52842 | Lair:1   | 52842 ||| Stepping randomly (stuck).
 52843 | Lair:1   | 52843 ||| Stepping randomly (stuck).
 52844 | Lair:1   | 52844 ||| Stepping randomly (stuck).
 52845 | Lair:1   | 52845 ||| Stepping randomly (stuck).
 52846 | Lair:1   | 52846 ||| Stepping randomly (stuck).
 52847 | Lair:1   | 52847 ||| Stepping randomly (stuck).
 52848 | Lair:1   | 52848 ||| Stepping randomly (stuck).
 52849 | Lair:1   | 52849 ||| Stepping randomly (stuck).
 52850 | Lair:1   | 52850 ||| Stepping randomly (stuck).
 52851 | Lair:1   | 52851 ||| Stepping randomly (stuck).
 52852 | Lair:1   | 52852 ||| Stepping randomly (stuck).
 52853 | Lair:1   | 52853 ||| Stepping randomly (stuck).
 52854 | Lair:1   | 52854 ||| Stepping randomly (stuck).
 52855 | Lair:1   | 52855 ||| Stepping randomly (stuck).
 52856 | Lair:1   | 52856 ||| Stepping randomly (stuck).
 52857 | Lair:1   | 52857 ||| Stepping randomly (stuck).
 52858 | Lair:1   | 52858 ||| Stepping randomly (stuck).
 52859 | Lair:1   | 52859 ||| Stepping randomly (stuck).
 52860 | Lair:1   | 52860 ||| Stepping randomly (stuck).
 52861 | Lair:1   | 52861 ||| Stepping randomly (stuck).
 52862 | Lair:1   | 52862 ||| Stepping randomly (stuck).
 52863 | Lair:1   | 52863 ||| Stepping randomly (stuck).
 52864 | Lair:1   | 52864 ||| Stepping randomly (stuck).
 52865 | Lair:1   | 52865 ||| Stepping randomly (stuck).
 52866 | Lair:1   | 52866 ||| Stepping randomly (stuck).
 52866 | Lair:1   | Touched by the power of Zot (MHP 80 -> 64)
 52867 | Lair:1   | 52867 ||| PLANNING SNAKE:1-3
 52867 | Lair:1   | Glimpsed the power of Zot.
 52910 | D:9      | 52910 ||| PLANNING LAIR
 52942 | Lair:2   | 52942 ||| Stepping randomly (stuck).
 52943 | Lair:2   | 52943 ||| Stepping randomly (stuck).
 52944 | Lair:2   | 52944 ||| Stepping randomly (stuck).
 52945 | Lair:2   | 52945 ||| Stepping randomly (stuck).
 52946 | Lair:2   | 52946 ||| Stepping randomly (stuck).
 52947 | Lair:2   | 52947 ||| Stepping randomly (stuck).
 52948 | Lair:2   | 52948 ||| Stepping randomly (stuck).
 52949 | Lair:2   | 52949 ||| Stepping randomly (stuck).
 52950 | Lair:2   | 52950 ||| Stepping randomly (stuck).
 52951 | Lair:2   | 52951 ||| Stepping randomly (stuck).
 52952 | Lair:2   | 52952 ||| Stepping randomly (stuck).
 52953 | Lair:2   | 52953 ||| Stepping randomly (stuck).
 52954 | Lair:2   | 52954 ||| Stepping randomly (stuck).
 52955 | Lair:2   | 52955 ||| Stepping randomly (stuck).
 52956 | Lair:2   | 52956 ||| Stepping randomly (stuck).
 52957 | Lair:2   | 52957 ||| Stepping randomly (stuck).
 52958 | Lair:2   | 52958 ||| Stepping randomly (stuck).
 52959 | Lair:2   | 52959 ||| Stepping randomly (stuck).
 52960 | Lair:2   | 52960 ||| Stepping randomly (stuck).
 52961 | Lair:2   | 52961 ||| Stepping randomly (stuck).
 52962 | Lair:2   | 52962 ||| Stepping randomly (stuck).
 52963 | Lair:2   | 52963 ||| Stepping randomly (stuck).
 52964 | Lair:2   | 52964 ||| Stepping randomly (stuck).
 52965 | Lair:2   | 52965 ||| Stepping randomly (stuck).
 52966 | Lair:2   | 52966 ||| Stepping randomly (stuck).
 52967 | Lair:2   | 52967 ||| Stepping randomly (stuck).
 52968 | Lair:2   | 52968 ||| Stepping randomly (stuck).
 52969 | Lair:2   | 52969 ||| Stepping randomly (stuck).
 52970 | Lair:2   | 52970 ||| Stepping randomly (stuck).
 52971 | Lair:2   | 52971 ||| Stepping randomly (stuck).
 52972 | Lair:2   | 52972 ||| Stepping randomly (stuck).
 52973 | Lair:2   | 52973 ||| Stepping randomly (stuck).
 52974 | Lair:2   | 52974 ||| Stepping randomly (stuck).
 52975 | Lair:2   | 52975 ||| Stepping randomly (stuck).
 52976 | Lair:2   | 52976 ||| Stepping randomly (stuck).
 52977 | Lair:2   | 52977 ||| Stepping randomly (stuck).
 52978 | Lair:2   | 52978 ||| Stepping randomly (stuck).
 52979 | Lair:2   | 52979 ||| Stepping randomly (stuck).
 52980 | Lair:2   | 52980 ||| Stepping randomly (stuck).
 52981 | Lair:2   | 52981 ||| Stepping randomly (stuck).
 52982 | Lair:2   | 52982 ||| Stepping randomly (stuck).
 52983 | Lair:2   | 52983 ||| Stepping randomly (stuck).
 52984 | Lair:2   | 52984 ||| Stepping randomly (stuck).
 52985 | Lair:2   | 52985 ||| Stepping randomly (stuck).
 52986 | Lair:2   | 52986 ||| Stepping randomly (stuck).
 52987 | Lair:2   | 52987 ||| Stepping randomly (stuck).
 52988 | Lair:2   | 52988 ||| Stepping randomly (stuck).
 52989 | Lair:2   | 52989 ||| Stepping randomly (stuck).
 52990 | Lair:2   | 52990 ||| Stepping randomly (stuck).
 52991 | Lair:2   | 52991 ||| Stepping randomly (stuck).
 52992 | Lair:2   | 52992 ||| Stepping randomly (stuck).
 52993 | Lair:2   | 52993 ||| Stepping randomly (stuck).
 52994 | Lair:2   | 52994 ||| Stepping randomly (stuck).
 52995 | Lair:2   | 52995 ||| Stepping randomly (stuck).
 52996 | Lair:2   | 52996 ||| Stepping randomly (stuck).
 52997 | Lair:2   | 52997 ||| Stepping randomly (stuck).
 52998 | Lair:2   | 52998 ||| Stepping randomly (stuck).
 52999 | Lair:2   | 52999 ||| Stepping randomly (stuck).
 53000 | Lair:2   | 53000 ||| Stepping randomly (stuck).
 53001 | Lair:2   | 53001 ||| Stepping randomly (stuck).
 53002 | Lair:2   | 53002 ||| Stepping randomly (stuck).
 53003 | Lair:2   | 53003 ||| Stepping randomly (stuck).
 53004 | Lair:2   | 53004 ||| Stepping randomly (stuck).
 53005 | Lair:2   | 53005 ||| Stepping randomly (stuck).
 53006 | Lair:2   | 53006 ||| Stepping randomly (stuck).
 53007 | Lair:2   | 53007 ||| Stepping randomly (stuck).
 53008 | Lair:2   | 53008 ||| Stepping randomly (stuck).
 53009 | Lair:2   | 53009 ||| Stepping randomly (stuck).
 53010 | Lair:2   | 53010 ||| Stepping randomly (stuck).
 53011 | Lair:2   | 53011 ||| Stepping randomly (stuck).
 53012 | Lair:2   | 53012 ||| Stepping randomly (stuck).
 53013 | Lair:2   | 53013 ||| Stepping randomly (stuck).
 53014 | Lair:2   | 53014 ||| Stepping randomly (stuck).
 53015 | Lair:2   | 53015 ||| Stepping randomly (stuck).
 53016 | Lair:2   | 53016 ||| Stepping randomly (stuck).
 53017 | Lair:2   | 53017 ||| Stepping randomly (stuck).
 53018 | Lair:2   | 53018 ||| Stepping randomly (stuck).
 53019 | Lair:2   | 53019 ||| Stepping randomly (stuck).
 53020 | Lair:2   | 53020 ||| Stepping randomly (stuck).
 53021 | Lair:2   | 53021 ||| Stepping randomly (stuck).
 53022 | Lair:2   | 53022 ||| Stepping randomly (stuck).
 53023 | Lair:2   | 53023 ||| Stepping randomly (stuck).
 53024 | Lair:2   | 53024 ||| Stepping randomly (stuck).
 53025 | Lair:2   | 53025 ||| Stepping randomly (stuck).
 53026 | Lair:2   | 53026 ||| Stepping randomly (stuck).
 53027 | Lair:2   | 53027 ||| Stepping randomly (stuck).
 53028 | Lair:2   | 53028 ||| Stepping randomly (stuck).
 53029 | Lair:2   | 53029 ||| Stepping randomly (stuck).
 53030 | Lair:2   | 53030 ||| Stepping randomly (stuck).
 53031 | Lair:2   | 53031 ||| Stepping randomly (stuck).
 53032 | Lair:2   | 53032 ||| Stepping randomly (stuck).
 53033 | Lair:2   | 53033 ||| Stepping randomly (stuck).
 53034 | Lair:2   | 53034 ||| Stepping randomly (stuck).
 53035 | Lair:2   | 53035 ||| Stepping randomly (stuck).
 53036 | Lair:2   | 53036 ||| Stepping randomly (stuck).
 53037 | Lair:2   | 53037 ||| Stepping randomly (stuck).
 53038 | Lair:2   | 53038 ||| Stepping randomly (stuck).
 53039 | Lair:2   | 53039 ||| Stepping randomly (stuck).
 53040 | Lair:2   | 53040 ||| Stepping randomly (stuck).
 53041 | Lair:2   | 53041 ||| Stepping randomly (stuck).
 53042 | Lair:2   | 53042 ||| Stepping randomly (stuck).
 53043 | Lair:2   | 53043 ||| Stepping randomly (stuck).
 53044 | Lair:2   | 53044 ||| Stepping randomly (stuck).
 53045 | Lair:2   | 53045 ||| Stepping randomly (stuck).
 53046 | Lair:2   | 53046 ||| Stepping randomly (stuck).
 53047 | Lair:2   | 53047 ||| Stepping randomly (stuck).
 53048 | Lair:2   | 53048 ||| Stepping randomly (stuck).
 53049 | Lair:2   | 53049 ||| Stepping randomly (stuck).
 53050 | Lair:2   | 53050 ||| Stepping randomly (stuck).
 53051 | Lair:2   | 53051 ||| Stepping randomly (stuck).
 53052 | Lair:2   | 53052 ||| Stepping randomly (stuck).
 53053 | Lair:2   | 53053 ||| Stepping randomly (stuck).
 53054 | Lair:2   | 53054 ||| Stepping randomly (stuck).
 53055 | Lair:2   | 53055 ||| Stepping randomly (stuck).
 53056 | Lair:2   | 53056 ||| Stepping randomly (stuck).
 53057 | Lair:2   | 53057 ||| Stepping randomly (stuck).
 53058 | Lair:2   | 53058 ||| Stepping randomly (stuck).
 53059 | Lair:2   | 53059 ||| Stepping randomly (stuck).
 53060 | Lair:2   | 53060 ||| Stepping randomly (stuck).
 53061 | Lair:2   | 53061 ||| Stepping randomly (stuck).
 53062 | Lair:2   | 53062 ||| Stepping randomly (stuck).
 53063 | Lair:2   | 53063 ||| Stepping randomly (stuck).
 53064 | Lair:2   | 53064 ||| Stepping randomly (stuck).
 53065 | Lair:2   | 53065 ||| Stepping randomly (stuck).
 53066 | Lair:2   | 53066 ||| Stepping randomly (stuck).
 53067 | Lair:2   | 53067 ||| Stepping randomly (stuck).
 53068 | Lair:2   | 53068 ||| Stepping randomly (stuck).
 53069 | Lair:2   | 53069 ||| Stepping randomly (stuck).
 53070 | Lair:2   | 53070 ||| Stepping randomly (stuck).
 53071 | Lair:2   | 53071 ||| Stepping randomly (stuck).
 53072 | Lair:2   | 53072 ||| Stepping randomly (stuck).
 53073 | Lair:2   | 53073 ||| Stepping randomly (stuck).
 53074 | Lair:2   | 53074 ||| Stepping randomly (stuck).
 53075 | Lair:2   | 53075 ||| Stepping randomly (stuck).
 53076 | Lair:2   | 53076 ||| Stepping randomly (stuck).
 53077 | Lair:2   | 53077 ||| Stepping randomly (stuck).
 53078 | Lair:2   | 53078 ||| Stepping randomly (stuck).
 53079 | Lair:2   | 53079 ||| Stepping randomly (stuck).
 53080 | Lair:2   | 53080 ||| Stepping randomly (stuck).
 53081 | Lair:2   | 53081 ||| Stepping randomly (stuck).
 53082 | Lair:2   | 53082 ||| Stepping randomly (stuck).
 53083 | Lair:2   | 53083 ||| Stepping randomly (stuck).
 53084 | Lair:2   | 53084 ||| Stepping randomly (stuck).
 53085 | Lair:2   | 53085 ||| Stepping randomly (stuck).
 53086 | Lair:2   | 53086 ||| Stepping randomly (stuck).
 53087 | Lair:2   | 53087 ||| Stepping randomly (stuck).
 53088 | Lair:2   | 53088 ||| Stepping randomly (stuck).
 53089 | Lair:2   | 53089 ||| Stepping randomly (stuck).
 53090 | Lair:2   | 53090 ||| Stepping randomly (stuck).
 53091 | Lair:2   | 53091 ||| Stepping randomly (stuck).
 53092 | Lair:2   | 53092 ||| Stepping randomly (stuck).
 53093 | Lair:2   | 53093 ||| Stepping randomly (stuck).
 53094 | Lair:2   | 53094 ||| Stepping randomly (stuck).
 53095 | Lair:2   | 53095 ||| Stepping randomly (stuck).
 53096 | Lair:2   | 53096 ||| Stepping randomly (stuck).
 53097 | Lair:2   | 53097 ||| Stepping randomly (stuck).
 53098 | Lair:2   | 53098 ||| Stepping randomly (stuck).
 53099 | Lair:2   | 53099 ||| Stepping randomly (stuck).
 53100 | Lair:2   | 53100 ||| Stepping randomly (stuck).
 53101 | Lair:2   | 53101 ||| Stepping randomly (stuck).
 53102 | Lair:2   | 53102 ||| Stepping randomly (stuck).
 53103 | Lair:2   | 53103 ||| Stepping randomly (stuck).
 53104 | Lair:2   | 53104 ||| Stepping randomly (stuck).
 53105 | Lair:2   | 53105 ||| Stepping randomly (stuck).
 53106 | Lair:2   | 53106 ||| Stepping randomly (stuck).
 53107 | Lair:2   | 53107 ||| Stepping randomly (stuck).
 53108 | Lair:2   | 53108 ||| Stepping randomly (stuck).
 53109 | Lair:2   | 53109 ||| Stepping randomly (stuck).
 53110 | Lair:2   | 53110 ||| Stepping randomly (stuck).
 53111 | Lair:2   | 53111 ||| Stepping randomly (stuck).
 53112 | Lair:2   | 53112 ||| Stepping randomly (stuck).
 53113 | Lair:2   | 53113 ||| Stepping randomly (stuck).
 53114 | Lair:2   | 53114 ||| Stepping randomly (stuck).
 53115 | Lair:2   | 53115 ||| Stepping randomly (stuck).
 53116 | Lair:2   | 53116 ||| Stepping randomly (stuck).
 53117 | Lair:2   | 53117 ||| Stepping randomly (stuck).
 53118 | Lair:2   | 53118 ||| Stepping randomly (stuck).
 53119 | Lair:2   | 53119 ||| Stepping randomly (stuck).
 53120 | Lair:2   | 53120 ||| Stepping randomly (stuck).
 53121 | Lair:2   | 53121 ||| Stepping randomly (stuck).
 53122 | Lair:2   | 53122 ||| Stepping randomly (stuck).
 53123 | Lair:2   | 53123 ||| Stepping randomly (stuck).
 53124 | Lair:2   | 53124 ||| Stepping randomly (stuck).
 53125 | Lair:2   | 53125 ||| Stepping randomly (stuck).
 53126 | Lair:2   | 53126 ||| Stepping randomly (stuck).
 53127 | Lair:2   | 53127 ||| Stepping randomly (stuck).
 53128 | Lair:2   | 53128 ||| Stepping randomly (stuck).
 53129 | Lair:2   | 53129 ||| Stepping randomly (stuck).
 53130 | Lair:2   | 53130 ||| Stepping randomly (stuck).
 53131 | Lair:2   | 53131 ||| Stepping randomly (stuck).
 53132 | Lair:2   | 53132 ||| Stepping randomly (stuck).
 53133 | Lair:2   | 53133 ||| Stepping randomly (stuck).
 53134 | Lair:2   | 53134 ||| Stepping randomly (stuck).
 53135 | Lair:2   | 53135 ||| Stepping randomly (stuck).
 53136 | Lair:2   | 53136 ||| Stepping randomly (stuck).
 53137 | Lair:2   | 53137 ||| Stepping randomly (stuck).
 53138 | Lair:2   | 53138 ||| Stepping randomly (stuck).
 53139 | Lair:2   | 53139 ||| Stepping randomly (stuck).
 53140 | Lair:2   | 53140 ||| Stepping randomly (stuck).
 53141 | Lair:2   | 53141 ||| Stepping randomly (stuck).
 53142 | Lair:2   | 53142 ||| Stepping randomly (stuck).
 53143 | Lair:2   | 53143 ||| Stepping randomly (stuck).
 53144 | Lair:2   | 53144 ||| Stepping randomly (stuck).
 53145 | Lair:2   | 53145 ||| Stepping randomly (stuck).
 53146 | Lair:2   | 53146 ||| Stepping randomly (stuck).
 53147 | Lair:2   | 53147 ||| Stepping randomly (stuck).
 53148 | Lair:2   | 53148 ||| Stepping randomly (stuck).
 53149 | Lair:2   | 53149 ||| Stepping randomly (stuck).
 53150 | Lair:2   | 53150 ||| Stepping randomly (stuck).
 53151 | Lair:2   | 53151 ||| Stepping randomly (stuck).
 53152 | Lair:2   | 53152 ||| Stepping randomly (stuck).
 53153 | Lair:2   | 53153 ||| Stepping randomly (stuck).
 53154 | Lair:2   | 53154 ||| Stepping randomly (stuck).
 53155 | Lair:2   | 53155 ||| Stepping randomly (stuck).
 53156 | Lair:2   | 53156 ||| Stepping randomly (stuck).
 53157 | Lair:2   | 53157 ||| Stepping randomly (stuck).
 53158 | Lair:2   | 53158 ||| Stepping randomly (stuck).
 53159 | Lair:2   | 53159 ||| Stepping randomly (stuck).
 53160 | Lair:2   | 53160 ||| Stepping randomly (stuck).
 53161 | Lair:2   | 53161 ||| Stepping randomly (stuck).
 53162 | Lair:2   | 53162 ||| Stepping randomly (stuck).
 53163 | Lair:2   | 53163 ||| Stepping randomly (stuck).
 53164 | Lair:2   | 53164 ||| Stepping randomly (stuck).
 53165 | Lair:2   | 53165 ||| Stepping randomly (stuck).
 53166 | Lair:2   | 53166 ||| Stepping randomly (stuck).
 53167 | Lair:2   | 53167 ||| Stepping randomly (stuck).
 53168 | Lair:2   | 53168 ||| Stepping randomly (stuck).
 53169 | Lair:2   | 53169 ||| Stepping randomly (stuck).
 53170 | Lair:2   | 53170 ||| Stepping randomly (stuck).
 53171 | Lair:2   | 53171 ||| Stepping randomly (stuck).
 53172 | Lair:2   | 53172 ||| Stepping randomly (stuck).
 53173 | Lair:2   | 53173 ||| Stepping randomly (stuck).
 53174 | Lair:2   | 53174 ||| Stepping randomly (stuck).
 53175 | Lair:2   | 53175 ||| Stepping randomly (stuck).
 53176 | Lair:2   | 53176 ||| Stepping randomly (stuck).
 53177 | Lair:2   | 53177 ||| Stepping randomly (stuck).
 53178 | Lair:2   | 53178 ||| Stepping randomly (stuck).
 53179 | Lair:2   | 53179 ||| Stepping randomly (stuck).
 53180 | Lair:2   | 53180 ||| Stepping randomly (stuck).
 53181 | Lair:2   | 53181 ||| Stepping randomly (stuck).
 53182 | Lair:2   | 53182 ||| Stepping randomly (stuck).
 53183 | Lair:2   | 53183 ||| Stepping randomly (stuck).
 53184 | Lair:2   | 53184 ||| Stepping randomly (stuck).
 53185 | Lair:2   | 53185 ||| Stepping randomly (stuck).
 53186 | Lair:2   | 53186 ||| Stepping randomly (stuck).
 53187 | Lair:2   | 53187 ||| Stepping randomly (stuck).
 53188 | Lair:2   | 53188 ||| Stepping randomly (stuck).
 53189 | Lair:2   | 53189 ||| Stepping randomly (stuck).
 53190 | Lair:2   | 53190 ||| Stepping randomly (stuck).
 53191 | Lair:2   | 53191 ||| Stepping randomly (stuck).
 53192 | Lair:2   | 53192 ||| Stepping randomly (stuck).
 53193 | Lair:2   | 53193 ||| Stepping randomly (stuck).
 53194 | Lair:2   | 53194 ||| Stepping randomly (stuck).
 53195 | Lair:2   | 53195 ||| Stepping randomly (stuck).
 53196 | Lair:2   | 53196 ||| Stepping randomly (stuck).
 53197 | Lair:2   | 53197 ||| Stepping randomly (stuck).
 53198 | Lair:2   | 53198 ||| Stepping randomly (stuck).
 53199 | Lair:2   | 53199 ||| Stepping randomly (stuck).
 53200 | Lair:2   | 53200 ||| Stepping randomly (stuck).
 53201 | Lair:2   | 53201 ||| Stepping randomly (stuck).
 53202 | Lair:2   | 53202 ||| Stepping randomly (stuck).
 53203 | Lair:2   | 53203 ||| Stepping randomly (stuck).
 53204 | Lair:2   | 53204 ||| Stepping randomly (stuck).
 53205 | Lair:2   | 53205 ||| Stepping randomly (stuck).
 53206 | Lair:2   | 53206 ||| Stepping randomly (stuck).
 53207 | Lair:2   | 53207 ||| Stepping randomly (stuck).
 53208 | Lair:2   | 53208 ||| Stepping randomly (stuck).
 53209 | Lair:2   | 53209 ||| Stepping randomly (stuck).
 53210 | Lair:2   | 53210 ||| Stepping randomly (stuck).
 53211 | Lair:2   | 53211 ||| Stepping randomly (stuck).
 53212 | Lair:2   | 53212 ||| Stepping randomly (stuck).
 53213 | Lair:2   | 53213 ||| Stepping randomly (stuck).
 53214 | Lair:2   | 53214 ||| Stepping randomly (stuck).
 53215 | Lair:2   | 53215 ||| Stepping randomly (stuck).
 53216 | Lair:2   | 53216 ||| Stepping randomly (stuck).
 53217 | Lair:2   | 53217 ||| Stepping randomly (stuck).
 53218 | Lair:2   | 53218 ||| Stepping randomly (stuck).
 53219 | Lair:2   | 53219 ||| Stepping randomly (stuck).
 53220 | Lair:2   | 53220 ||| Stepping randomly (stuck).
 53221 | Lair:2   | 53221 ||| Stepping randomly (stuck).
 53222 | Lair:2   | 53222 ||| Stepping randomly (stuck).
 53223 | Lair:2   | 53223 ||| Stepping randomly (stuck).
 53224 | Lair:2   | 53224 ||| Stepping randomly (stuck).
 53225 | Lair:2   | 53225 ||| Stepping randomly (stuck).
 53226 | Lair:2   | 53226 ||| Stepping randomly (stuck).
 53227 | Lair:2   | 53227 ||| Stepping randomly (stuck).
 53228 | Lair:2   | 53228 ||| Stepping randomly (stuck).
 53229 | Lair:2   | 53229 ||| Stepping randomly (stuck).
 53230 | Lair:2   | 53230 ||| Stepping randomly (stuck).
 53231 | Lair:2   | 53231 ||| Stepping randomly (stuck).
 53232 | Lair:2   | 53232 ||| Stepping randomly (stuck).
 53233 | Lair:2   | 53233 ||| Stepping randomly (stuck).
 53234 | Lair:2   | 53234 ||| Stepping randomly (stuck).
 53235 | Lair:2   | 53235 ||| Stepping randomly (stuck).
 53236 | Lair:2   | 53236 ||| Stepping randomly (stuck).
 53237 | Lair:2   | 53237 ||| Stepping randomly (stuck).
 53238 | Lair:2   | 53238 ||| Stepping randomly (stuck).
 53239 | Lair:2   | 53239 ||| Stepping randomly (stuck).
 53240 | Lair:2   | 53240 ||| Stepping randomly (stuck).
 53241 | Lair:2   | 53241 ||| Stepping randomly (stuck).
 53242 | Lair:2   | 53242 ||| Stepping randomly (stuck).
 53243 | Lair:2   | 53243 ||| Stepping randomly (stuck).
 53244 | Lair:2   | 53244 ||| Stepping randomly (stuck).
 53245 | Lair:2   | 53245 ||| Stepping randomly (stuck).
 53246 | Lair:2   | 53246 ||| Stepping randomly (stuck).
 53247 | Lair:2   | 53247 ||| Stepping randomly (stuck).
 53248 | Lair:2   | 53248 ||| Stepping randomly (stuck).
 53249 | Lair:2   | 53249 ||| Stepping randomly (stuck).
 53250 | Lair:2   | 53250 ||| Stepping randomly (stuck).
 53251 | Lair:2   | 53251 ||| Stepping randomly (stuck).
 53252 | Lair:2   | 53252 ||| Stepping randomly (stuck).
 53253 | Lair:2   | 53253 ||| Stepping randomly (stuck).
 53254 | Lair:2   | 53254 ||| Stepping randomly (stuck).
 53255 | Lair:2   | 53255 ||| Stepping randomly (stuck).
 53256 | Lair:2   | 53256 ||| Stepping randomly (stuck).
 53257 | Lair:2   | 53257 ||| Stepping randomly (stuck).
 53258 | Lair:2   | 53258 ||| Stepping randomly (stuck).
 53259 | Lair:2   | 53259 ||| Stepping randomly (stuck).
 53260 | Lair:2   | 53260 ||| Stepping randomly (stuck).
 53261 | Lair:2   | 53261 ||| Stepping randomly (stuck).
 53262 | Lair:2   | 53262 ||| Stepping randomly (stuck).
 53263 | Lair:2   | 53263 ||| Stepping randomly (stuck).
 53264 | Lair:2   | 53264 ||| Stepping randomly (stuck).
 53265 | Lair:2   | 53265 ||| Stepping randomly (stuck).
 53266 | Lair:2   | 53266 ||| Stepping randomly (stuck).
 53267 | Lair:2   | 53267 ||| Stepping randomly (stuck).
 53268 | Lair:2   | 53268 ||| Stepping randomly (stuck).
 53269 | Lair:2   | 53269 ||| Stepping randomly (stuck).
 53270 | Lair:2   | 53270 ||| Stepping randomly (stuck).
 53271 | Lair:2   | 53271 ||| Stepping randomly (stuck).
 53272 | Lair:2   | 53272 ||| Stepping randomly (stuck).
 53273 | Lair:2   | 53273 ||| Stepping randomly (stuck).
 53274 | Lair:2   | 53274 ||| Stepping randomly (stuck).
 53275 | Lair:2   | 53275 ||| Stepping randomly (stuck).
 53276 | Lair:2   | 53276 ||| Stepping randomly (stuck).
 53277 | Lair:2   | 53277 ||| Stepping randomly (stuck).
 53278 | Lair:2   | 53278 ||| Stepping randomly (stuck).
 53279 | Lair:2   | 53279 ||| Stepping randomly (stuck).
 53280 | Lair:2   | 53280 ||| Stepping randomly (stuck).
 53281 | Lair:2   | 53281 ||| Stepping randomly (stuck).
 53282 | Lair:2   | 53282 ||| Stepping randomly (stuck).
 53283 | Lair:2   | 53283 ||| Stepping randomly (stuck).
 53284 | Lair:2   | 53284 ||| Stepping randomly (stuck).
 53285 | Lair:2   | 53285 ||| Stepping randomly (stuck).
 53286 | Lair:2   | 53286 ||| Stepping randomly (stuck).
 53287 | Lair:2   | 53287 ||| Stepping randomly (stuck).
 53288 | Lair:2   | 53288 ||| Stepping randomly (stuck).
 53289 | Lair:2   | 53289 ||| Stepping randomly (stuck).
 53290 | Lair:2   | 53290 ||| Stepping randomly (stuck).
 53291 | Lair:2   | 53291 ||| Stepping randomly (stuck).
 53292 | Lair:2   | 53292 ||| Stepping randomly (stuck).
 53293 | Lair:2   | 53293 ||| Stepping randomly (stuck).
 53294 | Lair:2   | 53294 ||| Stepping randomly (stuck).
 53295 | Lair:2   | 53295 ||| Stepping randomly (stuck).
 53296 | Lair:2   | 53296 ||| Stepping randomly (stuck).
 53297 | Lair:2   | 53297 ||| Stepping randomly (stuck).
 53298 | Lair:2   | 53298 ||| Stepping randomly (stuck).
 53299 | Lair:2   | 53299 ||| Stepping randomly (stuck).
 53300 | Lair:2   | 53300 ||| Stepping randomly (stuck).
 53301 | Lair:2   | 53301 ||| Stepping randomly (stuck).
 53302 | Lair:2   | 53302 ||| Stepping randomly (stuck).
 53303 | Lair:2   | 53303 ||| Stepping randomly (stuck).
 53304 | Lair:2   | 53304 ||| Stepping randomly (stuck).
 53305 | Lair:2   | 53305 ||| Stepping randomly (stuck).
 53306 | Lair:2   | 53306 ||| Stepping randomly (stuck).
 53307 | Lair:2   | 53307 ||| Stepping randomly (stuck).
 53308 | Lair:2   | 53308 ||| Stepping randomly (stuck).
 53309 | Lair:2   | 53309 ||| Stepping randomly (stuck).
 53310 | Lair:2   | 53310 ||| Stepping randomly (stuck).
 53311 | Lair:2   | 53311 ||| Stepping randomly (stuck).
 53312 | Lair:2   | 53312 ||| Stepping randomly (stuck).
 53313 | Lair:2   | 53313 ||| Stepping randomly (stuck).
 53314 | Lair:2   | 53314 ||| Stepping randomly (stuck).
 53315 | Lair:2   | 53315 ||| Stepping randomly (stuck).
 53316 | Lair:2   | 53316 ||| Stepping randomly (stuck).
 53317 | Lair:2   | 53317 ||| Stepping randomly (stuck).
 53318 | Lair:2   | 53318 ||| Stepping randomly (stuck).
 53319 | Lair:2   | 53319 ||| Stepping randomly (stuck).
 53320 | Lair:2   | 53320 ||| Stepping randomly (stuck).
 53321 | Lair:2   | 53321 ||| Stepping randomly (stuck).
 53322 | Lair:2   | 53322 ||| Stepping randomly (stuck).
 53323 | Lair:2   | 53323 ||| Stepping randomly (stuck).
 53324 | Lair:2   | 53324 ||| Stepping randomly (stuck).
 53325 | Lair:2   | 53325 ||| Stepping randomly (stuck).
 53326 | Lair:2   | 53326 ||| Stepping randomly (stuck).
 53327 | Lair:2   | 53327 ||| Stepping randomly (stuck).
 53328 | Lair:2   | 53328 ||| Stepping randomly (stuck).
 53329 | Lair:2   | 53329 ||| Stepping randomly (stuck).
 53330 | Lair:2   | 53330 ||| Stepping randomly (stuck).
 53331 | Lair:2   | 53331 ||| Stepping randomly (stuck).
 53332 | Lair:2   | 53332 ||| Stepping randomly (stuck).
 53333 | Lair:2   | 53333 ||| Stepping randomly (stuck).
 53334 | Lair:2   | 53334 ||| Stepping randomly (stuck).
 53335 | Lair:2   | 53335 ||| Stepping randomly (stuck).
 53336 | Lair:2   | 53336 ||| Stepping randomly (stuck).
 53337 | Lair:2   | 53337 ||| Stepping randomly (stuck).
 53338 | Lair:2   | 53338 ||| Stepping randomly (stuck).
 53339 | Lair:2   | 53339 ||| Stepping randomly (stuck).
 53340 | Lair:2   | 53340 ||| Stepping randomly (stuck).
 53341 | Lair:2   | 53341 ||| Stepping randomly (stuck).
 53342 | Lair:2   | 53342 ||| Stepping randomly (stuck).
 53343 | Lair:2   | 53343 ||| Stepping randomly (stuck).
 53344 | Lair:2   | 53344 ||| Stepping randomly (stuck).
 53345 | Lair:2   | 53345 ||| Stepping randomly (stuck).
 53346 | Lair:2   | 53346 ||| Stepping randomly (stuck).
 53347 | Lair:2   | 53347 ||| Stepping randomly (stuck).
 53348 | Lair:2   | 53348 ||| Stepping randomly (stuck).
 53349 | Lair:2   | 53349 ||| Stepping randomly (stuck).
 53350 | Lair:2   | 53350 ||| Stepping randomly (stuck).
 53351 | Lair:2   | 53351 ||| Stepping randomly (stuck).
 53351 | Lair:2   | Glimpsed the power of Zot.
 53352 | Lair:2   | 53352 ||| Stepping randomly (stuck).
 53353 | Lair:2   | 53353 ||| Stepping randomly (stuck).
 53354 | Lair:2   | 53354 ||| Stepping randomly (stuck).
 53355 | Lair:2   | 53355 ||| Stepping randomly (stuck).
 53356 | Lair:2   | 53356 ||| Stepping randomly (stuck).
 53357 | Lair:2   | 53357 ||| Stepping randomly (stuck).
 53358 | Lair:2   | 53358 ||| Stepping randomly (stuck).
 53359 | Lair:2   | 53359 ||| Stepping randomly (stuck).
 53360 | Lair:2   | 53360 ||| Stepping randomly (stuck).
 53361 | Lair:2   | 53361 ||| Stepping randomly (stuck).
 53362 | Lair:2   | 53362 ||| Stepping randomly (stuck).
 53363 | Lair:2   | 53363 ||| Stepping randomly (stuck).
 53364 | Lair:2   | 53364 ||| Stepping randomly (stuck).
 53365 | Lair:2   | 53365 ||| Stepping randomly (stuck).
 53366 | Lair:2   | 53366 ||| Stepping randomly (stuck).
 53367 | Lair:2   | 53367 ||| Stepping randomly (stuck).
 53368 | Lair:2   | 53368 ||| Stepping randomly (stuck).
 53369 | Lair:2   | 53369 ||| Stepping randomly (stuck).
 53370 | Lair:2   | 53370 ||| Stepping randomly (stuck).
 53371 | Lair:2   | 53371 ||| Stepping randomly (stuck).
 53372 | Lair:2   | 53372 ||| Stepping randomly (stuck).
 53373 | Lair:2   | 53373 ||| Stepping randomly (stuck).
 53374 | Lair:2   | 53374 ||| Stepping randomly (stuck).
 53375 | Lair:2   | 53375 ||| Stepping randomly (stuck).
 53376 | Lair:2   | 53376 ||| Stepping randomly (stuck).
 53377 | Lair:2   | 53377 ||| Stepping randomly (stuck).
 53378 | Lair:2   | 53378 ||| Stepping randomly (stuck).
 53379 | Lair:2   | 53379 ||| Stepping randomly (stuck).
 53380 | Lair:2   | 53380 ||| Stepping randomly (stuck).
 53381 | Lair:2   | 53381 ||| Stepping randomly (stuck).
 53382 | Lair:2   | 53382 ||| Stepping randomly (stuck).
 53383 | Lair:2   | 53383 ||| Stepping randomly (stuck).
 53384 | Lair:2   | 53384 ||| Stepping randomly (stuck).
 53385 | Lair:2   | 53385 ||| Stepping randomly (stuck).
 53386 | Lair:2   | 53386 ||| Stepping randomly (stuck).
 53387 | Lair:2   | 53387 ||| Stepping randomly (stuck).
 53388 | Lair:2   | 53388 ||| Stepping randomly (stuck).
 53389 | Lair:2   | 53389 ||| Stepping randomly (stuck).
 53390 | Lair:2   | 53390 ||| Stepping randomly (stuck).
 53391 | Lair:2   | 53391 ||| Stepping randomly (stuck).
 53392 | Lair:2   | 53392 ||| Stepping randomly (stuck).
 53393 | Lair:2   | 53393 ||| Stepping randomly (stuck).
 53394 | Lair:2   | 53394 ||| Stepping randomly (stuck).
 53395 | Lair:2   | 53395 ||| Stepping randomly (stuck).
 53396 | Lair:2   | 53396 ||| Stepping randomly (stuck).
 53397 | Lair:2   | 53397 ||| Stepping randomly (stuck).
 53398 | Lair:2   | 53398 ||| Stepping randomly (stuck).
 53399 | Lair:2   | 53399 ||| Stepping randomly (stuck).
 53400 | Lair:2   | 53400 ||| Stepping randomly (stuck).
 53401 | Lair:2   | 53401 ||| Stepping randomly (stuck).
 53402 | Lair:2   | 53402 ||| Stepping randomly (stuck).
 53403 | Lair:2   | 53403 ||| Stepping randomly (stuck).
 53404 | Lair:2   | 53404 ||| Stepping randomly (stuck).
 53405 | Lair:2   | 53405 ||| Stepping randomly (stuck).
 53406 | Lair:2   | 53406 ||| Stepping randomly (stuck).
 53407 | Lair:2   | 53407 ||| Stepping randomly (stuck).
 53408 | Lair:2   | 53408 ||| Stepping randomly (stuck).
 53409 | Lair:2   | 53409 ||| Stepping randomly (stuck).
 53410 | Lair:2   | 53410 ||| Stepping randomly (stuck).
 53411 | Lair:2   | 53411 ||| Stepping randomly (stuck).
 53412 | Lair:2   | 53412 ||| Stepping randomly (stuck).
 53413 | Lair:2   | 53413 ||| Stepping randomly (stuck).
 53414 | Lair:2   | 53414 ||| Stepping randomly (stuck).
 53415 | Lair:2   | 53415 ||| Stepping randomly (stuck).
 53416 | Lair:2   | 53416 ||| Stepping randomly (stuck).
 53417 | Lair:2   | 53417 ||| Stepping randomly (stuck).
 53418 | Lair:2   | 53418 ||| Stepping randomly (stuck).
 53419 | Lair:2   | 53419 ||| Stepping randomly (stuck).
 53420 | Lair:2   | 53420 ||| Stepping randomly (stuck).
 53421 | Lair:2   | 53421 ||| Stepping randomly (stuck).
 53422 | Lair:2   | 53422 ||| Stepping randomly (stuck).
 53423 | Lair:2   | 53423 ||| Stepping randomly (stuck).
 53424 | Lair:2   | 53424 ||| Stepping randomly (stuck).
 53425 | Lair:2   | 53425 ||| Stepping randomly (stuck).
 53426 | Lair:2   | 53426 ||| Stepping randomly (stuck).
 53427 | Lair:2   | 53427 ||| Stepping randomly (stuck).
 53428 | Lair:2   | 53428 ||| Stepping randomly (stuck).
 53429 | Lair:2   | 53429 ||| Stepping randomly (stuck).
 53430 | Lair:2   | 53430 ||| Stepping randomly (stuck).
 53431 | Lair:2   | 53431 ||| Stepping randomly (stuck).
 53432 | Lair:2   | 53432 ||| Stepping randomly (stuck).
 53433 | Lair:2   | 53433 ||| Stepping randomly (stuck).
 53434 | Lair:2   | 53434 ||| Stepping randomly (stuck).
 53435 | Lair:2   | 53435 ||| Stepping randomly (stuck).
 53436 | Lair:2   | 53436 ||| Stepping randomly (stuck).
 53437 | Lair:2   | 53437 ||| Stepping randomly (stuck).
 53438 | Lair:2   | 53438 ||| Stepping randomly (stuck).
 53439 | Lair:2   | 53439 ||| Stepping randomly (stuck).
 53440 | Lair:2   | 53440 ||| Stepping randomly (stuck).
 53441 | Lair:2   | 53441 ||| Stepping randomly (stuck).
 53442 | Lair:2   | 53442 ||| Stepping randomly (stuck).
 53443 | Lair:2   | 53443 ||| Stepping randomly (stuck).
 53444 | Lair:2   | 53444 ||| Stepping randomly (stuck).
 53445 | Lair:2   | 53445 ||| Stepping randomly (stuck).
 53446 | Lair:2   | 53446 ||| Stepping randomly (stuck).
 53447 | Lair:2   | 53447 ||| Stepping randomly (stuck).
 53448 | Lair:2   | 53448 ||| Stepping randomly (stuck).
 53449 | Lair:2   | 53449 ||| Stepping randomly (stuck).
 53450 | Lair:2   | 53450 ||| Stepping randomly (stuck).
 53451 | Lair:2   | 53451 ||| Stepping randomly (stuck).
 53452 | Lair:2   | 53452 ||| Stepping randomly (stuck).
 53453 | Lair:2   | 53453 ||| Stepping randomly (stuck).
 53454 | Lair:2   | 53454 ||| Stepping randomly (stuck).
 53455 | Lair:2   | 53455 ||| Stepping randomly (stuck).
 53456 | Lair:2   | 53456 ||| Stepping randomly (stuck).
 53457 | Lair:2   | 53457 ||| Stepping randomly (stuck).
 53458 | Lair:2   | 53458 ||| Stepping randomly (stuck).
 53459 | Lair:2   | 53459 ||| Stepping randomly (stuck).
 53460 | Lair:2   | 53460 ||| Stepping randomly (stuck).
 53461 | Lair:2   | 53461 ||| Stepping randomly (stuck).
 53462 | Lair:2   | 53462 ||| Stepping randomly (stuck).
 53463 | Lair:2   | 53463 ||| Stepping randomly (stuck).
 53464 | Lair:2   | 53464 ||| Stepping randomly (stuck).
 53465 | Lair:2   | 53465 ||| Stepping randomly (stuck).
 53466 | Lair:2   | 53466 ||| Stepping randomly (stuck).
 53467 | Lair:2   | 53467 ||| Stepping randomly (stuck).
 53468 | Lair:2   | 53468 ||| Stepping randomly (stuck).
 53469 | Lair:2   | 53469 ||| Stepping randomly (stuck).
 53470 | Lair:2   | 53470 ||| Stepping randomly (stuck).
 53471 | Lair:2   | 53471 ||| Stepping randomly (stuck).
 53472 | Lair:2   | 53472 ||| Stepping randomly (stuck).
 53473 | Lair:2   | 53473 ||| Stepping randomly (stuck).
 53474 | Lair:2   | 53474 ||| Stepping randomly (stuck).
 53475 | Lair:2   | 53475 ||| Stepping randomly (stuck).
 53476 | Lair:2   | 53476 ||| Stepping randomly (stuck).
 53477 | Lair:2   | 53477 ||| Stepping randomly (stuck).
 53478 | Lair:2   | 53478 ||| Stepping randomly (stuck).
 53479 | Lair:2   | 53479 ||| Stepping randomly (stuck).
 53480 | Lair:2   | 53480 ||| Stepping randomly (stuck).
 53481 | Lair:2   | 53481 ||| Stepping randomly (stuck).
 53482 | Lair:2   | 53482 ||| Stepping randomly (stuck).
 53483 | Lair:2   | 53483 ||| Stepping randomly (stuck).
 53484 | Lair:2   | 53484 ||| Stepping randomly (stuck).
 53485 | Lair:2   | 53485 ||| Stepping randomly (stuck).
 53486 | Lair:2   | 53486 ||| Stepping randomly (stuck).
 53487 | Lair:2   | 53487 ||| Stepping randomly (stuck).
 53488 | Lair:2   | 53488 ||| Stepping randomly (stuck).
 53489 | Lair:2   | 53489 ||| Stepping randomly (stuck).
 53490 | Lair:2   | 53490 ||| Stepping randomly (stuck).
 53491 | Lair:2   | 53491 ||| Stepping randomly (stuck).
 53492 | Lair:2   | 53492 ||| Stepping randomly (stuck).
 53493 | Lair:2   | 53493 ||| Stepping randomly (stuck).
 53494 | Lair:2   | 53494 ||| Stepping randomly (stuck).
 53495 | Lair:2   | 53495 ||| Stepping randomly (stuck).
 53496 | Lair:2   | 53496 ||| Stepping randomly (stuck).
 53497 | Lair:2   | 53497 ||| Stepping randomly (stuck).
 53498 | Lair:2   | 53498 ||| Stepping randomly (stuck).
 53499 | Lair:2   | 53499 ||| Stepping randomly (stuck).
 53500 | Lair:2   | 53500 ||| Stepping randomly (stuck).
 53501 | Lair:2   | 53501 ||| Stepping randomly (stuck).
 53502 | Lair:2   | 53502 ||| Stepping randomly (stuck).
 53503 | Lair:2   | 53503 ||| Stepping randomly (stuck).
 53504 | Lair:2   | 53504 ||| Stepping randomly (stuck).
 53505 | Lair:2   | 53505 ||| Stepping randomly (stuck).
 53506 | Lair:2   | 53506 ||| Stepping randomly (stuck).
 53507 | Lair:2   | 53507 ||| Stepping randomly (stuck).
 53508 | Lair:2   | 53508 ||| Stepping randomly (stuck).
 53509 | Lair:2   | 53509 ||| Stepping randomly (stuck).
 53510 | Lair:2   | 53510 ||| Stepping randomly (stuck).
 53511 | Lair:2   | 53511 ||| Stepping randomly (stuck).
 53512 | Lair:2   | 53512 ||| Stepping randomly (stuck).
 53513 | Lair:2   | 53513 ||| Stepping randomly (stuck).
 53514 | Lair:2   | 53514 ||| Stepping randomly (stuck).
 53515 | Lair:2   | 53515 ||| Stepping randomly (stuck).
 53516 | Lair:2   | 53516 ||| Stepping randomly (stuck).
 53517 | Lair:2   | 53517 ||| Stepping randomly (stuck).
 53518 | Lair:2   | 53518 ||| Stepping randomly (stuck).
 53519 | Lair:2   | 53519 ||| Stepping randomly (stuck).
 53520 | Lair:2   | 53520 ||| Stepping randomly (stuck).
 53521 | Lair:2   | 53521 ||| Stepping randomly (stuck).
 53522 | Lair:2   | 53522 ||| Stepping randomly (stuck).
 53523 | Lair:2   | 53523 ||| Stepping randomly (stuck).
 53524 | Lair:2   | 53524 ||| Stepping randomly (stuck).
 53525 | Lair:2   | 53525 ||| Stepping randomly (stuck).
 53526 | Lair:2   | 53526 ||| Stepping randomly (stuck).
 53527 | Lair:2   | 53527 ||| Stepping randomly (stuck).
 53528 | Lair:2   | 53528 ||| Stepping randomly (stuck).
 53529 | Lair:2   | 53529 ||| Stepping randomly (stuck).
 53530 | Lair:2   | 53530 ||| Stepping randomly (stuck).
 53531 | Lair:2   | 53531 ||| Stepping randomly (stuck).
 53532 | Lair:2   | 53532 ||| Stepping randomly (stuck).
 53533 | Lair:2   | 53533 ||| Stepping randomly (stuck).
 53534 | Lair:2   | 53534 ||| Stepping randomly (stuck).
 53535 | Lair:2   | 53535 ||| Stepping randomly (stuck).
 53536 | Lair:2   | 53536 ||| Stepping randomly (stuck).
 53537 | Lair:2   | 53537 ||| Stepping randomly (stuck).
 53538 | Lair:2   | 53538 ||| Stepping randomly (stuck).
 53539 | Lair:2   | 53539 ||| Stepping randomly (stuck).
 53540 | Lair:2   | 53540 ||| Stepping randomly (stuck).
 53541 | Lair:2   | 53541 ||| Stepping randomly (stuck).
 53542 | Lair:2   | 53542 ||| Stepping randomly (stuck).
 53543 | Lair:2   | 53543 ||| Stepping randomly (stuck).
 53544 | Lair:2   | 53544 ||| Stepping randomly (stuck).
 53545 | Lair:2   | 53545 ||| Stepping randomly (stuck).
 53546 | Lair:2   | 53546 ||| Stepping randomly (stuck).
 53547 | Lair:2   | 53547 ||| Stepping randomly (stuck).
 53548 | Lair:2   | 53548 ||| Stepping randomly (stuck).
 53549 | Lair:2   | 53549 ||| Stepping randomly (stuck).
 53550 | Lair:2   | 53550 ||| Stepping randomly (stuck).
 53551 | Lair:2   | 53551 ||| Stepping randomly (stuck).
 53552 | Lair:2   | 53552 ||| Stepping randomly (stuck).
 53553 | Lair:2   | 53553 ||| Stepping randomly (stuck).
 53554 | Lair:2   | 53554 ||| Stepping randomly (stuck).
 53555 | Lair:2   | 53555 ||| Stepping randomly (stuck).
 53556 | Lair:2   | 53556 ||| Stepping randomly (stuck).
 53557 | Lair:2   | 53557 ||| Stepping randomly (stuck).
 53558 | Lair:2   | 53558 ||| Stepping randomly (stuck).
 53559 | Lair:2   | 53559 ||| Stepping randomly (stuck).
 53560 | Lair:2   | 53560 ||| Stepping randomly (stuck).
 53561 | Lair:2   | 53561 ||| Stepping randomly (stuck).
 53562 | Lair:2   | 53562 ||| Stepping randomly (stuck).
 53563 | Lair:2   | 53563 ||| Stepping randomly (stuck).
 53564 | Lair:2   | 53564 ||| Stepping randomly (stuck).
 53565 | Lair:2   | 53565 ||| Stepping randomly (stuck).
 53566 | Lair:2   | 53566 ||| Stepping randomly (stuck).
 53567 | Lair:2   | 53567 ||| Stepping randomly (stuck).
 53568 | Lair:2   | 53568 ||| Stepping randomly (stuck).
 53569 | Lair:2   | 53569 ||| Stepping randomly (stuck).
 53570 | Lair:2   | 53570 ||| Stepping randomly (stuck).
 53571 | Lair:2   | 53571 ||| Stepping randomly (stuck).
 53572 | Lair:2   | 53572 ||| Stepping randomly (stuck).
 53573 | Lair:2   | 53573 ||| Stepping randomly (stuck).
 53574 | Lair:2   | 53574 ||| Stepping randomly (stuck).
 53575 | Lair:2   | 53575 ||| Stepping randomly (stuck).
 53576 | Lair:2   | 53576 ||| Stepping randomly (stuck).
 53577 | Lair:2   | 53577 ||| Stepping randomly (stuck).
 53578 | Lair:2   | 53578 ||| Stepping randomly (stuck).
 53579 | Lair:2   | 53579 ||| Stepping randomly (stuck).
 53580 | Lair:2   | 53580 ||| Stepping randomly (stuck).
 53581 | Lair:2   | 53581 ||| Stepping randomly (stuck).
 53582 | Lair:2   | 53582 ||| Stepping randomly (stuck).
 53583 | Lair:2   | 53583 ||| Stepping randomly (stuck).
 53584 | Lair:2   | 53584 ||| Stepping randomly (stuck).
 53585 | Lair:2   | 53585 ||| Stepping randomly (stuck).
 53586 | Lair:2   | 53586 ||| Stepping randomly (stuck).
 53587 | Lair:2   | 53587 ||| Stepping randomly (stuck).
 53588 | Lair:2   | 53588 ||| Stepping randomly (stuck).
 53589 | Lair:2   | 53589 ||| Stepping randomly (stuck).
 53590 | Lair:2   | 53590 ||| Stepping randomly (stuck).
 53591 | Lair:2   | 53591 ||| Stepping randomly (stuck).
 53592 | Lair:2   | 53592 ||| Stepping randomly (stuck).
 53593 | Lair:2   | 53593 ||| Stepping randomly (stuck).
 53594 | Lair:2   | 53594 ||| Stepping randomly (stuck).
 53595 | Lair:2   | 53595 ||| Stepping randomly (stuck).
 53596 | Lair:2   | 53596 ||| Stepping randomly (stuck).
 53597 | Lair:2   | 53597 ||| Stepping randomly (stuck).
 53598 | Lair:2   | 53598 ||| Stepping randomly (stuck).
 53599 | Lair:2   | 53599 ||| Stepping randomly (stuck).
 53600 | Lair:2   | 53600 ||| Stepping randomly (stuck).
 53601 | Lair:2   | 53601 ||| Stepping randomly (stuck).
 53602 | Lair:2   | 53602 ||| Stepping randomly (stuck).
 53603 | Lair:2   | 53603 ||| Stepping randomly (stuck).
 53604 | Lair:2   | 53604 ||| Stepping randomly (stuck).
 53605 | Lair:2   | 53605 ||| Stepping randomly (stuck).
 53606 | Lair:2   | 53606 ||| Stepping randomly (stuck).
 53607 | Lair:2   | 53607 ||| Stepping randomly (stuck).
 53608 | Lair:2   | 53608 ||| Stepping randomly (stuck).
 53609 | Lair:2   | 53609 ||| Stepping randomly (stuck).
 53610 | Lair:2   | 53610 ||| Stepping randomly (stuck).
 53611 | Lair:2   | 53611 ||| Stepping randomly (stuck).
 53612 | Lair:2   | 53612 ||| Stepping randomly (stuck).
 53613 | Lair:2   | 53613 ||| Stepping randomly (stuck).
 53614 | Lair:2   | 53614 ||| Stepping randomly (stuck).
 53615 | Lair:2   | 53615 ||| Stepping randomly (stuck).
 53616 | Lair:2   | 53616 ||| Stepping randomly (stuck).
 53617 | Lair:2   | 53617 ||| Stepping randomly (stuck).
 53618 | Lair:2   | 53618 ||| Stepping randomly (stuck).
 53619 | Lair:2   | 53619 ||| Stepping randomly (stuck).
 53620 | Lair:2   | 53620 ||| Stepping randomly (stuck).
 53621 | Lair:2   | 53621 ||| Stepping randomly (stuck).
 53622 | Lair:2   | 53622 ||| Stepping randomly (stuck).
 53623 | Lair:2   | 53623 ||| Stepping randomly (stuck).
 53624 | Lair:2   | 53624 ||| Stepping randomly (stuck).
 53625 | Lair:2   | 53625 ||| Stepping randomly (stuck).
 53626 | Lair:2   | 53626 ||| Stepping randomly (stuck).
 53627 | Lair:2   | 53627 ||| Stepping randomly (stuck).
 53628 | Lair:2   | 53628 ||| Stepping randomly (stuck).
 53629 | Lair:2   | 53629 ||| Stepping randomly (stuck).
 53630 | Lair:2   | 53630 ||| Stepping randomly (stuck).
 53631 | Lair:2   | 53631 ||| Stepping randomly (stuck).
 53632 | Lair:2   | 53632 ||| Stepping randomly (stuck).
 53633 | Lair:2   | 53633 ||| Stepping randomly (stuck).
 53634 | Lair:2   | 53634 ||| Stepping randomly (stuck).
 53635 | Lair:2   | 53635 ||| Stepping randomly (stuck).
 53636 | Lair:2   | 53636 ||| Stepping randomly (stuck).
 53637 | Lair:2   | 53637 ||| Stepping randomly (stuck).
 53638 | Lair:2   | 53638 ||| Stepping randomly (stuck).
 53639 | Lair:2   | 53639 ||| Stepping randomly (stuck).
 53640 | Lair:2   | 53640 ||| Stepping randomly (stuck).
 53641 | Lair:2   | 53641 ||| Stepping randomly (stuck).
 53642 | Lair:2   | 53642 ||| Stepping randomly (stuck).
 53643 | Lair:2   | 53643 ||| Stepping randomly (stuck).
 53644 | Lair:2   | 53644 ||| Stepping randomly (stuck).
 53645 | Lair:2   | 53645 ||| Stepping randomly (stuck).
 53646 | Lair:2   | 53646 ||| Stepping randomly (stuck).
 53647 | Lair:2   | 53647 ||| Stepping randomly (stuck).
 53648 | Lair:2   | 53648 ||| Stepping randomly (stuck).
 53649 | Lair:2   | 53649 ||| Stepping randomly (stuck).
 53650 | Lair:2   | 53650 ||| Stepping randomly (stuck).
 53651 | Lair:2   | 53651 ||| Stepping randomly (stuck).
 53652 | Lair:2   | 53652 ||| Stepping randomly (stuck).
 53653 | Lair:2   | 53653 ||| Stepping randomly (stuck).
 53654 | Lair:2   | 53654 ||| Stepping randomly (stuck).
 53655 | Lair:2   | 53655 ||| Stepping randomly (stuck).
 53656 | Lair:2   | 53656 ||| Stepping randomly (stuck).
 53657 | Lair:2   | 53657 ||| Stepping randomly (stuck).
 53658 | Lair:2   | 53658 ||| Stepping randomly (stuck).
 53659 | Lair:2   | 53659 ||| Stepping randomly (stuck).
 53660 | Lair:2   | 53660 ||| Stepping randomly (stuck).
 53661 | Lair:2   | 53661 ||| Stepping randomly (stuck).
 53662 | Lair:2   | 53662 ||| Stepping randomly (stuck).
 53663 | Lair:2   | 53663 ||| Stepping randomly (stuck).
 53664 | Lair:2   | 53664 ||| Stepping randomly (stuck).
 53665 | Lair:2   | 53665 ||| Stepping randomly (stuck).
 53666 | Lair:2   | 53666 ||| Stepping randomly (stuck).
 53667 | Lair:2   | 53667 ||| Stepping randomly (stuck).
 53668 | Lair:2   | 53668 ||| Stepping randomly (stuck).
 53669 | Lair:2   | 53669 ||| Stepping randomly (stuck).
 53670 | Lair:2   | 53670 ||| Stepping randomly (stuck).
 53671 | Lair:2   | 53671 ||| Stepping randomly (stuck).
 53672 | Lair:2   | 53672 ||| Stepping randomly (stuck).
 53673 | Lair:2   | 53673 ||| Stepping randomly (stuck).
 53674 | Lair:2   | 53674 ||| Stepping randomly (stuck).
 53675 | Lair:2   | 53675 ||| Stepping randomly (stuck).
 53676 | Lair:2   | 53676 ||| Stepping randomly (stuck).
 53677 | Lair:2   | 53677 ||| Stepping randomly (stuck).
 53678 | Lair:2   | 53678 ||| Stepping randomly (stuck).
 53679 | Lair:2   | 53679 ||| Stepping randomly (stuck).
 53680 | Lair:2   | 53680 ||| Stepping randomly (stuck).
 53681 | Lair:2   | 53681 ||| Stepping randomly (stuck).
 53682 | Lair:2   | 53682 ||| Stepping randomly (stuck).
 53683 | Lair:2   | 53683 ||| Stepping randomly (stuck).
 53684 | Lair:2   | 53684 ||| Stepping randomly (stuck).
 53685 | Lair:2   | 53685 ||| Stepping randomly (stuck).
 53686 | Lair:2   | 53686 ||| Stepping randomly (stuck).
 53687 | Lair:2   | 53687 ||| Stepping randomly (stuck).
 53688 | Lair:2   | 53688 ||| Stepping randomly (stuck).
 53689 | Lair:2   | 53689 ||| Stepping randomly (stuck).
 53690 | Lair:2   | 53690 ||| Stepping randomly (stuck).
 53691 | Lair:2   | 53691 ||| Stepping randomly (stuck).
 53692 | Lair:2   | 53692 ||| Stepping randomly (stuck).
 53693 | Lair:2   | 53693 ||| Stepping randomly (stuck).
 53694 | Lair:2   | 53694 ||| Stepping randomly (stuck).
 53695 | Lair:2   | 53695 ||| Stepping randomly (stuck).
 53696 | Lair:2   | 53696 ||| Stepping randomly (stuck).
 53697 | Lair:2   | 53697 ||| Stepping randomly (stuck).
 53698 | Lair:2   | 53698 ||| Stepping randomly (stuck).
 53699 | Lair:2   | 53699 ||| Stepping randomly (stuck).
 53700 | Lair:2   | 53700 ||| Stepping randomly (stuck).
 53701 | Lair:2   | 53701 ||| Stepping randomly (stuck).
 53702 | Lair:2   | 53702 ||| Stepping randomly (stuck).
 53703 | Lair:2   | 53703 ||| Stepping randomly (stuck).
 53704 | Lair:2   | 53704 ||| Stepping randomly (stuck).
 53705 | Lair:2   | 53705 ||| Stepping randomly (stuck).
 53706 | Lair:2   | 53706 ||| Stepping randomly (stuck).
 53707 | Lair:2   | 53707 ||| Stepping randomly (stuck).
 53708 | Lair:2   | 53708 ||| Stepping randomly (stuck).
 53709 | Lair:2   | 53709 ||| Stepping randomly (stuck).
 53710 | Lair:2   | 53710 ||| Stepping randomly (stuck).
 53711 | Lair:2   | 53711 ||| Stepping randomly (stuck).
 53712 | Lair:2   | 53712 ||| Stepping randomly (stuck).
 53713 | Lair:2   | 53713 ||| Stepping randomly (stuck).
 53714 | Lair:2   | 53714 ||| Stepping randomly (stuck).
 53715 | Lair:2   | 53715 ||| Stepping randomly (stuck).
 53716 | Lair:2   | 53716 ||| Stepping randomly (stuck).
 53717 | Lair:2   | 53717 ||| Stepping randomly (stuck).
 53718 | Lair:2   | 53718 ||| Stepping randomly (stuck).
 53719 | Lair:2   | 53719 ||| Stepping randomly (stuck).
 53720 | Lair:2   | 53720 ||| Stepping randomly (stuck).
 53721 | Lair:2   | 53721 ||| Stepping randomly (stuck).
 53722 | Lair:2   | 53722 ||| Stepping randomly (stuck).
 53723 | Lair:2   | 53723 ||| Stepping randomly (stuck).
 53724 | Lair:2   | 53724 ||| Stepping randomly (stuck).
 53725 | Lair:2   | 53725 ||| Stepping randomly (stuck).
 53726 | Lair:2   | 53726 ||| Stepping randomly (stuck).
 53727 | Lair:2   | 53727 ||| Stepping randomly (stuck).
 53728 | Lair:2   | 53728 ||| Stepping randomly (stuck).
 53729 | Lair:2   | 53729 ||| Stepping randomly (stuck).
 53730 | Lair:2   | 53730 ||| Stepping randomly (stuck).
 53731 | Lair:2   | 53731 ||| Stepping randomly (stuck).
 53732 | Lair:2   | 53732 ||| Stepping randomly (stuck).
 53733 | Lair:2   | 53733 ||| Stepping randomly (stuck).
 53734 | Lair:2   | 53734 ||| Stepping randomly (stuck).
 53735 | Lair:2   | 53735 ||| Stepping randomly (stuck).
 53736 | Lair:2   | 53736 ||| Stepping randomly (stuck).
 53737 | Lair:2   | 53737 ||| Stepping randomly (stuck).
 53738 | Lair:2   | 53738 ||| Stepping randomly (stuck).
 53739 | Lair:2   | 53739 ||| Stepping randomly (stuck).
 53740 | Lair:2   | 53740 ||| Stepping randomly (stuck).
 53741 | Lair:2   | 53741 ||| Stepping randomly (stuck).
 53742 | Lair:2   | 53742 ||| Stepping randomly (stuck).
 53743 | Lair:2   | 53743 ||| Stepping randomly (stuck).
 53744 | Lair:2   | 53744 ||| Stepping randomly (stuck).
 53745 | Lair:2   | 53745 ||| Stepping randomly (stuck).
 53746 | Lair:2   | 53746 ||| Stepping randomly (stuck).
 53747 | Lair:2   | 53747 ||| Stepping randomly (stuck).
 53748 | Lair:2   | 53748 ||| Stepping randomly (stuck).
 53749 | Lair:2   | 53749 ||| Stepping randomly (stuck).
 53750 | Lair:2   | 53750 ||| Stepping randomly (stuck).
 53751 | Lair:2   | 53751 ||| Stepping randomly (stuck).
 53751 | Lair:2   | Glimpsed the power of Zot.
 53752 | Lair:2   | 53752 ||| Stepping randomly (stuck).
 53753 | Lair:2   | 53753 ||| Stepping randomly (stuck).
 53754 | Lair:2   | 53754 ||| Stepping randomly (stuck).
 53755 | Lair:2   | 53755 ||| Stepping randomly (stuck).
 53756 | Lair:2   | 53756 ||| Stepping randomly (stuck).
 53757 | Lair:2   | 53757 ||| Stepping randomly (stuck).
 53758 | Lair:2   | 53758 ||| Stepping randomly (stuck).
 53759 | Lair:2   | 53759 ||| Stepping randomly (stuck).
 53760 | Lair:2   | 53760 ||| Stepping randomly (stuck).
 53761 | Lair:2   | 53761 ||| Stepping randomly (stuck).
 53762 | Lair:2   | 53762 ||| Stepping randomly (stuck).
 53763 | Lair:2   | 53763 ||| Stepping randomly (stuck).
 53764 | Lair:2   | 53764 ||| Stepping randomly (stuck).
 53765 | Lair:2   | 53765 ||| Stepping randomly (stuck).
 53766 | Lair:2   | 53766 ||| Stepping randomly (stuck).
 53767 | Lair:2   | 53767 ||| Stepping randomly (stuck).
 53768 | Lair:2   | 53768 ||| Stepping randomly (stuck).
 53769 | Lair:2   | 53769 ||| Stepping randomly (stuck).
 53770 | Lair:2   | 53770 ||| Stepping randomly (stuck).
 53771 | Lair:2   | 53771 ||| Stepping randomly (stuck).
 53772 | Lair:2   | 53772 ||| Stepping randomly (stuck).
 53773 | Lair:2   | 53773 ||| Stepping randomly (stuck).
 53774 | Lair:2   | 53774 ||| Stepping randomly (stuck).
 53775 | Lair:2   | 53775 ||| Stepping randomly (stuck).
 53776 | Lair:2   | 53776 ||| Stepping randomly (stuck).
 53777 | Lair:2   | 53777 ||| Stepping randomly (stuck).
 53778 | Lair:2   | 53778 ||| Stepping randomly (stuck).
 53779 | Lair:2   | 53779 ||| Stepping randomly (stuck).
 53780 | Lair:2   | 53780 ||| Stepping randomly (stuck).
 53781 | Lair:2   | 53781 ||| Stepping randomly (stuck).
 53782 | Lair:2   | 53782 ||| Stepping randomly (stuck).
 53783 | Lair:2   | 53783 ||| Stepping randomly (stuck).
 53784 | Lair:2   | 53784 ||| Stepping randomly (stuck).
 53785 | Lair:2   | 53785 ||| Stepping randomly (stuck).
 53786 | Lair:2   | 53786 ||| Stepping randomly (stuck).
 53787 | Lair:2   | 53787 ||| Stepping randomly (stuck).
 53788 | Lair:2   | 53788 ||| Stepping randomly (stuck).
 53789 | Lair:2   | 53789 ||| Stepping randomly (stuck).
 53790 | Lair:2   | 53790 ||| Stepping randomly (stuck).
 53791 | Lair:2   | 53791 ||| Stepping randomly (stuck).
 53792 | Lair:2   | 53792 ||| Stepping randomly (stuck).
 53793 | Lair:2   | 53793 ||| Stepping randomly (stuck).
 53794 | Lair:2   | 53794 ||| Stepping randomly (stuck).
 53795 | Lair:2   | 53795 ||| Stepping randomly (stuck).
 53796 | Lair:2   | 53796 ||| Stepping randomly (stuck).
 53797 | Lair:2   | 53797 ||| Stepping randomly (stuck).
 53798 | Lair:2   | 53798 ||| Stepping randomly (stuck).
 53799 | Lair:2   | 53799 ||| Stepping randomly (stuck).
 53800 | Lair:2   | 53800 ||| Stepping randomly (stuck).
 53801 | Lair:2   | 53801 ||| Stepping randomly (stuck).
 53802 | Lair:2   | 53802 ||| Stepping randomly (stuck).
 53803 | Lair:2   | 53803 ||| Stepping randomly (stuck).
 53804 | Lair:2   | 53804 ||| Stepping randomly (stuck).
 53805 | Lair:2   | 53805 ||| Stepping randomly (stuck).
 53806 | Lair:2   | 53806 ||| Stepping randomly (stuck).
 53807 | Lair:2   | 53807 ||| Stepping randomly (stuck).
 53808 | Lair:2   | 53808 ||| Stepping randomly (stuck).
 53809 | Lair:2   | 53809 ||| Stepping randomly (stuck).
 53810 | Lair:2   | 53810 ||| Stepping randomly (stuck).
 53811 | Lair:2   | 53811 ||| Stepping randomly (stuck).
 53812 | Lair:2   | 53812 ||| Stepping randomly (stuck).
 53813 | Lair:2   | 53813 ||| Stepping randomly (stuck).
 53814 | Lair:2   | 53814 ||| Stepping randomly (stuck).
 53815 | Lair:2   | 53815 ||| Stepping randomly (stuck).
 53816 | Lair:2   | 53816 ||| Stepping randomly (stuck).
 53817 | Lair:2   | 53817 ||| Stepping randomly (stuck).
 53818 | Lair:2   | 53818 ||| Stepping randomly (stuck).
 53819 | Lair:2   | 53819 ||| Stepping randomly (stuck).
 53820 | Lair:2   | 53820 ||| Stepping randomly (stuck).
 53821 | Lair:2   | 53821 ||| Stepping randomly (stuck).
 53822 | Lair:2   | 53822 ||| Stepping randomly (stuck).
 53823 | Lair:2   | 53823 ||| Stepping randomly (stuck).
 53824 | Lair:2   | 53824 ||| Stepping randomly (stuck).
 53825 | Lair:2   | 53825 ||| Stepping randomly (stuck).
 53826 | Lair:2   | 53826 ||| Stepping randomly (stuck).
 53827 | Lair:2   | 53827 ||| Stepping randomly (stuck).
 53828 | Lair:2   | 53828 ||| Stepping randomly (stuck).
 53829 | Lair:2   | 53829 ||| Stepping randomly (stuck).
 53830 | Lair:2   | 53830 ||| Stepping randomly (stuck).
 53831 | Lair:2   | 53831 ||| Stepping randomly (stuck).
 53832 | Lair:2   | 53832 ||| Stepping randomly (stuck).
 53833 | Lair:2   | 53833 ||| Stepping randomly (stuck).
 53834 | Lair:2   | 53834 ||| Stepping randomly (stuck).
 53835 | Lair:2   | 53835 ||| Stepping randomly (stuck).
 53836 | Lair:2   | 53836 ||| Stepping randomly (stuck).
 53837 | Lair:2   | 53837 ||| Stepping randomly (stuck).
 53838 | Lair:2   | 53838 ||| Stepping randomly (stuck).
 53839 | Lair:2   | 53839 ||| Stepping randomly (stuck).
 53840 | Lair:2   | 53840 ||| Stepping randomly (stuck).
 53841 | Lair:2   | 53841 ||| Stepping randomly (stuck).
 53842 | Lair:2   | 53842 ||| Stepping randomly (stuck).
 53843 | Lair:2   | 53843 ||| Stepping randomly (stuck).
 53844 | Lair:2   | 53844 ||| Stepping randomly (stuck).
 53845 | Lair:2   | 53845 ||| Stepping randomly (stuck).
 53846 | Lair:2   | 53846 ||| Stepping randomly (stuck).
 53847 | Lair:2   | 53847 ||| Stepping randomly (stuck).
 53848 | Lair:2   | 53848 ||| Stepping randomly (stuck).
 53849 | Lair:2   | 53849 ||| Stepping randomly (stuck).
 53850 | Lair:2   | 53850 ||| Stepping randomly (stuck).
 53851 | Lair:2   | 53851 ||| Stepping randomly (stuck).
 53851 | Lair:2   | Touched by the power of Zot (MHP 62 -> 49)
 53852 | Lair:2   | 53852 ||| PLANNING SNAKE:1-3
 53852 | Lair:2   | Glimpsed the power of Zot.
 53864 | Lair:1   | 53864 ||| PLANNING LAIR
 53864 | Lair:1   | 53864 ||| Stepping randomly (stuck).
 53865 | Lair:1   | 53865 ||| Stepping randomly (stuck).
 53866 | Lair:1   | 53866 ||| Stepping randomly (stuck).
 53867 | Lair:1   | 53867 ||| Stepping randomly (stuck).
 53868 | Lair:1   | 53868 ||| Stepping randomly (stuck).
 53869 | Lair:1   | 53869 ||| Stepping randomly (stuck).
 53870 | Lair:1   | 53870 ||| Stepping randomly (stuck).
 53871 | Lair:1   | 53871 ||| Stepping randomly (stuck).
 53872 | Lair:1   | 53872 ||| Stepping randomly (stuck).
 53873 | Lair:1   | 53873 ||| Stepping randomly (stuck).
 53874 | Lair:1   | 53874 ||| Stepping randomly (stuck).
 53875 | Lair:1   | 53875 ||| Stepping randomly (stuck).
 53876 | Lair:1   | 53876 ||| Stepping randomly (stuck).
 53877 | Lair:1   | 53877 ||| Stepping randomly (stuck).
 53878 | Lair:1   | 53878 ||| Stepping randomly (stuck).
 53879 | Lair:1   | 53879 ||| Stepping randomly (stuck).
 53880 | Lair:1   | 53880 ||| Stepping randomly (stuck).
 53881 | Lair:1   | 53881 ||| Stepping randomly (stuck).
 53882 | Lair:1   | 53882 ||| Stepping randomly (stuck).
 53883 | Lair:1   | 53883 ||| Stepping randomly (stuck).
 53884 | Lair:1   | 53884 ||| Stepping randomly (stuck).
 53885 | Lair:1   | 53885 ||| Stepping randomly (stuck).
 53886 | Lair:1   | 53886 ||| Stepping randomly (stuck).
 53887 | Lair:1   | 53887 ||| Stepping randomly (stuck).
 53888 | Lair:1   | 53888 ||| Stepping randomly (stuck).
 53889 | Lair:1   | 53889 ||| Stepping randomly (stuck).
 53890 | Lair:1   | 53890 ||| Stepping randomly (stuck).
 53891 | Lair:1   | 53891 ||| Stepping randomly (stuck).
 53892 | Lair:1   | 53892 ||| Stepping randomly (stuck).
 53893 | Lair:1   | 53893 ||| Stepping randomly (stuck).
 53894 | Lair:1   | 53894 ||| Stepping randomly (stuck).
 53895 | Lair:1   | 53895 ||| Stepping randomly (stuck).
 53896 | Lair:1   | 53896 ||| Stepping randomly (stuck).
 53897 | Lair:1   | 53897 ||| Stepping randomly (stuck).
 53898 | Lair:1   | 53898 ||| Stepping randomly (stuck).
 53899 | Lair:1   | 53899 ||| Stepping randomly (stuck).
 53900 | Lair:1   | 53900 ||| Stepping randomly (stuck).
 53901 | Lair:1   | 53901 ||| Stepping randomly (stuck).
 53902 | Lair:1   | 53902 ||| Stepping randomly (stuck).
 53903 | Lair:1   | 53903 ||| Stepping randomly (stuck).
 53904 | Lair:1   | 53904 ||| Stepping randomly (stuck).
 53905 | Lair:1   | 53905 ||| Stepping randomly (stuck).
 53906 | Lair:1   | 53906 ||| Stepping randomly (stuck).
 53907 | Lair:1   | 53907 ||| Stepping randomly (stuck).
 53908 | Lair:1   | 53908 ||| Stepping randomly (stuck).
 53909 | Lair:1   | 53909 ||| Stepping randomly (stuck).
 53910 | Lair:1   | 53910 ||| Stepping randomly (stuck).
 53911 | Lair:1   | 53911 ||| Stepping randomly (stuck).
 53912 | Lair:1   | 53912 ||| Stepping randomly (stuck).
 53913 | Lair:1   | 53913 ||| Stepping randomly (stuck).
 53914 | Lair:1   | 53914 ||| Stepping randomly (stuck).
 53915 | Lair:1   | 53915 ||| Stepping randomly (stuck).
 53916 | Lair:1   | 53916 ||| Stepping randomly (stuck).
 53917 | Lair:1   | 53917 ||| Stepping randomly (stuck).
 53918 | Lair:1   | 53918 ||| Stepping randomly (stuck).
 53919 | Lair:1   | 53919 ||| Stepping randomly (stuck).
 53920 | Lair:1   | 53920 ||| Stepping randomly (stuck).
 53921 | Lair:1   | 53921 ||| Stepping randomly (stuck).
 53922 | Lair:1   | 53922 ||| Stepping randomly (stuck).
 53923 | Lair:1   | 53923 ||| Stepping randomly (stuck).
 53924 | Lair:1   | 53924 ||| Stepping randomly (stuck).
 53925 | Lair:1   | 53925 ||| Stepping randomly (stuck).
 53926 | Lair:1   | 53926 ||| Stepping randomly (stuck).
 53927 | Lair:1   | 53927 ||| Stepping randomly (stuck).
 53928 | Lair:1   | 53928 ||| Stepping randomly (stuck).
 53929 | Lair:1   | 53929 ||| Stepping randomly (stuck).
 53930 | Lair:1   | 53930 ||| Stepping randomly (stuck).
 53931 | Lair:1   | 53931 ||| Stepping randomly (stuck).
 53932 | Lair:1   | 53932 ||| Stepping randomly (stuck).
 53933 | Lair:1   | 53933 ||| Stepping randomly (stuck).
 53934 | Lair:1   | 53934 ||| Stepping randomly (stuck).
 53935 | Lair:1   | 53935 ||| Stepping randomly (stuck).
 53936 | Lair:1   | 53936 ||| Stepping randomly (stuck).
 53937 | Lair:1   | 53937 ||| Stepping randomly (stuck).
 53938 | Lair:1   | 53938 ||| Stepping randomly (stuck).
 53939 | Lair:1   | 53939 ||| Stepping randomly (stuck).
 53940 | Lair:1   | 53940 ||| Stepping randomly (stuck).
 53941 | Lair:1   | 53941 ||| Stepping randomly (stuck).
 53942 | Lair:1   | 53942 ||| Stepping randomly (stuck).
 53943 | Lair:1   | 53943 ||| Stepping randomly (stuck).
 53944 | Lair:1   | 53944 ||| Stepping randomly (stuck).
 53945 | Lair:1   | 53945 ||| Stepping randomly (stuck).
 53946 | Lair:1   | 53946 ||| Stepping randomly (stuck).
 53947 | Lair:1   | 53947 ||| Stepping randomly (stuck).
 53948 | Lair:1   | 53948 ||| Stepping randomly (stuck).
 53949 | Lair:1   | 53949 ||| Stepping randomly (stuck).
 53950 | Lair:1   | 53950 ||| Stepping randomly (stuck).
 53951 | Lair:1   | 53951 ||| Stepping randomly (stuck).
 53952 | Lair:1   | 53952 ||| Stepping randomly (stuck).
 53953 | Lair:1   | 53953 ||| Stepping randomly (stuck).
 53954 | Lair:1   | 53954 ||| Stepping randomly (stuck).
 53955 | Lair:1   | 53955 ||| Stepping randomly (stuck).
 53956 | Lair:1   | 53956 ||| Stepping randomly (stuck).
 53957 | Lair:1   | 53957 ||| Stepping randomly (stuck).
 53958 | Lair:1   | 53958 ||| Stepping randomly (stuck).
 53959 | Lair:1   | 53959 ||| Stepping randomly (stuck).
 53960 | Lair:1   | 53960 ||| Stepping randomly (stuck).
 53961 | Lair:1   | 53961 ||| Stepping randomly (stuck).
 53962 | Lair:1   | 53962 ||| Stepping randomly (stuck).
 53963 | Lair:1   | 53963 ||| Stepping randomly (stuck).
 53964 | Lair:1   | 53964 ||| Stepping randomly (stuck).
 53965 | Lair:1   | 53965 ||| Stepping randomly (stuck).
 53966 | Lair:1   | 53966 ||| Stepping randomly (stuck).
 53967 | Lair:1   | 53967 ||| Stepping randomly (stuck).
 53968 | Lair:1   | 53968 ||| Stepping randomly (stuck).
 53969 | Lair:1   | 53969 ||| Stepping randomly (stuck).
 53970 | Lair:1   | 53970 ||| Stepping randomly (stuck).
 53971 | Lair:1   | 53971 ||| Stepping randomly (stuck).
 53972 | Lair:1   | 53972 ||| Stepping randomly (stuck).
 53973 | Lair:1   | 53973 ||| Stepping randomly (stuck).
 53974 | Lair:1   | 53974 ||| Stepping randomly (stuck).
 53975 | Lair:1   | 53975 ||| Stepping randomly (stuck).
 53976 | Lair:1   | 53976 ||| Stepping randomly (stuck).
 53977 | Lair:1   | 53977 ||| Stepping randomly (stuck).
 53978 | Lair:1   | 53978 ||| Stepping randomly (stuck).
 53979 | Lair:1   | 53979 ||| Stepping randomly (stuck).
 53980 | Lair:1   | 53980 ||| Stepping randomly (stuck).
 53981 | Lair:1   | 53981 ||| Stepping randomly (stuck).
 53982 | Lair:1   | 53982 ||| Stepping randomly (stuck).
 53983 | Lair:1   | 53983 ||| Stepping randomly (stuck).
 53984 | Lair:1   | 53984 ||| Stepping randomly (stuck).
 53985 | Lair:1   | 53985 ||| Stepping randomly (stuck).
 53986 | Lair:1   | 53986 ||| Stepping randomly (stuck).
 53987 | Lair:1   | 53987 ||| Stepping randomly (stuck).
 53988 | Lair:1   | 53988 ||| Stepping randomly (stuck).
 53989 | Lair:1   | 53989 ||| Stepping randomly (stuck).
 53990 | Lair:1   | 53990 ||| Stepping randomly (stuck).
 53991 | Lair:1   | 53991 ||| Stepping randomly (stuck).
 53992 | Lair:1   | 53992 ||| Stepping randomly (stuck).
 53993 | Lair:1   | 53993 ||| Stepping randomly (stuck).
 53994 | Lair:1   | 53994 ||| Stepping randomly (stuck).
 53995 | Lair:1   | 53995 ||| Stepping randomly (stuck).
 53996 | Lair:1   | 53996 ||| Stepping randomly (stuck).
 53997 | Lair:1   | 53997 ||| Stepping randomly (stuck).
 53998 | Lair:1   | 53998 ||| Stepping randomly (stuck).
 53999 | Lair:1   | 53999 ||| Stepping randomly (stuck).
 54000 | Lair:1   | 54000 ||| Stepping randomly (stuck).
 54001 | Lair:1   | 54001 ||| Stepping randomly (stuck).
 54002 | Lair:1   | 54002 ||| Stepping randomly (stuck).
 54003 | Lair:1   | 54003 ||| Stepping randomly (stuck).
 54004 | Lair:1   | 54004 ||| Stepping randomly (stuck).
 54005 | Lair:1   | 54005 ||| Stepping randomly (stuck).
 54006 | Lair:1   | 54006 ||| Stepping randomly (stuck).
 54007 | Lair:1   | 54007 ||| Stepping randomly (stuck).
 54008 | Lair:1   | 54008 ||| Stepping randomly (stuck).
 54009 | Lair:1   | 54009 ||| Stepping randomly (stuck).
 54010 | Lair:1   | 54010 ||| Stepping randomly (stuck).
 54011 | Lair:1   | 54011 ||| Stepping randomly (stuck).
 54012 | Lair:1   | 54012 ||| Stepping randomly (stuck).
 54013 | Lair:1   | 54013 ||| Stepping randomly (stuck).
 54014 | Lair:1   | 54014 ||| Stepping randomly (stuck).
 54015 | Lair:1   | 54015 ||| Stepping randomly (stuck).
 54016 | Lair:1   | 54016 ||| Stepping randomly (stuck).
 54017 | Lair:1   | 54017 ||| Stepping randomly (stuck).
 54018 | Lair:1   | 54018 ||| Stepping randomly (stuck).
 54019 | Lair:1   | 54019 ||| Stepping randomly (stuck).
 54020 | Lair:1   | 54020 ||| Stepping randomly (stuck).
 54021 | Lair:1   | 54021 ||| Stepping randomly (stuck).
 54022 | Lair:1   | 54022 ||| Stepping randomly (stuck).
 54023 | Lair:1   | 54023 ||| Stepping randomly (stuck).
 54024 | Lair:1   | 54024 ||| Stepping randomly (stuck).
 54025 | Lair:1   | 54025 ||| Stepping randomly (stuck).
 54026 | Lair:1   | 54026 ||| Stepping randomly (stuck).
 54027 | Lair:1   | 54027 ||| Stepping randomly (stuck).
 54028 | Lair:1   | 54028 ||| Stepping randomly (stuck).
 54029 | Lair:1   | 54029 ||| Stepping randomly (stuck).
 54030 | Lair:1   | 54030 ||| Stepping randomly (stuck).
 54031 | Lair:1   | 54031 ||| Stepping randomly (stuck).
 54032 | Lair:1   | 54032 ||| Stepping randomly (stuck).
 54033 | Lair:1   | 54033 ||| Stepping randomly (stuck).
 54034 | Lair:1   | 54034 ||| Stepping randomly (stuck).
 54035 | Lair:1   | 54035 ||| Stepping randomly (stuck).
 54036 | Lair:1   | 54036 ||| Stepping randomly (stuck).
 54037 | Lair:1   | 54037 ||| Stepping randomly (stuck).
 54038 | Lair:1   | 54038 ||| Stepping randomly (stuck).
 54039 | Lair:1   | 54039 ||| Stepping randomly (stuck).
 54040 | Lair:1   | 54040 ||| Stepping randomly (stuck).
 54041 | Lair:1   | 54041 ||| Stepping randomly (stuck).
 54042 | Lair:1   | 54042 ||| Stepping randomly (stuck).
 54043 | Lair:1   | 54043 ||| Stepping randomly (stuck).
 54044 | Lair:1   | 54044 ||| Stepping randomly (stuck).
 54045 | Lair:1   | 54045 ||| Stepping randomly (stuck).
 54046 | Lair:1   | 54046 ||| Stepping randomly (stuck).
 54047 | Lair:1   | 54047 ||| Stepping randomly (stuck).
 54048 | Lair:1   | 54048 ||| Stepping randomly (stuck).
 54049 | Lair:1   | 54049 ||| Stepping randomly (stuck).
 54050 | Lair:1   | 54050 ||| Stepping randomly (stuck).
 54051 | Lair:1   | 54051 ||| Stepping randomly (stuck).
 54052 | Lair:1   | 54052 ||| Stepping randomly (stuck).
 54053 | Lair:1   | 54053 ||| Stepping randomly (stuck).
 54054 | Lair:1   | 54054 ||| Stepping randomly (stuck).
 54055 | Lair:1   | 54055 ||| Stepping randomly (stuck).
 54056 | Lair:1   | 54056 ||| Stepping randomly (stuck).
 54057 | Lair:1   | 54057 ||| Stepping randomly (stuck).
 54058 | Lair:1   | 54058 ||| Stepping randomly (stuck).
 54059 | Lair:1   | 54059 ||| Stepping randomly (stuck).
 54060 | Lair:1   | 54060 ||| Stepping randomly (stuck).
 54061 | Lair:1   | 54061 ||| Stepping randomly (stuck).
 54062 | Lair:1   | 54062 ||| Stepping randomly (stuck).
 54063 | Lair:1   | 54063 ||| Stepping randomly (stuck).
 54064 | Lair:1   | 54064 ||| Stepping randomly (stuck).
 54065 | Lair:1   | 54065 ||| Stepping randomly (stuck).
 54066 | Lair:1   | 54066 ||| Stepping randomly (stuck).
 54067 | Lair:1   | 54067 ||| Stepping randomly (stuck).
 54068 | Lair:1   | 54068 ||| Stepping randomly (stuck).
 54069 | Lair:1   | 54069 ||| Stepping randomly (stuck).
 54070 | Lair:1   | 54070 ||| Stepping randomly (stuck).
 54071 | Lair:1   | 54071 ||| Stepping randomly (stuck).
 54072 | Lair:1   | 54072 ||| Stepping randomly (stuck).
 54073 | Lair:1   | 54073 ||| Stepping randomly (stuck).
 54074 | Lair:1   | 54074 ||| Stepping randomly (stuck).
 54075 | Lair:1   | 54075 ||| Stepping randomly (stuck).
 54076 | Lair:1   | 54076 ||| Stepping randomly (stuck).
 54077 | Lair:1   | 54077 ||| Stepping randomly (stuck).
 54078 | Lair:1   | 54078 ||| Stepping randomly (stuck).
 54079 | Lair:1   | 54079 ||| Stepping randomly (stuck).
 54080 | Lair:1   | 54080 ||| Stepping randomly (stuck).
 54081 | Lair:1   | 54081 ||| Stepping randomly (stuck).
 54082 | Lair:1   | 54082 ||| Stepping randomly (stuck).
 54083 | Lair:1   | 54083 ||| Stepping randomly (stuck).
 54084 | Lair:1   | 54084 ||| Stepping randomly (stuck).
 54085 | Lair:1   | 54085 ||| Stepping randomly (stuck).
 54086 | Lair:1   | 54086 ||| Stepping randomly (stuck).
 54087 | Lair:1   | 54087 ||| Stepping randomly (stuck).
 54088 | Lair:1   | 54088 ||| Stepping randomly (stuck).
 54089 | Lair:1   | 54089 ||| Stepping randomly (stuck).
 54090 | Lair:1   | 54090 ||| Stepping randomly (stuck).
 54091 | Lair:1   | 54091 ||| Stepping randomly (stuck).
 54092 | Lair:1   | 54092 ||| Stepping randomly (stuck).
 54093 | Lair:1   | 54093 ||| Stepping randomly (stuck).
 54094 | Lair:1   | 54094 ||| Stepping randomly (stuck).
 54095 | Lair:1   | 54095 ||| Stepping randomly (stuck).
 54096 | Lair:1   | 54096 ||| Stepping randomly (stuck).
 54097 | Lair:1   | 54097 ||| Stepping randomly (stuck).
 54098 | Lair:1   | 54098 ||| Stepping randomly (stuck).
 54099 | Lair:1   | 54099 ||| Stepping randomly (stuck).
 54100 | Lair:1   | 54100 ||| Stepping randomly (stuck).
 54101 | Lair:1   | 54101 ||| Stepping randomly (stuck).
 54102 | Lair:1   | 54102 ||| Stepping randomly (stuck).
 54103 | Lair:1   | 54103 ||| Stepping randomly (stuck).
 54104 | Lair:1   | 54104 ||| Stepping randomly (stuck).
 54105 | Lair:1   | 54105 ||| Stepping randomly (stuck).
 54106 | Lair:1   | 54106 ||| Stepping randomly (stuck).
 54107 | Lair:1   | 54107 ||| Stepping randomly (stuck).
 54108 | Lair:1   | 54108 ||| Stepping randomly (stuck).
 54109 | Lair:1   | 54109 ||| Stepping randomly (stuck).
 54110 | Lair:1   | 54110 ||| Stepping randomly (stuck).
 54111 | Lair:1   | 54111 ||| Stepping randomly (stuck).
 54112 | Lair:1   | 54112 ||| Stepping randomly (stuck).
 54113 | Lair:1   | 54113 ||| Stepping randomly (stuck).
 54114 | Lair:1   | 54114 ||| Stepping randomly (stuck).
 54115 | Lair:1   | 54115 ||| Stepping randomly (stuck).
 54116 | Lair:1   | 54116 ||| Stepping randomly (stuck).
 54117 | Lair:1   | 54117 ||| Stepping randomly (stuck).
 54118 | Lair:1   | 54118 ||| Stepping randomly (stuck).
 54119 | Lair:1   | 54119 ||| Stepping randomly (stuck).
 54120 | Lair:1   | 54120 ||| Stepping randomly (stuck).
 54121 | Lair:1   | 54121 ||| Stepping randomly (stuck).
 54122 | Lair:1   | 54122 ||| Stepping randomly (stuck).
 54123 | Lair:1   | 54123 ||| Stepping randomly (stuck).
 54124 | Lair:1   | 54124 ||| Stepping randomly (stuck).
 54125 | Lair:1   | 54125 ||| Stepping randomly (stuck).
 54126 | Lair:1   | 54126 ||| Stepping randomly (stuck).
 54127 | Lair:1   | 54127 ||| Stepping randomly (stuck).
 54128 | Lair:1   | 54128 ||| Stepping randomly (stuck).
 54129 | Lair:1   | 54129 ||| Stepping randomly (stuck).
 54130 | Lair:1   | 54130 ||| Stepping randomly (stuck).
 54131 | Lair:1   | 54131 ||| Stepping randomly (stuck).
 54132 | Lair:1   | 54132 ||| Stepping randomly (stuck).
 54133 | Lair:1   | 54133 ||| Stepping randomly (stuck).
 54134 | Lair:1   | 54134 ||| Stepping randomly (stuck).
 54135 | Lair:1   | 54135 ||| Stepping randomly (stuck).
 54136 | Lair:1   | 54136 ||| Stepping randomly (stuck).
 54137 | Lair:1   | 54137 ||| Stepping randomly (stuck).
 54138 | Lair:1   | 54138 ||| Stepping randomly (stuck).
 54139 | Lair:1   | 54139 ||| Stepping randomly (stuck).
 54140 | Lair:1   | 54140 ||| Stepping randomly (stuck).
 54141 | Lair:1   | 54141 ||| Stepping randomly (stuck).
 54142 | Lair:1   | 54142 ||| Stepping randomly (stuck).
 54143 | Lair:1   | 54143 ||| Stepping randomly (stuck).
 54144 | Lair:1   | 54144 ||| Stepping randomly (stuck).
 54145 | Lair:1   | 54145 ||| Stepping randomly (stuck).
 54146 | Lair:1   | 54146 ||| Stepping randomly (stuck).
 54147 | Lair:1   | 54147 ||| Stepping randomly (stuck).
 54148 | Lair:1   | 54148 ||| Stepping randomly (stuck).
 54149 | Lair:1   | 54149 ||| Stepping randomly (stuck).
 54150 | Lair:1   | 54150 ||| Stepping randomly (stuck).
 54151 | Lair:1   | 54151 ||| Stepping randomly (stuck).
 54152 | Lair:1   | 54152 ||| Stepping randomly (stuck).
 54153 | Lair:1   | 54153 ||| Stepping randomly (stuck).
 54154 | Lair:1   | 54154 ||| Stepping randomly (stuck).
 54155 | Lair:1   | 54155 ||| Stepping randomly (stuck).
 54156 | Lair:1   | 54156 ||| Stepping randomly (stuck).
 54157 | Lair:1   | 54157 ||| Stepping randomly (stuck).
 54158 | Lair:1   | 54158 ||| Stepping randomly (stuck).
 54159 | Lair:1   | 54159 ||| Stepping randomly (stuck).
 54160 | Lair:1   | 54160 ||| Stepping randomly (stuck).
 54161 | Lair:1   | 54161 ||| Stepping randomly (stuck).
 54162 | Lair:1   | 54162 ||| Stepping randomly (stuck).
 54163 | Lair:1   | 54163 ||| Stepping randomly (stuck).
 54164 | Lair:1   | 54164 ||| Stepping randomly (stuck).
 54165 | Lair:1   | 54165 ||| Stepping randomly (stuck).
 54166 | Lair:1   | 54166 ||| Stepping randomly (stuck).
 54167 | Lair:1   | 54167 ||| Stepping randomly (stuck).
 54168 | Lair:1   | 54168 ||| Stepping randomly (stuck).
 54169 | Lair:1   | 54169 ||| Stepping randomly (stuck).
 54170 | Lair:1   | 54170 ||| Stepping randomly (stuck).
 54171 | Lair:1   | 54171 ||| Stepping randomly (stuck).
 54172 | Lair:1   | 54172 ||| Stepping randomly (stuck).
 54173 | Lair:1   | 54173 ||| Stepping randomly (stuck).
 54174 | Lair:1   | 54174 ||| Stepping randomly (stuck).
 54175 | Lair:1   | 54175 ||| Stepping randomly (stuck).
 54176 | Lair:1   | 54176 ||| Stepping randomly (stuck).
 54177 | Lair:1   | 54177 ||| Stepping randomly (stuck).
 54178 | Lair:1   | 54178 ||| Stepping randomly (stuck).
 54179 | Lair:1   | 54179 ||| Stepping randomly (stuck).
 54180 | Lair:1   | 54180 ||| Stepping randomly (stuck).
 54181 | Lair:1   | 54181 ||| Stepping randomly (stuck).
 54182 | Lair:1   | 54182 ||| Stepping randomly (stuck).
 54183 | Lair:1   | 54183 ||| Stepping randomly (stuck).
 54184 | Lair:1   | 54184 ||| Stepping randomly (stuck).
 54185 | Lair:1   | 54185 ||| Stepping randomly (stuck).
 54186 | Lair:1   | 54186 ||| Stepping randomly (stuck).
 54187 | Lair:1   | 54187 ||| Stepping randomly (stuck).
 54188 | Lair:1   | 54188 ||| Stepping randomly (stuck).
 54189 | Lair:1   | 54189 ||| Stepping randomly (stuck).
 54190 | Lair:1   | 54190 ||| Stepping randomly (stuck).
 54191 | Lair:1   | 54191 ||| Stepping randomly (stuck).
 54192 | Lair:1   | 54192 ||| Stepping randomly (stuck).
 54193 | Lair:1   | 54193 ||| Stepping randomly (stuck).
 54194 | Lair:1   | 54194 ||| Stepping randomly (stuck).
 54195 | Lair:1   | 54195 ||| Stepping randomly (stuck).
 54196 | Lair:1   | 54196 ||| Stepping randomly (stuck).
 54197 | Lair:1   | 54197 ||| Stepping randomly (stuck).
 54198 | Lair:1   | 54198 ||| Stepping randomly (stuck).
 54199 | Lair:1   | 54199 ||| Stepping randomly (stuck).
 54200 | Lair:1   | 54200 ||| Stepping randomly (stuck).
 54201 | Lair:1   | 54201 ||| Stepping randomly (stuck).
 54202 | Lair:1   | 54202 ||| Stepping randomly (stuck).
 54203 | Lair:1   | 54203 ||| Stepping randomly (stuck).
 54204 | Lair:1   | 54204 ||| Stepping randomly (stuck).
 54205 | Lair:1   | 54205 ||| Stepping randomly (stuck).
 54206 | Lair:1   | 54206 ||| Stepping randomly (stuck).
 54207 | Lair:1   | 54207 ||| Stepping randomly (stuck).
 54208 | Lair:1   | 54208 ||| Stepping randomly (stuck).
 54209 | Lair:1   | 54209 ||| Stepping randomly (stuck).
 54210 | Lair:1   | 54210 ||| Stepping randomly (stuck).
 54211 | Lair:1   | 54211 ||| Stepping randomly (stuck).
 54212 | Lair:1   | 54212 ||| Stepping randomly (stuck).
 54213 | Lair:1   | 54213 ||| Stepping randomly (stuck).
 54214 | Lair:1   | 54214 ||| Stepping randomly (stuck).
 54215 | Lair:1   | 54215 ||| Stepping randomly (stuck).
 54216 | Lair:1   | 54216 ||| Stepping randomly (stuck).
 54217 | Lair:1   | 54217 ||| Stepping randomly (stuck).
 54218 | Lair:1   | 54218 ||| Stepping randomly (stuck).
 54219 | Lair:1   | 54219 ||| Stepping randomly (stuck).
 54220 | Lair:1   | 54220 ||| Stepping randomly (stuck).
 54221 | Lair:1   | 54221 ||| Stepping randomly (stuck).
 54222 | Lair:1   | 54222 ||| Stepping randomly (stuck).
 54223 | Lair:1   | 54223 ||| Stepping randomly (stuck).
 54224 | Lair:1   | 54224 ||| Stepping randomly (stuck).
 54225 | Lair:1   | 54225 ||| Stepping randomly (stuck).
 54226 | Lair:1   | 54226 ||| Stepping randomly (stuck).
 54227 | Lair:1   | 54227 ||| Stepping randomly (stuck).
 54228 | Lair:1   | 54228 ||| Stepping randomly (stuck).
 54229 | Lair:1   | 54229 ||| Stepping randomly (stuck).
 54230 | Lair:1   | 54230 ||| Stepping randomly (stuck).
 54231 | Lair:1   | 54231 ||| Stepping randomly (stuck).
 54232 | Lair:1   | 54232 ||| Stepping randomly (stuck).
 54233 | Lair:1   | 54233 ||| Stepping randomly (stuck).
 54234 | Lair:1   | 54234 ||| Stepping randomly (stuck).
 54235 | Lair:1   | 54235 ||| Stepping randomly (stuck).
 54236 | Lair:1   | 54236 ||| Stepping randomly (stuck).
 54237 | Lair:1   | 54237 ||| Stepping randomly (stuck).
 54238 | Lair:1   | 54238 ||| Stepping randomly (stuck).
 54239 | Lair:1   | 54239 ||| Stepping randomly (stuck).
 54240 | Lair:1   | 54240 ||| Stepping randomly (stuck).
 54241 | Lair:1   | 54241 ||| Stepping randomly (stuck).
 54242 | Lair:1   | 54242 ||| Stepping randomly (stuck).
 54243 | Lair:1   | 54243 ||| Stepping randomly (stuck).
 54244 | Lair:1   | 54244 ||| Stepping randomly (stuck).
 54245 | Lair:1   | 54245 ||| Stepping randomly (stuck).
 54246 | Lair:1   | 54246 ||| Stepping randomly (stuck).
 54247 | Lair:1   | 54247 ||| Stepping randomly (stuck).
 54248 | Lair:1   | 54248 ||| Stepping randomly (stuck).
 54249 | Lair:1   | 54249 ||| Stepping randomly (stuck).
 54250 | Lair:1   | 54250 ||| Stepping randomly (stuck).
 54251 | Lair:1   | 54251 ||| Stepping randomly (stuck).
 54252 | Lair:1   | 54252 ||| Stepping randomly (stuck).
 54253 | Lair:1   | 54253 ||| Stepping randomly (stuck).
 54254 | Lair:1   | 54254 ||| Stepping randomly (stuck).
 54255 | Lair:1   | 54255 ||| Stepping randomly (stuck).
 54256 | Lair:1   | 54256 ||| Stepping randomly (stuck).
 54257 | Lair:1   | 54257 ||| Stepping randomly (stuck).
 54258 | Lair:1   | 54258 ||| Stepping randomly (stuck).
 54259 | Lair:1   | 54259 ||| Stepping randomly (stuck).
 54260 | Lair:1   | 54260 ||| Stepping randomly (stuck).
 54261 | Lair:1   | 54261 ||| Stepping randomly (stuck).
 54262 | Lair:1   | 54262 ||| Stepping randomly (stuck).
 54263 | Lair:1   | 54263 ||| Stepping randomly (stuck).
 54264 | Lair:1   | 54264 ||| Stepping randomly (stuck).
 54265 | Lair:1   | 54265 ||| Stepping randomly (stuck).
 54266 | Lair:1   | 54266 ||| Stepping randomly (stuck).
 54267 | Lair:1   | 54267 ||| Stepping randomly (stuck).
 54268 | Lair:1   | 54268 ||| Stepping randomly (stuck).
 54269 | Lair:1   | 54269 ||| Stepping randomly (stuck).
 54270 | Lair:1   | 54270 ||| Stepping randomly (stuck).
 54271 | Lair:1   | 54271 ||| Stepping randomly (stuck).
 54272 | Lair:1   | 54272 ||| Stepping randomly (stuck).
 54273 | Lair:1   | 54273 ||| Stepping randomly (stuck).
 54274 | Lair:1   | 54274 ||| Stepping randomly (stuck).
 54275 | Lair:1   | 54275 ||| Stepping randomly (stuck).
 54276 | Lair:1   | 54276 ||| Stepping randomly (stuck).
 54277 | Lair:1   | 54277 ||| Stepping randomly (stuck).
 54278 | Lair:1   | 54278 ||| Stepping randomly (stuck).
 54279 | Lair:1   | 54279 ||| Stepping randomly (stuck).
 54280 | Lair:1   | 54280 ||| Stepping randomly (stuck).
 54281 | Lair:1   | 54281 ||| Stepping randomly (stuck).
 54282 | Lair:1   | 54282 ||| Stepping randomly (stuck).
 54283 | Lair:1   | 54283 ||| Stepping randomly (stuck).
 54284 | Lair:1   | 54284 ||| Stepping randomly (stuck).
 54285 | Lair:1   | 54285 ||| Stepping randomly (stuck).
 54286 | Lair:1   | 54286 ||| Stepping randomly (stuck).
 54287 | Lair:1   | 54287 ||| Stepping randomly (stuck).
 54288 | Lair:1   | 54288 ||| Stepping randomly (stuck).
 54289 | Lair:1   | 54289 ||| Stepping randomly (stuck).
 54290 | Lair:1   | 54290 ||| Stepping randomly (stuck).
 54291 | Lair:1   | 54291 ||| Stepping randomly (stuck).
 54292 | Lair:1   | 54292 ||| Stepping randomly (stuck).
 54293 | Lair:1   | 54293 ||| Stepping randomly (stuck).
 54294 | Lair:1   | 54294 ||| Stepping randomly (stuck).
 54295 | Lair:1   | 54295 ||| Stepping randomly (stuck).
 54296 | Lair:1   | 54296 ||| Stepping randomly (stuck).
 54297 | Lair:1   | 54297 ||| Stepping randomly (stuck).
 54298 | Lair:1   | 54298 ||| Stepping randomly (stuck).
 54299 | Lair:1   | 54299 ||| Stepping randomly (stuck).
 54300 | Lair:1   | 54300 ||| Stepping randomly (stuck).
 54301 | Lair:1   | 54301 ||| Stepping randomly (stuck).
 54302 | Lair:1   | 54302 ||| Stepping randomly (stuck).
 54303 | Lair:1   | 54303 ||| Stepping randomly (stuck).
 54304 | Lair:1   | 54304 ||| Stepping randomly (stuck).
 54305 | Lair:1   | 54305 ||| Stepping randomly (stuck).
 54306 | Lair:1   | 54306 ||| Stepping randomly (stuck).
 54307 | Lair:1   | 54307 ||| Stepping randomly (stuck).
 54308 | Lair:1   | 54308 ||| Stepping randomly (stuck).
 54309 | Lair:1   | 54309 ||| Stepping randomly (stuck).
 54310 | Lair:1   | 54310 ||| Stepping randomly (stuck).
 54311 | Lair:1   | 54311 ||| Stepping randomly (stuck).
 54312 | Lair:1   | 54312 ||| Stepping randomly (stuck).
 54313 | Lair:1   | 54313 ||| Stepping randomly (stuck).
 54314 | Lair:1   | 54314 ||| Stepping randomly (stuck).
 54315 | Lair:1   | 54315 ||| Stepping randomly (stuck).
 54316 | Lair:1   | 54316 ||| Stepping randomly (stuck).
 54317 | Lair:1   | 54317 ||| Stepping randomly (stuck).
 54318 | Lair:1   | 54318 ||| Stepping randomly (stuck).
 54319 | Lair:1   | 54319 ||| Stepping randomly (stuck).
 54320 | Lair:1   | 54320 ||| Stepping randomly (stuck).
 54321 | Lair:1   | 54321 ||| Stepping randomly (stuck).
 54322 | Lair:1   | 54322 ||| Stepping randomly (stuck).
 54323 | Lair:1   | 54323 ||| Stepping randomly (stuck).
 54324 | Lair:1   | 54324 ||| Stepping randomly (stuck).
 54325 | Lair:1   | 54325 ||| Stepping randomly (stuck).
 54326 | Lair:1   | 54326 ||| Stepping randomly (stuck).
 54327 | Lair:1   | 54327 ||| Stepping randomly (stuck).
 54328 | Lair:1   | 54328 ||| Stepping randomly (stuck).
 54329 | Lair:1   | 54329 ||| Stepping randomly (stuck).
 54330 | Lair:1   | 54330 ||| Stepping randomly (stuck).
 54331 | Lair:1   | 54331 ||| Stepping randomly (stuck).
 54332 | Lair:1   | 54332 ||| Stepping randomly (stuck).
 54333 | Lair:1   | 54333 ||| Stepping randomly (stuck).
 54334 | Lair:1   | 54334 ||| Stepping randomly (stuck).
 54335 | Lair:1   | 54335 ||| Stepping randomly (stuck).
 54336 | Lair:1   | 54336 ||| Stepping randomly (stuck).
 54337 | Lair:1   | 54337 ||| Stepping randomly (stuck).
 54338 | Lair:1   | 54338 ||| Stepping randomly (stuck).
 54339 | Lair:1   | 54339 ||| Stepping randomly (stuck).
 54340 | Lair:1   | 54340 ||| Stepping randomly (stuck).
 54341 | Lair:1   | 54341 ||| Stepping randomly (stuck).
 54342 | Lair:1   | 54342 ||| Stepping randomly (stuck).
 54343 | Lair:1   | 54343 ||| Stepping randomly (stuck).
 54344 | Lair:1   | 54344 ||| Stepping randomly (stuck).
 54345 | Lair:1   | 54345 ||| Stepping randomly (stuck).
 54346 | Lair:1   | 54346 ||| Stepping randomly (stuck).
 54347 | Lair:1   | 54347 ||| Stepping randomly (stuck).
 54348 | Lair:1   | 54348 ||| Stepping randomly (stuck).
 54349 | Lair:1   | 54349 ||| Stepping randomly (stuck).
 54350 | Lair:1   | 54350 ||| Stepping randomly (stuck).
 54351 | Lair:1   | 54351 ||| Stepping randomly (stuck).
 54351 | Lair:1   | Glimpsed the power of Zot.
 54352 | Lair:1   | 54352 ||| Stepping randomly (stuck).
 54353 | Lair:1   | 54353 ||| Stepping randomly (stuck).
 54354 | Lair:1   | 54354 ||| Stepping randomly (stuck).
 54355 | Lair:1   | 54355 ||| Stepping randomly (stuck).
 54356 | Lair:1   | 54356 ||| Stepping randomly (stuck).
 54357 | Lair:1   | 54357 ||| Stepping randomly (stuck).
 54358 | Lair:1   | 54358 ||| Stepping randomly (stuck).
 54359 | Lair:1   | 54359 ||| Stepping randomly (stuck).
 54360 | Lair:1   | 54360 ||| Stepping randomly (stuck).
 54361 | Lair:1   | 54361 ||| Stepping randomly (stuck).
 54362 | Lair:1   | 54362 ||| Stepping randomly (stuck).
 54363 | Lair:1   | 54363 ||| Stepping randomly (stuck).
 54364 | Lair:1   | 54364 ||| Stepping randomly (stuck).
 54365 | Lair:1   | 54365 ||| Stepping randomly (stuck).
 54366 | Lair:1   | 54366 ||| Stepping randomly (stuck).
 54367 | Lair:1   | 54367 ||| Stepping randomly (stuck).
 54368 | Lair:1   | 54368 ||| Stepping randomly (stuck).
 54369 | Lair:1   | 54369 ||| Stepping randomly (stuck).
 54370 | Lair:1   | 54370 ||| Stepping randomly (stuck).
 54371 | Lair:1   | 54371 ||| Stepping randomly (stuck).
 54372 | Lair:1   | 54372 ||| Stepping randomly (stuck).
 54373 | Lair:1   | 54373 ||| Stepping randomly (stuck).
 54374 | Lair:1   | 54374 ||| Stepping randomly (stuck).
 54375 | Lair:1   | 54375 ||| Stepping randomly (stuck).
 54376 | Lair:1   | 54376 ||| Stepping randomly (stuck).
 54377 | Lair:1   | 54377 ||| Stepping randomly (stuck).
 54378 | Lair:1   | 54378 ||| Stepping randomly (stuck).
 54379 | Lair:1   | 54379 ||| Stepping randomly (stuck).
 54380 | Lair:1   | 54380 ||| Stepping randomly (stuck).
 54381 | Lair:1   | 54381 ||| Stepping randomly (stuck).
 54382 | Lair:1   | 54382 ||| Stepping randomly (stuck).
 54383 | Lair:1   | 54383 ||| Stepping randomly (stuck).
 54384 | Lair:1   | 54384 ||| Stepping randomly (stuck).
 54385 | Lair:1   | 54385 ||| Stepping randomly (stuck).
 54386 | Lair:1   | 54386 ||| Stepping randomly (stuck).
 54387 | Lair:1   | 54387 ||| Stepping randomly (stuck).
 54388 | Lair:1   | 54388 ||| Stepping randomly (stuck).
 54389 | Lair:1   | 54389 ||| Stepping randomly (stuck).
 54390 | Lair:1   | 54390 ||| Stepping randomly (stuck).
 54391 | Lair:1   | 54391 ||| Stepping randomly (stuck).
 54392 | Lair:1   | 54392 ||| Stepping randomly (stuck).
 54393 | Lair:1   | 54393 ||| Stepping randomly (stuck).
 54394 | Lair:1   | 54394 ||| Stepping randomly (stuck).
 54395 | Lair:1   | 54395 ||| Stepping randomly (stuck).
 54396 | Lair:1   | 54396 ||| Stepping randomly (stuck).
 54397 | Lair:1   | 54397 ||| Stepping randomly (stuck).
 54398 | Lair:1   | 54398 ||| Stepping randomly (stuck).
 54399 | Lair:1   | 54399 ||| Stepping randomly (stuck).
 54400 | Lair:1   | 54400 ||| Stepping randomly (stuck).
 54401 | Lair:1   | 54401 ||| Stepping randomly (stuck).
 54402 | Lair:1   | 54402 ||| Stepping randomly (stuck).
 54403 | Lair:1   | 54403 ||| Stepping randomly (stuck).
 54404 | Lair:1   | 54404 ||| Stepping randomly (stuck).
 54405 | Lair:1   | 54405 ||| Stepping randomly (stuck).
 54406 | Lair:1   | 54406 ||| Stepping randomly (stuck).
 54407 | Lair:1   | 54407 ||| Stepping randomly (stuck).
 54408 | Lair:1   | 54408 ||| Stepping randomly (stuck).
 54409 | Lair:1   | 54409 ||| Stepping randomly (stuck).
 54410 | Lair:1   | 54410 ||| Stepping randomly (stuck).
 54411 | Lair:1   | 54411 ||| Stepping randomly (stuck).
 54412 | Lair:1   | 54412 ||| Stepping randomly (stuck).
 54413 | Lair:1   | 54413 ||| Stepping randomly (stuck).
 54414 | Lair:1   | 54414 ||| Stepping randomly (stuck).
 54415 | Lair:1   | 54415 ||| Stepping randomly (stuck).
 54416 | Lair:1   | 54416 ||| Stepping randomly (stuck).
 54417 | Lair:1   | 54417 ||| Stepping randomly (stuck).
 54418 | Lair:1   | 54418 ||| Stepping randomly (stuck).
 54419 | Lair:1   | 54419 ||| Stepping randomly (stuck).
 54420 | Lair:1   | 54420 ||| Stepping randomly (stuck).
 54421 | Lair:1   | 54421 ||| Stepping randomly (stuck).
 54422 | Lair:1   | 54422 ||| Stepping randomly (stuck).
 54423 | Lair:1   | 54423 ||| Stepping randomly (stuck).
 54424 | Lair:1   | 54424 ||| Stepping randomly (stuck).
 54425 | Lair:1   | 54425 ||| Stepping randomly (stuck).
 54426 | Lair:1   | 54426 ||| Stepping randomly (stuck).
 54427 | Lair:1   | 54427 ||| Stepping randomly (stuck).
 54428 | Lair:1   | 54428 ||| Stepping randomly (stuck).
 54429 | Lair:1   | 54429 ||| Stepping randomly (stuck).
 54430 | Lair:1   | 54430 ||| Stepping randomly (stuck).
 54431 | Lair:1   | 54431 ||| Stepping randomly (stuck).
 54432 | Lair:1   | 54432 ||| Stepping randomly (stuck).
 54433 | Lair:1   | 54433 ||| Stepping randomly (stuck).
 54434 | Lair:1   | 54434 ||| Stepping randomly (stuck).
 54435 | Lair:1   | 54435 ||| Stepping randomly (stuck).
 54436 | Lair:1   | 54436 ||| Stepping randomly (stuck).
 54437 | Lair:1   | 54437 ||| Stepping randomly (stuck).
 54438 | Lair:1   | 54438 ||| Stepping randomly (stuck).
 54439 | Lair:1   | 54439 ||| Stepping randomly (stuck).
 54440 | Lair:1   | 54440 ||| Stepping randomly (stuck).
 54441 | Lair:1   | 54441 ||| Stepping randomly (stuck).
 54442 | Lair:1   | 54442 ||| Stepping randomly (stuck).
 54443 | Lair:1   | 54443 ||| Stepping randomly (stuck).
 54444 | Lair:1   | 54444 ||| Stepping randomly (stuck).
 54445 | Lair:1   | 54445 ||| Stepping randomly (stuck).
 54446 | Lair:1   | 54446 ||| Stepping randomly (stuck).
 54447 | Lair:1   | 54447 ||| Stepping randomly (stuck).
 54448 | Lair:1   | 54448 ||| Stepping randomly (stuck).
 54449 | Lair:1   | 54449 ||| Stepping randomly (stuck).
 54450 | Lair:1   | 54450 ||| Stepping randomly (stuck).
 54451 | Lair:1   | 54451 ||| Stepping randomly (stuck).
 54452 | Lair:1   | 54452 ||| Stepping randomly (stuck).
 54453 | Lair:1   | 54453 ||| Stepping randomly (stuck).
 54454 | Lair:1   | 54454 ||| Stepping randomly (stuck).
 54455 | Lair:1   | 54455 ||| Stepping randomly (stuck).
 54456 | Lair:1   | 54456 ||| Stepping randomly (stuck).
 54457 | Lair:1   | 54457 ||| Stepping randomly (stuck).
 54458 | Lair:1   | 54458 ||| Stepping randomly (stuck).
 54459 | Lair:1   | 54459 ||| Stepping randomly (stuck).
 54460 | Lair:1   | 54460 ||| Stepping randomly (stuck).
 54461 | Lair:1   | 54461 ||| Stepping randomly (stuck).
 54462 | Lair:1   | 54462 ||| Stepping randomly (stuck).
 54463 | Lair:1   | 54463 ||| Stepping randomly (stuck).
 54464 | Lair:1   | 54464 ||| Stepping randomly (stuck).
 54465 | Lair:1   | 54465 ||| Stepping randomly (stuck).
 54466 | Lair:1   | 54466 ||| Stepping randomly (stuck).
 54467 | Lair:1   | 54467 ||| Stepping randomly (stuck).
 54468 | Lair:1   | 54468 ||| Stepping randomly (stuck).
 54469 | Lair:1   | 54469 ||| Stepping randomly (stuck).
 54470 | Lair:1   | 54470 ||| Stepping randomly (stuck).
 54471 | Lair:1   | 54471 ||| Stepping randomly (stuck).
 54472 | Lair:1   | 54472 ||| Stepping randomly (stuck).
 54473 | Lair:1   | 54473 ||| Stepping randomly (stuck).
 54474 | Lair:1   | 54474 ||| Stepping randomly (stuck).
 54475 | Lair:1   | 54475 ||| Stepping randomly (stuck).
 54476 | Lair:1   | 54476 ||| Stepping randomly (stuck).
 54477 | Lair:1   | 54477 ||| Stepping randomly (stuck).
 54478 | Lair:1   | 54478 ||| Stepping randomly (stuck).
 54479 | Lair:1   | 54479 ||| Stepping randomly (stuck).
 54480 | Lair:1   | 54480 ||| Stepping randomly (stuck).
 54481 | Lair:1   | 54481 ||| Stepping randomly (stuck).
 54482 | Lair:1   | 54482 ||| Stepping randomly (stuck).
 54483 | Lair:1   | 54483 ||| Stepping randomly (stuck).
 54484 | Lair:1   | 54484 ||| Stepping randomly (stuck).
 54485 | Lair:1   | 54485 ||| Stepping randomly (stuck).
 54486 | Lair:1   | 54486 ||| Stepping randomly (stuck).
 54487 | Lair:1   | 54487 ||| Stepping randomly (stuck).
 54488 | Lair:1   | 54488 ||| Stepping randomly (stuck).
 54489 | Lair:1   | 54489 ||| Stepping randomly (stuck).
 54490 | Lair:1   | 54490 ||| Stepping randomly (stuck).
 54491 | Lair:1   | 54491 ||| Stepping randomly (stuck).
 54492 | Lair:1   | 54492 ||| Stepping randomly (stuck).
 54493 | Lair:1   | 54493 ||| Stepping randomly (stuck).
 54494 | Lair:1   | 54494 ||| Stepping randomly (stuck).
 54495 | Lair:1   | 54495 ||| Stepping randomly (stuck).
 54496 | Lair:1   | 54496 ||| Stepping randomly (stuck).
 54497 | Lair:1   | 54497 ||| Stepping randomly (stuck).
 54498 | Lair:1   | 54498 ||| Stepping randomly (stuck).
 54499 | Lair:1   | 54499 ||| Stepping randomly (stuck).
 54500 | Lair:1   | 54500 ||| Stepping randomly (stuck).
 54501 | Lair:1   | 54501 ||| Stepping randomly (stuck).
 54502 | Lair:1   | 54502 ||| Stepping randomly (stuck).
 54503 | Lair:1   | 54503 ||| Stepping randomly (stuck).
 54504 | Lair:1   | 54504 ||| Stepping randomly (stuck).
 54505 | Lair:1   | 54505 ||| Stepping randomly (stuck).
 54506 | Lair:1   | 54506 ||| Stepping randomly (stuck).
 54507 | Lair:1   | 54507 ||| Stepping randomly (stuck).
 54508 | Lair:1   | 54508 ||| Stepping randomly (stuck).
 54509 | Lair:1   | 54509 ||| Stepping randomly (stuck).
 54510 | Lair:1   | 54510 ||| Stepping randomly (stuck).
 54511 | Lair:1   | 54511 ||| Stepping randomly (stuck).
 54512 | Lair:1   | 54512 ||| Stepping randomly (stuck).
 54513 | Lair:1   | 54513 ||| Stepping randomly (stuck).
 54514 | Lair:1   | 54514 ||| Stepping randomly (stuck).
 54515 | Lair:1   | 54515 ||| Stepping randomly (stuck).
 54516 | Lair:1   | 54516 ||| Stepping randomly (stuck).
 54517 | Lair:1   | 54517 ||| Stepping randomly (stuck).
 54518 | Lair:1   | 54518 ||| Stepping randomly (stuck).
 54519 | Lair:1   | 54519 ||| Stepping randomly (stuck).
 54520 | Lair:1   | 54520 ||| Stepping randomly (stuck).
 54521 | Lair:1   | 54521 ||| Stepping randomly (stuck).
 54522 | Lair:1   | 54522 ||| Stepping randomly (stuck).
 54523 | Lair:1   | 54523 ||| Stepping randomly (stuck).
 54524 | Lair:1   | 54524 ||| Stepping randomly (stuck).
 54525 | Lair:1   | 54525 ||| Stepping randomly (stuck).
 54526 | Lair:1   | 54526 ||| Stepping randomly (stuck).
 54527 | Lair:1   | 54527 ||| Stepping randomly (stuck).
 54528 | Lair:1   | 54528 ||| Stepping randomly (stuck).
 54529 | Lair:1   | 54529 ||| Stepping randomly (stuck).
 54530 | Lair:1   | 54530 ||| Stepping randomly (stuck).
 54531 | Lair:1   | 54531 ||| Stepping randomly (stuck).
 54532 | Lair:1   | 54532 ||| Stepping randomly (stuck).
 54533 | Lair:1   | 54533 ||| Stepping randomly (stuck).
 54534 | Lair:1   | 54534 ||| Stepping randomly (stuck).
 54535 | Lair:1   | 54535 ||| Stepping randomly (stuck).
 54536 | Lair:1   | 54536 ||| Stepping randomly (stuck).
 54537 | Lair:1   | 54537 ||| Stepping randomly (stuck).
 54538 | Lair:1   | 54538 ||| Stepping randomly (stuck).
 54539 | Lair:1   | 54539 ||| Stepping randomly (stuck).
 54540 | Lair:1   | 54540 ||| Stepping randomly (stuck).
 54541 | Lair:1   | 54541 ||| Stepping randomly (stuck).
 54542 | Lair:1   | 54542 ||| Stepping randomly (stuck).
 54543 | Lair:1   | 54543 ||| Stepping randomly (stuck).
 54544 | Lair:1   | 54544 ||| Stepping randomly (stuck).
 54545 | Lair:1   | 54545 ||| Stepping randomly (stuck).
 54546 | Lair:1   | 54546 ||| Stepping randomly (stuck).
 54547 | Lair:1   | 54547 ||| Stepping randomly (stuck).
 54548 | Lair:1   | 54548 ||| Stepping randomly (stuck).
 54549 | Lair:1   | 54549 ||| Stepping randomly (stuck).
 54550 | Lair:1   | 54550 ||| Stepping randomly (stuck).
 54551 | Lair:1   | 54551 ||| Stepping randomly (stuck).
 54552 | Lair:1   | 54552 ||| Stepping randomly (stuck).
 54553 | Lair:1   | 54553 ||| Stepping randomly (stuck).
 54554 | Lair:1   | 54554 ||| Stepping randomly (stuck).
 54555 | Lair:1   | 54555 ||| Stepping randomly (stuck).
 54556 | Lair:1   | 54556 ||| Stepping randomly (stuck).
 54557 | Lair:1   | 54557 ||| Stepping randomly (stuck).
 54558 | Lair:1   | 54558 ||| Stepping randomly (stuck).
 54559 | Lair:1   | 54559 ||| Stepping randomly (stuck).
 54560 | Lair:1   | 54560 ||| Stepping randomly (stuck).
 54561 | Lair:1   | 54561 ||| Stepping randomly (stuck).
 54562 | Lair:1   | 54562 ||| Stepping randomly (stuck).
 54563 | Lair:1   | 54563 ||| Stepping randomly (stuck).
 54564 | Lair:1   | 54564 ||| Stepping randomly (stuck).
 54565 | Lair:1   | 54565 ||| Stepping randomly (stuck).
 54566 | Lair:1   | 54566 ||| Stepping randomly (stuck).
 54567 | Lair:1   | 54567 ||| Stepping randomly (stuck).
 54568 | Lair:1   | 54568 ||| Stepping randomly (stuck).
 54569 | Lair:1   | 54569 ||| Stepping randomly (stuck).
 54570 | Lair:1   | 54570 ||| Stepping randomly (stuck).
 54571 | Lair:1   | 54571 ||| Stepping randomly (stuck).
 54572 | Lair:1   | 54572 ||| Stepping randomly (stuck).
 54573 | Lair:1   | 54573 ||| Stepping randomly (stuck).
 54574 | Lair:1   | 54574 ||| Stepping randomly (stuck).
 54575 | Lair:1   | 54575 ||| Stepping randomly (stuck).
 54576 | Lair:1   | 54576 ||| Stepping randomly (stuck).
 54577 | Lair:1   | 54577 ||| Stepping randomly (stuck).
 54578 | Lair:1   | 54578 ||| Stepping randomly (stuck).
 54579 | Lair:1   | 54579 ||| Stepping randomly (stuck).
 54580 | Lair:1   | 54580 ||| Stepping randomly (stuck).
 54581 | Lair:1   | 54581 ||| Stepping randomly (stuck).
 54582 | Lair:1   | 54582 ||| Stepping randomly (stuck).
 54583 | Lair:1   | 54583 ||| Stepping randomly (stuck).
 54584 | Lair:1   | 54584 ||| Stepping randomly (stuck).
 54585 | Lair:1   | 54585 ||| Stepping randomly (stuck).
 54586 | Lair:1   | 54586 ||| Stepping randomly (stuck).
 54587 | Lair:1   | 54587 ||| Stepping randomly (stuck).
 54588 | Lair:1   | 54588 ||| Stepping randomly (stuck).
 54589 | Lair:1   | 54589 ||| Stepping randomly (stuck).
 54590 | Lair:1   | 54590 ||| Stepping randomly (stuck).
 54591 | Lair:1   | 54591 ||| Stepping randomly (stuck).
 54592 | Lair:1   | 54592 ||| Stepping randomly (stuck).
 54593 | Lair:1   | 54593 ||| Stepping randomly (stuck).
 54594 | Lair:1   | 54594 ||| Stepping randomly (stuck).
 54595 | Lair:1   | 54595 ||| Stepping randomly (stuck).
 54596 | Lair:1   | 54596 ||| Stepping randomly (stuck).
 54597 | Lair:1   | 54597 ||| Stepping randomly (stuck).
 54598 | Lair:1   | 54598 ||| Stepping randomly (stuck).
 54599 | Lair:1   | 54599 ||| Stepping randomly (stuck).
 54600 | Lair:1   | 54600 ||| Stepping randomly (stuck).
 54601 | Lair:1   | 54601 ||| Stepping randomly (stuck).
 54602 | Lair:1   | 54602 ||| Stepping randomly (stuck).
 54603 | Lair:1   | 54603 ||| Stepping randomly (stuck).
 54604 | Lair:1   | 54604 ||| Stepping randomly (stuck).
 54605 | Lair:1   | 54605 ||| Stepping randomly (stuck).
 54606 | Lair:1   | 54606 ||| Stepping randomly (stuck).
 54607 | Lair:1   | 54607 ||| Stepping randomly (stuck).
 54608 | Lair:1   | 54608 ||| Stepping randomly (stuck).
 54609 | Lair:1   | 54609 ||| Stepping randomly (stuck).
 54610 | Lair:1   | 54610 ||| Stepping randomly (stuck).
 54611 | Lair:1   | 54611 ||| Stepping randomly (stuck).
 54612 | Lair:1   | 54612 ||| Stepping randomly (stuck).
 54613 | Lair:1   | 54613 ||| Stepping randomly (stuck).
 54614 | Lair:1   | 54614 ||| Stepping randomly (stuck).
 54615 | Lair:1   | 54615 ||| Stepping randomly (stuck).
 54616 | Lair:1   | 54616 ||| Stepping randomly (stuck).
 54617 | Lair:1   | 54617 ||| Stepping randomly (stuck).
 54618 | Lair:1   | 54618 ||| Stepping randomly (stuck).
 54619 | Lair:1   | 54619 ||| Stepping randomly (stuck).
 54620 | Lair:1   | 54620 ||| Stepping randomly (stuck).
 54621 | Lair:1   | 54621 ||| Stepping randomly (stuck).
 54622 | Lair:1   | 54622 ||| Stepping randomly (stuck).
 54623 | Lair:1   | 54623 ||| Stepping randomly (stuck).
 54624 | Lair:1   | 54624 ||| Stepping randomly (stuck).
 54625 | Lair:1   | 54625 ||| Stepping randomly (stuck).
 54626 | Lair:1   | 54626 ||| Stepping randomly (stuck).
 54627 | Lair:1   | 54627 ||| Stepping randomly (stuck).
 54628 | Lair:1   | 54628 ||| Stepping randomly (stuck).
 54629 | Lair:1   | 54629 ||| Stepping randomly (stuck).
 54630 | Lair:1   | 54630 ||| Stepping randomly (stuck).
 54631 | Lair:1   | 54631 ||| Stepping randomly (stuck).
 54632 | Lair:1   | 54632 ||| Stepping randomly (stuck).
 54633 | Lair:1   | 54633 ||| Stepping randomly (stuck).
 54634 | Lair:1   | 54634 ||| Stepping randomly (stuck).
 54635 | Lair:1   | 54635 ||| Stepping randomly (stuck).
 54636 | Lair:1   | 54636 ||| Stepping randomly (stuck).
 54637 | Lair:1   | 54637 ||| Stepping randomly (stuck).
 54638 | Lair:1   | 54638 ||| Stepping randomly (stuck).
 54639 | Lair:1   | 54639 ||| Stepping randomly (stuck).
 54640 | Lair:1   | 54640 ||| Stepping randomly (stuck).
 54641 | Lair:1   | 54641 ||| Stepping randomly (stuck).
 54642 | Lair:1   | 54642 ||| Stepping randomly (stuck).
 54643 | Lair:1   | 54643 ||| Stepping randomly (stuck).
 54644 | Lair:1   | 54644 ||| Stepping randomly (stuck).
 54645 | Lair:1   | 54645 ||| Stepping randomly (stuck).
 54646 | Lair:1   | 54646 ||| Stepping randomly (stuck).
 54647 | Lair:1   | 54647 ||| Stepping randomly (stuck).
 54648 | Lair:1   | 54648 ||| Stepping randomly (stuck).
 54649 | Lair:1   | 54649 ||| Stepping randomly (stuck).
 54650 | Lair:1   | 54650 ||| Stepping randomly (stuck).
 54651 | Lair:1   | 54651 ||| Stepping randomly (stuck).
 54652 | Lair:1   | 54652 ||| Stepping randomly (stuck).
 54653 | Lair:1   | 54653 ||| Stepping randomly (stuck).
 54654 | Lair:1   | 54654 ||| Stepping randomly (stuck).
 54655 | Lair:1   | 54655 ||| Stepping randomly (stuck).
 54656 | Lair:1   | 54656 ||| Stepping randomly (stuck).
 54657 | Lair:1   | 54657 ||| Stepping randomly (stuck).
 54658 | Lair:1   | 54658 ||| Stepping randomly (stuck).
 54659 | Lair:1   | 54659 ||| Stepping randomly (stuck).
 54660 | Lair:1   | 54660 ||| Stepping randomly (stuck).
 54661 | Lair:1   | 54661 ||| Stepping randomly (stuck).
 54662 | Lair:1   | 54662 ||| Stepping randomly (stuck).
 54663 | Lair:1   | 54663 ||| Stepping randomly (stuck).
 54664 | Lair:1   | 54664 ||| Stepping randomly (stuck).
 54665 | Lair:1   | 54665 ||| Stepping randomly (stuck).
 54666 | Lair:1   | 54666 ||| Stepping randomly (stuck).
 54667 | Lair:1   | 54667 ||| Stepping randomly (stuck).
 54668 | Lair:1   | 54668 ||| Stepping randomly (stuck).
 54669 | Lair:1   | 54669 ||| Stepping randomly (stuck).
 54670 | Lair:1   | 54670 ||| Stepping randomly (stuck).
 54671 | Lair:1   | 54671 ||| Stepping randomly (stuck).
 54672 | Lair:1   | 54672 ||| Stepping randomly (stuck).
 54673 | Lair:1   | 54673 ||| Stepping randomly (stuck).
 54674 | Lair:1   | 54674 ||| Stepping randomly (stuck).
 54675 | Lair:1   | 54675 ||| Stepping randomly (stuck).
 54676 | Lair:1   | 54676 ||| Stepping randomly (stuck).
 54677 | Lair:1   | 54677 ||| Stepping randomly (stuck).
 54678 | Lair:1   | 54678 ||| Stepping randomly (stuck).
 54679 | Lair:1   | 54679 ||| Stepping randomly (stuck).
 54680 | Lair:1   | 54680 ||| Stepping randomly (stuck).
 54681 | Lair:1   | 54681 ||| Stepping randomly (stuck).
 54682 | Lair:1   | 54682 ||| Stepping randomly (stuck).
 54683 | Lair:1   | 54683 ||| Stepping randomly (stuck).
 54684 | Lair:1   | 54684 ||| Stepping randomly (stuck).
 54685 | Lair:1   | 54685 ||| Stepping randomly (stuck).
 54686 | Lair:1   | 54686 ||| Stepping randomly (stuck).
 54687 | Lair:1   | 54687 ||| Stepping randomly (stuck).
 54688 | Lair:1   | 54688 ||| Stepping randomly (stuck).
 54689 | Lair:1   | 54689 ||| Stepping randomly (stuck).
 54690 | Lair:1   | 54690 ||| Stepping randomly (stuck).
 54691 | Lair:1   | 54691 ||| Stepping randomly (stuck).
 54692 | Lair:1   | 54692 ||| Stepping randomly (stuck).
 54693 | Lair:1   | 54693 ||| Stepping randomly (stuck).
 54694 | Lair:1   | 54694 ||| Stepping randomly (stuck).
 54695 | Lair:1   | 54695 ||| Stepping randomly (stuck).
 54696 | Lair:1   | 54696 ||| Stepping randomly (stuck).
 54697 | Lair:1   | 54697 ||| Stepping randomly (stuck).
 54698 | Lair:1   | 54698 ||| Stepping randomly (stuck).
 54699 | Lair:1   | 54699 ||| Stepping randomly (stuck).
 54700 | Lair:1   | 54700 ||| Stepping randomly (stuck).
 54701 | Lair:1   | 54701 ||| Stepping randomly (stuck).
 54702 | Lair:1   | 54702 ||| Stepping randomly (stuck).
 54703 | Lair:1   | 54703 ||| Stepping randomly (stuck).
 54704 | Lair:1   | 54704 ||| Stepping randomly (stuck).
 54705 | Lair:1   | 54705 ||| Stepping randomly (stuck).
 54706 | Lair:1   | 54706 ||| Stepping randomly (stuck).
 54707 | Lair:1   | 54707 ||| Stepping randomly (stuck).
 54708 | Lair:1   | 54708 ||| Stepping randomly (stuck).
 54709 | Lair:1   | 54709 ||| Stepping randomly (stuck).
 54710 | Lair:1   | 54710 ||| Stepping randomly (stuck).
 54711 | Lair:1   | 54711 ||| Stepping randomly (stuck).
 54712 | Lair:1   | 54712 ||| Stepping randomly (stuck).
 54713 | Lair:1   | 54713 ||| Stepping randomly (stuck).
 54714 | Lair:1   | 54714 ||| Stepping randomly (stuck).
 54715 | Lair:1   | 54715 ||| Stepping randomly (stuck).
 54716 | Lair:1   | 54716 ||| Stepping randomly (stuck).
 54717 | Lair:1   | 54717 ||| Stepping randomly (stuck).
 54718 | Lair:1   | 54718 ||| Stepping randomly (stuck).
 54719 | Lair:1   | 54719 ||| Stepping randomly (stuck).
 54720 | Lair:1   | 54720 ||| Stepping randomly (stuck).
 54721 | Lair:1   | 54721 ||| Stepping randomly (stuck).
 54722 | Lair:1   | 54722 ||| Stepping randomly (stuck).
 54723 | Lair:1   | 54723 ||| Stepping randomly (stuck).
 54724 | Lair:1   | 54724 ||| Stepping randomly (stuck).
 54725 | Lair:1   | 54725 ||| Stepping randomly (stuck).
 54726 | Lair:1   | 54726 ||| Stepping randomly (stuck).
 54727 | Lair:1   | 54727 ||| Stepping randomly (stuck).
 54728 | Lair:1   | 54728 ||| Stepping randomly (stuck).
 54729 | Lair:1   | 54729 ||| Stepping randomly (stuck).
 54730 | Lair:1   | 54730 ||| Stepping randomly (stuck).
 54731 | Lair:1   | 54731 ||| Stepping randomly (stuck).
 54732 | Lair:1   | 54732 ||| Stepping randomly (stuck).
 54733 | Lair:1   | 54733 ||| Stepping randomly (stuck).
 54734 | Lair:1   | 54734 ||| Stepping randomly (stuck).
 54735 | Lair:1   | 54735 ||| Stepping randomly (stuck).
 54736 | Lair:1   | 54736 ||| Stepping randomly (stuck).
 54737 | Lair:1   | 54737 ||| Stepping randomly (stuck).
 54738 | Lair:1   | 54738 ||| Stepping randomly (stuck).
 54739 | Lair:1   | 54739 ||| Stepping randomly (stuck).
 54740 | Lair:1   | 54740 ||| Stepping randomly (stuck).
 54741 | Lair:1   | 54741 ||| Stepping randomly (stuck).
 54742 | Lair:1   | 54742 ||| Stepping randomly (stuck).
 54743 | Lair:1   | 54743 ||| Stepping randomly (stuck).
 54744 | Lair:1   | 54744 ||| Stepping randomly (stuck).
 54745 | Lair:1   | 54745 ||| Stepping randomly (stuck).
 54746 | Lair:1   | 54746 ||| Stepping randomly (stuck).
 54747 | Lair:1   | 54747 ||| Stepping randomly (stuck).
 54748 | Lair:1   | 54748 ||| Stepping randomly (stuck).
 54749 | Lair:1   | 54749 ||| Stepping randomly (stuck).
 54750 | Lair:1   | 54750 ||| Stepping randomly (stuck).
 54751 | Lair:1   | 54751 ||| Stepping randomly (stuck).
 54751 | Lair:1   | Glimpsed the power of Zot.
 54752 | Lair:1   | 54752 ||| Stepping randomly (stuck).
 54753 | Lair:1   | 54753 ||| Stepping randomly (stuck).
 54754 | Lair:1   | 54754 ||| Stepping randomly (stuck).
 54755 | Lair:1   | 54755 ||| Stepping randomly (stuck).
 54756 | Lair:1   | 54756 ||| Stepping randomly (stuck).
 54757 | Lair:1   | 54757 ||| Stepping randomly (stuck).
 54758 | Lair:1   | 54758 ||| Stepping randomly (stuck).
 54759 | Lair:1   | 54759 ||| Stepping randomly (stuck).
 54760 | Lair:1   | 54760 ||| Stepping randomly (stuck).
 54761 | Lair:1   | 54761 ||| Stepping randomly (stuck).
 54762 | Lair:1   | 54762 ||| Stepping randomly (stuck).
 54763 | Lair:1   | 54763 ||| Stepping randomly (stuck).
 54764 | Lair:1   | 54764 ||| Stepping randomly (stuck).
 54765 | Lair:1   | 54765 ||| Stepping randomly (stuck).
 54766 | Lair:1   | 54766 ||| Stepping randomly (stuck).
 54767 | Lair:1   | 54767 ||| Stepping randomly (stuck).
 54768 | Lair:1   | 54768 ||| Stepping randomly (stuck).
 54769 | Lair:1   | 54769 ||| Stepping randomly (stuck).
 54770 | Lair:1   | 54770 ||| Stepping randomly (stuck).
 54771 | Lair:1   | 54771 ||| Stepping randomly (stuck).
 54772 | Lair:1   | 54772 ||| Stepping randomly (stuck).
 54773 | Lair:1   | 54773 ||| Stepping randomly (stuck).
 54774 | Lair:1   | 54774 ||| Stepping randomly (stuck).
 54775 | Lair:1   | 54775 ||| Stepping randomly (stuck).
 54776 | Lair:1   | 54776 ||| Stepping randomly (stuck).
 54777 | Lair:1   | 54777 ||| Stepping randomly (stuck).
 54778 | Lair:1   | 54778 ||| Stepping randomly (stuck).
 54779 | Lair:1   | 54779 ||| Stepping randomly (stuck).
 54780 | Lair:1   | 54780 ||| Stepping randomly (stuck).
 54781 | Lair:1   | 54781 ||| Stepping randomly (stuck).
 54782 | Lair:1   | 54782 ||| Stepping randomly (stuck).
 54783 | Lair:1   | 54783 ||| Stepping randomly (stuck).
 54784 | Lair:1   | 54784 ||| Stepping randomly (stuck).
 54785 | Lair:1   | 54785 ||| Stepping randomly (stuck).
 54786 | Lair:1   | 54786 ||| Stepping randomly (stuck).
 54787 | Lair:1   | 54787 ||| Stepping randomly (stuck).
 54788 | Lair:1   | 54788 ||| Stepping randomly (stuck).
 54789 | Lair:1   | 54789 ||| Stepping randomly (stuck).
 54790 | Lair:1   | 54790 ||| Stepping randomly (stuck).
 54791 | Lair:1   | 54791 ||| Stepping randomly (stuck).
 54792 | Lair:1   | 54792 ||| Stepping randomly (stuck).
 54793 | Lair:1   | 54793 ||| Stepping randomly (stuck).
 54794 | Lair:1   | 54794 ||| Stepping randomly (stuck).
 54795 | Lair:1   | 54795 ||| Stepping randomly (stuck).
 54796 | Lair:1   | 54796 ||| Stepping randomly (stuck).
 54797 | Lair:1   | 54797 ||| Stepping randomly (stuck).
 54798 | Lair:1   | 54798 ||| Stepping randomly (stuck).
 54799 | Lair:1   | 54799 ||| Stepping randomly (stuck).
 54800 | Lair:1   | 54800 ||| Stepping randomly (stuck).
 54801 | Lair:1   | 54801 ||| Stepping randomly (stuck).
 54802 | Lair:1   | 54802 ||| Stepping randomly (stuck).
 54803 | Lair:1   | 54803 ||| Stepping randomly (stuck).
 54804 | Lair:1   | 54804 ||| Stepping randomly (stuck).
 54805 | Lair:1   | 54805 ||| Stepping randomly (stuck).
 54806 | Lair:1   | 54806 ||| Stepping randomly (stuck).
 54807 | Lair:1   | 54807 ||| Stepping randomly (stuck).
 54808 | Lair:1   | 54808 ||| Stepping randomly (stuck).
 54809 | Lair:1   | 54809 ||| Stepping randomly (stuck).
 54810 | Lair:1   | 54810 ||| Stepping randomly (stuck).
 54811 | Lair:1   | 54811 ||| Stepping randomly (stuck).
 54812 | Lair:1   | 54812 ||| Stepping randomly (stuck).
 54813 | Lair:1   | 54813 ||| Stepping randomly (stuck).
 54814 | Lair:1   | 54814 ||| Stepping randomly (stuck).
 54815 | Lair:1   | 54815 ||| Stepping randomly (stuck).
 54816 | Lair:1   | 54816 ||| Stepping randomly (stuck).
 54817 | Lair:1   | 54817 ||| Stepping randomly (stuck).
 54818 | Lair:1   | 54818 ||| Stepping randomly (stuck).
 54819 | Lair:1   | 54819 ||| Stepping randomly (stuck).
 54820 | Lair:1   | 54820 ||| Stepping randomly (stuck).
 54821 | Lair:1   | 54821 ||| Stepping randomly (stuck).
 54822 | Lair:1   | 54822 ||| Stepping randomly (stuck).
 54823 | Lair:1   | 54823 ||| Stepping randomly (stuck).
 54824 | Lair:1   | 54824 ||| Stepping randomly (stuck).
 54825 | Lair:1   | 54825 ||| Stepping randomly (stuck).
 54826 | Lair:1   | 54826 ||| Stepping randomly (stuck).
 54827 | Lair:1   | 54827 ||| Stepping randomly (stuck).
 54828 | Lair:1   | 54828 ||| Stepping randomly (stuck).
 54829 | Lair:1   | 54829 ||| Stepping randomly (stuck).
 54830 | Lair:1   | 54830 ||| Stepping randomly (stuck).
 54831 | Lair:1   | 54831 ||| Stepping randomly (stuck).
 54832 | Lair:1   | 54832 ||| Stepping randomly (stuck).
 54833 | Lair:1   | 54833 ||| Stepping randomly (stuck).
 54834 | Lair:1   | 54834 ||| Stepping randomly (stuck).
 54835 | Lair:1   | 54835 ||| Stepping randomly (stuck).
 54836 | Lair:1   | 54836 ||| Stepping randomly (stuck).
 54837 | Lair:1   | 54837 ||| Stepping randomly (stuck).
 54838 | Lair:1   | 54838 ||| Stepping randomly (stuck).
 54839 | Lair:1   | 54839 ||| Stepping randomly (stuck).
 54840 | Lair:1   | 54840 ||| Stepping randomly (stuck).
 54841 | Lair:1   | 54841 ||| Stepping randomly (stuck).
 54842 | Lair:1   | 54842 ||| Stepping randomly (stuck).
 54843 | Lair:1   | 54843 ||| Stepping randomly (stuck).
 54844 | Lair:1   | 54844 ||| Stepping randomly (stuck).
 54845 | Lair:1   | 54845 ||| Stepping randomly (stuck).
 54846 | Lair:1   | 54846 ||| Stepping randomly (stuck).
 54847 | Lair:1   | 54847 ||| Stepping randomly (stuck).
 54848 | Lair:1   | 54848 ||| Stepping randomly (stuck).
 54849 | Lair:1   | 54849 ||| Stepping randomly (stuck).
 54850 | Lair:1   | 54850 ||| Stepping randomly (stuck).
 54851 | Lair:1   | 54851 ||| Stepping randomly (stuck).
 54851 | Lair:1   | Touched by the power of Zot (MHP 48 -> 37)
 54852 | Lair:1   | 54852 ||| PLANNING SNAKE:1-3
 54852 | Lair:1   | Glimpsed the power of Zot.
 54864 | D:9      | 54864 ||| PLANNING LAIR
 54896 | Lair:2   | 54896 ||| Stepping randomly (stuck).
 54897 | Lair:2   | 54897 ||| Stepping randomly (stuck).
 54898 | Lair:2   | 54898 ||| Stepping randomly (stuck).
 54899 | Lair:2   | 54899 ||| Stepping randomly (stuck).
 54900 | Lair:2   | 54900 ||| Stepping randomly (stuck).
 54901 | Lair:2   | 54901 ||| Stepping randomly (stuck).
 54902 | Lair:2   | 54902 ||| Stepping randomly (stuck).
 54903 | Lair:2   | 54903 ||| Stepping randomly (stuck).
 54904 | Lair:2   | 54904 ||| Stepping randomly (stuck).
 54905 | Lair:2   | 54905 ||| Stepping randomly (stuck).
 54906 | Lair:2   | 54906 ||| Stepping randomly (stuck).
 54907 | Lair:2   | 54907 ||| Stepping randomly (stuck).
 54908 | Lair:2   | 54908 ||| Stepping randomly (stuck).
 54909 | Lair:2   | 54909 ||| Stepping randomly (stuck).
 54910 | Lair:2   | 54910 ||| Stepping randomly (stuck).
 54911 | Lair:2   | 54911 ||| Stepping randomly (stuck).
 54912 | Lair:2   | 54912 ||| Stepping randomly (stuck).
 54913 | Lair:2   | 54913 ||| Stepping randomly (stuck).
 54914 | Lair:2   | 54914 ||| Stepping randomly (stuck).
 54915 | Lair:2   | 54915 ||| Stepping randomly (stuck).
 54916 | Lair:2   | 54916 ||| Stepping randomly (stuck).
 54917 | Lair:2   | 54917 ||| Stepping randomly (stuck).
 54918 | Lair:2   | 54918 ||| Stepping randomly (stuck).
 54919 | Lair:2   | 54919 ||| Stepping randomly (stuck).
 54920 | Lair:2   | 54920 ||| Stepping randomly (stuck).
 54921 | Lair:2   | 54921 ||| Stepping randomly (stuck).
 54922 | Lair:2   | 54922 ||| Stepping randomly (stuck).
 54923 | Lair:2   | 54923 ||| Stepping randomly (stuck).
 54924 | Lair:2   | 54924 ||| Stepping randomly (stuck).
 54925 | Lair:2   | 54925 ||| Stepping randomly (stuck).
 54926 | Lair:2   | 54926 ||| Stepping randomly (stuck).
 54927 | Lair:2   | 54927 ||| Stepping randomly (stuck).
 54928 | Lair:2   | 54928 ||| Stepping randomly (stuck).
 54929 | Lair:2   | 54929 ||| Stepping randomly (stuck).
 54930 | Lair:2   | 54930 ||| Stepping randomly (stuck).
 54931 | Lair:2   | 54931 ||| Stepping randomly (stuck).
 54932 | Lair:2   | 54932 ||| Stepping randomly (stuck).
 54933 | Lair:2   | 54933 ||| Stepping randomly (stuck).
 54934 | Lair:2   | 54934 ||| Stepping randomly (stuck).
 54935 | Lair:2   | 54935 ||| Stepping randomly (stuck).
 54936 | Lair:2   | 54936 ||| Stepping randomly (stuck).
 54937 | Lair:2   | 54937 ||| Stepping randomly (stuck).
 54938 | Lair:2   | 54938 ||| Stepping randomly (stuck).
 54939 | Lair:2   | 54939 ||| Stepping randomly (stuck).
 54940 | Lair:2   | 54940 ||| Stepping randomly (stuck).
 54941 | Lair:2   | 54941 ||| Stepping randomly (stuck).
 54942 | Lair:2   | 54942 ||| Stepping randomly (stuck).
 54943 | Lair:2   | 54943 ||| Stepping randomly (stuck).
 54944 | Lair:2   | 54944 ||| Stepping randomly (stuck).
 54945 | Lair:2   | 54945 ||| Stepping randomly (stuck).
 54946 | Lair:2   | 54946 ||| Stepping randomly (stuck).
 54947 | Lair:2   | 54947 ||| Stepping randomly (stuck).
 54948 | Lair:2   | 54948 ||| Stepping randomly (stuck).
 54949 | Lair:2   | 54949 ||| Stepping randomly (stuck).
 54950 | Lair:2   | 54950 ||| Stepping randomly (stuck).
 54951 | Lair:2   | 54951 ||| Stepping randomly (stuck).
 54952 | Lair:2   | 54952 ||| Stepping randomly (stuck).
 54953 | Lair:2   | 54953 ||| Stepping randomly (stuck).
 54954 | Lair:2   | 54954 ||| Stepping randomly (stuck).
 54955 | Lair:2   | 54955 ||| Stepping randomly (stuck).
 54956 | Lair:2   | 54956 ||| Stepping randomly (stuck).
 54957 | Lair:2   | 54957 ||| Stepping randomly (stuck).
 54958 | Lair:2   | 54958 ||| Stepping randomly (stuck).
 54959 | Lair:2   | 54959 ||| Stepping randomly (stuck).
 54960 | Lair:2   | 54960 ||| Stepping randomly (stuck).
 54961 | Lair:2   | 54961 ||| Stepping randomly (stuck).
 54962 | Lair:2   | 54962 ||| Stepping randomly (stuck).
 54963 | Lair:2   | 54963 ||| Stepping randomly (stuck).
 54964 | Lair:2   | 54964 ||| Stepping randomly (stuck).
 54965 | Lair:2   | 54965 ||| Stepping randomly (stuck).
 54966 | Lair:2   | 54966 ||| Stepping randomly (stuck).
 54967 | Lair:2   | 54967 ||| Stepping randomly (stuck).
 54968 | Lair:2   | 54968 ||| Stepping randomly (stuck).
 54969 | Lair:2   | 54969 ||| Stepping randomly (stuck).
 54970 | Lair:2   | 54970 ||| Stepping randomly (stuck).
 54971 | Lair:2   | 54971 ||| Stepping randomly (stuck).
 54972 | Lair:2   | 54972 ||| Stepping randomly (stuck).
 54973 | Lair:2   | 54973 ||| Stepping randomly (stuck).
 54974 | Lair:2   | 54974 ||| Stepping randomly (stuck).
 54975 | Lair:2   | 54975 ||| Stepping randomly (stuck).
 54976 | Lair:2   | 54976 ||| Stepping randomly (stuck).
 54977 | Lair:2   | 54977 ||| Stepping randomly (stuck).
 54978 | Lair:2   | 54978 ||| Stepping randomly (stuck).
 54979 | Lair:2   | 54979 ||| Stepping randomly (stuck).
 54980 | Lair:2   | 54980 ||| Stepping randomly (stuck).
 54981 | Lair:2   | 54981 ||| Stepping randomly (stuck).
 54982 | Lair:2   | 54982 ||| Stepping randomly (stuck).
 54983 | Lair:2   | 54983 ||| Stepping randomly (stuck).
 54984 | Lair:2   | 54984 ||| Stepping randomly (stuck).
 54985 | Lair:2   | 54985 ||| Stepping randomly (stuck).
 54986 | Lair:2   | 54986 ||| Stepping randomly (stuck).
 54987 | Lair:2   | 54987 ||| Stepping randomly (stuck).
 54988 | Lair:2   | 54988 ||| Stepping randomly (stuck).
 54989 | Lair:2   | 54989 ||| Stepping randomly (stuck).
 54990 | Lair:2   | 54990 ||| Stepping randomly (stuck).
 54991 | Lair:2   | 54991 ||| Stepping randomly (stuck).
 54992 | Lair:2   | 54992 ||| Stepping randomly (stuck).
 54993 | Lair:2   | 54993 ||| Stepping randomly (stuck).
 54994 | Lair:2   | 54994 ||| Stepping randomly (stuck).
 54995 | Lair:2   | 54995 ||| Stepping randomly (stuck).
 54996 | Lair:2   | 54996 ||| Stepping randomly (stuck).
 54997 | Lair:2   | 54997 ||| Stepping randomly (stuck).
 54998 | Lair:2   | 54998 ||| Stepping randomly (stuck).
 54999 | Lair:2   | 54999 ||| Stepping randomly (stuck).
 55000 | Lair:2   | 55000 ||| Stepping randomly (stuck).
 55001 | Lair:2   | 55001 ||| Stepping randomly (stuck).
 55002 | Lair:2   | 55002 ||| Stepping randomly (stuck).
 55003 | Lair:2   | 55003 ||| Stepping randomly (stuck).
 55004 | Lair:2   | 55004 ||| Stepping randomly (stuck).
 55005 | Lair:2   | 55005 ||| Stepping randomly (stuck).
 55006 | Lair:2   | 55006 ||| Stepping randomly (stuck).
 55007 | Lair:2   | 55007 ||| Stepping randomly (stuck).
 55008 | Lair:2   | 55008 ||| Stepping randomly (stuck).
 55009 | Lair:2   | 55009 ||| Stepping randomly (stuck).
 55010 | Lair:2   | 55010 ||| Stepping randomly (stuck).
 55011 | Lair:2   | 55011 ||| Stepping randomly (stuck).
 55012 | Lair:2   | 55012 ||| Stepping randomly (stuck).
 55013 | Lair:2   | 55013 ||| Stepping randomly (stuck).
 55014 | Lair:2   | 55014 ||| Stepping randomly (stuck).
 55015 | Lair:2   | 55015 ||| Stepping randomly (stuck).
 55016 | Lair:2   | 55016 ||| Stepping randomly (stuck).
 55017 | Lair:2   | 55017 ||| Stepping randomly (stuck).
 55018 | Lair:2   | 55018 ||| Stepping randomly (stuck).
 55019 | Lair:2   | 55019 ||| Stepping randomly (stuck).
 55020 | Lair:2   | 55020 ||| Stepping randomly (stuck).
 55021 | Lair:2   | 55021 ||| Stepping randomly (stuck).
 55022 | Lair:2   | 55022 ||| Stepping randomly (stuck).
 55023 | Lair:2   | 55023 ||| Stepping randomly (stuck).
 55024 | Lair:2   | 55024 ||| Stepping randomly (stuck).
 55025 | Lair:2   | 55025 ||| Stepping randomly (stuck).
 55026 | Lair:2   | 55026 ||| Stepping randomly (stuck).
 55027 | Lair:2   | 55027 ||| Stepping randomly (stuck).
 55028 | Lair:2   | 55028 ||| Stepping randomly (stuck).
 55029 | Lair:2   | 55029 ||| Stepping randomly (stuck).
 55030 | Lair:2   | 55030 ||| Stepping randomly (stuck).
 55031 | Lair:2   | 55031 ||| Stepping randomly (stuck).
 55032 | Lair:2   | 55032 ||| Stepping randomly (stuck).
 55033 | Lair:2   | 55033 ||| Stepping randomly (stuck).
 55034 | Lair:2   | 55034 ||| Stepping randomly (stuck).
 55035 | Lair:2   | 55035 ||| Stepping randomly (stuck).
 55036 | Lair:2   | 55036 ||| Stepping randomly (stuck).
 55037 | Lair:2   | 55037 ||| Stepping randomly (stuck).
 55038 | Lair:2   | 55038 ||| Stepping randomly (stuck).
 55039 | Lair:2   | 55039 ||| Stepping randomly (stuck).
 55040 | Lair:2   | 55040 ||| Stepping randomly (stuck).
 55041 | Lair:2   | 55041 ||| Stepping randomly (stuck).
 55042 | Lair:2   | 55042 ||| Stepping randomly (stuck).
 55043 | Lair:2   | 55043 ||| Stepping randomly (stuck).
 55044 | Lair:2   | 55044 ||| Stepping randomly (stuck).
 55045 | Lair:2   | 55045 ||| Stepping randomly (stuck).
 55046 | Lair:2   | 55046 ||| Stepping randomly (stuck).
 55047 | Lair:2   | 55047 ||| Stepping randomly (stuck).
 55048 | Lair:2   | 55048 ||| Stepping randomly (stuck).
 55049 | Lair:2   | 55049 ||| Stepping randomly (stuck).
 55050 | Lair:2   | 55050 ||| Stepping randomly (stuck).
 55051 | Lair:2   | 55051 ||| Stepping randomly (stuck).
 55052 | Lair:2   | 55052 ||| Stepping randomly (stuck).
 55053 | Lair:2   | 55053 ||| Stepping randomly (stuck).
 55054 | Lair:2   | 55054 ||| Stepping randomly (stuck).
 55055 | Lair:2   | 55055 ||| Stepping randomly (stuck).
 55056 | Lair:2   | 55056 ||| Stepping randomly (stuck).
 55057 | Lair:2   | 55057 ||| Stepping randomly (stuck).
 55058 | Lair:2   | 55058 ||| Stepping randomly (stuck).
 55059 | Lair:2   | 55059 ||| Stepping randomly (stuck).
 55060 | Lair:2   | 55060 ||| Stepping randomly (stuck).
 55061 | Lair:2   | 55061 ||| Stepping randomly (stuck).
 55062 | Lair:2   | 55062 ||| Stepping randomly (stuck).
 55063 | Lair:2   | 55063 ||| Stepping randomly (stuck).
 55064 | Lair:2   | 55064 ||| Stepping randomly (stuck).
 55065 | Lair:2   | 55065 ||| Stepping randomly (stuck).
 55066 | Lair:2   | 55066 ||| Stepping randomly (stuck).
 55067 | Lair:2   | 55067 ||| Stepping randomly (stuck).
 55068 | Lair:2   | 55068 ||| Stepping randomly (stuck).
 55069 | Lair:2   | 55069 ||| Stepping randomly (stuck).
 55070 | Lair:2   | 55070 ||| Stepping randomly (stuck).
 55071 | Lair:2   | 55071 ||| Stepping randomly (stuck).
 55072 | Lair:2   | 55072 ||| Stepping randomly (stuck).
 55073 | Lair:2   | 55073 ||| Stepping randomly (stuck).
 55074 | Lair:2   | 55074 ||| Stepping randomly (stuck).
 55075 | Lair:2   | 55075 ||| Stepping randomly (stuck).
 55076 | Lair:2   | 55076 ||| Stepping randomly (stuck).
 55077 | Lair:2   | 55077 ||| Stepping randomly (stuck).
 55078 | Lair:2   | 55078 ||| Stepping randomly (stuck).
 55079 | Lair:2   | 55079 ||| Stepping randomly (stuck).
 55080 | Lair:2   | 55080 ||| Stepping randomly (stuck).
 55081 | Lair:2   | 55081 ||| Stepping randomly (stuck).
 55082 | Lair:2   | 55082 ||| Stepping randomly (stuck).
 55083 | Lair:2   | 55083 ||| Stepping randomly (stuck).
 55084 | Lair:2   | 55084 ||| Stepping randomly (stuck).
 55085 | Lair:2   | 55085 ||| Stepping randomly (stuck).
 55086 | Lair:2   | 55086 ||| Stepping randomly (stuck).
 55087 | Lair:2   | 55087 ||| Stepping randomly (stuck).
 55088 | Lair:2   | 55088 ||| Stepping randomly (stuck).
 55089 | Lair:2   | 55089 ||| Stepping randomly (stuck).
 55090 | Lair:2   | 55090 ||| Stepping randomly (stuck).
 55091 | Lair:2   | 55091 ||| Stepping randomly (stuck).
 55092 | Lair:2   | 55092 ||| Stepping randomly (stuck).
 55093 | Lair:2   | 55093 ||| Stepping randomly (stuck).
 55094 | Lair:2   | 55094 ||| Stepping randomly (stuck).
 55095 | Lair:2   | 55095 ||| Stepping randomly (stuck).
 55096 | Lair:2   | 55096 ||| Stepping randomly (stuck).
 55097 | Lair:2   | 55097 ||| Stepping randomly (stuck).
 55098 | Lair:2   | 55098 ||| Stepping randomly (stuck).
 55099 | Lair:2   | 55099 ||| Stepping randomly (stuck).
 55100 | Lair:2   | 55100 ||| Stepping randomly (stuck).
 55101 | Lair:2   | 55101 ||| Stepping randomly (stuck).
 55102 | Lair:2   | 55102 ||| Stepping randomly (stuck).
 55103 | Lair:2   | 55103 ||| Stepping randomly (stuck).
 55104 | Lair:2   | 55104 ||| Stepping randomly (stuck).
 55105 | Lair:2   | 55105 ||| Stepping randomly (stuck).
 55106 | Lair:2   | 55106 ||| Stepping randomly (stuck).
 55107 | Lair:2   | 55107 ||| Stepping randomly (stuck).
 55108 | Lair:2   | 55108 ||| Stepping randomly (stuck).
 55109 | Lair:2   | 55109 ||| Stepping randomly (stuck).
 55110 | Lair:2   | 55110 ||| Stepping randomly (stuck).
 55111 | Lair:2   | 55111 ||| Stepping randomly (stuck).
 55112 | Lair:2   | 55112 ||| Stepping randomly (stuck).
 55113 | Lair:2   | 55113 ||| Stepping randomly (stuck).
 55114 | Lair:2   | 55114 ||| Stepping randomly (stuck).
 55115 | Lair:2   | 55115 ||| Stepping randomly (stuck).
 55116 | Lair:2   | 55116 ||| Stepping randomly (stuck).
 55117 | Lair:2   | 55117 ||| Stepping randomly (stuck).
 55118 | Lair:2   | 55118 ||| Stepping randomly (stuck).
 55119 | Lair:2   | 55119 ||| Stepping randomly (stuck).
 55120 | Lair:2   | 55120 ||| Stepping randomly (stuck).
 55121 | Lair:2   | 55121 ||| Stepping randomly (stuck).
 55122 | Lair:2   | 55122 ||| Stepping randomly (stuck).
 55123 | Lair:2   | 55123 ||| Stepping randomly (stuck).
 55124 | Lair:2   | 55124 ||| Stepping randomly (stuck).
 55125 | Lair:2   | 55125 ||| Stepping randomly (stuck).
 55126 | Lair:2   | 55126 ||| Stepping randomly (stuck).
 55127 | Lair:2   | 55127 ||| Stepping randomly (stuck).
 55128 | Lair:2   | 55128 ||| Stepping randomly (stuck).
 55129 | Lair:2   | 55129 ||| Stepping randomly (stuck).
 55130 | Lair:2   | 55130 ||| Stepping randomly (stuck).
 55131 | Lair:2   | 55131 ||| Stepping randomly (stuck).
 55132 | Lair:2   | 55132 ||| Stepping randomly (stuck).
 55133 | Lair:2   | 55133 ||| Stepping randomly (stuck).
 55134 | Lair:2   | 55134 ||| Stepping randomly (stuck).
 55135 | Lair:2   | 55135 ||| Stepping randomly (stuck).
 55136 | Lair:2   | 55136 ||| Stepping randomly (stuck).
 55137 | Lair:2   | 55137 ||| Stepping randomly (stuck).
 55138 | Lair:2   | 55138 ||| Stepping randomly (stuck).
 55139 | Lair:2   | 55139 ||| Stepping randomly (stuck).
 55140 | Lair:2   | 55140 ||| Stepping randomly (stuck).
 55141 | Lair:2   | 55141 ||| Stepping randomly (stuck).
 55142 | Lair:2   | 55142 ||| Stepping randomly (stuck).
 55143 | Lair:2   | 55143 ||| Stepping randomly (stuck).
 55144 | Lair:2   | 55144 ||| Stepping randomly (stuck).
 55145 | Lair:2   | 55145 ||| Stepping randomly (stuck).
 55146 | Lair:2   | 55146 ||| Stepping randomly (stuck).
 55147 | Lair:2   | 55147 ||| Stepping randomly (stuck).
 55148 | Lair:2   | 55148 ||| Stepping randomly (stuck).
 55149 | Lair:2   | 55149 ||| Stepping randomly (stuck).
 55150 | Lair:2   | 55150 ||| Stepping randomly (stuck).
 55151 | Lair:2   | 55151 ||| Stepping randomly (stuck).
 55152 | Lair:2   | 55152 ||| Stepping randomly (stuck).
 55153 | Lair:2   | 55153 ||| Stepping randomly (stuck).
 55154 | Lair:2   | 55154 ||| Stepping randomly (stuck).
 55155 | Lair:2   | 55155 ||| Stepping randomly (stuck).
 55156 | Lair:2   | 55156 ||| Stepping randomly (stuck).
 55157 | Lair:2   | 55157 ||| Stepping randomly (stuck).
 55158 | Lair:2   | 55158 ||| Stepping randomly (stuck).
 55159 | Lair:2   | 55159 ||| Stepping randomly (stuck).
 55160 | Lair:2   | 55160 ||| Stepping randomly (stuck).
 55161 | Lair:2   | 55161 ||| Stepping randomly (stuck).
 55162 | Lair:2   | 55162 ||| Stepping randomly (stuck).
 55163 | Lair:2   | 55163 ||| Stepping randomly (stuck).
 55164 | Lair:2   | 55164 ||| Stepping randomly (stuck).
 55165 | Lair:2   | 55165 ||| Stepping randomly (stuck).
 55166 | Lair:2   | 55166 ||| Stepping randomly (stuck).
 55167 | Lair:2   | 55167 ||| Stepping randomly (stuck).
 55168 | Lair:2   | 55168 ||| Stepping randomly (stuck).
 55169 | Lair:2   | 55169 ||| Stepping randomly (stuck).
 55170 | Lair:2   | 55170 ||| Stepping randomly (stuck).
 55171 | Lair:2   | 55171 ||| Stepping randomly (stuck).
 55172 | Lair:2   | 55172 ||| Stepping randomly (stuck).
 55173 | Lair:2   | 55173 ||| Stepping randomly (stuck).
 55174 | Lair:2   | 55174 ||| Stepping randomly (stuck).
 55175 | Lair:2   | 55175 ||| Stepping randomly (stuck).
 55176 | Lair:2   | 55176 ||| Stepping randomly (stuck).
 55177 | Lair:2   | 55177 ||| Stepping randomly (stuck).
 55178 | Lair:2   | 55178 ||| Stepping randomly (stuck).
 55179 | Lair:2   | 55179 ||| Stepping randomly (stuck).
 55180 | Lair:2   | 55180 ||| Stepping randomly (stuck).
 55181 | Lair:2   | 55181 ||| Stepping randomly (stuck).
 55182 | Lair:2   | 55182 ||| Stepping randomly (stuck).
 55183 | Lair:2   | 55183 ||| Stepping randomly (stuck).
 55184 | Lair:2   | 55184 ||| Stepping randomly (stuck).
 55185 | Lair:2   | 55185 ||| Stepping randomly (stuck).
 55186 | Lair:2   | 55186 ||| Stepping randomly (stuck).
 55187 | Lair:2   | 55187 ||| Stepping randomly (stuck).
 55188 | Lair:2   | 55188 ||| Stepping randomly (stuck).
 55189 | Lair:2   | 55189 ||| Stepping randomly (stuck).
 55190 | Lair:2   | 55190 ||| Stepping randomly (stuck).
 55191 | Lair:2   | 55191 ||| Stepping randomly (stuck).
 55192 | Lair:2   | 55192 ||| Stepping randomly (stuck).
 55193 | Lair:2   | 55193 ||| Stepping randomly (stuck).
 55194 | Lair:2   | 55194 ||| Stepping randomly (stuck).
 55195 | Lair:2   | 55195 ||| Stepping randomly (stuck).
 55196 | Lair:2   | 55196 ||| Stepping randomly (stuck).
 55197 | Lair:2   | 55197 ||| Stepping randomly (stuck).
 55198 | Lair:2   | 55198 ||| Stepping randomly (stuck).
 55199 | Lair:2   | 55199 ||| Stepping randomly (stuck).
 55200 | Lair:2   | 55200 ||| Stepping randomly (stuck).
 55201 | Lair:2   | 55201 ||| Stepping randomly (stuck).
 55202 | Lair:2   | 55202 ||| Stepping randomly (stuck).
 55203 | Lair:2   | 55203 ||| Stepping randomly (stuck).
 55204 | Lair:2   | 55204 ||| Stepping randomly (stuck).
 55205 | Lair:2   | 55205 ||| Stepping randomly (stuck).
 55206 | Lair:2   | 55206 ||| Stepping randomly (stuck).
 55207 | Lair:2   | 55207 ||| Stepping randomly (stuck).
 55208 | Lair:2   | 55208 ||| Stepping randomly (stuck).
 55209 | Lair:2   | 55209 ||| Stepping randomly (stuck).
 55210 | Lair:2   | 55210 ||| Stepping randomly (stuck).
 55211 | Lair:2   | 55211 ||| Stepping randomly (stuck).
 55212 | Lair:2   | 55212 ||| Stepping randomly (stuck).
 55213 | Lair:2   | 55213 ||| Stepping randomly (stuck).
 55214 | Lair:2   | 55214 ||| Stepping randomly (stuck).
 55215 | Lair:2   | 55215 ||| Stepping randomly (stuck).
 55216 | Lair:2   | 55216 ||| Stepping randomly (stuck).
 55217 | Lair:2   | 55217 ||| Stepping randomly (stuck).
 55218 | Lair:2   | 55218 ||| Stepping randomly (stuck).
 55219 | Lair:2   | 55219 ||| Stepping randomly (stuck).
 55220 | Lair:2   | 55220 ||| Stepping randomly (stuck).
 55221 | Lair:2   | 55221 ||| Stepping randomly (stuck).
 55222 | Lair:2   | 55222 ||| Stepping randomly (stuck).
 55223 | Lair:2   | 55223 ||| Stepping randomly (stuck).
 55224 | Lair:2   | 55224 ||| Stepping randomly (stuck).
 55225 | Lair:2   | 55225 ||| Stepping randomly (stuck).
 55226 | Lair:2   | 55226 ||| Stepping randomly (stuck).
 55227 | Lair:2   | 55227 ||| Stepping randomly (stuck).
 55228 | Lair:2   | 55228 ||| Stepping randomly (stuck).
 55229 | Lair:2   | 55229 ||| Stepping randomly (stuck).
 55230 | Lair:2   | 55230 ||| Stepping randomly (stuck).
 55231 | Lair:2   | 55231 ||| Stepping randomly (stuck).
 55232 | Lair:2   | 55232 ||| Stepping randomly (stuck).
 55233 | Lair:2   | 55233 ||| Stepping randomly (stuck).
 55234 | Lair:2   | 55234 ||| Stepping randomly (stuck).
 55235 | Lair:2   | 55235 ||| Stepping randomly (stuck).
 55236 | Lair:2   | 55236 ||| Stepping randomly (stuck).
 55237 | Lair:2   | 55237 ||| Stepping randomly (stuck).
 55238 | Lair:2   | 55238 ||| Stepping randomly (stuck).
 55239 | Lair:2   | 55239 ||| Stepping randomly (stuck).
 55240 | Lair:2   | 55240 ||| Stepping randomly (stuck).
 55241 | Lair:2   | 55241 ||| Stepping randomly (stuck).
 55242 | Lair:2   | 55242 ||| Stepping randomly (stuck).
 55243 | Lair:2   | 55243 ||| Stepping randomly (stuck).
 55244 | Lair:2   | 55244 ||| Stepping randomly (stuck).
 55245 | Lair:2   | 55245 ||| Stepping randomly (stuck).
 55246 | Lair:2   | 55246 ||| Stepping randomly (stuck).
 55247 | Lair:2   | 55247 ||| Stepping randomly (stuck).
 55248 | Lair:2   | 55248 ||| Stepping randomly (stuck).
 55249 | Lair:2   | 55249 ||| Stepping randomly (stuck).
 55250 | Lair:2   | 55250 ||| Stepping randomly (stuck).
 55251 | Lair:2   | 55251 ||| Stepping randomly (stuck).
 55252 | Lair:2   | 55252 ||| Stepping randomly (stuck).
 55253 | Lair:2   | 55253 ||| Stepping randomly (stuck).
 55254 | Lair:2   | 55254 ||| Stepping randomly (stuck).
 55255 | Lair:2   | 55255 ||| Stepping randomly (stuck).
 55256 | Lair:2   | 55256 ||| Stepping randomly (stuck).
 55257 | Lair:2   | 55257 ||| Stepping randomly (stuck).
 55258 | Lair:2   | 55258 ||| Stepping randomly (stuck).
 55259 | Lair:2   | 55259 ||| Stepping randomly (stuck).
 55260 | Lair:2   | 55260 ||| Stepping randomly (stuck).
 55261 | Lair:2   | 55261 ||| Stepping randomly (stuck).
 55262 | Lair:2   | 55262 ||| Stepping randomly (stuck).
 55263 | Lair:2   | 55263 ||| Stepping randomly (stuck).
 55264 | Lair:2   | 55264 ||| Stepping randomly (stuck).
 55265 | Lair:2   | 55265 ||| Stepping randomly (stuck).
 55266 | Lair:2   | 55266 ||| Stepping randomly (stuck).
 55267 | Lair:2   | 55267 ||| Stepping randomly (stuck).
 55268 | Lair:2   | 55268 ||| Stepping randomly (stuck).
 55269 | Lair:2   | 55269 ||| Stepping randomly (stuck).
 55270 | Lair:2   | 55270 ||| Stepping randomly (stuck).
 55271 | Lair:2   | 55271 ||| Stepping randomly (stuck).
 55272 | Lair:2   | 55272 ||| Stepping randomly (stuck).
 55273 | Lair:2   | 55273 ||| Stepping randomly (stuck).
 55274 | Lair:2   | 55274 ||| Stepping randomly (stuck).
 55275 | Lair:2   | 55275 ||| Stepping randomly (stuck).
 55276 | Lair:2   | 55276 ||| Stepping randomly (stuck).
 55277 | Lair:2   | 55277 ||| Stepping randomly (stuck).
 55278 | Lair:2   | 55278 ||| Stepping randomly (stuck).
 55279 | Lair:2   | 55279 ||| Stepping randomly (stuck).
 55280 | Lair:2   | 55280 ||| Stepping randomly (stuck).
 55281 | Lair:2   | 55281 ||| Stepping randomly (stuck).
 55282 | Lair:2   | 55282 ||| Stepping randomly (stuck).
 55283 | Lair:2   | 55283 ||| Stepping randomly (stuck).
 55284 | Lair:2   | 55284 ||| Stepping randomly (stuck).
 55285 | Lair:2   | 55285 ||| Stepping randomly (stuck).
 55286 | Lair:2   | 55286 ||| Stepping randomly (stuck).
 55287 | Lair:2   | 55287 ||| Stepping randomly (stuck).
 55288 | Lair:2   | 55288 ||| Stepping randomly (stuck).
 55289 | Lair:2   | 55289 ||| Stepping randomly (stuck).
 55290 | Lair:2   | 55290 ||| Stepping randomly (stuck).
 55291 | Lair:2   | 55291 ||| Stepping randomly (stuck).
 55292 | Lair:2   | 55292 ||| Stepping randomly (stuck).
 55293 | Lair:2   | 55293 ||| Stepping randomly (stuck).
 55294 | Lair:2   | 55294 ||| Stepping randomly (stuck).
 55295 | Lair:2   | 55295 ||| Stepping randomly (stuck).
 55296 | Lair:2   | 55296 ||| Stepping randomly (stuck).
 55297 | Lair:2   | 55297 ||| Stepping randomly (stuck).
 55298 | Lair:2   | 55298 ||| Stepping randomly (stuck).
 55299 | Lair:2   | 55299 ||| Stepping randomly (stuck).
 55300 | Lair:2   | 55300 ||| Stepping randomly (stuck).
 55301 | Lair:2   | 55301 ||| Stepping randomly (stuck).
 55302 | Lair:2   | 55302 ||| Stepping randomly (stuck).
 55303 | Lair:2   | 55303 ||| Stepping randomly (stuck).
 55304 | Lair:2   | 55304 ||| Stepping randomly (stuck).
 55305 | Lair:2   | 55305 ||| Stepping randomly (stuck).
 55306 | Lair:2   | 55306 ||| Stepping randomly (stuck).
 55307 | Lair:2   | 55307 ||| Stepping randomly (stuck).
 55308 | Lair:2   | 55308 ||| Stepping randomly (stuck).
 55309 | Lair:2   | 55309 ||| Stepping randomly (stuck).
 55310 | Lair:2   | 55310 ||| Stepping randomly (stuck).
 55311 | Lair:2   | 55311 ||| Stepping randomly (stuck).
 55312 | Lair:2   | 55312 ||| Stepping randomly (stuck).
 55313 | Lair:2   | 55313 ||| Stepping randomly (stuck).
 55314 | Lair:2   | 55314 ||| Stepping randomly (stuck).
 55315 | Lair:2   | 55315 ||| Stepping randomly (stuck).
 55316 | Lair:2   | 55316 ||| Stepping randomly (stuck).
 55317 | Lair:2   | 55317 ||| Stepping randomly (stuck).
 55318 | Lair:2   | 55318 ||| Stepping randomly (stuck).
 55319 | Lair:2   | 55319 ||| Stepping randomly (stuck).
 55320 | Lair:2   | 55320 ||| Stepping randomly (stuck).
 55321 | Lair:2   | 55321 ||| Stepping randomly (stuck).
 55322 | Lair:2   | 55322 ||| Stepping randomly (stuck).
 55323 | Lair:2   | 55323 ||| Stepping randomly (stuck).
 55324 | Lair:2   | 55324 ||| Stepping randomly (stuck).
 55325 | Lair:2   | 55325 ||| Stepping randomly (stuck).
 55326 | Lair:2   | 55326 ||| Stepping randomly (stuck).
 55327 | Lair:2   | 55327 ||| Stepping randomly (stuck).
 55328 | Lair:2   | 55328 ||| Stepping randomly (stuck).
 55329 | Lair:2   | 55329 ||| Stepping randomly (stuck).
 55330 | Lair:2   | 55330 ||| Stepping randomly (stuck).
 55331 | Lair:2   | 55331 ||| Stepping randomly (stuck).
 55332 | Lair:2   | 55332 ||| Stepping randomly (stuck).
 55333 | Lair:2   | 55333 ||| Stepping randomly (stuck).
 55334 | Lair:2   | 55334 ||| Stepping randomly (stuck).
 55335 | Lair:2   | 55335 ||| Stepping randomly (stuck).
 55336 | Lair:2   | 55336 ||| Stepping randomly (stuck).
 55337 | Lair:2   | 55337 ||| Stepping randomly (stuck).
 55338 | Lair:2   | 55338 ||| Stepping randomly (stuck).
 55339 | Lair:2   | 55339 ||| Stepping randomly (stuck).
 55340 | Lair:2   | 55340 ||| Stepping randomly (stuck).
 55341 | Lair:2   | 55341 ||| Stepping randomly (stuck).
 55342 | Lair:2   | 55342 ||| Stepping randomly (stuck).
 55343 | Lair:2   | 55343 ||| Stepping randomly (stuck).
 55344 | Lair:2   | 55344 ||| Stepping randomly (stuck).
 55344 | Lair:2   | Glimpsed the power of Zot.
 55345 | Lair:2   | 55345 ||| Stepping randomly (stuck).
 55346 | Lair:2   | 55346 ||| Stepping randomly (stuck).
 55347 | Lair:2   | 55347 ||| Stepping randomly (stuck).
 55348 | Lair:2   | 55348 ||| Stepping randomly (stuck).
 55349 | Lair:2   | 55349 ||| Stepping randomly (stuck).
 55350 | Lair:2   | 55350 ||| Stepping randomly (stuck).
 55351 | Lair:2   | 55351 ||| Stepping randomly (stuck).
 55352 | Lair:2   | 55352 ||| Stepping randomly (stuck).
 55353 | Lair:2   | 55353 ||| Stepping randomly (stuck).
 55354 | Lair:2   | 55354 ||| Stepping randomly (stuck).
 55355 | Lair:2   | 55355 ||| Stepping randomly (stuck).
 55356 | Lair:2   | 55356 ||| Stepping randomly (stuck).
 55357 | Lair:2   | 55357 ||| Stepping randomly (stuck).
 55358 | Lair:2   | 55358 ||| Stepping randomly (stuck).
 55359 | Lair:2   | 55359 ||| Stepping randomly (stuck).
 55360 | Lair:2   | 55360 ||| Stepping randomly (stuck).
 55361 | Lair:2   | 55361 ||| Stepping randomly (stuck).
 55362 | Lair:2   | 55362 ||| Stepping randomly (stuck).
 55363 | Lair:2   | 55363 ||| Stepping randomly (stuck).
 55364 | Lair:2   | 55364 ||| Stepping randomly (stuck).
 55365 | Lair:2   | 55365 ||| Stepping randomly (stuck).
 55366 | Lair:2   | 55366 ||| Stepping randomly (stuck).
 55367 | Lair:2   | 55367 ||| Stepping randomly (stuck).
 55368 | Lair:2   | 55368 ||| Stepping randomly (stuck).
 55369 | Lair:2   | 55369 ||| Stepping randomly (stuck).
 55370 | Lair:2   | 55370 ||| Stepping randomly (stuck).
 55371 | Lair:2   | 55371 ||| Stepping randomly (stuck).
 55372 | Lair:2   | 55372 ||| Stepping randomly (stuck).
 55373 | Lair:2   | 55373 ||| Stepping randomly (stuck).
 55374 | Lair:2   | 55374 ||| Stepping randomly (stuck).
 55375 | Lair:2   | 55375 ||| Stepping randomly (stuck).
 55376 | Lair:2   | 55376 ||| Stepping randomly (stuck).
 55377 | Lair:2   | 55377 ||| Stepping randomly (stuck).
 55378 | Lair:2   | 55378 ||| Stepping randomly (stuck).
 55379 | Lair:2   | 55379 ||| Stepping randomly (stuck).
 55380 | Lair:2   | 55380 ||| Stepping randomly (stuck).
 55381 | Lair:2   | 55381 ||| Stepping randomly (stuck).
 55382 | Lair:2   | 55382 ||| Stepping randomly (stuck).
 55383 | Lair:2   | 55383 ||| Stepping randomly (stuck).
 55384 | Lair:2   | 55384 ||| Stepping randomly (stuck).
 55385 | Lair:2   | 55385 ||| Stepping randomly (stuck).
 55386 | Lair:2   | 55386 ||| Stepping randomly (stuck).
 55387 | Lair:2   | 55387 ||| Stepping randomly (stuck).
 55388 | Lair:2   | 55388 ||| Stepping randomly (stuck).
 55389 | Lair:2   | 55389 ||| Stepping randomly (stuck).
 55390 | Lair:2   | 55390 ||| Stepping randomly (stuck).
 55391 | Lair:2   | 55391 ||| Stepping randomly (stuck).
 55392 | Lair:2   | 55392 ||| Stepping randomly (stuck).
 55393 | Lair:2   | 55393 ||| Stepping randomly (stuck).
 55394 | Lair:2   | 55394 ||| Stepping randomly (stuck).
 55395 | Lair:2   | 55395 ||| Stepping randomly (stuck).
 55396 | Lair:2   | 55396 ||| Stepping randomly (stuck).
 55397 | Lair:2   | 55397 ||| Stepping randomly (stuck).
 55398 | Lair:2   | 55398 ||| Stepping randomly (stuck).
 55399 | Lair:2   | 55399 ||| Stepping randomly (stuck).
 55400 | Lair:2   | 55400 ||| Stepping randomly (stuck).
 55401 | Lair:2   | 55401 ||| Stepping randomly (stuck).
 55402 | Lair:2   | 55402 ||| Stepping randomly (stuck).
 55403 | Lair:2   | 55403 ||| Stepping randomly (stuck).
 55404 | Lair:2   | 55404 ||| Stepping randomly (stuck).
 55405 | Lair:2   | 55405 ||| Stepping randomly (stuck).
 55406 | Lair:2   | 55406 ||| Stepping randomly (stuck).
 55407 | Lair:2   | 55407 ||| Stepping randomly (stuck).
 55408 | Lair:2   | 55408 ||| Stepping randomly (stuck).
 55409 | Lair:2   | 55409 ||| Stepping randomly (stuck).
 55410 | Lair:2   | 55410 ||| Stepping randomly (stuck).
 55411 | Lair:2   | 55411 ||| Stepping randomly (stuck).
 55412 | Lair:2   | 55412 ||| Stepping randomly (stuck).
 55413 | Lair:2   | 55413 ||| Stepping randomly (stuck).
 55414 | Lair:2   | 55414 ||| Stepping randomly (stuck).
 55415 | Lair:2   | 55415 ||| Stepping randomly (stuck).
 55416 | Lair:2   | 55416 ||| Stepping randomly (stuck).
 55417 | Lair:2   | 55417 ||| Stepping randomly (stuck).
 55418 | Lair:2   | 55418 ||| Stepping randomly (stuck).
 55419 | Lair:2   | 55419 ||| Stepping randomly (stuck).
 55420 | Lair:2   | 55420 ||| Stepping randomly (stuck).
 55421 | Lair:2   | 55421 ||| Stepping randomly (stuck).
 55422 | Lair:2   | 55422 ||| Stepping randomly (stuck).
 55423 | Lair:2   | 55423 ||| Stepping randomly (stuck).
 55424 | Lair:2   | 55424 ||| Stepping randomly (stuck).
 55425 | Lair:2   | 55425 ||| Stepping randomly (stuck).
 55426 | Lair:2   | 55426 ||| Stepping randomly (stuck).
 55427 | Lair:2   | 55427 ||| Stepping randomly (stuck).
 55428 | Lair:2   | 55428 ||| Stepping randomly (stuck).
 55429 | Lair:2   | 55429 ||| Stepping randomly (stuck).
 55430 | Lair:2   | 55430 ||| Stepping randomly (stuck).
 55431 | Lair:2   | 55431 ||| Stepping randomly (stuck).
 55432 | Lair:2   | 55432 ||| Stepping randomly (stuck).
 55433 | Lair:2   | 55433 ||| Stepping randomly (stuck).
 55434 | Lair:2   | 55434 ||| Stepping randomly (stuck).
 55435 | Lair:2   | 55435 ||| Stepping randomly (stuck).
 55436 | Lair:2   | 55436 ||| Stepping randomly (stuck).
 55437 | Lair:2   | 55437 ||| Stepping randomly (stuck).
 55438 | Lair:2   | 55438 ||| Stepping randomly (stuck).
 55439 | Lair:2   | 55439 ||| Stepping randomly (stuck).
 55440 | Lair:2   | 55440 ||| Stepping randomly (stuck).
 55441 | Lair:2   | 55441 ||| Stepping randomly (stuck).
 55442 | Lair:2   | 55442 ||| Stepping randomly (stuck).
 55443 | Lair:2   | 55443 ||| Stepping randomly (stuck).
 55444 | Lair:2   | 55444 ||| Stepping randomly (stuck).
 55445 | Lair:2   | 55445 ||| Stepping randomly (stuck).
 55446 | Lair:2   | 55446 ||| Stepping randomly (stuck).
 55447 | Lair:2   | 55447 ||| Stepping randomly (stuck).
 55448 | Lair:2   | 55448 ||| Stepping randomly (stuck).
 55449 | Lair:2   | 55449 ||| Stepping randomly (stuck).
 55450 | Lair:2   | 55450 ||| Stepping randomly (stuck).
 55451 | Lair:2   | 55451 ||| Stepping randomly (stuck).
 55452 | Lair:2   | 55452 ||| Stepping randomly (stuck).
 55453 | Lair:2   | 55453 ||| Stepping randomly (stuck).
 55454 | Lair:2   | 55454 ||| Stepping randomly (stuck).
 55455 | Lair:2   | 55455 ||| Stepping randomly (stuck).
 55456 | Lair:2   | 55456 ||| Stepping randomly (stuck).
 55457 | Lair:2   | 55457 ||| Stepping randomly (stuck).
 55458 | Lair:2   | 55458 ||| Stepping randomly (stuck).
 55459 | Lair:2   | 55459 ||| Stepping randomly (stuck).
 55460 | Lair:2   | 55460 ||| Stepping randomly (stuck).
 55461 | Lair:2   | 55461 ||| Stepping randomly (stuck).
 55462 | Lair:2   | 55462 ||| Stepping randomly (stuck).
 55463 | Lair:2   | 55463 ||| Stepping randomly (stuck).
 55464 | Lair:2   | 55464 ||| Stepping randomly (stuck).
 55465 | Lair:2   | 55465 ||| Stepping randomly (stuck).
 55466 | Lair:2   | 55466 ||| Stepping randomly (stuck).
 55467 | Lair:2   | 55467 ||| Stepping randomly (stuck).
 55468 | Lair:2   | 55468 ||| Stepping randomly (stuck).
 55469 | Lair:2   | 55469 ||| Stepping randomly (stuck).
 55470 | Lair:2   | 55470 ||| Stepping randomly (stuck).
 55471 | Lair:2   | 55471 ||| Stepping randomly (stuck).
 55472 | Lair:2   | 55472 ||| Stepping randomly (stuck).
 55473 | Lair:2   | 55473 ||| Stepping randomly (stuck).
 55474 | Lair:2   | 55474 ||| Stepping randomly (stuck).
 55475 | Lair:2   | 55475 ||| Stepping randomly (stuck).
 55476 | Lair:2   | 55476 ||| Stepping randomly (stuck).
 55477 | Lair:2   | 55477 ||| Stepping randomly (stuck).
 55478 | Lair:2   | 55478 ||| Stepping randomly (stuck).
 55479 | Lair:2   | 55479 ||| Stepping randomly (stuck).
 55480 | Lair:2   | 55480 ||| Stepping randomly (stuck).
 55481 | Lair:2   | 55481 ||| Stepping randomly (stuck).
 55482 | Lair:2   | 55482 ||| Stepping randomly (stuck).
 55483 | Lair:2   | 55483 ||| Stepping randomly (stuck).
 55484 | Lair:2   | 55484 ||| Stepping randomly (stuck).
 55485 | Lair:2   | 55485 ||| Stepping randomly (stuck).
 55486 | Lair:2   | 55486 ||| Stepping randomly (stuck).
 55487 | Lair:2   | 55487 ||| Stepping randomly (stuck).
 55488 | Lair:2   | 55488 ||| Stepping randomly (stuck).
 55489 | Lair:2   | 55489 ||| Stepping randomly (stuck).
 55490 | Lair:2   | 55490 ||| Stepping randomly (stuck).
 55491 | Lair:2   | 55491 ||| Stepping randomly (stuck).
 55492 | Lair:2   | 55492 ||| Stepping randomly (stuck).
 55493 | Lair:2   | 55493 ||| Stepping randomly (stuck).
 55494 | Lair:2   | 55494 ||| Stepping randomly (stuck).
 55495 | Lair:2   | 55495 ||| Stepping randomly (stuck).
 55496 | Lair:2   | 55496 ||| Stepping randomly (stuck).
 55497 | Lair:2   | 55497 ||| Stepping randomly (stuck).
 55498 | Lair:2   | 55498 ||| Stepping randomly (stuck).
 55499 | Lair:2   | 55499 ||| Stepping randomly (stuck).
 55500 | Lair:2   | 55500 ||| Stepping randomly (stuck).
 55501 | Lair:2   | 55501 ||| Stepping randomly (stuck).
 55502 | Lair:2   | 55502 ||| Stepping randomly (stuck).
 55503 | Lair:2   | 55503 ||| Stepping randomly (stuck).
 55504 | Lair:2   | 55504 ||| Stepping randomly (stuck).
 55505 | Lair:2   | 55505 ||| Stepping randomly (stuck).
 55506 | Lair:2   | 55506 ||| Stepping randomly (stuck).
 55507 | Lair:2   | 55507 ||| Stepping randomly (stuck).
 55508 | Lair:2   | 55508 ||| Stepping randomly (stuck).
 55509 | Lair:2   | 55509 ||| Stepping randomly (stuck).
 55510 | Lair:2   | 55510 ||| Stepping randomly (stuck).
 55511 | Lair:2   | 55511 ||| Stepping randomly (stuck).
 55512 | Lair:2   | 55512 ||| Stepping randomly (stuck).
 55513 | Lair:2   | 55513 ||| Stepping randomly (stuck).
 55514 | Lair:2   | 55514 ||| Stepping randomly (stuck).
 55515 | Lair:2   | 55515 ||| Stepping randomly (stuck).
 55516 | Lair:2   | 55516 ||| Stepping randomly (stuck).
 55517 | Lair:2   | 55517 ||| Stepping randomly (stuck).
 55518 | Lair:2   | 55518 ||| Stepping randomly (stuck).
 55519 | Lair:2   | 55519 ||| Stepping randomly (stuck).
 55520 | Lair:2   | 55520 ||| Stepping randomly (stuck).
 55521 | Lair:2   | 55521 ||| Stepping randomly (stuck).
 55522 | Lair:2   | 55522 ||| Stepping randomly (stuck).
 55523 | Lair:2   | 55523 ||| Stepping randomly (stuck).
 55524 | Lair:2   | 55524 ||| Stepping randomly (stuck).
 55525 | Lair:2   | 55525 ||| Stepping randomly (stuck).
 55526 | Lair:2   | 55526 ||| Stepping randomly (stuck).
 55527 | Lair:2   | 55527 ||| Stepping randomly (stuck).
 55528 | Lair:2   | 55528 ||| Stepping randomly (stuck).
 55529 | Lair:2   | 55529 ||| Stepping randomly (stuck).
 55530 | Lair:2   | 55530 ||| Stepping randomly (stuck).
 55531 | Lair:2   | 55531 ||| Stepping randomly (stuck).
 55532 | Lair:2   | 55532 ||| Stepping randomly (stuck).
 55533 | Lair:2   | 55533 ||| Stepping randomly (stuck).
 55534 | Lair:2   | 55534 ||| Stepping randomly (stuck).
 55535 | Lair:2   | 55535 ||| Stepping randomly (stuck).
 55536 | Lair:2   | 55536 ||| Stepping randomly (stuck).
 55537 | Lair:2   | 55537 ||| Stepping randomly (stuck).
 55538 | Lair:2   | 55538 ||| Stepping randomly (stuck).
 55539 | Lair:2   | 55539 ||| Stepping randomly (stuck).
 55540 | Lair:2   | 55540 ||| Stepping randomly (stuck).
 55541 | Lair:2   | 55541 ||| Stepping randomly (stuck).
 55542 | Lair:2   | 55542 ||| Stepping randomly (stuck).
 55543 | Lair:2   | 55543 ||| Stepping randomly (stuck).
 55544 | Lair:2   | 55544 ||| Stepping randomly (stuck).
 55545 | Lair:2   | 55545 ||| Stepping randomly (stuck).
 55546 | Lair:2   | 55546 ||| Stepping randomly (stuck).
 55547 | Lair:2   | 55547 ||| Stepping randomly (stuck).
 55548 | Lair:2   | 55548 ||| Stepping randomly (stuck).
 55549 | Lair:2   | 55549 ||| Stepping randomly (stuck).
 55550 | Lair:2   | 55550 ||| Stepping randomly (stuck).
 55551 | Lair:2   | 55551 ||| Stepping randomly (stuck).
 55552 | Lair:2   | 55552 ||| Stepping randomly (stuck).
 55553 | Lair:2   | 55553 ||| Stepping randomly (stuck).
 55554 | Lair:2   | 55554 ||| Stepping randomly (stuck).
 55555 | Lair:2   | 55555 ||| Stepping randomly (stuck).
 55556 | Lair:2   | 55556 ||| Stepping randomly (stuck).
 55557 | Lair:2   | 55557 ||| Stepping randomly (stuck).
 55558 | Lair:2   | 55558 ||| Stepping randomly (stuck).
 55559 | Lair:2   | 55559 ||| Stepping randomly (stuck).
 55560 | Lair:2   | 55560 ||| Stepping randomly (stuck).
 55561 | Lair:2   | 55561 ||| Stepping randomly (stuck).
 55562 | Lair:2   | 55562 ||| Stepping randomly (stuck).
 55563 | Lair:2   | 55563 ||| Stepping randomly (stuck).
 55564 | Lair:2   | 55564 ||| Stepping randomly (stuck).
 55565 | Lair:2   | 55565 ||| Stepping randomly (stuck).
 55566 | Lair:2   | 55566 ||| Stepping randomly (stuck).
 55567 | Lair:2   | 55567 ||| Stepping randomly (stuck).
 55568 | Lair:2   | 55568 ||| Stepping randomly (stuck).
 55569 | Lair:2   | 55569 ||| Stepping randomly (stuck).
 55570 | Lair:2   | 55570 ||| Stepping randomly (stuck).
 55571 | Lair:2   | 55571 ||| Stepping randomly (stuck).
 55572 | Lair:2   | 55572 ||| Stepping randomly (stuck).
 55573 | Lair:2   | 55573 ||| Stepping randomly (stuck).
 55574 | Lair:2   | 55574 ||| Stepping randomly (stuck).
 55575 | Lair:2   | 55575 ||| Stepping randomly (stuck).
 55576 | Lair:2   | 55576 ||| Stepping randomly (stuck).
 55577 | Lair:2   | 55577 ||| Stepping randomly (stuck).
 55578 | Lair:2   | 55578 ||| Stepping randomly (stuck).
 55579 | Lair:2   | 55579 ||| Stepping randomly (stuck).
 55580 | Lair:2   | 55580 ||| Stepping randomly (stuck).
 55581 | Lair:2   | 55581 ||| Stepping randomly (stuck).
 55582 | Lair:2   | 55582 ||| Stepping randomly (stuck).
 55583 | Lair:2   | 55583 ||| Stepping randomly (stuck).
 55584 | Lair:2   | 55584 ||| Stepping randomly (stuck).
 55585 | Lair:2   | 55585 ||| Stepping randomly (stuck).
 55586 | Lair:2   | 55586 ||| Stepping randomly (stuck).
 55587 | Lair:2   | 55587 ||| Stepping randomly (stuck).
 55588 | Lair:2   | 55588 ||| Stepping randomly (stuck).
 55589 | Lair:2   | 55589 ||| Stepping randomly (stuck).
 55590 | Lair:2   | 55590 ||| Stepping randomly (stuck).
 55591 | Lair:2   | 55591 ||| Stepping randomly (stuck).
 55592 | Lair:2   | 55592 ||| Stepping randomly (stuck).
 55593 | Lair:2   | 55593 ||| Stepping randomly (stuck).
 55594 | Lair:2   | 55594 ||| Stepping randomly (stuck).
 55595 | Lair:2   | 55595 ||| Stepping randomly (stuck).
 55596 | Lair:2   | 55596 ||| Stepping randomly (stuck).
 55597 | Lair:2   | 55597 ||| Stepping randomly (stuck).
 55598 | Lair:2   | 55598 ||| Stepping randomly (stuck).
 55599 | Lair:2   | 55599 ||| Stepping randomly (stuck).
 55600 | Lair:2   | 55600 ||| Stepping randomly (stuck).
 55601 | Lair:2   | 55601 ||| Stepping randomly (stuck).
 55602 | Lair:2   | 55602 ||| Stepping randomly (stuck).
 55603 | Lair:2   | 55603 ||| Stepping randomly (stuck).
 55604 | Lair:2   | 55604 ||| Stepping randomly (stuck).
 55605 | Lair:2   | 55605 ||| Stepping randomly (stuck).
 55606 | Lair:2   | 55606 ||| Stepping randomly (stuck).
 55607 | Lair:2   | 55607 ||| Stepping randomly (stuck).
 55608 | Lair:2   | 55608 ||| Stepping randomly (stuck).
 55609 | Lair:2   | 55609 ||| Stepping randomly (stuck).
 55610 | Lair:2   | 55610 ||| Stepping randomly (stuck).
 55611 | Lair:2   | 55611 ||| Stepping randomly (stuck).
 55612 | Lair:2   | 55612 ||| Stepping randomly (stuck).
 55613 | Lair:2   | 55613 ||| Stepping randomly (stuck).
 55614 | Lair:2   | 55614 ||| Stepping randomly (stuck).
 55615 | Lair:2   | 55615 ||| Stepping randomly (stuck).
 55616 | Lair:2   | 55616 ||| Stepping randomly (stuck).
 55617 | Lair:2   | 55617 ||| Stepping randomly (stuck).
 55618 | Lair:2   | 55618 ||| Stepping randomly (stuck).
 55619 | Lair:2   | 55619 ||| Stepping randomly (stuck).
 55620 | Lair:2   | 55620 ||| Stepping randomly (stuck).
 55621 | Lair:2   | 55621 ||| Stepping randomly (stuck).
 55622 | Lair:2   | 55622 ||| Stepping randomly (stuck).
 55623 | Lair:2   | 55623 ||| Stepping randomly (stuck).
 55624 | Lair:2   | 55624 ||| Stepping randomly (stuck).
 55625 | Lair:2   | 55625 ||| Stepping randomly (stuck).
 55626 | Lair:2   | 55626 ||| Stepping randomly (stuck).
 55627 | Lair:2   | 55627 ||| Stepping randomly (stuck).
 55628 | Lair:2   | 55628 ||| Stepping randomly (stuck).
 55629 | Lair:2   | 55629 ||| Stepping randomly (stuck).
 55630 | Lair:2   | 55630 ||| Stepping randomly (stuck).
 55631 | Lair:2   | 55631 ||| Stepping randomly (stuck).
 55632 | Lair:2   | 55632 ||| Stepping randomly (stuck).
 55633 | Lair:2   | 55633 ||| Stepping randomly (stuck).
 55634 | Lair:2   | 55634 ||| Stepping randomly (stuck).
 55635 | Lair:2   | 55635 ||| Stepping randomly (stuck).
 55636 | Lair:2   | 55636 ||| Stepping randomly (stuck).
 55637 | Lair:2   | 55637 ||| Stepping randomly (stuck).
 55638 | Lair:2   | 55638 ||| Stepping randomly (stuck).
 55639 | Lair:2   | 55639 ||| Stepping randomly (stuck).
 55640 | Lair:2   | 55640 ||| Stepping randomly (stuck).
 55641 | Lair:2   | 55641 ||| Stepping randomly (stuck).
 55642 | Lair:2   | 55642 ||| Stepping randomly (stuck).
 55643 | Lair:2   | 55643 ||| Stepping randomly (stuck).
 55644 | Lair:2   | 55644 ||| Stepping randomly (stuck).
 55645 | Lair:2   | 55645 ||| Stepping randomly (stuck).
 55646 | Lair:2   | 55646 ||| Stepping randomly (stuck).
 55647 | Lair:2   | 55647 ||| Stepping randomly (stuck).
 55648 | Lair:2   | 55648 ||| Stepping randomly (stuck).
 55649 | Lair:2   | 55649 ||| Stepping randomly (stuck).
 55650 | Lair:2   | 55650 ||| Stepping randomly (stuck).
 55651 | Lair:2   | 55651 ||| Stepping randomly (stuck).
 55652 | Lair:2   | 55652 ||| Stepping randomly (stuck).
 55653 | Lair:2   | 55653 ||| Stepping randomly (stuck).
 55654 | Lair:2   | 55654 ||| Stepping randomly (stuck).
 55655 | Lair:2   | 55655 ||| Stepping randomly (stuck).
 55656 | Lair:2   | 55656 ||| Stepping randomly (stuck).
 55657 | Lair:2   | 55657 ||| Stepping randomly (stuck).
 55658 | Lair:2   | 55658 ||| Stepping randomly (stuck).
 55659 | Lair:2   | 55659 ||| Stepping randomly (stuck).
 55660 | Lair:2   | 55660 ||| Stepping randomly (stuck).
 55661 | Lair:2   | 55661 ||| Stepping randomly (stuck).
 55662 | Lair:2   | 55662 ||| Stepping randomly (stuck).
 55663 | Lair:2   | 55663 ||| Stepping randomly (stuck).
 55664 | Lair:2   | 55664 ||| Stepping randomly (stuck).
 55665 | Lair:2   | 55665 ||| Stepping randomly (stuck).
 55666 | Lair:2   | 55666 ||| Stepping randomly (stuck).
 55667 | Lair:2   | 55667 ||| Stepping randomly (stuck).
 55668 | Lair:2   | 55668 ||| Stepping randomly (stuck).
 55669 | Lair:2   | 55669 ||| Stepping randomly (stuck).
 55670 | Lair:2   | 55670 ||| Stepping randomly (stuck).
 55671 | Lair:2   | 55671 ||| Stepping randomly (stuck).
 55672 | Lair:2   | 55672 ||| Stepping randomly (stuck).
 55673 | Lair:2   | 55673 ||| Stepping randomly (stuck).
 55674 | Lair:2   | 55674 ||| Stepping randomly (stuck).
 55675 | Lair:2   | 55675 ||| Stepping randomly (stuck).
 55676 | Lair:2   | 55676 ||| Stepping randomly (stuck).
 55677 | Lair:2   | 55677 ||| Stepping randomly (stuck).
 55678 | Lair:2   | 55678 ||| Stepping randomly (stuck).
 55679 | Lair:2   | 55679 ||| Stepping randomly (stuck).
 55680 | Lair:2   | 55680 ||| Stepping randomly (stuck).
 55681 | Lair:2   | 55681 ||| Stepping randomly (stuck).
 55682 | Lair:2   | 55682 ||| Stepping randomly (stuck).
 55683 | Lair:2   | 55683 ||| Stepping randomly (stuck).
 55684 | Lair:2   | 55684 ||| Stepping randomly (stuck).
 55685 | Lair:2   | 55685 ||| Stepping randomly (stuck).
 55686 | Lair:2   | 55686 ||| Stepping randomly (stuck).
 55687 | Lair:2   | 55687 ||| Stepping randomly (stuck).
 55688 | Lair:2   | 55688 ||| Stepping randomly (stuck).
 55689 | Lair:2   | 55689 ||| Stepping randomly (stuck).
 55690 | Lair:2   | 55690 ||| Stepping randomly (stuck).
 55691 | Lair:2   | 55691 ||| Stepping randomly (stuck).
 55692 | Lair:2   | 55692 ||| Stepping randomly (stuck).
 55693 | Lair:2   | 55693 ||| Stepping randomly (stuck).
 55694 | Lair:2   | 55694 ||| Stepping randomly (stuck).
 55695 | Lair:2   | 55695 ||| Stepping randomly (stuck).
 55696 | Lair:2   | 55696 ||| Stepping randomly (stuck).
 55697 | Lair:2   | 55697 ||| Stepping randomly (stuck).
 55698 | Lair:2   | 55698 ||| Stepping randomly (stuck).
 55699 | Lair:2   | 55699 ||| Stepping randomly (stuck).
 55700 | Lair:2   | 55700 ||| Stepping randomly (stuck).
 55701 | Lair:2   | 55701 ||| Stepping randomly (stuck).
 55702 | Lair:2   | 55702 ||| Stepping randomly (stuck).
 55703 | Lair:2   | 55703 ||| Stepping randomly (stuck).
 55704 | Lair:2   | 55704 ||| Stepping randomly (stuck).
 55705 | Lair:2   | 55705 ||| Stepping randomly (stuck).
 55706 | Lair:2   | 55706 ||| Stepping randomly (stuck).
 55707 | Lair:2   | 55707 ||| Stepping randomly (stuck).
 55708 | Lair:2   | 55708 ||| Stepping randomly (stuck).
 55709 | Lair:2   | 55709 ||| Stepping randomly (stuck).
 55710 | Lair:2   | 55710 ||| Stepping randomly (stuck).
 55711 | Lair:2   | 55711 ||| Stepping randomly (stuck).
 55712 | Lair:2   | 55712 ||| Stepping randomly (stuck).
 55713 | Lair:2   | 55713 ||| Stepping randomly (stuck).
 55714 | Lair:2   | 55714 ||| Stepping randomly (stuck).
 55715 | Lair:2   | 55715 ||| Stepping randomly (stuck).
 55716 | Lair:2   | 55716 ||| Stepping randomly (stuck).
 55717 | Lair:2   | 55717 ||| Stepping randomly (stuck).
 55718 | Lair:2   | 55718 ||| Stepping randomly (stuck).
 55719 | Lair:2   | 55719 ||| Stepping randomly (stuck).
 55720 | Lair:2   | 55720 ||| Stepping randomly (stuck).
 55721 | Lair:2   | 55721 ||| Stepping randomly (stuck).
 55722 | Lair:2   | 55722 ||| Stepping randomly (stuck).
 55723 | Lair:2   | 55723 ||| Stepping randomly (stuck).
 55724 | Lair:2   | 55724 ||| Stepping randomly (stuck).
 55725 | Lair:2   | 55725 ||| Stepping randomly (stuck).
 55726 | Lair:2   | 55726 ||| Stepping randomly (stuck).
 55727 | Lair:2   | 55727 ||| Stepping randomly (stuck).
 55728 | Lair:2   | 55728 ||| Stepping randomly (stuck).
 55729 | Lair:2   | 55729 ||| Stepping randomly (stuck).
 55730 | Lair:2   | 55730 ||| Stepping randomly (stuck).
 55731 | Lair:2   | 55731 ||| Stepping randomly (stuck).
 55732 | Lair:2   | 55732 ||| Stepping randomly (stuck).
 55733 | Lair:2   | 55733 ||| Stepping randomly (stuck).
 55734 | Lair:2   | 55734 ||| Stepping randomly (stuck).
 55735 | Lair:2   | 55735 ||| Stepping randomly (stuck).
 55736 | Lair:2   | 55736 ||| Stepping randomly (stuck).
 55737 | Lair:2   | 55737 ||| Stepping randomly (stuck).
 55738 | Lair:2   | 55738 ||| Stepping randomly (stuck).
 55739 | Lair:2   | 55739 ||| Stepping randomly (stuck).
 55740 | Lair:2   | 55740 ||| Stepping randomly (stuck).
 55741 | Lair:2   | 55741 ||| Stepping randomly (stuck).
 55742 | Lair:2   | 55742 ||| Stepping randomly (stuck).
 55743 | Lair:2   | 55743 ||| Stepping randomly (stuck).
 55744 | Lair:2   | 55744 ||| Stepping randomly (stuck).
 55744 | Lair:2   | Glimpsed the power of Zot.
 55745 | Lair:2   | 55745 ||| Stepping randomly (stuck).
 55746 | Lair:2   | 55746 ||| Stepping randomly (stuck).
 55747 | Lair:2   | 55747 ||| Stepping randomly (stuck).
 55748 | Lair:2   | 55748 ||| Stepping randomly (stuck).
 55749 | Lair:2   | 55749 ||| Stepping randomly (stuck).
 55750 | Lair:2   | 55750 ||| Stepping randomly (stuck).
 55751 | Lair:2   | 55751 ||| Stepping randomly (stuck).
 55752 | Lair:2   | 55752 ||| Stepping randomly (stuck).
 55753 | Lair:2   | 55753 ||| Stepping randomly (stuck).
 55754 | Lair:2   | 55754 ||| Stepping randomly (stuck).
 55755 | Lair:2   | 55755 ||| Stepping randomly (stuck).
 55756 | Lair:2   | 55756 ||| Stepping randomly (stuck).
 55757 | Lair:2   | 55757 ||| Stepping randomly (stuck).
 55758 | Lair:2   | 55758 ||| Stepping randomly (stuck).
 55759 | Lair:2   | 55759 ||| Stepping randomly (stuck).
 55760 | Lair:2   | 55760 ||| Stepping randomly (stuck).
 55761 | Lair:2   | 55761 ||| Stepping randomly (stuck).
 55762 | Lair:2   | 55762 ||| Stepping randomly (stuck).
 55763 | Lair:2   | 55763 ||| Stepping randomly (stuck).
 55764 | Lair:2   | 55764 ||| Stepping randomly (stuck).
 55765 | Lair:2   | 55765 ||| Stepping randomly (stuck).
 55766 | Lair:2   | 55766 ||| Stepping randomly (stuck).
 55767 | Lair:2   | 55767 ||| Stepping randomly (stuck).
 55768 | Lair:2   | 55768 ||| Stepping randomly (stuck).
 55769 | Lair:2   | 55769 ||| Stepping randomly (stuck).
 55770 | Lair:2   | 55770 ||| Stepping randomly (stuck).
 55771 | Lair:2   | 55771 ||| Stepping randomly (stuck).
 55772 | Lair:2   | 55772 ||| Stepping randomly (stuck).
 55773 | Lair:2   | 55773 ||| Stepping randomly (stuck).
 55774 | Lair:2   | 55774 ||| Stepping randomly (stuck).
 55775 | Lair:2   | 55775 ||| Stepping randomly (stuck).
 55776 | Lair:2   | 55776 ||| Stepping randomly (stuck).
 55777 | Lair:2   | 55777 ||| Stepping randomly (stuck).
 55778 | Lair:2   | 55778 ||| Stepping randomly (stuck).
 55779 | Lair:2   | 55779 ||| Stepping randomly (stuck).
 55780 | Lair:2   | 55780 ||| Stepping randomly (stuck).
 55781 | Lair:2   | 55781 ||| Stepping randomly (stuck).
 55782 | Lair:2   | 55782 ||| Stepping randomly (stuck).
 55783 | Lair:2   | 55783 ||| Stepping randomly (stuck).
 55784 | Lair:2   | 55784 ||| Stepping randomly (stuck).
 55785 | Lair:2   | 55785 ||| Stepping randomly (stuck).
 55786 | Lair:2   | 55786 ||| Stepping randomly (stuck).
 55787 | Lair:2   | 55787 ||| Stepping randomly (stuck).
 55788 | Lair:2   | 55788 ||| Stepping randomly (stuck).
 55789 | Lair:2   | 55789 ||| Stepping randomly (stuck).
 55790 | Lair:2   | 55790 ||| Stepping randomly (stuck).
 55791 | Lair:2   | 55791 ||| Stepping randomly (stuck).
 55792 | Lair:2   | 55792 ||| Stepping randomly (stuck).
 55793 | Lair:2   | 55793 ||| Stepping randomly (stuck).
 55794 | Lair:2   | 55794 ||| Stepping randomly (stuck).
 55795 | Lair:2   | 55795 ||| Stepping randomly (stuck).
 55796 | Lair:2   | 55796 ||| Stepping randomly (stuck).
 55797 | Lair:2   | 55797 ||| Stepping randomly (stuck).
 55798 | Lair:2   | 55798 ||| Stepping randomly (stuck).
 55799 | Lair:2   | 55799 ||| Stepping randomly (stuck).
 55800 | Lair:2   | 55800 ||| Stepping randomly (stuck).
 55801 | Lair:2   | 55801 ||| Stepping randomly (stuck).
 55802 | Lair:2   | 55802 ||| Stepping randomly (stuck).
 55803 | Lair:2   | 55803 ||| Stepping randomly (stuck).
 55804 | Lair:2   | 55804 ||| Stepping randomly (stuck).
 55805 | Lair:2   | 55805 ||| Stepping randomly (stuck).
 55806 | Lair:2   | 55806 ||| Stepping randomly (stuck).
 55807 | Lair:2   | 55807 ||| Stepping randomly (stuck).
 55808 | Lair:2   | 55808 ||| Stepping randomly (stuck).
 55809 | Lair:2   | 55809 ||| Stepping randomly (stuck).
 55810 | Lair:2   | 55810 ||| Stepping randomly (stuck).
 55811 | Lair:2   | 55811 ||| Stepping randomly (stuck).
 55812 | Lair:2   | 55812 ||| Stepping randomly (stuck).
 55813 | Lair:2   | 55813 ||| Stepping randomly (stuck).
 55814 | Lair:2   | 55814 ||| Stepping randomly (stuck).
 55815 | Lair:2   | 55815 ||| Stepping randomly (stuck).
 55816 | Lair:2   | 55816 ||| Stepping randomly (stuck).
 55817 | Lair:2   | 55817 ||| Stepping randomly (stuck).
 55818 | Lair:2   | 55818 ||| Stepping randomly (stuck).
 55819 | Lair:2   | 55819 ||| Stepping randomly (stuck).
 55820 | Lair:2   | 55820 ||| Stepping randomly (stuck).
 55821 | Lair:2   | 55821 ||| Stepping randomly (stuck).
 55822 | Lair:2   | 55822 ||| Stepping randomly (stuck).
 55823 | Lair:2   | 55823 ||| Stepping randomly (stuck).
 55824 | Lair:2   | 55824 ||| Stepping randomly (stuck).
 55825 | Lair:2   | 55825 ||| Stepping randomly (stuck).
 55826 | Lair:2   | 55826 ||| Stepping randomly (stuck).
 55827 | Lair:2   | 55827 ||| Stepping randomly (stuck).
 55828 | Lair:2   | 55828 ||| Stepping randomly (stuck).
 55829 | Lair:2   | 55829 ||| Stepping randomly (stuck).
 55830 | Lair:2   | 55830 ||| Stepping randomly (stuck).
 55831 | Lair:2   | 55831 ||| Stepping randomly (stuck).
 55832 | Lair:2   | 55832 ||| Stepping randomly (stuck).
 55833 | Lair:2   | 55833 ||| Stepping randomly (stuck).
 55834 | Lair:2   | 55834 ||| Stepping randomly (stuck).
 55835 | Lair:2   | 55835 ||| Stepping randomly (stuck).
 55836 | Lair:2   | 55836 ||| Stepping randomly (stuck).
 55837 | Lair:2   | 55837 ||| Stepping randomly (stuck).
 55838 | Lair:2   | 55838 ||| Stepping randomly (stuck).
 55839 | Lair:2   | 55839 ||| Stepping randomly (stuck).
 55840 | Lair:2   | 55840 ||| Stepping randomly (stuck).
 55841 | Lair:2   | 55841 ||| Stepping randomly (stuck).
 55842 | Lair:2   | 55842 ||| Stepping randomly (stuck).
 55843 | Lair:2   | 55843 ||| Stepping randomly (stuck).
 55844 | Lair:2   | 55844 ||| Stepping randomly (stuck).
 55844 | Lair:2   | Touched by the power of Zot (MHP 36 -> 27)
 55845 | Lair:2   | 55845 ||| PLANNING SNAKE:1-3
 55845 | Lair:2   | Glimpsed the power of Zot.
 55854 | Lair:1   | 55854 ||| PLANNING LAIR
 55854 | Lair:1   | 55854 ||| Stepping randomly (stuck).
 55855 | Lair:1   | 55855 ||| Stepping randomly (stuck).
 55856 | Lair:1   | 55856 ||| Stepping randomly (stuck).
 55857 | Lair:1   | 55857 ||| Stepping randomly (stuck).
 55858 | Lair:1   | 55858 ||| Stepping randomly (stuck).
 55859 | Lair:1   | 55859 ||| Stepping randomly (stuck).
 55860 | Lair:1   | 55860 ||| Stepping randomly (stuck).
 55861 | Lair:1   | 55861 ||| Stepping randomly (stuck).
 55862 | Lair:1   | 55862 ||| Stepping randomly (stuck).
 55863 | Lair:1   | 55863 ||| Stepping randomly (stuck).
 55864 | Lair:1   | 55864 ||| Stepping randomly (stuck).
 55865 | Lair:1   | 55865 ||| Stepping randomly (stuck).
 55866 | Lair:1   | 55866 ||| Stepping randomly (stuck).
 55867 | Lair:1   | 55867 ||| Stepping randomly (stuck).
 55868 | Lair:1   | 55868 ||| Stepping randomly (stuck).
 55869 | Lair:1   | 55869 ||| Stepping randomly (stuck).
 55870 | Lair:1   | 55870 ||| Stepping randomly (stuck).
 55871 | Lair:1   | 55871 ||| Stepping randomly (stuck).
 55872 | Lair:1   | 55872 ||| Stepping randomly (stuck).
 55873 | Lair:1   | 55873 ||| Stepping randomly (stuck).
 55874 | Lair:1   | 55874 ||| Stepping randomly (stuck).
 55875 | Lair:1   | 55875 ||| Stepping randomly (stuck).
 55876 | Lair:1   | 55876 ||| Stepping randomly (stuck).
 55877 | Lair:1   | 55877 ||| Stepping randomly (stuck).
 55878 | Lair:1   | 55878 ||| Stepping randomly (stuck).
 55879 | Lair:1   | 55879 ||| Stepping randomly (stuck).
 55880 | Lair:1   | 55880 ||| Stepping randomly (stuck).
 55881 | Lair:1   | 55881 ||| Stepping randomly (stuck).
 55882 | Lair:1   | 55882 ||| Stepping randomly (stuck).
 55883 | Lair:1   | 55883 ||| Stepping randomly (stuck).
 55884 | Lair:1   | 55884 ||| Stepping randomly (stuck).
 55885 | Lair:1   | 55885 ||| Stepping randomly (stuck).
 55886 | Lair:1   | 55886 ||| Stepping randomly (stuck).
 55887 | Lair:1   | 55887 ||| Stepping randomly (stuck).
 55888 | Lair:1   | 55888 ||| Stepping randomly (stuck).
 55889 | Lair:1   | 55889 ||| Stepping randomly (stuck).
 55890 | Lair:1   | 55890 ||| Stepping randomly (stuck).
 55891 | Lair:1   | 55891 ||| Stepping randomly (stuck).
 55892 | Lair:1   | 55892 ||| Stepping randomly (stuck).
 55893 | Lair:1   | 55893 ||| Stepping randomly (stuck).
 55894 | Lair:1   | 55894 ||| Stepping randomly (stuck).
 55895 | Lair:1   | 55895 ||| Stepping randomly (stuck).
 55896 | Lair:1   | 55896 ||| Stepping randomly (stuck).
 55897 | Lair:1   | 55897 ||| Stepping randomly (stuck).
 55898 | Lair:1   | 55898 ||| Stepping randomly (stuck).
 55899 | Lair:1   | 55899 ||| Stepping randomly (stuck).
 55900 | Lair:1   | 55900 ||| Stepping randomly (stuck).
 55901 | Lair:1   | 55901 ||| Stepping randomly (stuck).
 55902 | Lair:1   | 55902 ||| Stepping randomly (stuck).
 55903 | Lair:1   | 55903 ||| Stepping randomly (stuck).
 55904 | Lair:1   | 55904 ||| Stepping randomly (stuck).
 55905 | Lair:1   | 55905 ||| Stepping randomly (stuck).
 55906 | Lair:1   | 55906 ||| Stepping randomly (stuck).
 55907 | Lair:1   | 55907 ||| Stepping randomly (stuck).
 55908 | Lair:1   | 55908 ||| Stepping randomly (stuck).
 55909 | Lair:1   | 55909 ||| Stepping randomly (stuck).
 55910 | Lair:1   | 55910 ||| Stepping randomly (stuck).
 55911 | Lair:1   | 55911 ||| Stepping randomly (stuck).
 55912 | Lair:1   | 55912 ||| Stepping randomly (stuck).
 55913 | Lair:1   | 55913 ||| Stepping randomly (stuck).
 55914 | Lair:1   | 55914 ||| Stepping randomly (stuck).
 55915 | Lair:1   | 55915 ||| Stepping randomly (stuck).
 55916 | Lair:1   | 55916 ||| Stepping randomly (stuck).
 55917 | Lair:1   | 55917 ||| Stepping randomly (stuck).
 55918 | Lair:1   | 55918 ||| Stepping randomly (stuck).
 55919 | Lair:1   | 55919 ||| Stepping randomly (stuck).
 55920 | Lair:1   | 55920 ||| Stepping randomly (stuck).
 55921 | Lair:1   | 55921 ||| Stepping randomly (stuck).
 55922 | Lair:1   | 55922 ||| Stepping randomly (stuck).
 55923 | Lair:1   | 55923 ||| Stepping randomly (stuck).
 55924 | Lair:1   | 55924 ||| Stepping randomly (stuck).
 55925 | Lair:1   | 55925 ||| Stepping randomly (stuck).
 55926 | Lair:1   | 55926 ||| Stepping randomly (stuck).
 55927 | Lair:1   | 55927 ||| Stepping randomly (stuck).
 55928 | Lair:1   | 55928 ||| Stepping randomly (stuck).
 55929 | Lair:1   | 55929 ||| Stepping randomly (stuck).
 55930 | Lair:1   | 55930 ||| Stepping randomly (stuck).
 55931 | Lair:1   | 55931 ||| Stepping randomly (stuck).
 55932 | Lair:1   | 55932 ||| Stepping randomly (stuck).
 55933 | Lair:1   | 55933 ||| Stepping randomly (stuck).
 55934 | Lair:1   | 55934 ||| Stepping randomly (stuck).
 55935 | Lair:1   | 55935 ||| Stepping randomly (stuck).
 55936 | Lair:1   | 55936 ||| Stepping randomly (stuck).
 55937 | Lair:1   | 55937 ||| Stepping randomly (stuck).
 55938 | Lair:1   | 55938 ||| Stepping randomly (stuck).
 55939 | Lair:1   | 55939 ||| Stepping randomly (stuck).
 55940 | Lair:1   | 55940 ||| Stepping randomly (stuck).
 55941 | Lair:1   | 55941 ||| Stepping randomly (stuck).
 55942 | Lair:1   | 55942 ||| Stepping randomly (stuck).
 55943 | Lair:1   | 55943 ||| Stepping randomly (stuck).
 55944 | Lair:1   | 55944 ||| Stepping randomly (stuck).
 55945 | Lair:1   | 55945 ||| Stepping randomly (stuck).
 55946 | Lair:1   | 55946 ||| Stepping randomly (stuck).
 55947 | Lair:1   | 55947 ||| Stepping randomly (stuck).
 55948 | Lair:1   | 55948 ||| Stepping randomly (stuck).
 55949 | Lair:1   | 55949 ||| Stepping randomly (stuck).
 55950 | Lair:1   | 55950 ||| Stepping randomly (stuck).
 55951 | Lair:1   | 55951 ||| Stepping randomly (stuck).
 55952 | Lair:1   | 55952 ||| Stepping randomly (stuck).
 55953 | Lair:1   | 55953 ||| Stepping randomly (stuck).
 55954 | Lair:1   | 55954 ||| Stepping randomly (stuck).
 55955 | Lair:1   | 55955 ||| Stepping randomly (stuck).
 55956 | Lair:1   | 55956 ||| Stepping randomly (stuck).
 55957 | Lair:1   | 55957 ||| Stepping randomly (stuck).
 55958 | Lair:1   | 55958 ||| Stepping randomly (stuck).
 55959 | Lair:1   | 55959 ||| Stepping randomly (stuck).
 55960 | Lair:1   | 55960 ||| Stepping randomly (stuck).
 55961 | Lair:1   | 55961 ||| Stepping randomly (stuck).
 55962 | Lair:1   | 55962 ||| Stepping randomly (stuck).
 55963 | Lair:1   | 55963 ||| Stepping randomly (stuck).
 55964 | Lair:1   | 55964 ||| Stepping randomly (stuck).
 55965 | Lair:1   | 55965 ||| Stepping randomly (stuck).
 55966 | Lair:1   | 55966 ||| Stepping randomly (stuck).
 55967 | Lair:1   | 55967 ||| Stepping randomly (stuck).
 55968 | Lair:1   | 55968 ||| Stepping randomly (stuck).
 55969 | Lair:1   | 55969 ||| Stepping randomly (stuck).
 55970 | Lair:1   | 55970 ||| Stepping randomly (stuck).
 55971 | Lair:1   | 55971 ||| Stepping randomly (stuck).
 55972 | Lair:1   | 55972 ||| Stepping randomly (stuck).
 55973 | Lair:1   | 55973 ||| Stepping randomly (stuck).
 55974 | Lair:1   | 55974 ||| Stepping randomly (stuck).
 55975 | Lair:1   | 55975 ||| Stepping randomly (stuck).
 55976 | Lair:1   | 55976 ||| Stepping randomly (stuck).
 55977 | Lair:1   | 55977 ||| Stepping randomly (stuck).
 55978 | Lair:1   | 55978 ||| Stepping randomly (stuck).
 55979 | Lair:1   | 55979 ||| Stepping randomly (stuck).
 55980 | Lair:1   | 55980 ||| Stepping randomly (stuck).
 55981 | Lair:1   | 55981 ||| Stepping randomly (stuck).
 55982 | Lair:1   | 55982 ||| Stepping randomly (stuck).
 55983 | Lair:1   | 55983 ||| Stepping randomly (stuck).
 55984 | Lair:1   | 55984 ||| Stepping randomly (stuck).
 55985 | Lair:1   | 55985 ||| Stepping randomly (stuck).
 55986 | Lair:1   | 55986 ||| Stepping randomly (stuck).
 55987 | Lair:1   | 55987 ||| Stepping randomly (stuck).
 55988 | Lair:1   | 55988 ||| Stepping randomly (stuck).
 55989 | Lair:1   | 55989 ||| Stepping randomly (stuck).
 55990 | Lair:1   | 55990 ||| Stepping randomly (stuck).
 55991 | Lair:1   | 55991 ||| Stepping randomly (stuck).
 55992 | Lair:1   | 55992 ||| Stepping randomly (stuck).
 55993 | Lair:1   | 55993 ||| Stepping randomly (stuck).
 55994 | Lair:1   | 55994 ||| Stepping randomly (stuck).
 55995 | Lair:1   | 55995 ||| Stepping randomly (stuck).
 55996 | Lair:1   | 55996 ||| Stepping randomly (stuck).
 55997 | Lair:1   | 55997 ||| Stepping randomly (stuck).
 55998 | Lair:1   | 55998 ||| Stepping randomly (stuck).
 55999 | Lair:1   | 55999 ||| Stepping randomly (stuck).
 56000 | Lair:1   | 56000 ||| Stepping randomly (stuck).
 56001 | Lair:1   | 56001 ||| Stepping randomly (stuck).
 56002 | Lair:1   | 56002 ||| Stepping randomly (stuck).
 56003 | Lair:1   | 56003 ||| Stepping randomly (stuck).
 56004 | Lair:1   | 56004 ||| Stepping randomly (stuck).
 56005 | Lair:1   | 56005 ||| Stepping randomly (stuck).
 56006 | Lair:1   | 56006 ||| Stepping randomly (stuck).
 56007 | Lair:1   | 56007 ||| Stepping randomly (stuck).
 56008 | Lair:1   | 56008 ||| Stepping randomly (stuck).
 56009 | Lair:1   | 56009 ||| Stepping randomly (stuck).
 56010 | Lair:1   | 56010 ||| Stepping randomly (stuck).
 56011 | Lair:1   | 56011 ||| Stepping randomly (stuck).
 56012 | Lair:1   | 56012 ||| Stepping randomly (stuck).
 56013 | Lair:1   | 56013 ||| Stepping randomly (stuck).
 56014 | Lair:1   | 56014 ||| Stepping randomly (stuck).
 56015 | Lair:1   | 56015 ||| Stepping randomly (stuck).
 56016 | Lair:1   | 56016 ||| Stepping randomly (stuck).
 56017 | Lair:1   | 56017 ||| Stepping randomly (stuck).
 56018 | Lair:1   | 56018 ||| Stepping randomly (stuck).
 56019 | Lair:1   | 56019 ||| Stepping randomly (stuck).
 56020 | Lair:1   | 56020 ||| Stepping randomly (stuck).
 56021 | Lair:1   | 56021 ||| Stepping randomly (stuck).
 56022 | Lair:1   | 56022 ||| Stepping randomly (stuck).
 56023 | Lair:1   | 56023 ||| Stepping randomly (stuck).
 56024 | Lair:1   | 56024 ||| Stepping randomly (stuck).
 56025 | Lair:1   | 56025 ||| Stepping randomly (stuck).
 56026 | Lair:1   | 56026 ||| Stepping randomly (stuck).
 56027 | Lair:1   | 56027 ||| Stepping randomly (stuck).
 56028 | Lair:1   | 56028 ||| Stepping randomly (stuck).
 56029 | Lair:1   | 56029 ||| Stepping randomly (stuck).
 56030 | Lair:1   | 56030 ||| Stepping randomly (stuck).
 56031 | Lair:1   | 56031 ||| Stepping randomly (stuck).
 56032 | Lair:1   | 56032 ||| Stepping randomly (stuck).
 56033 | Lair:1   | 56033 ||| Stepping randomly (stuck).
 56034 | Lair:1   | 56034 ||| Stepping randomly (stuck).
 56035 | Lair:1   | 56035 ||| Stepping randomly (stuck).
 56036 | Lair:1   | 56036 ||| Stepping randomly (stuck).
 56037 | Lair:1   | 56037 ||| Stepping randomly (stuck).
 56038 | Lair:1   | 56038 ||| Stepping randomly (stuck).
 56039 | Lair:1   | 56039 ||| Stepping randomly (stuck).
 56040 | Lair:1   | 56040 ||| Stepping randomly (stuck).
 56041 | Lair:1   | 56041 ||| Stepping randomly (stuck).
 56042 | Lair:1   | 56042 ||| Stepping randomly (stuck).
 56043 | Lair:1   | 56043 ||| Stepping randomly (stuck).
 56044 | Lair:1   | 56044 ||| Stepping randomly (stuck).
 56045 | Lair:1   | 56045 ||| Stepping randomly (stuck).
 56046 | Lair:1   | 56046 ||| Stepping randomly (stuck).
 56047 | Lair:1   | 56047 ||| Stepping randomly (stuck).
 56048 | Lair:1   | 56048 ||| Stepping randomly (stuck).
 56049 | Lair:1   | 56049 ||| Stepping randomly (stuck).
 56050 | Lair:1   | 56050 ||| Stepping randomly (stuck).
 56051 | Lair:1   | 56051 ||| Stepping randomly (stuck).
 56052 | Lair:1   | 56052 ||| Stepping randomly (stuck).
 56053 | Lair:1   | 56053 ||| Stepping randomly (stuck).
 56054 | Lair:1   | 56054 ||| Stepping randomly (stuck).
 56055 | Lair:1   | 56055 ||| Stepping randomly (stuck).
 56056 | Lair:1   | 56056 ||| Stepping randomly (stuck).
 56057 | Lair:1   | 56057 ||| Stepping randomly (stuck).
 56058 | Lair:1   | 56058 ||| Stepping randomly (stuck).
 56059 | Lair:1   | 56059 ||| Stepping randomly (stuck).
 56060 | Lair:1   | 56060 ||| Stepping randomly (stuck).
 56061 | Lair:1   | 56061 ||| Stepping randomly (stuck).
 56062 | Lair:1   | 56062 ||| Stepping randomly (stuck).
 56063 | Lair:1   | 56063 ||| Stepping randomly (stuck).
 56064 | Lair:1   | 56064 ||| Stepping randomly (stuck).
 56065 | Lair:1   | 56065 ||| Stepping randomly (stuck).
 56066 | Lair:1   | 56066 ||| Stepping randomly (stuck).
 56067 | Lair:1   | 56067 ||| Stepping randomly (stuck).
 56068 | Lair:1   | 56068 ||| Stepping randomly (stuck).
 56069 | Lair:1   | 56069 ||| Stepping randomly (stuck).
 56070 | Lair:1   | 56070 ||| Stepping randomly (stuck).
 56071 | Lair:1   | 56071 ||| Stepping randomly (stuck).
 56072 | Lair:1   | 56072 ||| Stepping randomly (stuck).
 56073 | Lair:1   | 56073 ||| Stepping randomly (stuck).
 56074 | Lair:1   | 56074 ||| Stepping randomly (stuck).
 56075 | Lair:1   | 56075 ||| Stepping randomly (stuck).
 56076 | Lair:1   | 56076 ||| Stepping randomly (stuck).
 56077 | Lair:1   | 56077 ||| Stepping randomly (stuck).
 56078 | Lair:1   | 56078 ||| Stepping randomly (stuck).
 56079 | Lair:1   | 56079 ||| Stepping randomly (stuck).
 56080 | Lair:1   | 56080 ||| Stepping randomly (stuck).
 56081 | Lair:1   | 56081 ||| Stepping randomly (stuck).
 56082 | Lair:1   | 56082 ||| Stepping randomly (stuck).
 56083 | Lair:1   | 56083 ||| Stepping randomly (stuck).
 56084 | Lair:1   | 56084 ||| Stepping randomly (stuck).
 56085 | Lair:1   | 56085 ||| Stepping randomly (stuck).
 56086 | Lair:1   | 56086 ||| Stepping randomly (stuck).
 56087 | Lair:1   | 56087 ||| Stepping randomly (stuck).
 56088 | Lair:1   | 56088 ||| Stepping randomly (stuck).
 56089 | Lair:1   | 56089 ||| Stepping randomly (stuck).
 56090 | Lair:1   | 56090 ||| Stepping randomly (stuck).
 56091 | Lair:1   | 56091 ||| Stepping randomly (stuck).
 56092 | Lair:1   | 56092 ||| Stepping randomly (stuck).
 56093 | Lair:1   | 56093 ||| Stepping randomly (stuck).
 56094 | Lair:1   | 56094 ||| Stepping randomly (stuck).
 56095 | Lair:1   | 56095 ||| Stepping randomly (stuck).
 56096 | Lair:1   | 56096 ||| Stepping randomly (stuck).
 56097 | Lair:1   | 56097 ||| Stepping randomly (stuck).
 56098 | Lair:1   | 56098 ||| Stepping randomly (stuck).
 56099 | Lair:1   | 56099 ||| Stepping randomly (stuck).
 56100 | Lair:1   | 56100 ||| Stepping randomly (stuck).
 56101 | Lair:1   | 56101 ||| Stepping randomly (stuck).
 56102 | Lair:1   | 56102 ||| Stepping randomly (stuck).
 56103 | Lair:1   | 56103 ||| Stepping randomly (stuck).
 56104 | Lair:1   | 56104 ||| Stepping randomly (stuck).
 56105 | Lair:1   | 56105 ||| Stepping randomly (stuck).
 56106 | Lair:1   | 56106 ||| Stepping randomly (stuck).
 56107 | Lair:1   | 56107 ||| Stepping randomly (stuck).
 56108 | Lair:1   | 56108 ||| Stepping randomly (stuck).
 56109 | Lair:1   | 56109 ||| Stepping randomly (stuck).
 56110 | Lair:1   | 56110 ||| Stepping randomly (stuck).
 56111 | Lair:1   | 56111 ||| Stepping randomly (stuck).
 56112 | Lair:1   | 56112 ||| Stepping randomly (stuck).
 56113 | Lair:1   | 56113 ||| Stepping randomly (stuck).
 56114 | Lair:1   | 56114 ||| Stepping randomly (stuck).
 56115 | Lair:1   | 56115 ||| Stepping randomly (stuck).
 56116 | Lair:1   | 56116 ||| Stepping randomly (stuck).
 56117 | Lair:1   | 56117 ||| Stepping randomly (stuck).
 56118 | Lair:1   | 56118 ||| Stepping randomly (stuck).
 56119 | Lair:1   | 56119 ||| Stepping randomly (stuck).
 56120 | Lair:1   | 56120 ||| Stepping randomly (stuck).
 56121 | Lair:1   | 56121 ||| Stepping randomly (stuck).
 56122 | Lair:1   | 56122 ||| Stepping randomly (stuck).
 56123 | Lair:1   | 56123 ||| Stepping randomly (stuck).
 56124 | Lair:1   | 56124 ||| Stepping randomly (stuck).
 56125 | Lair:1   | 56125 ||| Stepping randomly (stuck).
 56126 | Lair:1   | 56126 ||| Stepping randomly (stuck).
 56127 | Lair:1   | 56127 ||| Stepping randomly (stuck).
 56128 | Lair:1   | 56128 ||| Stepping randomly (stuck).
 56129 | Lair:1   | 56129 ||| Stepping randomly (stuck).
 56130 | Lair:1   | 56130 ||| Stepping randomly (stuck).
 56131 | Lair:1   | 56131 ||| Stepping randomly (stuck).
 56132 | Lair:1   | 56132 ||| Stepping randomly (stuck).
 56133 | Lair:1   | 56133 ||| Stepping randomly (stuck).
 56134 | Lair:1   | 56134 ||| Stepping randomly (stuck).
 56135 | Lair:1   | 56135 ||| Stepping randomly (stuck).
 56136 | Lair:1   | 56136 ||| Stepping randomly (stuck).
 56137 | Lair:1   | 56137 ||| Stepping randomly (stuck).
 56138 | Lair:1   | 56138 ||| Stepping randomly (stuck).
 56139 | Lair:1   | 56139 ||| Stepping randomly (stuck).
 56140 | Lair:1   | 56140 ||| Stepping randomly (stuck).
 56141 | Lair:1   | 56141 ||| Stepping randomly (stuck).
 56142 | Lair:1   | 56142 ||| Stepping randomly (stuck).
 56143 | Lair:1   | 56143 ||| Stepping randomly (stuck).
 56144 | Lair:1   | 56144 ||| Stepping randomly (stuck).
 56145 | Lair:1   | 56145 ||| Stepping randomly (stuck).
 56146 | Lair:1   | 56146 ||| Stepping randomly (stuck).
 56147 | Lair:1   | 56147 ||| Stepping randomly (stuck).
 56148 | Lair:1   | 56148 ||| Stepping randomly (stuck).
 56149 | Lair:1   | 56149 ||| Stepping randomly (stuck).
 56150 | Lair:1   | 56150 ||| Stepping randomly (stuck).
 56151 | Lair:1   | 56151 ||| Stepping randomly (stuck).
 56152 | Lair:1   | 56152 ||| Stepping randomly (stuck).
 56153 | Lair:1   | 56153 ||| Stepping randomly (stuck).
 56154 | Lair:1   | 56154 ||| Stepping randomly (stuck).
 56155 | Lair:1   | 56155 ||| Stepping randomly (stuck).
 56156 | Lair:1   | 56156 ||| Stepping randomly (stuck).
 56157 | Lair:1   | 56157 ||| Stepping randomly (stuck).
 56158 | Lair:1   | 56158 ||| Stepping randomly (stuck).
 56159 | Lair:1   | 56159 ||| Stepping randomly (stuck).
 56160 | Lair:1   | 56160 ||| Stepping randomly (stuck).
 56161 | Lair:1   | 56161 ||| Stepping randomly (stuck).
 56162 | Lair:1   | 56162 ||| Stepping randomly (stuck).
 56163 | Lair:1   | 56163 ||| Stepping randomly (stuck).
 56164 | Lair:1   | 56164 ||| Stepping randomly (stuck).
 56165 | Lair:1   | 56165 ||| Stepping randomly (stuck).
 56166 | Lair:1   | 56166 ||| Stepping randomly (stuck).
 56167 | Lair:1   | 56167 ||| Stepping randomly (stuck).
 56168 | Lair:1   | 56168 ||| Stepping randomly (stuck).
 56169 | Lair:1   | 56169 ||| Stepping randomly (stuck).
 56170 | Lair:1   | 56170 ||| Stepping randomly (stuck).
 56171 | Lair:1   | 56171 ||| Stepping randomly (stuck).
 56172 | Lair:1   | 56172 ||| Stepping randomly (stuck).
 56173 | Lair:1   | 56173 ||| Stepping randomly (stuck).
 56174 | Lair:1   | 56174 ||| Stepping randomly (stuck).
 56175 | Lair:1   | 56175 ||| Stepping randomly (stuck).
 56176 | Lair:1   | 56176 ||| Stepping randomly (stuck).
 56177 | Lair:1   | 56177 ||| Stepping randomly (stuck).
 56178 | Lair:1   | 56178 ||| Stepping randomly (stuck).
 56179 | Lair:1   | 56179 ||| Stepping randomly (stuck).
 56180 | Lair:1   | 56180 ||| Stepping randomly (stuck).
 56181 | Lair:1   | 56181 ||| Stepping randomly (stuck).
 56182 | Lair:1   | 56182 ||| Stepping randomly (stuck).
 56183 | Lair:1   | 56183 ||| Stepping randomly (stuck).
 56184 | Lair:1   | 56184 ||| Stepping randomly (stuck).
 56185 | Lair:1   | 56185 ||| Stepping randomly (stuck).
 56186 | Lair:1   | 56186 ||| Stepping randomly (stuck).
 56187 | Lair:1   | 56187 ||| Stepping randomly (stuck).
 56188 | Lair:1   | 56188 ||| Stepping randomly (stuck).
 56189 | Lair:1   | 56189 ||| Stepping randomly (stuck).
 56190 | Lair:1   | 56190 ||| Stepping randomly (stuck).
 56191 | Lair:1   | 56191 ||| Stepping randomly (stuck).
 56192 | Lair:1   | 56192 ||| Stepping randomly (stuck).
 56193 | Lair:1   | 56193 ||| Stepping randomly (stuck).
 56194 | Lair:1   | 56194 ||| Stepping randomly (stuck).
 56195 | Lair:1   | 56195 ||| Stepping randomly (stuck).
 56196 | Lair:1   | 56196 ||| Stepping randomly (stuck).
 56197 | Lair:1   | 56197 ||| Stepping randomly (stuck).
 56198 | Lair:1   | 56198 ||| Stepping randomly (stuck).
 56199 | Lair:1   | 56199 ||| Stepping randomly (stuck).
 56200 | Lair:1   | 56200 ||| Stepping randomly (stuck).
 56201 | Lair:1   | 56201 ||| Stepping randomly (stuck).
 56202 | Lair:1   | 56202 ||| Stepping randomly (stuck).
 56203 | Lair:1   | 56203 ||| Stepping randomly (stuck).
 56204 | Lair:1   | 56204 ||| Stepping randomly (stuck).
 56205 | Lair:1   | 56205 ||| Stepping randomly (stuck).
 56206 | Lair:1   | 56206 ||| Stepping randomly (stuck).
 56207 | Lair:1   | 56207 ||| Stepping randomly (stuck).
 56208 | Lair:1   | 56208 ||| Stepping randomly (stuck).
 56209 | Lair:1   | 56209 ||| Stepping randomly (stuck).
 56210 | Lair:1   | 56210 ||| Stepping randomly (stuck).
 56211 | Lair:1   | 56211 ||| Stepping randomly (stuck).
 56212 | Lair:1   | 56212 ||| Stepping randomly (stuck).
 56213 | Lair:1   | 56213 ||| Stepping randomly (stuck).
 56214 | Lair:1   | 56214 ||| Stepping randomly (stuck).
 56215 | Lair:1   | 56215 ||| Stepping randomly (stuck).
 56216 | Lair:1   | 56216 ||| Stepping randomly (stuck).
 56217 | Lair:1   | 56217 ||| Stepping randomly (stuck).
 56218 | Lair:1   | 56218 ||| Stepping randomly (stuck).
 56219 | Lair:1   | 56219 ||| Stepping randomly (stuck).
 56220 | Lair:1   | 56220 ||| Stepping randomly (stuck).
 56221 | Lair:1   | 56221 ||| Stepping randomly (stuck).
 56222 | Lair:1   | 56222 ||| Stepping randomly (stuck).
 56223 | Lair:1   | 56223 ||| Stepping randomly (stuck).
 56224 | Lair:1   | 56224 ||| Stepping randomly (stuck).
 56225 | Lair:1   | 56225 ||| Stepping randomly (stuck).
 56226 | Lair:1   | 56226 ||| Stepping randomly (stuck).
 56227 | Lair:1   | 56227 ||| Stepping randomly (stuck).
 56228 | Lair:1   | 56228 ||| Stepping randomly (stuck).
 56229 | Lair:1   | 56229 ||| Stepping randomly (stuck).
 56230 | Lair:1   | 56230 ||| Stepping randomly (stuck).
 56231 | Lair:1   | 56231 ||| Stepping randomly (stuck).
 56232 | Lair:1   | 56232 ||| Stepping randomly (stuck).
 56233 | Lair:1   | 56233 ||| Stepping randomly (stuck).
 56234 | Lair:1   | 56234 ||| Stepping randomly (stuck).
 56235 | Lair:1   | 56235 ||| Stepping randomly (stuck).
 56236 | Lair:1   | 56236 ||| Stepping randomly (stuck).
 56237 | Lair:1   | 56237 ||| Stepping randomly (stuck).
 56238 | Lair:1   | 56238 ||| Stepping randomly (stuck).
 56239 | Lair:1   | 56239 ||| Stepping randomly (stuck).
 56240 | Lair:1   | 56240 ||| Stepping randomly (stuck).
 56241 | Lair:1   | 56241 ||| Stepping randomly (stuck).
 56242 | Lair:1   | 56242 ||| Stepping randomly (stuck).
 56243 | Lair:1   | 56243 ||| Stepping randomly (stuck).
 56244 | Lair:1   | 56244 ||| Stepping randomly (stuck).
 56245 | Lair:1   | 56245 ||| Stepping randomly (stuck).
 56246 | Lair:1   | 56246 ||| Stepping randomly (stuck).
 56247 | Lair:1   | 56247 ||| Stepping randomly (stuck).
 56248 | Lair:1   | 56248 ||| Stepping randomly (stuck).
 56249 | Lair:1   | 56249 ||| Stepping randomly (stuck).
 56250 | Lair:1   | 56250 ||| Stepping randomly (stuck).
 56251 | Lair:1   | 56251 ||| Stepping randomly (stuck).
 56252 | Lair:1   | 56252 ||| Stepping randomly (stuck).
 56253 | Lair:1   | 56253 ||| Stepping randomly (stuck).
 56254 | Lair:1   | 56254 ||| Stepping randomly (stuck).
 56255 | Lair:1   | 56255 ||| Stepping randomly (stuck).
 56256 | Lair:1   | 56256 ||| Stepping randomly (stuck).
 56257 | Lair:1   | 56257 ||| Stepping randomly (stuck).
 56258 | Lair:1   | 56258 ||| Stepping randomly (stuck).
 56259 | Lair:1   | 56259 ||| Stepping randomly (stuck).
 56260 | Lair:1   | 56260 ||| Stepping randomly (stuck).
 56261 | Lair:1   | 56261 ||| Stepping randomly (stuck).
 56262 | Lair:1   | 56262 ||| Stepping randomly (stuck).
 56263 | Lair:1   | 56263 ||| Stepping randomly (stuck).
 56264 | Lair:1   | 56264 ||| Stepping randomly (stuck).
 56265 | Lair:1   | 56265 ||| Stepping randomly (stuck).
 56266 | Lair:1   | 56266 ||| Stepping randomly (stuck).
 56267 | Lair:1   | 56267 ||| Stepping randomly (stuck).
 56268 | Lair:1   | 56268 ||| Stepping randomly (stuck).
 56269 | Lair:1   | 56269 ||| Stepping randomly (stuck).
 56270 | Lair:1   | 56270 ||| Stepping randomly (stuck).
 56271 | Lair:1   | 56271 ||| Stepping randomly (stuck).
 56272 | Lair:1   | 56272 ||| Stepping randomly (stuck).
 56273 | Lair:1   | 56273 ||| Stepping randomly (stuck).
 56274 | Lair:1   | 56274 ||| Stepping randomly (stuck).
 56275 | Lair:1   | 56275 ||| Stepping randomly (stuck).
 56276 | Lair:1   | 56276 ||| Stepping randomly (stuck).
 56277 | Lair:1   | 56277 ||| Stepping randomly (stuck).
 56278 | Lair:1   | 56278 ||| Stepping randomly (stuck).
 56279 | Lair:1   | 56279 ||| Stepping randomly (stuck).
 56280 | Lair:1   | 56280 ||| Stepping randomly (stuck).
 56281 | Lair:1   | 56281 ||| Stepping randomly (stuck).
 56282 | Lair:1   | 56282 ||| Stepping randomly (stuck).
 56283 | Lair:1   | 56283 ||| Stepping randomly (stuck).
 56284 | Lair:1   | 56284 ||| Stepping randomly (stuck).
 56285 | Lair:1   | 56285 ||| Stepping randomly (stuck).
 56286 | Lair:1   | 56286 ||| Stepping randomly (stuck).
 56287 | Lair:1   | 56287 ||| Stepping randomly (stuck).
 56288 | Lair:1   | 56288 ||| Stepping randomly (stuck).
 56289 | Lair:1   | 56289 ||| Stepping randomly (stuck).
 56290 | Lair:1   | 56290 ||| Stepping randomly (stuck).
 56291 | Lair:1   | 56291 ||| Stepping randomly (stuck).
 56292 | Lair:1   | 56292 ||| Stepping randomly (stuck).
 56293 | Lair:1   | 56293 ||| Stepping randomly (stuck).
 56294 | Lair:1   | 56294 ||| Stepping randomly (stuck).
 56295 | Lair:1   | 56295 ||| Stepping randomly (stuck).
 56296 | Lair:1   | 56296 ||| Stepping randomly (stuck).
 56297 | Lair:1   | 56297 ||| Stepping randomly (stuck).
 56298 | Lair:1   | 56298 ||| Stepping randomly (stuck).
 56299 | Lair:1   | 56299 ||| Stepping randomly (stuck).
 56300 | Lair:1   | 56300 ||| Stepping randomly (stuck).
 56301 | Lair:1   | 56301 ||| Stepping randomly (stuck).
 56302 | Lair:1   | 56302 ||| Stepping randomly (stuck).
 56303 | Lair:1   | 56303 ||| Stepping randomly (stuck).
 56304 | Lair:1   | 56304 ||| Stepping randomly (stuck).
 56305 | Lair:1   | 56305 ||| Stepping randomly (stuck).
 56306 | Lair:1   | 56306 ||| Stepping randomly (stuck).
 56307 | Lair:1   | 56307 ||| Stepping randomly (stuck).
 56308 | Lair:1   | 56308 ||| Stepping randomly (stuck).
 56309 | Lair:1   | 56309 ||| Stepping randomly (stuck).
 56310 | Lair:1   | 56310 ||| Stepping randomly (stuck).
 56311 | Lair:1   | 56311 ||| Stepping randomly (stuck).
 56312 | Lair:1   | 56312 ||| Stepping randomly (stuck).
 56313 | Lair:1   | 56313 ||| Stepping randomly (stuck).
 56314 | Lair:1   | 56314 ||| Stepping randomly (stuck).
 56315 | Lair:1   | 56315 ||| Stepping randomly (stuck).
 56316 | Lair:1   | 56316 ||| Stepping randomly (stuck).
 56317 | Lair:1   | 56317 ||| Stepping randomly (stuck).
 56318 | Lair:1   | 56318 ||| Stepping randomly (stuck).
 56319 | Lair:1   | 56319 ||| Stepping randomly (stuck).
 56320 | Lair:1   | 56320 ||| Stepping randomly (stuck).
 56321 | Lair:1   | 56321 ||| Stepping randomly (stuck).
 56322 | Lair:1   | 56322 ||| Stepping randomly (stuck).
 56323 | Lair:1   | 56323 ||| Stepping randomly (stuck).
 56324 | Lair:1   | 56324 ||| Stepping randomly (stuck).
 56325 | Lair:1   | 56325 ||| Stepping randomly (stuck).
 56326 | Lair:1   | 56326 ||| Stepping randomly (stuck).
 56327 | Lair:1   | 56327 ||| Stepping randomly (stuck).
 56328 | Lair:1   | 56328 ||| Stepping randomly (stuck).
 56329 | Lair:1   | 56329 ||| Stepping randomly (stuck).
 56330 | Lair:1   | 56330 ||| Stepping randomly (stuck).
 56331 | Lair:1   | 56331 ||| Stepping randomly (stuck).
 56332 | Lair:1   | 56332 ||| Stepping randomly (stuck).
 56333 | Lair:1   | 56333 ||| Stepping randomly (stuck).
 56334 | Lair:1   | 56334 ||| Stepping randomly (stuck).
 56335 | Lair:1   | 56335 ||| Stepping randomly (stuck).
 56336 | Lair:1   | 56336 ||| Stepping randomly (stuck).
 56337 | Lair:1   | 56337 ||| Stepping randomly (stuck).
 56338 | Lair:1   | 56338 ||| Stepping randomly (stuck).
 56339 | Lair:1   | 56339 ||| Stepping randomly (stuck).
 56340 | Lair:1   | 56340 ||| Stepping randomly (stuck).
 56341 | Lair:1   | 56341 ||| Stepping randomly (stuck).
 56342 | Lair:1   | 56342 ||| Stepping randomly (stuck).
 56343 | Lair:1   | 56343 ||| Stepping randomly (stuck).
 56344 | Lair:1   | 56344 ||| Stepping randomly (stuck).
 56344 | Lair:1   | Glimpsed the power of Zot.
 56345 | Lair:1   | 56345 ||| Stepping randomly (stuck).
 56346 | Lair:1   | 56346 ||| Stepping randomly (stuck).
 56347 | Lair:1   | 56347 ||| Stepping randomly (stuck).
 56348 | Lair:1   | 56348 ||| Stepping randomly (stuck).
 56349 | Lair:1   | 56349 ||| Stepping randomly (stuck).
 56350 | Lair:1   | 56350 ||| Stepping randomly (stuck).
 56351 | Lair:1   | 56351 ||| Stepping randomly (stuck).
 56352 | Lair:1   | 56352 ||| Stepping randomly (stuck).
 56353 | Lair:1   | 56353 ||| Stepping randomly (stuck).
 56354 | Lair:1   | 56354 ||| Stepping randomly (stuck).
 56355 | Lair:1   | 56355 ||| Stepping randomly (stuck).
 56356 | Lair:1   | 56356 ||| Stepping randomly (stuck).
 56357 | Lair:1   | 56357 ||| Stepping randomly (stuck).
 56358 | Lair:1   | 56358 ||| Stepping randomly (stuck).
 56359 | Lair:1   | 56359 ||| Stepping randomly (stuck).
 56360 | Lair:1   | 56360 ||| Stepping randomly (stuck).
 56361 | Lair:1   | 56361 ||| Stepping randomly (stuck).
 56362 | Lair:1   | 56362 ||| Stepping randomly (stuck).
 56363 | Lair:1   | 56363 ||| Stepping randomly (stuck).
 56364 | Lair:1   | 56364 ||| Stepping randomly (stuck).
 56365 | Lair:1   | 56365 ||| Stepping randomly (stuck).
 56366 | Lair:1   | 56366 ||| Stepping randomly (stuck).
 56367 | Lair:1   | 56367 ||| Stepping randomly (stuck).
 56368 | Lair:1   | 56368 ||| Stepping randomly (stuck).
 56369 | Lair:1   | 56369 ||| Stepping randomly (stuck).
 56370 | Lair:1   | 56370 ||| Stepping randomly (stuck).
 56371 | Lair:1   | 56371 ||| Stepping randomly (stuck).
 56372 | Lair:1   | 56372 ||| Stepping randomly (stuck).
 56373 | Lair:1   | 56373 ||| Stepping randomly (stuck).
 56374 | Lair:1   | 56374 ||| Stepping randomly (stuck).
 56375 | Lair:1   | 56375 ||| Stepping randomly (stuck).
 56376 | Lair:1   | 56376 ||| Stepping randomly (stuck).
 56377 | Lair:1   | 56377 ||| Stepping randomly (stuck).
 56378 | Lair:1   | 56378 ||| Stepping randomly (stuck).
 56379 | Lair:1   | 56379 ||| Stepping randomly (stuck).
 56380 | Lair:1   | 56380 ||| Stepping randomly (stuck).
 56381 | Lair:1   | 56381 ||| Stepping randomly (stuck).
 56382 | Lair:1   | 56382 ||| Stepping randomly (stuck).
 56383 | Lair:1   | 56383 ||| Stepping randomly (stuck).
 56384 | Lair:1   | 56384 ||| Stepping randomly (stuck).
 56385 | Lair:1   | 56385 ||| Stepping randomly (stuck).
 56386 | Lair:1   | 56386 ||| Stepping randomly (stuck).
 56387 | Lair:1   | 56387 ||| Stepping randomly (stuck).
 56388 | Lair:1   | 56388 ||| Stepping randomly (stuck).
 56389 | Lair:1   | 56389 ||| Stepping randomly (stuck).
 56390 | Lair:1   | 56390 ||| Stepping randomly (stuck).
 56391 | Lair:1   | 56391 ||| Stepping randomly (stuck).
 56392 | Lair:1   | 56392 ||| Stepping randomly (stuck).
 56393 | Lair:1   | 56393 ||| Stepping randomly (stuck).
 56394 | Lair:1   | 56394 ||| Stepping randomly (stuck).
 56395 | Lair:1   | 56395 ||| Stepping randomly (stuck).
 56396 | Lair:1   | 56396 ||| Stepping randomly (stuck).
 56397 | Lair:1   | 56397 ||| Stepping randomly (stuck).
 56398 | Lair:1   | 56398 ||| Stepping randomly (stuck).
 56399 | Lair:1   | 56399 ||| Stepping randomly (stuck).
 56400 | Lair:1   | 56400 ||| Stepping randomly (stuck).
 56401 | Lair:1   | 56401 ||| Stepping randomly (stuck).
 56402 | Lair:1   | 56402 ||| Stepping randomly (stuck).
 56403 | Lair:1   | 56403 ||| Stepping randomly (stuck).
 56404 | Lair:1   | 56404 ||| Stepping randomly (stuck).
 56405 | Lair:1   | 56405 ||| Stepping randomly (stuck).
 56406 | Lair:1   | 56406 ||| Stepping randomly (stuck).
 56407 | Lair:1   | 56407 ||| Stepping randomly (stuck).
 56408 | Lair:1   | 56408 ||| Stepping randomly (stuck).
 56409 | Lair:1   | 56409 ||| Stepping randomly (stuck).
 56410 | Lair:1   | 56410 ||| Stepping randomly (stuck).
 56411 | Lair:1   | 56411 ||| Stepping randomly (stuck).
 56412 | Lair:1   | 56412 ||| Stepping randomly (stuck).
 56413 | Lair:1   | 56413 ||| Stepping randomly (stuck).
 56414 | Lair:1   | 56414 ||| Stepping randomly (stuck).
 56415 | Lair:1   | 56415 ||| Stepping randomly (stuck).
 56416 | Lair:1   | 56416 ||| Stepping randomly (stuck).
 56417 | Lair:1   | 56417 ||| Stepping randomly (stuck).
 56418 | Lair:1   | 56418 ||| Stepping randomly (stuck).
 56419 | Lair:1   | 56419 ||| Stepping randomly (stuck).
 56420 | Lair:1   | 56420 ||| Stepping randomly (stuck).
 56421 | Lair:1   | 56421 ||| Stepping randomly (stuck).
 56422 | Lair:1   | 56422 ||| Stepping randomly (stuck).
 56423 | Lair:1   | 56423 ||| Stepping randomly (stuck).
 56424 | Lair:1   | 56424 ||| Stepping randomly (stuck).
 56425 | Lair:1   | 56425 ||| Stepping randomly (stuck).
 56426 | Lair:1   | 56426 ||| Stepping randomly (stuck).
 56427 | Lair:1   | 56427 ||| Stepping randomly (stuck).
 56428 | Lair:1   | 56428 ||| Stepping randomly (stuck).
 56429 | Lair:1   | 56429 ||| Stepping randomly (stuck).
 56430 | Lair:1   | 56430 ||| Stepping randomly (stuck).
 56431 | Lair:1   | 56431 ||| Stepping randomly (stuck).
 56432 | Lair:1   | 56432 ||| Stepping randomly (stuck).
 56433 | Lair:1   | 56433 ||| Stepping randomly (stuck).
 56434 | Lair:1   | 56434 ||| Stepping randomly (stuck).
 56435 | Lair:1   | 56435 ||| Stepping randomly (stuck).
 56436 | Lair:1   | 56436 ||| Stepping randomly (stuck).
 56437 | Lair:1   | 56437 ||| Stepping randomly (stuck).
 56438 | Lair:1   | 56438 ||| Stepping randomly (stuck).
 56439 | Lair:1   | 56439 ||| Stepping randomly (stuck).
 56440 | Lair:1   | 56440 ||| Stepping randomly (stuck).
 56441 | Lair:1   | 56441 ||| Stepping randomly (stuck).
 56442 | Lair:1   | 56442 ||| Stepping randomly (stuck).
 56443 | Lair:1   | 56443 ||| Stepping randomly (stuck).
 56444 | Lair:1   | 56444 ||| Stepping randomly (stuck).
 56445 | Lair:1   | 56445 ||| Stepping randomly (stuck).
 56446 | Lair:1   | 56446 ||| Stepping randomly (stuck).
 56447 | Lair:1   | 56447 ||| Stepping randomly (stuck).
 56448 | Lair:1   | 56448 ||| Stepping randomly (stuck).
 56449 | Lair:1   | 56449 ||| Stepping randomly (stuck).
 56450 | Lair:1   | 56450 ||| Stepping randomly (stuck).
 56451 | Lair:1   | 56451 ||| Stepping randomly (stuck).
 56452 | Lair:1   | 56452 ||| Stepping randomly (stuck).
 56453 | Lair:1   | 56453 ||| Stepping randomly (stuck).
 56454 | Lair:1   | 56454 ||| Stepping randomly (stuck).
 56455 | Lair:1   | 56455 ||| Stepping randomly (stuck).
 56456 | Lair:1   | 56456 ||| Stepping randomly (stuck).
 56457 | Lair:1   | 56457 ||| Stepping randomly (stuck).
 56458 | Lair:1   | 56458 ||| Stepping randomly (stuck).
 56459 | Lair:1   | 56459 ||| Stepping randomly (stuck).
 56460 | Lair:1   | 56460 ||| Stepping randomly (stuck).
 56461 | Lair:1   | 56461 ||| Stepping randomly (stuck).
 56462 | Lair:1   | 56462 ||| Stepping randomly (stuck).
 56463 | Lair:1   | 56463 ||| Stepping randomly (stuck).
 56464 | Lair:1   | 56464 ||| Stepping randomly (stuck).
 56465 | Lair:1   | 56465 ||| Stepping randomly (stuck).
 56466 | Lair:1   | 56466 ||| Stepping randomly (stuck).
 56467 | Lair:1   | 56467 ||| Stepping randomly (stuck).
 56468 | Lair:1   | 56468 ||| Stepping randomly (stuck).
 56469 | Lair:1   | 56469 ||| Stepping randomly (stuck).
 56470 | Lair:1   | 56470 ||| Stepping randomly (stuck).
 56471 | Lair:1   | 56471 ||| Stepping randomly (stuck).
 56472 | Lair:1   | 56472 ||| Stepping randomly (stuck).
 56473 | Lair:1   | 56473 ||| Stepping randomly (stuck).
 56474 | Lair:1   | 56474 ||| Stepping randomly (stuck).
 56475 | Lair:1   | 56475 ||| Stepping randomly (stuck).
 56476 | Lair:1   | 56476 ||| Stepping randomly (stuck).
 56477 | Lair:1   | 56477 ||| Stepping randomly (stuck).
 56478 | Lair:1   | 56478 ||| Stepping randomly (stuck).
 56479 | Lair:1   | 56479 ||| Stepping randomly (stuck).
 56480 | Lair:1   | 56480 ||| Stepping randomly (stuck).
 56481 | Lair:1   | 56481 ||| Stepping randomly (stuck).
 56482 | Lair:1   | 56482 ||| Stepping randomly (stuck).
 56483 | Lair:1   | 56483 ||| Stepping randomly (stuck).
 56484 | Lair:1   | 56484 ||| Stepping randomly (stuck).
 56485 | Lair:1   | 56485 ||| Stepping randomly (stuck).
 56486 | Lair:1   | 56486 ||| Stepping randomly (stuck).
 56487 | Lair:1   | 56487 ||| Stepping randomly (stuck).
 56488 | Lair:1   | 56488 ||| Stepping randomly (stuck).
 56489 | Lair:1   | 56489 ||| Stepping randomly (stuck).
 56490 | Lair:1   | 56490 ||| Stepping randomly (stuck).
 56491 | Lair:1   | 56491 ||| Stepping randomly (stuck).
 56492 | Lair:1   | 56492 ||| Stepping randomly (stuck).
 56493 | Lair:1   | 56493 ||| Stepping randomly (stuck).
 56494 | Lair:1   | 56494 ||| Stepping randomly (stuck).
 56495 | Lair:1   | 56495 ||| Stepping randomly (stuck).
 56496 | Lair:1   | 56496 ||| Stepping randomly (stuck).
 56497 | Lair:1   | 56497 ||| Stepping randomly (stuck).
 56498 | Lair:1   | 56498 ||| Stepping randomly (stuck).
 56499 | Lair:1   | 56499 ||| Stepping randomly (stuck).
 56500 | Lair:1   | 56500 ||| Stepping randomly (stuck).
 56501 | Lair:1   | 56501 ||| Stepping randomly (stuck).
 56502 | Lair:1   | 56502 ||| Stepping randomly (stuck).
 56503 | Lair:1   | 56503 ||| Stepping randomly (stuck).
 56504 | Lair:1   | 56504 ||| Stepping randomly (stuck).
 56505 | Lair:1   | 56505 ||| Stepping randomly (stuck).
 56506 | Lair:1   | 56506 ||| Stepping randomly (stuck).
 56507 | Lair:1   | 56507 ||| Stepping randomly (stuck).
 56508 | Lair:1   | 56508 ||| Stepping randomly (stuck).
 56509 | Lair:1   | 56509 ||| Stepping randomly (stuck).
 56510 | Lair:1   | 56510 ||| Stepping randomly (stuck).
 56511 | Lair:1   | 56511 ||| Stepping randomly (stuck).
 56512 | Lair:1   | 56512 ||| Stepping randomly (stuck).
 56513 | Lair:1   | 56513 ||| Stepping randomly (stuck).
 56514 | Lair:1   | 56514 ||| Stepping randomly (stuck).
 56515 | Lair:1   | 56515 ||| Stepping randomly (stuck).
 56516 | Lair:1   | 56516 ||| Stepping randomly (stuck).
 56517 | Lair:1   | 56517 ||| Stepping randomly (stuck).
 56518 | Lair:1   | 56518 ||| Stepping randomly (stuck).
 56519 | Lair:1   | 56519 ||| Stepping randomly (stuck).
 56520 | Lair:1   | 56520 ||| Stepping randomly (stuck).
 56521 | Lair:1   | 56521 ||| Stepping randomly (stuck).
 56522 | Lair:1   | 56522 ||| Stepping randomly (stuck).
 56523 | Lair:1   | 56523 ||| Stepping randomly (stuck).
 56524 | Lair:1   | 56524 ||| Stepping randomly (stuck).
 56525 | Lair:1   | 56525 ||| Stepping randomly (stuck).
 56526 | Lair:1   | 56526 ||| Stepping randomly (stuck).
 56527 | Lair:1   | 56527 ||| Stepping randomly (stuck).
 56528 | Lair:1   | 56528 ||| Stepping randomly (stuck).
 56529 | Lair:1   | 56529 ||| Stepping randomly (stuck).
 56530 | Lair:1   | 56530 ||| Stepping randomly (stuck).
 56531 | Lair:1   | 56531 ||| Stepping randomly (stuck).
 56532 | Lair:1   | 56532 ||| Stepping randomly (stuck).
 56533 | Lair:1   | 56533 ||| Stepping randomly (stuck).
 56534 | Lair:1   | 56534 ||| Stepping randomly (stuck).
 56535 | Lair:1   | 56535 ||| Stepping randomly (stuck).
 56536 | Lair:1   | 56536 ||| Stepping randomly (stuck).
 56537 | Lair:1   | 56537 ||| Stepping randomly (stuck).
 56538 | Lair:1   | 56538 ||| Stepping randomly (stuck).
 56539 | Lair:1   | 56539 ||| Stepping randomly (stuck).
 56540 | Lair:1   | 56540 ||| Stepping randomly (stuck).
 56541 | Lair:1   | 56541 ||| Stepping randomly (stuck).
 56542 | Lair:1   | 56542 ||| Stepping randomly (stuck).
 56543 | Lair:1   | 56543 ||| Stepping randomly (stuck).
 56544 | Lair:1   | 56544 ||| Stepping randomly (stuck).
 56545 | Lair:1   | 56545 ||| Stepping randomly (stuck).
 56546 | Lair:1   | 56546 ||| Stepping randomly (stuck).
 56547 | Lair:1   | 56547 ||| Stepping randomly (stuck).
 56548 | Lair:1   | 56548 ||| Stepping randomly (stuck).
 56549 | Lair:1   | 56549 ||| Stepping randomly (stuck).
 56550 | Lair:1   | 56550 ||| Stepping randomly (stuck).
 56551 | Lair:1   | 56551 ||| Stepping randomly (stuck).
 56552 | Lair:1   | 56552 ||| Stepping randomly (stuck).
 56553 | Lair:1   | 56553 ||| Stepping randomly (stuck).
 56554 | Lair:1   | 56554 ||| Stepping randomly (stuck).
 56555 | Lair:1   | 56555 ||| Stepping randomly (stuck).
 56556 | Lair:1   | 56556 ||| Stepping randomly (stuck).
 56557 | Lair:1   | 56557 ||| Stepping randomly (stuck).
 56558 | Lair:1   | 56558 ||| Stepping randomly (stuck).
 56559 | Lair:1   | 56559 ||| Stepping randomly (stuck).
 56560 | Lair:1   | 56560 ||| Stepping randomly (stuck).
 56561 | Lair:1   | 56561 ||| Stepping randomly (stuck).
 56562 | Lair:1   | 56562 ||| Stepping randomly (stuck).
 56563 | Lair:1   | 56563 ||| Stepping randomly (stuck).
 56564 | Lair:1   | 56564 ||| Stepping randomly (stuck).
 56565 | Lair:1   | 56565 ||| Stepping randomly (stuck).
 56566 | Lair:1   | 56566 ||| Stepping randomly (stuck).
 56567 | Lair:1   | 56567 ||| Stepping randomly (stuck).
 56568 | Lair:1   | 56568 ||| Stepping randomly (stuck).
 56569 | Lair:1   | 56569 ||| Stepping randomly (stuck).
 56570 | Lair:1   | 56570 ||| Stepping randomly (stuck).
 56571 | Lair:1   | 56571 ||| Stepping randomly (stuck).
 56572 | Lair:1   | 56572 ||| Stepping randomly (stuck).
 56573 | Lair:1   | 56573 ||| Stepping randomly (stuck).
 56574 | Lair:1   | 56574 ||| Stepping randomly (stuck).
 56575 | Lair:1   | 56575 ||| Stepping randomly (stuck).
 56576 | Lair:1   | 56576 ||| Stepping randomly (stuck).
 56577 | Lair:1   | 56577 ||| Stepping randomly (stuck).
 56578 | Lair:1   | 56578 ||| Stepping randomly (stuck).
 56579 | Lair:1   | 56579 ||| Stepping randomly (stuck).
 56580 | Lair:1   | 56580 ||| Stepping randomly (stuck).
 56581 | Lair:1   | 56581 ||| Stepping randomly (stuck).
 56582 | Lair:1   | 56582 ||| Stepping randomly (stuck).
 56583 | Lair:1   | 56583 ||| Stepping randomly (stuck).
 56584 | Lair:1   | 56584 ||| Stepping randomly (stuck).
 56585 | Lair:1   | 56585 ||| Stepping randomly (stuck).
 56586 | Lair:1   | 56586 ||| Stepping randomly (stuck).
 56587 | Lair:1   | 56587 ||| Stepping randomly (stuck).
 56588 | Lair:1   | 56588 ||| Stepping randomly (stuck).
 56589 | Lair:1   | 56589 ||| Stepping randomly (stuck).
 56590 | Lair:1   | 56590 ||| Stepping randomly (stuck).
 56591 | Lair:1   | 56591 ||| Stepping randomly (stuck).
 56592 | Lair:1   | 56592 ||| Stepping randomly (stuck).
 56593 | Lair:1   | 56593 ||| Stepping randomly (stuck).
 56594 | Lair:1   | 56594 ||| Stepping randomly (stuck).
 56595 | Lair:1   | 56595 ||| Stepping randomly (stuck).
 56596 | Lair:1   | 56596 ||| Stepping randomly (stuck).
 56597 | Lair:1   | 56597 ||| Stepping randomly (stuck).
 56598 | Lair:1   | 56598 ||| Stepping randomly (stuck).
 56599 | Lair:1   | 56599 ||| Stepping randomly (stuck).
 56600 | Lair:1   | 56600 ||| Stepping randomly (stuck).
 56601 | Lair:1   | 56601 ||| Stepping randomly (stuck).
 56602 | Lair:1   | 56602 ||| Stepping randomly (stuck).
 56603 | Lair:1   | 56603 ||| Stepping randomly (stuck).
 56604 | Lair:1   | 56604 ||| Stepping randomly (stuck).
 56605 | Lair:1   | 56605 ||| Stepping randomly (stuck).
 56606 | Lair:1   | 56606 ||| Stepping randomly (stuck).
 56607 | Lair:1   | 56607 ||| Stepping randomly (stuck).
 56608 | Lair:1   | 56608 ||| Stepping randomly (stuck).
 56609 | Lair:1   | 56609 ||| Stepping randomly (stuck).
 56610 | Lair:1   | 56610 ||| Stepping randomly (stuck).
 56611 | Lair:1   | 56611 ||| Stepping randomly (stuck).
 56612 | Lair:1   | 56612 ||| Stepping randomly (stuck).
 56613 | Lair:1   | 56613 ||| Stepping randomly (stuck).
 56614 | Lair:1   | 56614 ||| Stepping randomly (stuck).
 56615 | Lair:1   | 56615 ||| Stepping randomly (stuck).
 56616 | Lair:1   | 56616 ||| Stepping randomly (stuck).
 56617 | Lair:1   | 56617 ||| Stepping randomly (stuck).
 56618 | Lair:1   | 56618 ||| Stepping randomly (stuck).
 56619 | Lair:1   | 56619 ||| Stepping randomly (stuck).
 56620 | Lair:1   | 56620 ||| Stepping randomly (stuck).
 56621 | Lair:1   | 56621 ||| Stepping randomly (stuck).
 56622 | Lair:1   | 56622 ||| Stepping randomly (stuck).
 56623 | Lair:1   | 56623 ||| Stepping randomly (stuck).
 56624 | Lair:1   | 56624 ||| Stepping randomly (stuck).
 56625 | Lair:1   | 56625 ||| Stepping randomly (stuck).
 56626 | Lair:1   | 56626 ||| Stepping randomly (stuck).
 56627 | Lair:1   | 56627 ||| Stepping randomly (stuck).
 56628 | Lair:1   | 56628 ||| Stepping randomly (stuck).
 56629 | Lair:1   | 56629 ||| Stepping randomly (stuck).
 56630 | Lair:1   | 56630 ||| Stepping randomly (stuck).
 56631 | Lair:1   | 56631 ||| Stepping randomly (stuck).
 56632 | Lair:1   | 56632 ||| Stepping randomly (stuck).
 56633 | Lair:1   | 56633 ||| Stepping randomly (stuck).
 56634 | Lair:1   | 56634 ||| Stepping randomly (stuck).
 56635 | Lair:1   | 56635 ||| Stepping randomly (stuck).
 56636 | Lair:1   | 56636 ||| Stepping randomly (stuck).
 56637 | Lair:1   | 56637 ||| Stepping randomly (stuck).
 56638 | Lair:1   | 56638 ||| Stepping randomly (stuck).
 56639 | Lair:1   | 56639 ||| Stepping randomly (stuck).
 56640 | Lair:1   | 56640 ||| Stepping randomly (stuck).
 56641 | Lair:1   | 56641 ||| Stepping randomly (stuck).
 56642 | Lair:1   | 56642 ||| Stepping randomly (stuck).
 56643 | Lair:1   | 56643 ||| Stepping randomly (stuck).
 56644 | Lair:1   | 56644 ||| Stepping randomly (stuck).
 56645 | Lair:1   | 56645 ||| Stepping randomly (stuck).
 56646 | Lair:1   | 56646 ||| Stepping randomly (stuck).
 56647 | Lair:1   | 56647 ||| Stepping randomly (stuck).
 56648 | Lair:1   | 56648 ||| Stepping randomly (stuck).
 56649 | Lair:1   | 56649 ||| Stepping randomly (stuck).
 56650 | Lair:1   | 56650 ||| Stepping randomly (stuck).
 56651 | Lair:1   | 56651 ||| Stepping randomly (stuck).
 56652 | Lair:1   | 56652 ||| Stepping randomly (stuck).
 56653 | Lair:1   | 56653 ||| Stepping randomly (stuck).
 56654 | Lair:1   | 56654 ||| Stepping randomly (stuck).
 56655 | Lair:1   | 56655 ||| Stepping randomly (stuck).
 56656 | Lair:1   | 56656 ||| Stepping randomly (stuck).
 56657 | Lair:1   | 56657 ||| Stepping randomly (stuck).
 56658 | Lair:1   | 56658 ||| Stepping randomly (stuck).
 56659 | Lair:1   | 56659 ||| Stepping randomly (stuck).
 56660 | Lair:1   | 56660 ||| Stepping randomly (stuck).
 56661 | Lair:1   | 56661 ||| Stepping randomly (stuck).
 56662 | Lair:1   | 56662 ||| Stepping randomly (stuck).
 56663 | Lair:1   | 56663 ||| Stepping randomly (stuck).
 56664 | Lair:1   | 56664 ||| Stepping randomly (stuck).
 56665 | Lair:1   | 56665 ||| Stepping randomly (stuck).
 56666 | Lair:1   | 56666 ||| Stepping randomly (stuck).
 56667 | Lair:1   | 56667 ||| Stepping randomly (stuck).
 56668 | Lair:1   | 56668 ||| Stepping randomly (stuck).
 56669 | Lair:1   | 56669 ||| Stepping randomly (stuck).
 56670 | Lair:1   | 56670 ||| Stepping randomly (stuck).
 56671 | Lair:1   | 56671 ||| Stepping randomly (stuck).
 56672 | Lair:1   | 56672 ||| Stepping randomly (stuck).
 56673 | Lair:1   | 56673 ||| Stepping randomly (stuck).
 56674 | Lair:1   | 56674 ||| Stepping randomly (stuck).
 56675 | Lair:1   | 56675 ||| Stepping randomly (stuck).
 56676 | Lair:1   | 56676 ||| Stepping randomly (stuck).
 56677 | Lair:1   | 56677 ||| Stepping randomly (stuck).
 56678 | Lair:1   | 56678 ||| Stepping randomly (stuck).
 56679 | Lair:1   | 56679 ||| Stepping randomly (stuck).
 56680 | Lair:1   | 56680 ||| Stepping randomly (stuck).
 56681 | Lair:1   | 56681 ||| Stepping randomly (stuck).
 56682 | Lair:1   | 56682 ||| Stepping randomly (stuck).
 56683 | Lair:1   | 56683 ||| Stepping randomly (stuck).
 56684 | Lair:1   | 56684 ||| Stepping randomly (stuck).
 56685 | Lair:1   | 56685 ||| Stepping randomly (stuck).
 56686 | Lair:1   | 56686 ||| Stepping randomly (stuck).
 56687 | Lair:1   | 56687 ||| Stepping randomly (stuck).
 56688 | Lair:1   | 56688 ||| Stepping randomly (stuck).
 56689 | Lair:1   | 56689 ||| Stepping randomly (stuck).
 56690 | Lair:1   | 56690 ||| Stepping randomly (stuck).
 56691 | Lair:1   | 56691 ||| Stepping randomly (stuck).
 56692 | Lair:1   | 56692 ||| Stepping randomly (stuck).
 56693 | Lair:1   | 56693 ||| Stepping randomly (stuck).
 56694 | Lair:1   | 56694 ||| Stepping randomly (stuck).
 56695 | Lair:1   | 56695 ||| Stepping randomly (stuck).
 56696 | Lair:1   | 56696 ||| Stepping randomly (stuck).
 56697 | Lair:1   | 56697 ||| Stepping randomly (stuck).
 56698 | Lair:1   | 56698 ||| Stepping randomly (stuck).
 56699 | Lair:1   | 56699 ||| Stepping randomly (stuck).
 56700 | Lair:1   | 56700 ||| Stepping randomly (stuck).
 56701 | Lair:1   | 56701 ||| Stepping randomly (stuck).
 56702 | Lair:1   | 56702 ||| Stepping randomly (stuck).
 56703 | Lair:1   | 56703 ||| Stepping randomly (stuck).
 56704 | Lair:1   | 56704 ||| Stepping randomly (stuck).
 56705 | Lair:1   | 56705 ||| Stepping randomly (stuck).
 56706 | Lair:1   | 56706 ||| Stepping randomly (stuck).
 56707 | Lair:1   | 56707 ||| Stepping randomly (stuck).
 56708 | Lair:1   | 56708 ||| Stepping randomly (stuck).
 56709 | Lair:1   | 56709 ||| Stepping randomly (stuck).
 56710 | Lair:1   | 56710 ||| Stepping randomly (stuck).
 56711 | Lair:1   | 56711 ||| Stepping randomly (stuck).
 56712 | Lair:1   | 56712 ||| Stepping randomly (stuck).
 56713 | Lair:1   | 56713 ||| Stepping randomly (stuck).
 56714 | Lair:1   | 56714 ||| Stepping randomly (stuck).
 56715 | Lair:1   | 56715 ||| Stepping randomly (stuck).
 56716 | Lair:1   | 56716 ||| Stepping randomly (stuck).
 56717 | Lair:1   | 56717 ||| Stepping randomly (stuck).
 56718 | Lair:1   | 56718 ||| Stepping randomly (stuck).
 56719 | Lair:1   | 56719 ||| Stepping randomly (stuck).
 56720 | Lair:1   | 56720 ||| Stepping randomly (stuck).
 56721 | Lair:1   | 56721 ||| Stepping randomly (stuck).
 56722 | Lair:1   | 56722 ||| Stepping randomly (stuck).
 56723 | Lair:1   | 56723 ||| Stepping randomly (stuck).
 56724 | Lair:1   | 56724 ||| Stepping randomly (stuck).
 56725 | Lair:1   | 56725 ||| Stepping randomly (stuck).
 56726 | Lair:1   | 56726 ||| Stepping randomly (stuck).
 56727 | Lair:1   | 56727 ||| Stepping randomly (stuck).
 56728 | Lair:1   | 56728 ||| Stepping randomly (stuck).
 56729 | Lair:1   | 56729 ||| Stepping randomly (stuck).
 56730 | Lair:1   | 56730 ||| Stepping randomly (stuck).
 56731 | Lair:1   | 56731 ||| Stepping randomly (stuck).
 56732 | Lair:1   | 56732 ||| Stepping randomly (stuck).
 56733 | Lair:1   | 56733 ||| Stepping randomly (stuck).
 56734 | Lair:1   | 56734 ||| Stepping randomly (stuck).
 56735 | Lair:1   | 56735 ||| Stepping randomly (stuck).
 56736 | Lair:1   | 56736 ||| Stepping randomly (stuck).
 56737 | Lair:1   | 56737 ||| Stepping randomly (stuck).
 56738 | Lair:1   | 56738 ||| Stepping randomly (stuck).
 56739 | Lair:1   | 56739 ||| Stepping randomly (stuck).
 56740 | Lair:1   | 56740 ||| Stepping randomly (stuck).
 56741 | Lair:1   | 56741 ||| Stepping randomly (stuck).
 56742 | Lair:1   | 56742 ||| Stepping randomly (stuck).
 56743 | Lair:1   | 56743 ||| Stepping randomly (stuck).
 56744 | Lair:1   | 56744 ||| Stepping randomly (stuck).
 56744 | Lair:1   | Glimpsed the power of Zot.
 56745 | Lair:1   | 56745 ||| Stepping randomly (stuck).
 56746 | Lair:1   | 56746 ||| Stepping randomly (stuck).
 56747 | Lair:1   | 56747 ||| Stepping randomly (stuck).
 56748 | Lair:1   | 56748 ||| Stepping randomly (stuck).
 56749 | Lair:1   | 56749 ||| Stepping randomly (stuck).
 56750 | Lair:1   | 56750 ||| Stepping randomly (stuck).
 56751 | Lair:1   | 56751 ||| Stepping randomly (stuck).
 56752 | Lair:1   | 56752 ||| Stepping randomly (stuck).
 56753 | Lair:1   | 56753 ||| Stepping randomly (stuck).
 56754 | Lair:1   | 56754 ||| Stepping randomly (stuck).
 56755 | Lair:1   | 56755 ||| Stepping randomly (stuck).
 56756 | Lair:1   | 56756 ||| Stepping randomly (stuck).
 56757 | Lair:1   | 56757 ||| Stepping randomly (stuck).
 56758 | Lair:1   | 56758 ||| Stepping randomly (stuck).
 56759 | Lair:1   | 56759 ||| Stepping randomly (stuck).
 56760 | Lair:1   | 56760 ||| Stepping randomly (stuck).
 56761 | Lair:1   | 56761 ||| Stepping randomly (stuck).
 56762 | Lair:1   | 56762 ||| Stepping randomly (stuck).
 56763 | Lair:1   | 56763 ||| Stepping randomly (stuck).
 56764 | Lair:1   | 56764 ||| Stepping randomly (stuck).
 56765 | Lair:1   | 56765 ||| Stepping randomly (stuck).
 56766 | Lair:1   | 56766 ||| Stepping randomly (stuck).
 56767 | Lair:1   | 56767 ||| Stepping randomly (stuck).
 56768 | Lair:1   | 56768 ||| Stepping randomly (stuck).
 56769 | Lair:1   | 56769 ||| Stepping randomly (stuck).
 56770 | Lair:1   | 56770 ||| Stepping randomly (stuck).
 56771 | Lair:1   | 56771 ||| Stepping randomly (stuck).
 56772 | Lair:1   | 56772 ||| Stepping randomly (stuck).
 56773 | Lair:1   | 56773 ||| Stepping randomly (stuck).
 56774 | Lair:1   | 56774 ||| Stepping randomly (stuck).
 56775 | Lair:1   | 56775 ||| Stepping randomly (stuck).
 56776 | Lair:1   | 56776 ||| Stepping randomly (stuck).
 56777 | Lair:1   | 56777 ||| Stepping randomly (stuck).
 56778 | Lair:1   | 56778 ||| Stepping randomly (stuck).
 56779 | Lair:1   | 56779 ||| Stepping randomly (stuck).
 56780 | Lair:1   | 56780 ||| Stepping randomly (stuck).
 56781 | Lair:1   | 56781 ||| Stepping randomly (stuck).
 56782 | Lair:1   | 56782 ||| Stepping randomly (stuck).
 56783 | Lair:1   | 56783 ||| Stepping randomly (stuck).
 56784 | Lair:1   | 56784 ||| Stepping randomly (stuck).
 56785 | Lair:1   | 56785 ||| Stepping randomly (stuck).
 56786 | Lair:1   | 56786 ||| Stepping randomly (stuck).
 56787 | Lair:1   | 56787 ||| Stepping randomly (stuck).
 56788 | Lair:1   | 56788 ||| Stepping randomly (stuck).
 56789 | Lair:1   | 56789 ||| Stepping randomly (stuck).
 56790 | Lair:1   | 56790 ||| Stepping randomly (stuck).
 56791 | Lair:1   | 56791 ||| Stepping randomly (stuck).
 56792 | Lair:1   | 56792 ||| Stepping randomly (stuck).
 56793 | Lair:1   | 56793 ||| Stepping randomly (stuck).
 56794 | Lair:1   | 56794 ||| Stepping randomly (stuck).
 56795 | Lair:1   | 56795 ||| Stepping randomly (stuck).
 56796 | Lair:1   | 56796 ||| Stepping randomly (stuck).
 56797 | Lair:1   | 56797 ||| Stepping randomly (stuck).
 56798 | Lair:1   | 56798 ||| Stepping randomly (stuck).
 56799 | Lair:1   | 56799 ||| Stepping randomly (stuck).
 56800 | Lair:1   | 56800 ||| Stepping randomly (stuck).
 56801 | Lair:1   | 56801 ||| Stepping randomly (stuck).
 56802 | Lair:1   | 56802 ||| Stepping randomly (stuck).
 56803 | Lair:1   | 56803 ||| Stepping randomly (stuck).
 56804 | Lair:1   | 56804 ||| Stepping randomly (stuck).
 56805 | Lair:1   | 56805 ||| Stepping randomly (stuck).
 56806 | Lair:1   | 56806 ||| Stepping randomly (stuck).
 56807 | Lair:1   | 56807 ||| Stepping randomly (stuck).
 56808 | Lair:1   | 56808 ||| Stepping randomly (stuck).
 56809 | Lair:1   | 56809 ||| Stepping randomly (stuck).
 56810 | Lair:1   | 56810 ||| Stepping randomly (stuck).
 56811 | Lair:1   | 56811 ||| Stepping randomly (stuck).
 56812 | Lair:1   | 56812 ||| Stepping randomly (stuck).
 56813 | Lair:1   | 56813 ||| Stepping randomly (stuck).
 56814 | Lair:1   | 56814 ||| Stepping randomly (stuck).
 56815 | Lair:1   | 56815 ||| Stepping randomly (stuck).
 56816 | Lair:1   | 56816 ||| Stepping randomly (stuck).
 56817 | Lair:1   | 56817 ||| Stepping randomly (stuck).
 56818 | Lair:1   | 56818 ||| Stepping randomly (stuck).
 56819 | Lair:1   | 56819 ||| Stepping randomly (stuck).
 56820 | Lair:1   | 56820 ||| Stepping randomly (stuck).
 56821 | Lair:1   | 56821 ||| Stepping randomly (stuck).
 56822 | Lair:1   | 56822 ||| Stepping randomly (stuck).
 56823 | Lair:1   | 56823 ||| Stepping randomly (stuck).
 56824 | Lair:1   | 56824 ||| Stepping randomly (stuck).
 56825 | Lair:1   | 56825 ||| Stepping randomly (stuck).
 56826 | Lair:1   | 56826 ||| Stepping randomly (stuck).
 56827 | Lair:1   | 56827 ||| Stepping randomly (stuck).
 56828 | Lair:1   | 56828 ||| Stepping randomly (stuck).
 56829 | Lair:1   | 56829 ||| Stepping randomly (stuck).
 56830 | Lair:1   | 56830 ||| Stepping randomly (stuck).
 56831 | Lair:1   | 56831 ||| Stepping randomly (stuck).
 56832 | Lair:1   | 56832 ||| Stepping randomly (stuck).
 56833 | Lair:1   | 56833 ||| Stepping randomly (stuck).
 56834 | Lair:1   | 56834 ||| Stepping randomly (stuck).
 56835 | Lair:1   | 56835 ||| Stepping randomly (stuck).
 56836 | Lair:1   | 56836 ||| Stepping randomly (stuck).
 56837 | Lair:1   | 56837 ||| Stepping randomly (stuck).
 56838 | Lair:1   | 56838 ||| Stepping randomly (stuck).
 56839 | Lair:1   | 56839 ||| Stepping randomly (stuck).
 56840 | Lair:1   | 56840 ||| Stepping randomly (stuck).
 56841 | Lair:1   | 56841 ||| Stepping randomly (stuck).
 56842 | Lair:1   | 56842 ||| Stepping randomly (stuck).
 56843 | Lair:1   | 56843 ||| Stepping randomly (stuck).
 56844 | Lair:1   | 56844 ||| Stepping randomly (stuck).
 56844 | Lair:1   | Touched by the power of Zot (MHP 26 -> 19)
 56845 | Lair:1   | 56845 ||| PLANNING SNAKE:1-3
 56845 | Lair:1   | Glimpsed the power of Zot.
 56874 | D:9      | 56874 ||| PLANNING LAIR
 56906 | Lair:2   | 56906 ||| Stepping randomly (stuck).
 56907 | Lair:2   | 56907 ||| Stepping randomly (stuck).
 56908 | Lair:2   | 56908 ||| Stepping randomly (stuck).
 56909 | Lair:2   | 56909 ||| Stepping randomly (stuck).
 56910 | Lair:2   | 56910 ||| Stepping randomly (stuck).
 56911 | Lair:2   | 56911 ||| Stepping randomly (stuck).
 56912 | Lair:2   | 56912 ||| Stepping randomly (stuck).
 56913 | Lair:2   | 56913 ||| Stepping randomly (stuck).
 56914 | Lair:2   | 56914 ||| Stepping randomly (stuck).
 56915 | Lair:2   | 56915 ||| Stepping randomly (stuck).
 56916 | Lair:2   | 56916 ||| Stepping randomly (stuck).
 56917 | Lair:2   | 56917 ||| Stepping randomly (stuck).
 56918 | Lair:2   | 56918 ||| Stepping randomly (stuck).
 56919 | Lair:2   | 56919 ||| Stepping randomly (stuck).
 56920 | Lair:2   | 56920 ||| Stepping randomly (stuck).
 56921 | Lair:2   | 56921 ||| Stepping randomly (stuck).
 56922 | Lair:2   | 56922 ||| Stepping randomly (stuck).
 56923 | Lair:2   | 56923 ||| Stepping randomly (stuck).
 56924 | Lair:2   | 56924 ||| Stepping randomly (stuck).
 56925 | Lair:2   | 56925 ||| Stepping randomly (stuck).
 56926 | Lair:2   | 56926 ||| Stepping randomly (stuck).
 56927 | Lair:2   | 56927 ||| Stepping randomly (stuck).
 56928 | Lair:2   | 56928 ||| Stepping randomly (stuck).
 56929 | Lair:2   | 56929 ||| Stepping randomly (stuck).
 56930 | Lair:2   | 56930 ||| Stepping randomly (stuck).
 56931 | Lair:2   | 56931 ||| Stepping randomly (stuck).
 56932 | Lair:2   | 56932 ||| Stepping randomly (stuck).
 56933 | Lair:2   | 56933 ||| Stepping randomly (stuck).
 56934 | Lair:2   | 56934 ||| Stepping randomly (stuck).
 56935 | Lair:2   | 56935 ||| Stepping randomly (stuck).
 56936 | Lair:2   | 56936 ||| Stepping randomly (stuck).
 56937 | Lair:2   | 56937 ||| Stepping randomly (stuck).
 56938 | Lair:2   | 56938 ||| Stepping randomly (stuck).
 56939 | Lair:2   | 56939 ||| Stepping randomly (stuck).
 56940 | Lair:2   | 56940 ||| Stepping randomly (stuck).
 56941 | Lair:2   | 56941 ||| Stepping randomly (stuck).
 56942 | Lair:2   | 56942 ||| Stepping randomly (stuck).
 56943 | Lair:2   | 56943 ||| Stepping randomly (stuck).
 56944 | Lair:2   | 56944 ||| Stepping randomly (stuck).
 56945 | Lair:2   | 56945 ||| Stepping randomly (stuck).
 56946 | Lair:2   | 56946 ||| Stepping randomly (stuck).
 56947 | Lair:2   | 56947 ||| Stepping randomly (stuck).
 56948 | Lair:2   | 56948 ||| Stepping randomly (stuck).
 56949 | Lair:2   | 56949 ||| Stepping randomly (stuck).
 56950 | Lair:2   | 56950 ||| Stepping randomly (stuck).
 56951 | Lair:2   | 56951 ||| Stepping randomly (stuck).
 56952 | Lair:2   | 56952 ||| Stepping randomly (stuck).
 56953 | Lair:2   | 56953 ||| Stepping randomly (stuck).
 56954 | Lair:2   | 56954 ||| Stepping randomly (stuck).
 56955 | Lair:2   | 56955 ||| Stepping randomly (stuck).
 56956 | Lair:2   | 56956 ||| Stepping randomly (stuck).
 56957 | Lair:2   | 56957 ||| Stepping randomly (stuck).
 56958 | Lair:2   | 56958 ||| Stepping randomly (stuck).
 56959 | Lair:2   | 56959 ||| Stepping randomly (stuck).
 56960 | Lair:2   | 56960 ||| Stepping randomly (stuck).
 56961 | Lair:2   | 56961 ||| Stepping randomly (stuck).
 56962 | Lair:2   | 56962 ||| Stepping randomly (stuck).
 56963 | Lair:2   | 56963 ||| Stepping randomly (stuck).
 56964 | Lair:2   | 56964 ||| Stepping randomly (stuck).
 56965 | Lair:2   | 56965 ||| Stepping randomly (stuck).
 56966 | Lair:2   | 56966 ||| Stepping randomly (stuck).
 56967 | Lair:2   | 56967 ||| Stepping randomly (stuck).
 56968 | Lair:2   | 56968 ||| Stepping randomly (stuck).
 56969 | Lair:2   | 56969 ||| Stepping randomly (stuck).
 56970 | Lair:2   | 56970 ||| Stepping randomly (stuck).
 56971 | Lair:2   | 56971 ||| Stepping randomly (stuck).
 56972 | Lair:2   | 56972 ||| Stepping randomly (stuck).
 56973 | Lair:2   | 56973 ||| Stepping randomly (stuck).
 56974 | Lair:2   | 56974 ||| Stepping randomly (stuck).
 56975 | Lair:2   | 56975 ||| Stepping randomly (stuck).
 56976 | Lair:2   | 56976 ||| Stepping randomly (stuck).
 56977 | Lair:2   | 56977 ||| Stepping randomly (stuck).
 56978 | Lair:2   | 56978 ||| Stepping randomly (stuck).
 56979 | Lair:2   | 56979 ||| Stepping randomly (stuck).
 56980 | Lair:2   | 56980 ||| Stepping randomly (stuck).
 56981 | Lair:2   | 56981 ||| Stepping randomly (stuck).
 56982 | Lair:2   | 56982 ||| Stepping randomly (stuck).
 56983 | Lair:2   | 56983 ||| Stepping randomly (stuck).
 56984 | Lair:2   | 56984 ||| Stepping randomly (stuck).
 56985 | Lair:2   | 56985 ||| Stepping randomly (stuck).
 56986 | Lair:2   | 56986 ||| Stepping randomly (stuck).
 56987 | Lair:2   | 56987 ||| Stepping randomly (stuck).
 56988 | Lair:2   | 56988 ||| Stepping randomly (stuck).
 56989 | Lair:2   | 56989 ||| Stepping randomly (stuck).
 56990 | Lair:2   | 56990 ||| Stepping randomly (stuck).
 56991 | Lair:2   | 56991 ||| Stepping randomly (stuck).
 56992 | Lair:2   | 56992 ||| Stepping randomly (stuck).
 56993 | Lair:2   | 56993 ||| Stepping randomly (stuck).
 56994 | Lair:2   | 56994 ||| Stepping randomly (stuck).
 56995 | Lair:2   | 56995 ||| Stepping randomly (stuck).
 56996 | Lair:2   | 56996 ||| Stepping randomly (stuck).
 56997 | Lair:2   | 56997 ||| Stepping randomly (stuck).
 56998 | Lair:2   | 56998 ||| Stepping randomly (stuck).
 56999 | Lair:2   | 56999 ||| Stepping randomly (stuck).
 57000 | Lair:2   | 57000 ||| Stepping randomly (stuck).
 57001 | Lair:2   | 57001 ||| Stepping randomly (stuck).
 57002 | Lair:2   | 57002 ||| Stepping randomly (stuck).
 57003 | Lair:2   | 57003 ||| Stepping randomly (stuck).
 57004 | Lair:2   | 57004 ||| Stepping randomly (stuck).
 57005 | Lair:2   | 57005 ||| Stepping randomly (stuck).
 57006 | Lair:2   | 57006 ||| Stepping randomly (stuck).
 57007 | Lair:2   | 57007 ||| Stepping randomly (stuck).
 57008 | Lair:2   | 57008 ||| Stepping randomly (stuck).
 57009 | Lair:2   | 57009 ||| Stepping randomly (stuck).
 57010 | Lair:2   | 57010 ||| Stepping randomly (stuck).
 57011 | Lair:2   | 57011 ||| Stepping randomly (stuck).
 57012 | Lair:2   | 57012 ||| Stepping randomly (stuck).
 57013 | Lair:2   | 57013 ||| Stepping randomly (stuck).
 57014 | Lair:2   | 57014 ||| Stepping randomly (stuck).
 57015 | Lair:2   | 57015 ||| Stepping randomly (stuck).
 57016 | Lair:2   | 57016 ||| Stepping randomly (stuck).
 57017 | Lair:2   | 57017 ||| Stepping randomly (stuck).
 57018 | Lair:2   | 57018 ||| Stepping randomly (stuck).
 57019 | Lair:2   | 57019 ||| Stepping randomly (stuck).
 57020 | Lair:2   | 57020 ||| Stepping randomly (stuck).
 57021 | Lair:2   | 57021 ||| Stepping randomly (stuck).
 57022 | Lair:2   | 57022 ||| Stepping randomly (stuck).
 57023 | Lair:2   | 57023 ||| Stepping randomly (stuck).
 57024 | Lair:2   | 57024 ||| Stepping randomly (stuck).
 57025 | Lair:2   | 57025 ||| Stepping randomly (stuck).
 57026 | Lair:2   | 57026 ||| Stepping randomly (stuck).
 57027 | Lair:2   | 57027 ||| Stepping randomly (stuck).
 57028 | Lair:2   | 57028 ||| Stepping randomly (stuck).
 57029 | Lair:2   | 57029 ||| Stepping randomly (stuck).
 57030 | Lair:2   | 57030 ||| Stepping randomly (stuck).
 57031 | Lair:2   | 57031 ||| Stepping randomly (stuck).
 57032 | Lair:2   | 57032 ||| Stepping randomly (stuck).
 57033 | Lair:2   | 57033 ||| Stepping randomly (stuck).
 57034 | Lair:2   | 57034 ||| Stepping randomly (stuck).
 57035 | Lair:2   | 57035 ||| Stepping randomly (stuck).
 57036 | Lair:2   | 57036 ||| Stepping randomly (stuck).
 57037 | Lair:2   | 57037 ||| Stepping randomly (stuck).
 57038 | Lair:2   | 57038 ||| Stepping randomly (stuck).
 57039 | Lair:2   | 57039 ||| Stepping randomly (stuck).
 57040 | Lair:2   | 57040 ||| Stepping randomly (stuck).
 57041 | Lair:2   | 57041 ||| Stepping randomly (stuck).
 57042 | Lair:2   | 57042 ||| Stepping randomly (stuck).
 57043 | Lair:2   | 57043 ||| Stepping randomly (stuck).
 57044 | Lair:2   | 57044 ||| Stepping randomly (stuck).
 57045 | Lair:2   | 57045 ||| Stepping randomly (stuck).
 57046 | Lair:2   | 57046 ||| Stepping randomly (stuck).
 57047 | Lair:2   | 57047 ||| Stepping randomly (stuck).
 57048 | Lair:2   | 57048 ||| Stepping randomly (stuck).
 57049 | Lair:2   | 57049 ||| Stepping randomly (stuck).
 57050 | Lair:2   | 57050 ||| Stepping randomly (stuck).
 57051 | Lair:2   | 57051 ||| Stepping randomly (stuck).
 57052 | Lair:2   | 57052 ||| Stepping randomly (stuck).
 57053 | Lair:2   | 57053 ||| Stepping randomly (stuck).
 57054 | Lair:2   | 57054 ||| Stepping randomly (stuck).
 57055 | Lair:2   | 57055 ||| Stepping randomly (stuck).
 57056 | Lair:2   | 57056 ||| Stepping randomly (stuck).
 57057 | Lair:2   | 57057 ||| Stepping randomly (stuck).
 57058 | Lair:2   | 57058 ||| Stepping randomly (stuck).
 57059 | Lair:2   | 57059 ||| Stepping randomly (stuck).
 57060 | Lair:2   | 57060 ||| Stepping randomly (stuck).
 57061 | Lair:2   | 57061 ||| Stepping randomly (stuck).
 57062 | Lair:2   | 57062 ||| Stepping randomly (stuck).
 57063 | Lair:2   | 57063 ||| Stepping randomly (stuck).
 57064 | Lair:2   | 57064 ||| Stepping randomly (stuck).
 57065 | Lair:2   | 57065 ||| Stepping randomly (stuck).
 57066 | Lair:2   | 57066 ||| Stepping randomly (stuck).
 57067 | Lair:2   | 57067 ||| Stepping randomly (stuck).
 57068 | Lair:2   | 57068 ||| Stepping randomly (stuck).
 57069 | Lair:2   | 57069 ||| Stepping randomly (stuck).
 57070 | Lair:2   | 57070 ||| Stepping randomly (stuck).
 57071 | Lair:2   | 57071 ||| Stepping randomly (stuck).
 57072 | Lair:2   | 57072 ||| Stepping randomly (stuck).
 57073 | Lair:2   | 57073 ||| Stepping randomly (stuck).
 57074 | Lair:2   | 57074 ||| Stepping randomly (stuck).
 57075 | Lair:2   | 57075 ||| Stepping randomly (stuck).
 57076 | Lair:2   | 57076 ||| Stepping randomly (stuck).
 57077 | Lair:2   | 57077 ||| Stepping randomly (stuck).
 57078 | Lair:2   | 57078 ||| Stepping randomly (stuck).
 57079 | Lair:2   | 57079 ||| Stepping randomly (stuck).
 57080 | Lair:2   | 57080 ||| Stepping randomly (stuck).
 57081 | Lair:2   | 57081 ||| Stepping randomly (stuck).
 57082 | Lair:2   | 57082 ||| Stepping randomly (stuck).
 57083 | Lair:2   | 57083 ||| Stepping randomly (stuck).
 57084 | Lair:2   | 57084 ||| Stepping randomly (stuck).
 57085 | Lair:2   | 57085 ||| Stepping randomly (stuck).
 57086 | Lair:2   | 57086 ||| Stepping randomly (stuck).
 57087 | Lair:2   | 57087 ||| Stepping randomly (stuck).
 57088 | Lair:2   | 57088 ||| Stepping randomly (stuck).
 57089 | Lair:2   | 57089 ||| Stepping randomly (stuck).
 57090 | Lair:2   | 57090 ||| Stepping randomly (stuck).
 57091 | Lair:2   | 57091 ||| Stepping randomly (stuck).
 57092 | Lair:2   | 57092 ||| Stepping randomly (stuck).
 57093 | Lair:2   | 57093 ||| Stepping randomly (stuck).
 57094 | Lair:2   | 57094 ||| Stepping randomly (stuck).
 57095 | Lair:2   | 57095 ||| Stepping randomly (stuck).
 57096 | Lair:2   | 57096 ||| Stepping randomly (stuck).
 57097 | Lair:2   | 57097 ||| Stepping randomly (stuck).
 57098 | Lair:2   | 57098 ||| Stepping randomly (stuck).
 57099 | Lair:2   | 57099 ||| Stepping randomly (stuck).
 57100 | Lair:2   | 57100 ||| Stepping randomly (stuck).
 57101 | Lair:2   | 57101 ||| Stepping randomly (stuck).
 57102 | Lair:2   | 57102 ||| Stepping randomly (stuck).
 57103 | Lair:2   | 57103 ||| Stepping randomly (stuck).
 57104 | Lair:2   | 57104 ||| Stepping randomly (stuck).
 57105 | Lair:2   | 57105 ||| Stepping randomly (stuck).
 57106 | Lair:2   | 57106 ||| Stepping randomly (stuck).
 57107 | Lair:2   | 57107 ||| Stepping randomly (stuck).
 57108 | Lair:2   | 57108 ||| Stepping randomly (stuck).
 57109 | Lair:2   | 57109 ||| Stepping randomly (stuck).
 57110 | Lair:2   | 57110 ||| Stepping randomly (stuck).
 57111 | Lair:2   | 57111 ||| Stepping randomly (stuck).
 57112 | Lair:2   | 57112 ||| Stepping randomly (stuck).
 57113 | Lair:2   | 57113 ||| Stepping randomly (stuck).
 57114 | Lair:2   | 57114 ||| Stepping randomly (stuck).
 57115 | Lair:2   | 57115 ||| Stepping randomly (stuck).
 57116 | Lair:2   | 57116 ||| Stepping randomly (stuck).
 57117 | Lair:2   | 57117 ||| Stepping randomly (stuck).
 57118 | Lair:2   | 57118 ||| Stepping randomly (stuck).
 57119 | Lair:2   | 57119 ||| Stepping randomly (stuck).
 57120 | Lair:2   | 57120 ||| Stepping randomly (stuck).
 57121 | Lair:2   | 57121 ||| Stepping randomly (stuck).
 57122 | Lair:2   | 57122 ||| Stepping randomly (stuck).
 57123 | Lair:2   | 57123 ||| Stepping randomly (stuck).
 57124 | Lair:2   | 57124 ||| Stepping randomly (stuck).
 57125 | Lair:2   | 57125 ||| Stepping randomly (stuck).
 57126 | Lair:2   | 57126 ||| Stepping randomly (stuck).
 57127 | Lair:2   | 57127 ||| Stepping randomly (stuck).
 57128 | Lair:2   | 57128 ||| Stepping randomly (stuck).
 57129 | Lair:2   | 57129 ||| Stepping randomly (stuck).
 57130 | Lair:2   | 57130 ||| Stepping randomly (stuck).
 57131 | Lair:2   | 57131 ||| Stepping randomly (stuck).
 57132 | Lair:2   | 57132 ||| Stepping randomly (stuck).
 57133 | Lair:2   | 57133 ||| Stepping randomly (stuck).
 57134 | Lair:2   | 57134 ||| Stepping randomly (stuck).
 57135 | Lair:2   | 57135 ||| Stepping randomly (stuck).
 57136 | Lair:2   | 57136 ||| Stepping randomly (stuck).
 57137 | Lair:2   | 57137 ||| Stepping randomly (stuck).
 57138 | Lair:2   | 57138 ||| Stepping randomly (stuck).
 57139 | Lair:2   | 57139 ||| Stepping randomly (stuck).
 57140 | Lair:2   | 57140 ||| Stepping randomly (stuck).
 57141 | Lair:2   | 57141 ||| Stepping randomly (stuck).
 57142 | Lair:2   | 57142 ||| Stepping randomly (stuck).
 57143 | Lair:2   | 57143 ||| Stepping randomly (stuck).
 57144 | Lair:2   | 57144 ||| Stepping randomly (stuck).
 57145 | Lair:2   | 57145 ||| Stepping randomly (stuck).
 57146 | Lair:2   | 57146 ||| Stepping randomly (stuck).
 57147 | Lair:2   | 57147 ||| Stepping randomly (stuck).
 57148 | Lair:2   | 57148 ||| Stepping randomly (stuck).
 57149 | Lair:2   | 57149 ||| Stepping randomly (stuck).
 57150 | Lair:2   | 57150 ||| Stepping randomly (stuck).
 57151 | Lair:2   | 57151 ||| Stepping randomly (stuck).
 57152 | Lair:2   | 57152 ||| Stepping randomly (stuck).
 57153 | Lair:2   | 57153 ||| Stepping randomly (stuck).
 57154 | Lair:2   | 57154 ||| Stepping randomly (stuck).
 57155 | Lair:2   | 57155 ||| Stepping randomly (stuck).
 57156 | Lair:2   | 57156 ||| Stepping randomly (stuck).
 57157 | Lair:2   | 57157 ||| Stepping randomly (stuck).
 57158 | Lair:2   | 57158 ||| Stepping randomly (stuck).
 57159 | Lair:2   | 57159 ||| Stepping randomly (stuck).
 57160 | Lair:2   | 57160 ||| Stepping randomly (stuck).
 57161 | Lair:2   | 57161 ||| Stepping randomly (stuck).
 57162 | Lair:2   | 57162 ||| Stepping randomly (stuck).
 57163 | Lair:2   | 57163 ||| Stepping randomly (stuck).
 57164 | Lair:2   | 57164 ||| Stepping randomly (stuck).
 57165 | Lair:2   | 57165 ||| Stepping randomly (stuck).
 57166 | Lair:2   | 57166 ||| Stepping randomly (stuck).
 57167 | Lair:2   | 57167 ||| Stepping randomly (stuck).
 57168 | Lair:2   | 57168 ||| Stepping randomly (stuck).
 57169 | Lair:2   | 57169 ||| Stepping randomly (stuck).
 57170 | Lair:2   | 57170 ||| Stepping randomly (stuck).
 57171 | Lair:2   | 57171 ||| Stepping randomly (stuck).
 57172 | Lair:2   | 57172 ||| Stepping randomly (stuck).
 57173 | Lair:2   | 57173 ||| Stepping randomly (stuck).
 57174 | Lair:2   | 57174 ||| Stepping randomly (stuck).
 57175 | Lair:2   | 57175 ||| Stepping randomly (stuck).
 57176 | Lair:2   | 57176 ||| Stepping randomly (stuck).
 57177 | Lair:2   | 57177 ||| Stepping randomly (stuck).
 57178 | Lair:2   | 57178 ||| Stepping randomly (stuck).
 57179 | Lair:2   | 57179 ||| Stepping randomly (stuck).
 57180 | Lair:2   | 57180 ||| Stepping randomly (stuck).
 57181 | Lair:2   | 57181 ||| Stepping randomly (stuck).
 57182 | Lair:2   | 57182 ||| Stepping randomly (stuck).
 57183 | Lair:2   | 57183 ||| Stepping randomly (stuck).
 57184 | Lair:2   | 57184 ||| Stepping randomly (stuck).
 57185 | Lair:2   | 57185 ||| Stepping randomly (stuck).
 57186 | Lair:2   | 57186 ||| Stepping randomly (stuck).
 57187 | Lair:2   | 57187 ||| Stepping randomly (stuck).
 57188 | Lair:2   | 57188 ||| Stepping randomly (stuck).
 57189 | Lair:2   | 57189 ||| Stepping randomly (stuck).
 57190 | Lair:2   | 57190 ||| Stepping randomly (stuck).
 57191 | Lair:2   | 57191 ||| Stepping randomly (stuck).
 57192 | Lair:2   | 57192 ||| Stepping randomly (stuck).
 57193 | Lair:2   | 57193 ||| Stepping randomly (stuck).
 57194 | Lair:2   | 57194 ||| Stepping randomly (stuck).
 57195 | Lair:2   | 57195 ||| Stepping randomly (stuck).
 57196 | Lair:2   | 57196 ||| Stepping randomly (stuck).
 57197 | Lair:2   | 57197 ||| Stepping randomly (stuck).
 57198 | Lair:2   | 57198 ||| Stepping randomly (stuck).
 57199 | Lair:2   | 57199 ||| Stepping randomly (stuck).
 57200 | Lair:2   | 57200 ||| Stepping randomly (stuck).
 57201 | Lair:2   | 57201 ||| Stepping randomly (stuck).
 57202 | Lair:2   | 57202 ||| Stepping randomly (stuck).
 57203 | Lair:2   | 57203 ||| Stepping randomly (stuck).
 57204 | Lair:2   | 57204 ||| Stepping randomly (stuck).
 57205 | Lair:2   | 57205 ||| Stepping randomly (stuck).
 57206 | Lair:2   | 57206 ||| Stepping randomly (stuck).
 57207 | Lair:2   | 57207 ||| Stepping randomly (stuck).
 57208 | Lair:2   | 57208 ||| Stepping randomly (stuck).
 57209 | Lair:2   | 57209 ||| Stepping randomly (stuck).
 57210 | Lair:2   | 57210 ||| Stepping randomly (stuck).
 57211 | Lair:2   | 57211 ||| Stepping randomly (stuck).
 57212 | Lair:2   | 57212 ||| Stepping randomly (stuck).
 57213 | Lair:2   | 57213 ||| Stepping randomly (stuck).
 57214 | Lair:2   | 57214 ||| Stepping randomly (stuck).
 57215 | Lair:2   | 57215 ||| Stepping randomly (stuck).
 57216 | Lair:2   | 57216 ||| Stepping randomly (stuck).
 57217 | Lair:2   | 57217 ||| Stepping randomly (stuck).
 57218 | Lair:2   | 57218 ||| Stepping randomly (stuck).
 57219 | Lair:2   | 57219 ||| Stepping randomly (stuck).
 57220 | Lair:2   | 57220 ||| Stepping randomly (stuck).
 57221 | Lair:2   | 57221 ||| Stepping randomly (stuck).
 57222 | Lair:2   | 57222 ||| Stepping randomly (stuck).
 57223 | Lair:2   | 57223 ||| Stepping randomly (stuck).
 57224 | Lair:2   | 57224 ||| Stepping randomly (stuck).
 57225 | Lair:2   | 57225 ||| Stepping randomly (stuck).
 57226 | Lair:2   | 57226 ||| Stepping randomly (stuck).
 57227 | Lair:2   | 57227 ||| Stepping randomly (stuck).
 57228 | Lair:2   | 57228 ||| Stepping randomly (stuck).
 57229 | Lair:2   | 57229 ||| Stepping randomly (stuck).
 57230 | Lair:2   | 57230 ||| Stepping randomly (stuck).
 57231 | Lair:2   | 57231 ||| Stepping randomly (stuck).
 57232 | Lair:2   | 57232 ||| Stepping randomly (stuck).
 57233 | Lair:2   | 57233 ||| Stepping randomly (stuck).
 57234 | Lair:2   | 57234 ||| Stepping randomly (stuck).
 57235 | Lair:2   | 57235 ||| Stepping randomly (stuck).
 57236 | Lair:2   | 57236 ||| Stepping randomly (stuck).
 57237 | Lair:2   | 57237 ||| Stepping randomly (stuck).
 57238 | Lair:2   | 57238 ||| Stepping randomly (stuck).
 57239 | Lair:2   | 57239 ||| Stepping randomly (stuck).
 57240 | Lair:2   | 57240 ||| Stepping randomly (stuck).
 57241 | Lair:2   | 57241 ||| Stepping randomly (stuck).
 57242 | Lair:2   | 57242 ||| Stepping randomly (stuck).
 57243 | Lair:2   | 57243 ||| Stepping randomly (stuck).
 57244 | Lair:2   | 57244 ||| Stepping randomly (stuck).
 57245 | Lair:2   | 57245 ||| Stepping randomly (stuck).
 57246 | Lair:2   | 57246 ||| Stepping randomly (stuck).
 57247 | Lair:2   | 57247 ||| Stepping randomly (stuck).
 57248 | Lair:2   | 57248 ||| Stepping randomly (stuck).
 57249 | Lair:2   | 57249 ||| Stepping randomly (stuck).
 57250 | Lair:2   | 57250 ||| Stepping randomly (stuck).
 57251 | Lair:2   | 57251 ||| Stepping randomly (stuck).
 57252 | Lair:2   | 57252 ||| Stepping randomly (stuck).
 57253 | Lair:2   | 57253 ||| Stepping randomly (stuck).
 57254 | Lair:2   | 57254 ||| Stepping randomly (stuck).
 57255 | Lair:2   | 57255 ||| Stepping randomly (stuck).
 57256 | Lair:2   | 57256 ||| Stepping randomly (stuck).
 57257 | Lair:2   | 57257 ||| Stepping randomly (stuck).
 57258 | Lair:2   | 57258 ||| Stepping randomly (stuck).
 57259 | Lair:2   | 57259 ||| Stepping randomly (stuck).
 57260 | Lair:2   | 57260 ||| Stepping randomly (stuck).
 57261 | Lair:2   | 57261 ||| Stepping randomly (stuck).
 57262 | Lair:2   | 57262 ||| Stepping randomly (stuck).
 57263 | Lair:2   | 57263 ||| Stepping randomly (stuck).
 57264 | Lair:2   | 57264 ||| Stepping randomly (stuck).
 57265 | Lair:2   | 57265 ||| Stepping randomly (stuck).
 57266 | Lair:2   | 57266 ||| Stepping randomly (stuck).
 57267 | Lair:2   | 57267 ||| Stepping randomly (stuck).
 57268 | Lair:2   | 57268 ||| Stepping randomly (stuck).
 57269 | Lair:2   | 57269 ||| Stepping randomly (stuck).
 57270 | Lair:2   | 57270 ||| Stepping randomly (stuck).
 57271 | Lair:2   | 57271 ||| Stepping randomly (stuck).
 57272 | Lair:2   | 57272 ||| Stepping randomly (stuck).
 57273 | Lair:2   | 57273 ||| Stepping randomly (stuck).
 57274 | Lair:2   | 57274 ||| Stepping randomly (stuck).
 57275 | Lair:2   | 57275 ||| Stepping randomly (stuck).
 57276 | Lair:2   | 57276 ||| Stepping randomly (stuck).
 57277 | Lair:2   | 57277 ||| Stepping randomly (stuck).
 57278 | Lair:2   | 57278 ||| Stepping randomly (stuck).
 57279 | Lair:2   | 57279 ||| Stepping randomly (stuck).
 57280 | Lair:2   | 57280 ||| Stepping randomly (stuck).
 57281 | Lair:2   | 57281 ||| Stepping randomly (stuck).
 57282 | Lair:2   | 57282 ||| Stepping randomly (stuck).
 57283 | Lair:2   | 57283 ||| Stepping randomly (stuck).
 57284 | Lair:2   | 57284 ||| Stepping randomly (stuck).
 57285 | Lair:2   | 57285 ||| Stepping randomly (stuck).
 57286 | Lair:2   | 57286 ||| Stepping randomly (stuck).
 57287 | Lair:2   | 57287 ||| Stepping randomly (stuck).
 57288 | Lair:2   | 57288 ||| Stepping randomly (stuck).
 57289 | Lair:2   | 57289 ||| Stepping randomly (stuck).
 57290 | Lair:2   | 57290 ||| Stepping randomly (stuck).
 57291 | Lair:2   | 57291 ||| Stepping randomly (stuck).
 57292 | Lair:2   | 57292 ||| Stepping randomly (stuck).
 57293 | Lair:2   | 57293 ||| Stepping randomly (stuck).
 57294 | Lair:2   | 57294 ||| Stepping randomly (stuck).
 57295 | Lair:2   | 57295 ||| Stepping randomly (stuck).
 57296 | Lair:2   | 57296 ||| Stepping randomly (stuck).
 57297 | Lair:2   | 57297 ||| Stepping randomly (stuck).
 57298 | Lair:2   | 57298 ||| Stepping randomly (stuck).
 57299 | Lair:2   | 57299 ||| Stepping randomly (stuck).
 57300 | Lair:2   | 57300 ||| Stepping randomly (stuck).
 57301 | Lair:2   | 57301 ||| Stepping randomly (stuck).
 57302 | Lair:2   | 57302 ||| Stepping randomly (stuck).
 57303 | Lair:2   | 57303 ||| Stepping randomly (stuck).
 57304 | Lair:2   | 57304 ||| Stepping randomly (stuck).
 57305 | Lair:2   | 57305 ||| Stepping randomly (stuck).
 57306 | Lair:2   | 57306 ||| Stepping randomly (stuck).
 57307 | Lair:2   | 57307 ||| Stepping randomly (stuck).
 57308 | Lair:2   | 57308 ||| Stepping randomly (stuck).
 57309 | Lair:2   | 57309 ||| Stepping randomly (stuck).
 57310 | Lair:2   | 57310 ||| Stepping randomly (stuck).
 57311 | Lair:2   | 57311 ||| Stepping randomly (stuck).
 57312 | Lair:2   | 57312 ||| Stepping randomly (stuck).
 57313 | Lair:2   | 57313 ||| Stepping randomly (stuck).
 57314 | Lair:2   | 57314 ||| Stepping randomly (stuck).
 57315 | Lair:2   | 57315 ||| Stepping randomly (stuck).
 57316 | Lair:2   | 57316 ||| Stepping randomly (stuck).
 57317 | Lair:2   | 57317 ||| Stepping randomly (stuck).
 57318 | Lair:2   | 57318 ||| Stepping randomly (stuck).
 57319 | Lair:2   | 57319 ||| Stepping randomly (stuck).
 57320 | Lair:2   | 57320 ||| Stepping randomly (stuck).
 57321 | Lair:2   | 57321 ||| Stepping randomly (stuck).
 57322 | Lair:2   | 57322 ||| Stepping randomly (stuck).
 57323 | Lair:2   | 57323 ||| Stepping randomly (stuck).
 57324 | Lair:2   | 57324 ||| Stepping randomly (stuck).
 57325 | Lair:2   | 57325 ||| Stepping randomly (stuck).
 57326 | Lair:2   | 57326 ||| Stepping randomly (stuck).
 57327 | Lair:2   | 57327 ||| Stepping randomly (stuck).
 57328 | Lair:2   | 57328 ||| Stepping randomly (stuck).
 57329 | Lair:2   | 57329 ||| Stepping randomly (stuck).
 57330 | Lair:2   | 57330 ||| Stepping randomly (stuck).
 57331 | Lair:2   | 57331 ||| Stepping randomly (stuck).
 57332 | Lair:2   | 57332 ||| Stepping randomly (stuck).
 57333 | Lair:2   | 57333 ||| Stepping randomly (stuck).
 57334 | Lair:2   | 57334 ||| Stepping randomly (stuck).
 57335 | Lair:2   | 57335 ||| Stepping randomly (stuck).
 57336 | Lair:2   | 57336 ||| Stepping randomly (stuck).
 57337 | Lair:2   | 57337 ||| Stepping randomly (stuck).
 57338 | Lair:2   | 57338 ||| Stepping randomly (stuck).
 57339 | Lair:2   | 57339 ||| Stepping randomly (stuck).
 57340 | Lair:2   | 57340 ||| Stepping randomly (stuck).
 57341 | Lair:2   | 57341 ||| Stepping randomly (stuck).
 57342 | Lair:2   | 57342 ||| Stepping randomly (stuck).
 57343 | Lair:2   | 57343 ||| Stepping randomly (stuck).
 57344 | Lair:2   | 57344 ||| Stepping randomly (stuck).
 57344 | Lair:2   | Glimpsed the power of Zot.
 57345 | Lair:2   | 57345 ||| Stepping randomly (stuck).
 57346 | Lair:2   | 57346 ||| Stepping randomly (stuck).
 57347 | Lair:2   | 57347 ||| Stepping randomly (stuck).
 57348 | Lair:2   | 57348 ||| Stepping randomly (stuck).
 57349 | Lair:2   | 57349 ||| Stepping randomly (stuck).
 57350 | Lair:2   | 57350 ||| Stepping randomly (stuck).
 57351 | Lair:2   | 57351 ||| Stepping randomly (stuck).
 57352 | Lair:2   | 57352 ||| Stepping randomly (stuck).
 57353 | Lair:2   | 57353 ||| Stepping randomly (stuck).
 57354 | Lair:2   | 57354 ||| Stepping randomly (stuck).
 57355 | Lair:2   | 57355 ||| Stepping randomly (stuck).
 57356 | Lair:2   | 57356 ||| Stepping randomly (stuck).
 57357 | Lair:2   | 57357 ||| Stepping randomly (stuck).
 57358 | Lair:2   | 57358 ||| Stepping randomly (stuck).
 57359 | Lair:2   | 57359 ||| Stepping randomly (stuck).
 57360 | Lair:2   | 57360 ||| Stepping randomly (stuck).
 57361 | Lair:2   | 57361 ||| Stepping randomly (stuck).
 57362 | Lair:2   | 57362 ||| Stepping randomly (stuck).
 57363 | Lair:2   | 57363 ||| Stepping randomly (stuck).
 57364 | Lair:2   | 57364 ||| Stepping randomly (stuck).
 57365 | Lair:2   | 57365 ||| Stepping randomly (stuck).
 57366 | Lair:2   | 57366 ||| Stepping randomly (stuck).
 57367 | Lair:2   | 57367 ||| Stepping randomly (stuck).
 57368 | Lair:2   | 57368 ||| Stepping randomly (stuck).
 57369 | Lair:2   | 57369 ||| Stepping randomly (stuck).
 57370 | Lair:2   | 57370 ||| Stepping randomly (stuck).
 57371 | Lair:2   | 57371 ||| Stepping randomly (stuck).
 57372 | Lair:2   | 57372 ||| Stepping randomly (stuck).
 57373 | Lair:2   | 57373 ||| Stepping randomly (stuck).
 57374 | Lair:2   | 57374 ||| Stepping randomly (stuck).
 57375 | Lair:2   | 57375 ||| Stepping randomly (stuck).
 57376 | Lair:2   | 57376 ||| Stepping randomly (stuck).
 57377 | Lair:2   | 57377 ||| Stepping randomly (stuck).
 57378 | Lair:2   | 57378 ||| Stepping randomly (stuck).
 57379 | Lair:2   | 57379 ||| Stepping randomly (stuck).
 57380 | Lair:2   | 57380 ||| Stepping randomly (stuck).
 57381 | Lair:2   | 57381 ||| Stepping randomly (stuck).
 57382 | Lair:2   | 57382 ||| Stepping randomly (stuck).
 57383 | Lair:2   | 57383 ||| Stepping randomly (stuck).
 57384 | Lair:2   | 57384 ||| Stepping randomly (stuck).
 57385 | Lair:2   | 57385 ||| Stepping randomly (stuck).
 57386 | Lair:2   | 57386 ||| Stepping randomly (stuck).
 57387 | Lair:2   | 57387 ||| Stepping randomly (stuck).
 57388 | Lair:2   | 57388 ||| Stepping randomly (stuck).
 57389 | Lair:2   | 57389 ||| Stepping randomly (stuck).
 57390 | Lair:2   | 57390 ||| Stepping randomly (stuck).
 57391 | Lair:2   | 57391 ||| Stepping randomly (stuck).
 57392 | Lair:2   | 57392 ||| Stepping randomly (stuck).
 57393 | Lair:2   | 57393 ||| Stepping randomly (stuck).
 57394 | Lair:2   | 57394 ||| Stepping randomly (stuck).
 57395 | Lair:2   | 57395 ||| Stepping randomly (stuck).
 57396 | Lair:2   | 57396 ||| Stepping randomly (stuck).
 57397 | Lair:2   | 57397 ||| Stepping randomly (stuck).
 57398 | Lair:2   | 57398 ||| Stepping randomly (stuck).
 57399 | Lair:2   | 57399 ||| Stepping randomly (stuck).
 57400 | Lair:2   | 57400 ||| Stepping randomly (stuck).
 57401 | Lair:2   | 57401 ||| Stepping randomly (stuck).
 57402 | Lair:2   | 57402 ||| Stepping randomly (stuck).
 57403 | Lair:2   | 57403 ||| Stepping randomly (stuck).
 57404 | Lair:2   | 57404 ||| Stepping randomly (stuck).
 57405 | Lair:2   | 57405 ||| Stepping randomly (stuck).
 57406 | Lair:2   | 57406 ||| Stepping randomly (stuck).
 57407 | Lair:2   | 57407 ||| Stepping randomly (stuck).
 57408 | Lair:2   | 57408 ||| Stepping randomly (stuck).
 57409 | Lair:2   | 57409 ||| Stepping randomly (stuck).
 57410 | Lair:2   | 57410 ||| Stepping randomly (stuck).
 57411 | Lair:2   | 57411 ||| Stepping randomly (stuck).
 57412 | Lair:2   | 57412 ||| Stepping randomly (stuck).
 57413 | Lair:2   | 57413 ||| Stepping randomly (stuck).
 57414 | Lair:2   | 57414 ||| Stepping randomly (stuck).
 57415 | Lair:2   | 57415 ||| Stepping randomly (stuck).
 57416 | Lair:2   | 57416 ||| Stepping randomly (stuck).
 57417 | Lair:2   | 57417 ||| Stepping randomly (stuck).
 57418 | Lair:2   | 57418 ||| Stepping randomly (stuck).
 57419 | Lair:2   | 57419 ||| Stepping randomly (stuck).
 57420 | Lair:2   | 57420 ||| Stepping randomly (stuck).
 57421 | Lair:2   | 57421 ||| Stepping randomly (stuck).
 57422 | Lair:2   | 57422 ||| Stepping randomly (stuck).
 57423 | Lair:2   | 57423 ||| Stepping randomly (stuck).
 57424 | Lair:2   | 57424 ||| Stepping randomly (stuck).
 57425 | Lair:2   | 57425 ||| Stepping randomly (stuck).
 57426 | Lair:2   | 57426 ||| Stepping randomly (stuck).
 57427 | Lair:2   | 57427 ||| Stepping randomly (stuck).
 57428 | Lair:2   | 57428 ||| Stepping randomly (stuck).
 57429 | Lair:2   | 57429 ||| Stepping randomly (stuck).
 57430 | Lair:2   | 57430 ||| Stepping randomly (stuck).
 57431 | Lair:2   | 57431 ||| Stepping randomly (stuck).
 57432 | Lair:2   | 57432 ||| Stepping randomly (stuck).
 57433 | Lair:2   | 57433 ||| Stepping randomly (stuck).
 57434 | Lair:2   | 57434 ||| Stepping randomly (stuck).
 57435 | Lair:2   | 57435 ||| Stepping randomly (stuck).
 57436 | Lair:2   | 57436 ||| Stepping randomly (stuck).
 57437 | Lair:2   | 57437 ||| Stepping randomly (stuck).
 57438 | Lair:2   | 57438 ||| Stepping randomly (stuck).
 57439 | Lair:2   | 57439 ||| Stepping randomly (stuck).
 57440 | Lair:2   | 57440 ||| Stepping randomly (stuck).
 57441 | Lair:2   | 57441 ||| Stepping randomly (stuck).
 57442 | Lair:2   | 57442 ||| Stepping randomly (stuck).
 57443 | Lair:2   | 57443 ||| Stepping randomly (stuck).
 57444 | Lair:2   | 57444 ||| Stepping randomly (stuck).
 57445 | Lair:2   | 57445 ||| Stepping randomly (stuck).
 57446 | Lair:2   | 57446 ||| Stepping randomly (stuck).
 57447 | Lair:2   | 57447 ||| Stepping randomly (stuck).
 57448 | Lair:2   | 57448 ||| Stepping randomly (stuck).
 57449 | Lair:2   | 57449 ||| Stepping randomly (stuck).
 57450 | Lair:2   | 57450 ||| Stepping randomly (stuck).
 57451 | Lair:2   | 57451 ||| Stepping randomly (stuck).
 57452 | Lair:2   | 57452 ||| Stepping randomly (stuck).
 57453 | Lair:2   | 57453 ||| Stepping randomly (stuck).
 57454 | Lair:2   | 57454 ||| Stepping randomly (stuck).
 57455 | Lair:2   | 57455 ||| Stepping randomly (stuck).
 57456 | Lair:2   | 57456 ||| Stepping randomly (stuck).
 57457 | Lair:2   | 57457 ||| Stepping randomly (stuck).
 57458 | Lair:2   | 57458 ||| Stepping randomly (stuck).
 57459 | Lair:2   | 57459 ||| Stepping randomly (stuck).
 57460 | Lair:2   | 57460 ||| Stepping randomly (stuck).
 57461 | Lair:2   | 57461 ||| Stepping randomly (stuck).
 57462 | Lair:2   | 57462 ||| Stepping randomly (stuck).
 57463 | Lair:2   | 57463 ||| Stepping randomly (stuck).
 57464 | Lair:2   | 57464 ||| Stepping randomly (stuck).
 57465 | Lair:2   | 57465 ||| Stepping randomly (stuck).
 57466 | Lair:2   | 57466 ||| Stepping randomly (stuck).
 57467 | Lair:2   | 57467 ||| Stepping randomly (stuck).
 57468 | Lair:2   | 57468 ||| Stepping randomly (stuck).
 57469 | Lair:2   | 57469 ||| Stepping randomly (stuck).
 57470 | Lair:2   | 57470 ||| Stepping randomly (stuck).
 57471 | Lair:2   | 57471 ||| Stepping randomly (stuck).
 57472 | Lair:2   | 57472 ||| Stepping randomly (stuck).
 57473 | Lair:2   | 57473 ||| Stepping randomly (stuck).
 57474 | Lair:2   | 57474 ||| Stepping randomly (stuck).
 57475 | Lair:2   | 57475 ||| Stepping randomly (stuck).
 57476 | Lair:2   | 57476 ||| Stepping randomly (stuck).
 57477 | Lair:2   | 57477 ||| Stepping randomly (stuck).
 57478 | Lair:2   | 57478 ||| Stepping randomly (stuck).
 57479 | Lair:2   | 57479 ||| Stepping randomly (stuck).
 57480 | Lair:2   | 57480 ||| Stepping randomly (stuck).
 57481 | Lair:2   | 57481 ||| Stepping randomly (stuck).
 57482 | Lair:2   | 57482 ||| Stepping randomly (stuck).
 57483 | Lair:2   | 57483 ||| Stepping randomly (stuck).
 57484 | Lair:2   | 57484 ||| Stepping randomly (stuck).
 57485 | Lair:2   | 57485 ||| Stepping randomly (stuck).
 57486 | Lair:2   | 57486 ||| Stepping randomly (stuck).
 57487 | Lair:2   | 57487 ||| Stepping randomly (stuck).
 57488 | Lair:2   | 57488 ||| Stepping randomly (stuck).
 57489 | Lair:2   | 57489 ||| Stepping randomly (stuck).
 57490 | Lair:2   | 57490 ||| Stepping randomly (stuck).
 57491 | Lair:2   | 57491 ||| Stepping randomly (stuck).
 57492 | Lair:2   | 57492 ||| Stepping randomly (stuck).
 57493 | Lair:2   | 57493 ||| Stepping randomly (stuck).
 57494 | Lair:2   | 57494 ||| Stepping randomly (stuck).
 57495 | Lair:2   | 57495 ||| Stepping randomly (stuck).
 57496 | Lair:2   | 57496 ||| Stepping randomly (stuck).
 57497 | Lair:2   | 57497 ||| Stepping randomly (stuck).
 57498 | Lair:2   | 57498 ||| Stepping randomly (stuck).
 57499 | Lair:2   | 57499 ||| Stepping randomly (stuck).
 57500 | Lair:2   | 57500 ||| Stepping randomly (stuck).
 57501 | Lair:2   | 57501 ||| Stepping randomly (stuck).
 57502 | Lair:2   | 57502 ||| Stepping randomly (stuck).
 57503 | Lair:2   | 57503 ||| Stepping randomly (stuck).
 57504 | Lair:2   | 57504 ||| Stepping randomly (stuck).
 57505 | Lair:2   | 57505 ||| Stepping randomly (stuck).
 57506 | Lair:2   | 57506 ||| Stepping randomly (stuck).
 57507 | Lair:2   | 57507 ||| Stepping randomly (stuck).
 57508 | Lair:2   | 57508 ||| Stepping randomly (stuck).
 57509 | Lair:2   | 57509 ||| Stepping randomly (stuck).
 57510 | Lair:2   | 57510 ||| Stepping randomly (stuck).
 57511 | Lair:2   | 57511 ||| Stepping randomly (stuck).
 57512 | Lair:2   | 57512 ||| Stepping randomly (stuck).
 57513 | Lair:2   | 57513 ||| Stepping randomly (stuck).
 57514 | Lair:2   | 57514 ||| Stepping randomly (stuck).
 57515 | Lair:2   | 57515 ||| Stepping randomly (stuck).
 57516 | Lair:2   | 57516 ||| Stepping randomly (stuck).
 57517 | Lair:2   | 57517 ||| Stepping randomly (stuck).
 57518 | Lair:2   | 57518 ||| Stepping randomly (stuck).
 57519 | Lair:2   | 57519 ||| Stepping randomly (stuck).
 57520 | Lair:2   | 57520 ||| Stepping randomly (stuck).
 57521 | Lair:2   | 57521 ||| Stepping randomly (stuck).
 57522 | Lair:2   | 57522 ||| Stepping randomly (stuck).
 57523 | Lair:2   | 57523 ||| Stepping randomly (stuck).
 57524 | Lair:2   | 57524 ||| Stepping randomly (stuck).
 57525 | Lair:2   | 57525 ||| Stepping randomly (stuck).
 57526 | Lair:2   | 57526 ||| Stepping randomly (stuck).
 57527 | Lair:2   | 57527 ||| Stepping randomly (stuck).
 57528 | Lair:2   | 57528 ||| Stepping randomly (stuck).
 57529 | Lair:2   | 57529 ||| Stepping randomly (stuck).
 57530 | Lair:2   | 57530 ||| Stepping randomly (stuck).
 57531 | Lair:2   | 57531 ||| Stepping randomly (stuck).
 57532 | Lair:2   | 57532 ||| Stepping randomly (stuck).
 57533 | Lair:2   | 57533 ||| Stepping randomly (stuck).
 57534 | Lair:2   | 57534 ||| Stepping randomly (stuck).
 57535 | Lair:2   | 57535 ||| Stepping randomly (stuck).
 57536 | Lair:2   | 57536 ||| Stepping randomly (stuck).
 57537 | Lair:2   | 57537 ||| Stepping randomly (stuck).
 57538 | Lair:2   | 57538 ||| Stepping randomly (stuck).
 57539 | Lair:2   | 57539 ||| Stepping randomly (stuck).
 57540 | Lair:2   | 57540 ||| Stepping randomly (stuck).
 57541 | Lair:2   | 57541 ||| Stepping randomly (stuck).
 57542 | Lair:2   | 57542 ||| Stepping randomly (stuck).
 57543 | Lair:2   | 57543 ||| Stepping randomly (stuck).
 57544 | Lair:2   | 57544 ||| Stepping randomly (stuck).
 57545 | Lair:2   | 57545 ||| Stepping randomly (stuck).
 57546 | Lair:2   | 57546 ||| Stepping randomly (stuck).
 57547 | Lair:2   | 57547 ||| Stepping randomly (stuck).
 57548 | Lair:2   | 57548 ||| Stepping randomly (stuck).
 57549 | Lair:2   | 57549 ||| Stepping randomly (stuck).
 57550 | Lair:2   | 57550 ||| Stepping randomly (stuck).
 57551 | Lair:2   | 57551 ||| Stepping randomly (stuck).
 57552 | Lair:2   | 57552 ||| Stepping randomly (stuck).
 57553 | Lair:2   | 57553 ||| Stepping randomly (stuck).
 57554 | Lair:2   | 57554 ||| Stepping randomly (stuck).
 57555 | Lair:2   | 57555 ||| Stepping randomly (stuck).
 57556 | Lair:2   | 57556 ||| Stepping randomly (stuck).
 57557 | Lair:2   | 57557 ||| Stepping randomly (stuck).
 57558 | Lair:2   | 57558 ||| Stepping randomly (stuck).
 57559 | Lair:2   | 57559 ||| Stepping randomly (stuck).
 57560 | Lair:2   | 57560 ||| Stepping randomly (stuck).
 57561 | Lair:2   | 57561 ||| Stepping randomly (stuck).
 57562 | Lair:2   | 57562 ||| Stepping randomly (stuck).
 57563 | Lair:2   | 57563 ||| Stepping randomly (stuck).
 57564 | Lair:2   | 57564 ||| Stepping randomly (stuck).
 57565 | Lair:2   | 57565 ||| PLANNING LAIR
 57621 | Lair:2   | 57621 ||| Stepping randomly (stuck).
 57622 | Lair:2   | 57622 ||| Stepping randomly (stuck).
 57623 | Lair:2   | 57623 ||| Stepping randomly (stuck).
 57624 | Lair:2   | 57624 ||| PLANNING SPIDER:1-3
 57624 | Lair:2   | 57624 ||| Stepping randomly (stuck).
 57654 | Spider:1 | Entered Level 1 of the Spider Nest
 57666 | Spider:1 | 57666 ||| STAIRDANCE
 57666 | Spider:1 | HP: 2/18 [meliai/+0 hand axe (5)]
 57668 | Lair:3   | 57668 ||| DRINKING 3 potions of heal wounds.
 57670 | Lair:3   | Slain by a radroach

Levels and vault maps discovered:
D:1:      nicolae_arrival_memento_mori, layout_rooms, minmay_3d_cube
D:2:      layout_basic, hellmonk_ecumenical_altar_zigzags
D:3:      layout_loops_ring
D:4:      layout_rooms, serial_shops, shop
D:5:      layout_basic, mainiacjoe_overflow_alcove_2,
          minmay_temple_entry_poolview, uniq_pikel
D:6:      layout_basic, kennysheep_mini, minmay_misc_feat_iff,
          nicolae_shop_gadgets, uniq_blork_the_orc
D:7:      layout_loops_ring, serial_bayou_pond_d, uniq_crazy_yiuf_cottage
D:8:      wander_kiku_kobolds, layout_loops_ring, serial_shops,
          nicolae_shop_tiny_statue_garden
D:9:      layout_long_grid, kennysheep_little_box, due_lair_maze_entry_diamond,
          serial_shops, nicolae_shop_crystal, uniq_harold
D:10:     layout_basic, zin_treasury, david_orc_3,
          chequers_serial_rivers_large_a, uniq_nergalle
D:11:     layout_loops_ring, uniq_fannar
D:12:     layout_irregular_city, uniq_urug
D:13:     layout_roguey, serial_shops, nicolae_shop_back_alley_shop, uniq_snorg,
          uniq_sonja
D:14:     layout_roguey [special_room_mythical_zoo], erik_vaults_1,
          nrook_pool_corridor, water_maze_lemuel
D:15:     gammafunk_depths_entry_grave, layout_stronghold,
          yredelemnul_altar_generic, nicolae_trove_entry_path_of_doom
Temple:   mainiacjoe_temple_coin_purse
Lair:1:   layout_hall_layers, worms_lemuel
Lair:2:   layout_gridlike, basic_altar, gauntlet_entry_generic,
          pdpol_lair_cabin_in_the_woods
Lair:3:   layout_gridlike, elwin_shoals_entry_rooms,
          hellmonk_spider_entry_not_the_bees, gammafunk_ghost_arena,
          roderic_batcave
Lair:4:   layout_gridlike, slime_entry_1
Lair:5:   guppyfry_lair_end_dragon, layout_misc_corridors,
          hangedman_lair_caniforms_friends
Shoals:1: layout_shoals
Shoals:2: layout_shoals, serial_shops, nicolae_take_the_stairs
Shoals:3: layout_shoals, uniq_louise, uniq_ilsuiw
Spider:1: spiders_nest_a
Orc:1:    layout_caves
Orc:2:    st_orc_congregation, layout_caves, serial_shops, shop

Skill      XL: |  1  2  3  4  5  6  7  8  9 10 11 12 13 14 15 16 |
---------------+-------------------------------------------------+-----
Ranged Weapons | 5 6 7 9 11 12 14 16 19 20 | 20.0
Armour         | 1 3 4 5 7 8 |  8.0
Fighting       | 3 4 5 7 8 10 12 16 18 | 18.9
Dodging        | 3 5 6 7 9 11 14 15 16 | 16.0
Invocations    | 4 7 10 | 10.0
Stealth        | |  0.7

Action                     |  1- 3 |  4- 6 |  7- 9 | 10-12 | 13-15 | 16-18 || total
---------------------------+-------+-------+-------+-------+-------+-------++-------
   Fire: Shortbow          |   114 |   169 |   133 |       |       |       ||   416
         Orcbow            |       |       |   257 |   557 |   851 |       ||  1665
         Longbow           |       |       |       |       |   526 |   305 ||   831
 Invoke: Heroism           |       |       |     4 |    31 |    38 |    15 ||    88
         Finesse           |       |       |       |     1 |    11 |       ||    12
    Use: Scroll            |     3 |    10 |     5 |     9 |     9 |    11 ||    47
         Potion            |       |       |     2 |     6 |     6 |     3 ||    17
 Armour: Leather armour    |     5 |       |       |       |    42 |    28 ||    75
         Ring mail         |     9 |    16 |    23 |    54 |    58 |       ||   160
  Dodge: Dodged            |    30 |   103 |   152 |   542 |   852 |   252 ||  1931
         Repelled          |       |       |       |       |     2 |     3 ||     5

Table legend:
 A = Non-vault XP
 B = Vault XP
 C = Vault XP percentage of total XP
 D = Non-vault monster count
 E = Vault monster count
 F = Vault count percentage of total count
                 A         B        C        D         E       F
            +---------+---------+-------+---------+---------+-------
      Total |  132169 |   56780 |  30.1 |     580 |     288 |  33.2
            +---------+---------+-------+---------+---------+-------
        D:1 |      21 |       7 |  25.0 |      13 |       4 |  23.5
        D:2 |      74 |       0 |   0.0 |      27 |       0 |   0.0
        D:3 |      80 |       0 |   0.0 |      21 |       0 |   0.0
        D:4 |     345 |       0 |   0.0 |      25 |       0 |   0.0
        D:5 |     573 |     673 |  54.0 |      19 |       1 |   5.0
        D:6 |     448 |      96 |  17.6 |       7 |       1 |  12.5
        D:7 |    2036 |       0 |   0.0 |      30 |       0 |   0.0
        D:8 |    1629 |    1115 |  40.6 |      31 |      52 |  62.7
        D:9 |    2269 |    1879 |  45.3 |      23 |      11 |  32.4
       D:10 |    1967 |    1080 |  35.4 |      19 |       4 |  17.4
       D:11 |    2315 |     883 |  27.6 |      20 |       1 |   4.8
       D:12 |    4515 |     794 |  15.0 |      26 |       1 |   3.7
       D:13 |    9443 |    1697 |  15.2 |      17 |       2 |  10.5
       D:14 |   15427 |    7163 |  31.7 |      26 |      28 |  51.9
       D:15 |    7790 |    5742 |  42.4 |      19 |      10 |  34.5
     Lair:1 |    7395 |     625 |   7.8 |      28 |       4 |  12.5
     Lair:2 |    6482 |     784 |  10.8 |      26 |       3 |  10.3
     Lair:3 |    8364 |    1164 |  12.2 |      22 |      14 |  38.9
     Lair:4 |   10898 |       0 |   0.0 |      34 |       0 |   0.0
     Lair:5 |    4933 |   14071 |  74.0 |      18 |      69 |  79.3
   Shoals:1 |   10025 |       0 |   0.0 |      21 |       0 |   0.0
   Shoals:2 |   11263 |       0 |   0.0 |      23 |       0 |   0.0
   Shoals:3 |   16327 |    5273 |  24.4 |      25 |       7 |  21.9
   Spider:1 |     542 |       0 |   0.0 |       1 |       0 |   0.0
      Orc:1 |    3239 |       0 |   0.0 |      30 |       0 |   0.0
      Orc:2 |    3769 |   10096 |  72.8 |      29 |      62 |  68.1
   Gauntlet |       0 |    3638 | 100.0 |       0 |      14 | 100.0
            +---------+---------+-------+---------+---------+-------
